 Dungeon Crawl Stone Soup version 0.30.0 (webtiles) character file.

Game seed: 9449048984866055986

512150 Implojin the Slayer (level 23, -3/289 (334) HPs)
             Began as a Red Draconian Cinder Acolyte on May 5, 2023.
             Was a High Priest of Ignis.
             Slain by a jiangshi (9 damage)
             ... on level 3 of the Crypt on May 6, 2023.
             The game lasted 04:06:01 (79658 turns).

Implojin the Slayer (Red Draconian Cinder Acolyte) Turns: 79658, Time: 04:06:02

HP:   -3/289 (334)  AC: 23    Str: 20    XL:     23   Next: 95%
MP:   24/24         EV: 21    Int: 17    God:    Ignis [*****.]
Gold: 883           SH: 19    Dex: 12    Spells: 24/24 levels left

rFire   + +          .
                       - Unarmed
rCold   + . .        F - +5 kite shield {rC+}
rNeg    . . .        (body armour unavailable)
rPois   +            i - +2 hat
rElec   .            k - +2 cloak
rCorr   .            y - +3 pair of gauntlets of War {Slay+5}
SInv    .            j - +2 pair of boots {Stlth+}
Will    ++...        q - amulet of regeneration Stlth
                     J - ring "Maozyn" {Fly Will+}
HPRegen 1.48/turn    X - ring of poison resistance
MPRegen 0.19/turn

%: no passive effects
@: mighty, berserking (expiring), flying, studying Evocations, heavily drained,
very quick
A: breathe fire, AC +11, unfitting armour, fire resistance 1, cold-blooded
}: 3/15 runes: barnacled, abyssal, gossamer
a: Breathe Fire, Renounce Religion, Fiery Armour, Foxfire Swarm


You were on level 3 of the Crypt.
You worshipped Ignis.
Ignis was extremely pleased with you.
You visited 9 branches of the dungeon, and saw 44 of its levels.
You visited the Abyss 2 times.
You also visited: Ice Cave and Wizlab.

You collected 6012 gold pieces.
You spent 5129 gold pieces at shops.

Inventory:

Missiles
 g - 6 silver boomerangs
 w - 13 javelins
 D - 27 boomerangs (quivered)
 L - 10 poisoned darts
 M - 3 silver javelins
 R - 21 curare-tipped darts
 S - 4 atropa-tipped darts
Armour
 i - a +2 hat (worn)
 j - a +2 pair of boots of stealth (worn)
 k - a +2 cloak (worn)
 y - the +3 pair of gauntlets of War (worn) {Slay+5}
   (You found it on level 4 of the Shoals)

   Slay:      It affects your accuracy & damage with ranged weapons and melee
   (+5).
 F - a +5 kite shield of cold resistance (worn)
 H - the +1 hat "Itwuty" {Harm Will++ rCorr Str-3}
   (You acquired it on level 3 of the Lair of Beasts)

   Str:       It affects your strength (-3).
   rCorr:     It protects you from acid and corrosion.
   Harm:      It increases damage dealt and taken.
   Will:      It greatly increases your willpower.
Jewellery
 h - a +4 ring of slaying
 p - a +6 ring of dexterity
 q - an amulet of regeneration (around neck)
 s - a +6 ring of strength
 J - the ring "Maozyn" (left hand) {Fly Will+}
   (You found it on level 3 of the Spider Nest)

   [ring of flight]

   Fly:       It grants you flight.
   Will:      It increases your willpower.
 K - a ring of resist corrosion
 X - a ring of poison resistance (right hand)
 Z - a ring of protection from cold
Wands
 d - a wand of roots (13)
 l - a wand of polymorph (11)
 r - a wand of acid (6)
 z - a wand of digging (3)
 B - a wand of flame (63)
 E - a wand of paralysis (19)
 V - a wand of mindburst (26)
Scrolls
 a - 4 scrolls of vulnerability
 e - a scroll of enchant armour
 f - a scroll of fog
 t - 9 scrolls of immolation
 O - a scroll of silence
 W - 3 scrolls of poison
Potions
 b - 7 potions of curing
 m - 6 potions of cancellation
 n - a potion of resistance
 u - 9 potions of flight
 v - 16 potions of mutation
 x - 8 potions of magic
 A - 2 potions of ambrosia
 I - 3 potions of berserk rage
 N - 5 potions of brilliance
 P - 2 potions of might
Miscellaneous
 c - a box of beasts (inert)
 o - a phantom mirror (inert)
 Q - a condenser vane (inert)
 Y - a phial of floods


   Skills:
 - Level 22.0 Fighting
 - Level 10.0 Throwing
 - Level 21.3 Dodging
 - Level 8.0 Stealth
 - Level 19.4 Shields
 * Level 21.7 Unarmed Combat
 - Level 1.0 Spellcasting
 - Level 3.6 Fire Magic
 - Level 12.0 Evocations


You had 24 spell levels left.
You didn't know any spells.
Your spell library contained the following spells:

 Spells                   Type           Power      Damage    Failure   Level
 Scorch                   Fire           26%        2d6       10%         2
 Beastly Appendage        Tmut           0%         N/A       28%         1
 Magic Dart               Conj           0%         1d3       28%         1
 Shock                    Conj/Air       0%         1d3       28%         1
 Sting                    Tmut/Pois      0%         1d3       28%         1
 Cigotuvi's Dreadful Rot  Necr/Pois/Air  0%         N/A       38%         2
 Lesser Beckoning         Tloc           0%         N/A       38%         2
 Poisonous Vapours        Pois/Air       0%         N/A       38%         2
 Searing Ray              Conj           0%         2d4       38%         2
 Static Discharge         Conj/Air       0%         2-2/arc   38%         2
 Sublimation of Blood     Necr           0%         N/A       38%         2
 Wereblood                Tmut           0%         N/A       38%         2
 Inner Flame              Hex/Fire       7%         N/A       38%         3
 Ignite Poison            Fire/Tmut/Pois 4%         N/A       45%         3
 Gell's Gravitas          Tloc           0%         N/A       63%         3
 Hailstorm                Conj/Ice       0%         3d3       63%         3
 Ozocubu's Armour         Ice            0%         N/A       63%         3
 Portal Projectile        Hex/Tloc       0%         N/A       63%         3
 Spider Form              Tmut/Pois      0%         N/A       63%         3
 Stone Arrow              Conj/Erth      0%         3d7       63%         3
 Swiftness                Air            0%         N/A       63%         3
 Teleport Other           Tloc           0%         N/A       63%         3
 Sticky Flame             Conj/Fire      7%         2d3       80%         4
 Airstrike                Air            0%         2d(0-16)  95%         4
 Dispel Undead            Necr           0%         3d6       95%         4
 Fulminant Prism          Conj/Hex       0%         3d5       95%         4
 Ice Form                 Ice/Tmut       0%         N/A       95%         4
 Leda's Liquefaction      Hex/Erth       0%         N/A       95%         4
 Manifold Assault         Tloc           0%         N/A       95%         4
 Olgreb's Toxic Radiance  Pois           0%         N/A       95%         4
 Petrify                  Tmut/Erth      0%         N/A       95%         4
 Summon Lightning Spire   Summ/Air       0%         N/A       95%         4
 Alistair's Intoxication  Tmut/Pois      0%         N/A       100%        5
 Blade Hands              Tmut           0%         N/A       100%        5
 Freezing Cloud           Conj/Ice/Air   0%         6-21      100%        5
 Irradiate                Conj/Tmut      0%         3d11      100%        5
 Iskenderun's Battlesphe  Conj           0%         2d6       100%        5
 Lee's Rapid Deconstruct  Erth           0%         3d4*      100%        5
 Yara's Violent Unravell  Hex/Tmut       0%         3d3       100%        5
 Conjure Ball Lightning   Conj/Air       0%         3x3d6     100%        6
 Death Channel            Necr           0%         N/A       100%        6
 Dispersal                Tloc           0%         N/A       100%        6
 Eringya's Noxious Bog    Tmut/Pois      0%         N/A       100%        6
 Iron Shot                Conj/Erth      0%         9d1       100%        6
 Simulacrum               Ice/Necr       0%         N/A       100%        6
 Statue Form              Tmut/Erth      0%         N/A       100%        6
 Dragon Form              Tmut           0%         N/A       100%        7
 Enfeeble                 Hex            0%         N/A       100%        7
 Ozocubu's Refrigeration  Ice            0%         4d7       100%        7
 Discord                  Hex            0%         N/A       100%        8
 Disjunction              Tloc           0%         N/A       100%        8
 Ignition                 Fire           6%         3d4       100%        8
 Lehudib's Crystal Spear  Conj/Erth      0%         10d2      100%        8
 Maxwell's Capacitive Co  Air            0%         ∞         100%        8
 Necromutation            Tmut/Necr      0%         N/A       100%        8
 Animate Armour           Summ/Erth      Unusable   N/A       N/A         4

Dungeon Overview and Level Annotations

Branches:
Dungeon (15/15)            Temple (0/1) D:7            Lair (5/5) D:8
 Shoals (4/4) Lair:3       Spider (4/4) Lair:2        Slime (0/5) Lair:5
    Orc (2/2) D:12            Elf (3/3) Orc:2        Vaults (4/5) D:14
  Crypt (3/3) Vaults:2     Depths (4/4) D:15            Zot (0/5) Depths:4
  IceCv (visited)          WizLab (visited)
   Tomb: Crypt:3

Altars:
Cheibriados
Dithmenos
Fedhas
Kikubaaqudgha
Makhleb
Nemelex Xobeh
Qazlal
Ru
Sif Muna
Trog
Uskayaw
Vehumet
Wu Jian
Xom
Yredelemnul
The Shining One
Jiyva

Shops:
D:1 *   D:3 [   D:8 *   D:12 *   D:13 *   Orc:2 (:([*   Elf:1 :   Elf:2 *=(
Shoals:1 !*   Shoals:3 :   Shoals:4 [   Vaults:1 [[[[   Vaults:3 ?
Depths:3 ==:!   Depths:4 !([!(

Portals:
Hell: Depths:1 Depths:3 Depths:4
Abyss: Depths:3
Pandemonium: Depths:1 Depths:2 Depths:4
Ziggurat: Depths:4
Trove: Elf:1 (give +8 demon trident)

Annotations:
D:12 exclusion: vampire knight, Rupert
D:13 3 runed translucent doors, exclusion: 3 doors, Leinaam's ghost, journeyman MiBe
Lair:1 exclusion: oklob plant
Lair:4 2 runed translucent doors, exclusion: 2 doors, FrenchFrogFromFrance's ghost, journeyman HOBe
Shoals:3 Jorgrun
Shoals:4 exclusion: upstairs
Orc:1 6 transporters
Depths:2 1 exclusion
Depths:4 3 runed translucent doors


Innate Abilities, Weirdness & Mutations

You can breathe blasts of fire.
Your fiery red scales are hard. (AC +11)
You cannot fit into any form of body armour.
Your flesh is heat resistant. (rF+)
You are cold-blooded and may be slowed by cold attacks.


Message History

Danger: Low HP Warning |T3| Reason: 15% HP (43/283)
You hit the bone dragon but do no damage.
You tail-slap the bone dragon, but do no damage.
The bone dragon is severely damaged.
The ushabti shakes and rattles.
The vile air hits the bone dragon but does no damage.
The vile air hits you but does no damage.
You block the bone dragon's attack. The bone dragon barely misses you.
The bone dragon closely misses you. The bone dragon misses you.
The bone dragon claws you. The bone dragon tramples you.
You hold your ground!
The ushabti shakes and rattles.
The vile air hits the ushabti but does no damage.
The vile air hits the bone dragon.
The vile air hits you.
Danger: ushabti |T3| Reason: IMMINENT DEATH: Dispel Undead Range deals 42 damage, you have 32 HP!!
Danger: ushabti |T3| Reason: IMMINENT DEATH: Dispel Undead Range deals 42 damage, you have 32 HP!!
Danger: Low HP Warning |T3| Reason: 11% HP (32/283)
You pummel the bone dragon!!
The bone dragon is almost destroyed.
You block the spriggan defender simulacrum's attack.
Your mature oxsting beast hits the ushabti!
Your mature oxsting beast tramples the ushabti.
The ushabti holds its ground!
Your mature oxsting beast stings the ushabti.
Danger: ushabti |T3| Reason: IMMINENT DEATH: Dispel Undead Range deals 42 damage, you have 33 HP!!
Danger: ushabti |T3| Reason: IMMINENT DEATH: Dispel Undead Range deals 42 damage, you have 33 HP!!
Danger: Low HP Warning |T3| Reason: 11% HP (33/283)
You squash the bone dragon like an ant!!!
You destroy the bone dragon!
The spriggan defender simulacrum completely misses you.
The bone dragon bites you! You block the bone dragon's attack.
The bone dragon tramples you.
You hold your ground!
Danger: ushabti |T3| Reason: IMMINENT DEATH: Dispel Undead Range deals 42 damage, you have 20 HP!!
Danger: ushabti |T3| Reason: IMMINENT DEATH: Dispel Undead Range deals 42 damage, you have 20 HP!!
Danger: Low HP Warning |T3| Reason: 6% HP (20/289)
You squash the spriggan defender simulacrum like an ant!!!
The spriggan defender simulacrum vaporises!
The jiangshi claws you!
The jiangshi draws strength from your injuries!
The jiangshi claws you!
You die...

# .# ...
D... ####
.....
##§.#.._...
#§V.'......
#@D99§.....
##§H#.._...
####......
.D... ....#
...# ''##


You could see a bone dragon, a jiangshi, 2 ushabtiu and a friendly mature
oxsting beast (summoned).

Vanquished Creatures
  An ancient lich (Vaults:4)
  A juggernaut (Depths:4)
  Bai Suzhen (Spider:4)
  Sojobo (Crypt:1)
  A shard shrike (IceCv)
  A caustic shrike (Depths:3)
  2 golden dragons (Depths:4)
  Arachne (Spider:3)
  3 bone dragons
  3 tentacled monstrosities
  5 liches
  Asterion (Spider:3)
  A deep elf master archer (Elf:3)
  A deep elf blademaster (Elf:2)
  A walking divine tome (Depths:4)
  5 ancient champions
  2 tentacled starspawn (Abyss:2)
  An Executioner (Abyss:2)
  2 krakens
  6 sphinxes
  4 tengu reavers
  A storm dragon (Depths:4)
  2 shadow dragons (Depths:4)
  Gastronok (D:12)
  Roxanne (Spider:4)
  A draconian knight (Depths:4)
  2 revenants (Crypt:3)
  10 frost giants
  16 vault wardens
  2 fire giants (Depths:4)
  4 ghost moths
  8 emperor scorpions
  A daeva (Abyss:2)
  2 iron dragons (Depths:3)
  4 deep elf sorcerers
  Aizul (Spider:2)
  Louise (Spider:4)
  A draconian shifter (Depths:4)
  A draconian stormcaller (Depths:4)
  4 broodmothers
  6 ghouls (Crypt:2)
  2 war gargoyles
  12 ironbound preservers
  2 spriggan defenders (Depths:2)
  5 orc warlords
  2 deep elf elementalists (Elf:2)
  2 deep elf demonologists
  18 very ugly things
  7 vampire knights
  5 ironbound thunderhulks
  2 yellow draconians (Depths:4)
  4 green draconians
  4 black draconians (Depths:4)
  10 stone giants
  11 spark wasps
  A dire elephant (shapeshifter) (D:15)
  2 white draconians
  2 deep elf annihilators
  3 purple draconians (Depths:4)
  5 deep elf death magi
  13 dire elephants
  2 red draconians
  Snorg (D:12)
  An acid blob zombie (Crypt:2)
  5 ettins
  A crystal guardian (Vaults:4)
  2 eidola
  14 fire dragons
  A blizzard demon (Abyss:2)
  16 jiangshi
  A mummy priest (Crypt:3)
  2 green deaths
  3 merfolk javelineers
  12 yaktaur captains
  14 great orbs of eyes
  8 merfolk impalers
  5 ice dragons
  8 entropy weavers
  7 rakshasas
  5 hydras
  A fenstrider witch zombie (Crypt:3)
  4 peacekeepers
  3 salamander tyrants (Depths:1)
  An Orb Guardian zombie (Crypt:2)
  A shambling mangrove (Abyss:3)
  3 merfolk avatars (Shoals:4)
  A hell beast (Depths:4)
  9 spriggan air magi
  9 vault guards
  27 centaur warriors
  A juggernaut simulacrum (Crypt:2)
  A ghost crab (Abyss:3)
  2 spriggan skeletons
  A death knight (Crypt:2)
  2 satyrs (Shoals:3)
  19 dancing weapons
  A fenstrider witch skeleton (Crypt:1)
  4 merfolk aquamancers
  12 ironbound frosthearts
  A jorogumo (Spider:3)
  4 radroaches
  A two-headed ogre (D:8)
  13 boulder beetles
  Urug (D:11)
  6 deep troll shamans
  8 tengu warriors
  A hell hog (Abyss:3)
  8 deep troll earth magi
  10 vampire magi
  A titan zombie (Crypt:1)
  5 spriggan berserkers
  4 soul eaters
  9 death yaks
  2 orc high priests (Orc:2)
  4 wretched stars
  Sonja (D:11)
  17 deep elf knights
  A fire crab (Abyss:3)
  A titan skeleton (Crypt:3)
  2 sixfirhies
  3 shadow wraiths
  6 hell knights (Depths:2)
  6 iron trolls
  7 pharaoh ants
  13 skeletal warriors
  3 skysharks
  10 sea snakes
  4 orb spiders
  A bog body (Crypt:2)
  43 deep trolls
  5 steelbarb worms
  A bunyip zombie (Crypt:1)
  A glowing orange brain (Vaults:4)
  2 flayed ghosts
  An orange crystal statue (IceCv)
  6 wizards
  The ghost of ShadowTiger the Covered, a novice TeFi of Okawaru (D:9)
  A swamp dragon (shapeshifter) (D:13)
  The ghost of Brasilia the Summoner, a novice FeWn (Lair:3)
  7 phantasmal warriors
  A bunyip skeleton (Crypt:2)
  A spriggan simulacrum (Crypt:3)
  9 deep elf archers
  An anaconda skeleton (Crypt:1)
  18 ironbound convokers
  A lindwurm (shapeshifter) (Elf:1)
  25 harpies
  28 deep elf pyromancers
  29 deep elf zephyrmancers
  4 lindwurms (Vaults:1)
  6 necromancers
  7 cyclopes
  A shadow dragon zombie (Crypt:2)
  16 wolf spiders
  13 orc knights
  5 fauns
  5 orc sorcerers (Orc:2)
  A will-o-the-wisp (Lair:4)
  53 ugly things
  3 moths of wrath
  11 manticores
  An elephant (Lair:2)
  3 merfolk sirens
  A dire elephant zombie (Crypt:3)
  A rust devil (Depths:2)
  4 black mambas
  2 apocalypse crabs (Abyss:3)
  An eleionoma skeleton (Crypt:2)
  An iron dragon skeleton (Crypt:1)
  5 water nymphs
  A dire elephant skeleton (Crypt:3)
  2 gargoyles (D:13)
  Maurice (D:12)
  18 vault sentinels
  5 demonic crawlers
  A shock serpent skeleton (Crypt:2)
  2 smoke demons (Abyss:2)
  5 torpor snails
  An orange demon (Depths:4)
  27 cane toads
  Psyche (D:8)
  34 yaktaurs
  3 unseen horrors (Depths:3)
  21 rime drakes
  3 kobold demonologists (D:10)
  6 freezing wraiths
  3 komodo dragons
  2 tengu conjurers
  An anaconda simulacrum (Crypt:3)
  2 ice devils
  3 red devils
  A black draconian skeleton (Crypt:3)
  A queen bee (Lair:1)
  25 merfolk
  16 polar bears
  An ancient zyme (Abyss:2)
  9 meliai
  6 wind drakes
  3 hellwings
  4 hornets
  3 trolls
  20 tarantellas
  30 blink frogs
  3 tyrant leeches
  9 snapping turtles
  An ettin zombie (Crypt:2)
  13 dream sheep
  An ice dragon zombie (Crypt:1)
  A fire dragon zombie (Crypt:1)
  8 large abominations
  42 slime creatures
  19 culicivoras
  A slime creature (shapeshifter) (Depths:4)
  7 air elementals
  A guardian serpent skeleton (Crypt:2)
  26 jumping spiders
  4 ynoxinuls
  2 spriggans (Depths:2)
  9 wraiths
  A tyrant leech zombie (Crypt:3)
  17 water elementals
  4 wyverns
  4 starcursed masses (Abyss:2)
  54 yaks
  A steam dragon (D:8)
  Grum (D:8)
  A wind drake skeleton (Crypt:3)
  2 fire elementals
  4 basilisks
  A black mamba skeleton (Crypt:3)
  51 redbacks
  14 vampire mosquitoes
  7 chaos spawn
  13 water moccasins
  4 wargs
  4 acid dragons
  Duvessa (D:5)
  A naga skeleton (Crypt:1)
  3 sky beasts
  30 orc warriors
  2 black bears
  3 ogres
  A black mamba simulacrum (Crypt:2)
  18 wolves
  5 boggarts (Vaults:2)
  A torpor snail zombie (Crypt:2)
  3 centaurs
  A phantom (D:6)
  A swamp dragon skeleton (Crypt:1)
  9 small abominations
  Blork the orc (D:4)
  3 kobold brigands
  A rime drake skeleton (Crypt:1)
  18 bullfrogs
  A gnoll sergeant (D:12)
  4 earth elementals
  2 necrophages (Crypt:2)
  A scorpion (D:7)
  Dowan (D:5)
  A warg skeleton (Crypt:1)
  A troll zombie (Crypt:2)
  27 killer bees
  3 howler monkeys (D:9)
  2 centaur zombies
  4 electric eels
  A quasit (Abyss:3)
  6 hounds
  A jelly (D:8)
  14 orc priests
  2 gnoll boudas
  A black bear zombie (Crypt:1)
  3 iguanas
  18 orc wizards
  6 hell rats (Lair:3)
  A killer bee zombie (Crypt:1)
  An ogre skeleton (Crypt:3)
  4 mummies (Crypt:3)
  18 gnolls
  7 adders
  A white imp (D:8)
  3 ufetubi
  An iguana zombie (Crypt:3)
  A worm (D:4)
  3 dart slugs
  53 orcs
  6 ball pythons
  5 bats
  4 endoplasms
  6 giant cockroaches
  7 goblins
  3 hobgoblins
  A jackal (shapeshifter) (Depths:4)
  7 jackals
  A quokka (D:3)
  A ball python skeleton (Crypt:2)
  A frilled lizard skeleton (Crypt:1)
  26 kobolds
  A kobold zombie (Crypt:2)
  4 rats
  A starspawn tentacle (Abyss:2)
  8 tentacles
1881 creatures vanquished.

Vanquished Creatures (collateral kills)
  A deep elf sorcerer (Elf:3)
  2 vault wardens
  A stone giant (Depths:2)
  A dire elephant (Vaults:4)
  An entropy weaver (Vaults:1)
  A catoblepas (D:14)
  2 centaur warriors
  A deep troll earth mage (Depths:3)
  A spriggan simulacrum (Crypt:2)
  A deep elf zephyrmancer (Elf:3)
  A mana viper (Elf:3)
  A wolf spider (Spider:4)
  A vault sentinel (Vaults:1)
  A yaktaur (Vaults:3)
  A tarantella (Spider:4)
  A jumping spider (Spider:2)
  A redback (Spider:4)
  An orc wizard (Orc:2)
  2 orcs (Orc:2)
22 creatures vanquished.

Vanquished Creatures (others)
  A frost giant (Depths:2)
  A dancing weapon (Elf:2)
  3 deep elf knights
  A harpy (Shoals:2)
  A deep elf pyromancer (Elf:1)
  A manticore (Shoals:4)
  A tarantella (Spider:2)
  A jumping spider (Spider:4)
  An orc wizard (D:8)
  2 orcs
  2 foxfires (Lair:4)
  38 fungi
  109 plants
  3 starspawn tentacles (Abyss:2)
  69 tentacles
  A withered plant (D:6)
235 creatures vanquished.

Grand Total: 2138 creatures vanquished

Notes
Turn   | Place    | Note
-------+----------+-------------------------------------------
     0 | D:1      | Implojin the Draconian Cinder Acolyte began the quest for
                  | the Orb.
     0 | D:1      | Reached XP level 1. HP: 19/19 MP: 2/2
   244 | D:1      | Reached XP level 2. HP: 23/26 MP: 3/3
   871 | D:1      | Found Zixemol's General Store.
   874 | D:1      | Bought a scroll of teleportation for 33 gold pieces
   874 | D:1      | Bought a potion of curing for 33 gold pieces
   925 | D:2      | Found a sparkling altar of Nemelex Xobeh.
  1057 | D:2      | Reached XP level 3. HP: 22/31 MP: 4/4
  1429 | D:2      | Danger: Low HP Warning |T2| Reason: 58% HP (18/31)
  1430 | D:2      | Danger: Low HP Warning |T2| Reason: 54% HP (17/31)
  1679 | D:3      | Reached skill level 5 in Unarmed Combat
  1679 | D:3      | Reached XP level 4. HP: 32/38 MP: 5/5
  1744 | D:3      | Found a sacrificial altar of Ru.
  1747 | D:3      | Danger: kobold |T2| Reason: Quivering poison darts and no
                  | rPois, careful!
  1751 | D:3      | Danger: kobold |T2| Reason: Quivering poison darts and no
                  | rPois, careful!
  2111 | D:3      | Identified the +0 cloak of the Fiddle {*Slow rN+ Int+3}
  2214 | D:3      | Found Inot's Antique Armour Shoppe.
  2270 | D:3      | Found a basalt altar of Yredelemnul.
  2709 | D:4      | Noticed Blork the orc
  2710 | D:4      | Danger: Blork the orc |T2| Reason: Unique monster, careful!
  2732 | D:4      | Danger: Blork the orc |T2| Reason: Unique monster, careful!
  2743 | D:4      | Danger: Blork the orc |T2| Reason: Unique monster, careful!
  3166 | D:4      | Reached XP level 5. HP: 45/45 MP: 6/6
  3271 | D:4      | Danger: Blork the orc |T2| Reason: Unique monster, careful!
  3327 | D:5      | Entered Level 5 of the Dungeon
  3565 | D:5      | Noticed Duvessa
  3565 | D:5      | Noticed Dowan
  3566 | D:5      | Danger: Duvessa |T2| Reason: Unique monster, careful!
  3566 | D:5      | Danger: Dowan |T2| Reason: Unique monster, careful!
  3584 | D:5      | Danger: Duvessa |T2| Reason: Unique monster, careful!
  3589 | D:5      | Danger: Duvessa |T2| Reason: Unique monster, careful!
  3590 | D:5      | Danger: Dowan |T2| Reason: Unique monster, careful!
  3597 | D:5      | Danger: Duvessa |T2| Reason: Unique monster, careful!
  3598 | D:5      | Danger: Dowan |T2| Reason: Unique monster, careful!
  3604 | D:5      | Danger: Duvessa |T2| Reason: Unique monster, careful!
  3608 | D:5      | Danger: Duvessa |T2| Reason: Unique monster, careful!
  3611 | D:5      | Danger: Duvessa |T2| Reason: Unique monster, careful!
  3623 | D:5      | Danger: Duvessa |T2| Reason: Unique monster, careful!
  3637 | D:4      | Danger: Blork the orc |T2| Reason: Unique monster, careful!
  3649 | D:4      | Killed Blork the orc
  3650 | D:4      | Reached XP level 6. HP: 49/51 MP: 7/7
  4278 | D:6      | Found an ancient bone altar of Kikubaaqudgha.
  4356 | D:6      | Your scales start taking on a fiery red colour.
  4356 | D:6      | Reached XP level 7. HP: 53/57 MP: 8/8
  4356 | D:6      | Gained mutation: Your flesh is heat resistant. (rF+) [Red
                  | Draconian growth]
  4379 | D:6      | Found a bloodstained altar of Trog.
  4406 | D:6      | Reached skill level 4 in Fighting
  4447 | D:6      | Noticed a wyvern
  4458 | D:6      | Killed a wyvern
  4459 | D:6      | Reached skill level 5 in Fighting
  4708 | D:6      | Reached XP level 8. HP: 46/68 MP: 9/9
  4785 | D:6      | Found a stormy altar of Qazlal.
  4912 | D:6      | Reached skill level 10 in Unarmed Combat
  5111 | D:6      | Found a glowing golden altar of the Shining One.
  5305 | D:7      | Danger: orc |T2| Reason: Quivering boomerangs, careful!
  5307 | D:7      | Danger: orc |T2| Reason: Quivering boomerangs, careful!
  5310 | D:7      | Reached skill level 6 in Fighting
  5717 | D:7      | Reached skill level 7 in Fighting
  5836 | D:7      | Reached skill level 1 in Dodging
  6248 | D:7      | Found a staircase to the Ecumenical Temple.
  6256 | D:7      | Reached skill level 1 in Evocations
  6341 | D:7      | Reached XP level 9. HP: 67/79 MP: 10/10
  6622 | D:7      | Found a hide-covered altar of Uskayaw.
  6835 | D:5      | Danger: Duvessa |T2| Reason: Unique monster, careful!
  6837 | D:5      | Danger: Duvessa |T2| Reason: Unique monster, careful!
  6889 | D:3      | Bought a pair of glowing gloves for 187 gold pieces
  6952 | D:5      | Danger: Dowan |T2| Reason: Unique monster, careful!
  6954 | D:5      | Danger: Dowan |T2| Reason: Unique monster, careful!
  6967 | D:5      | Danger: Dowan |T2| Reason: Unique monster, careful!
  6973 | D:5      | Danger: Dowan |T2| Reason: Unique monster, careful!
  6977 | D:5      | Danger: Dowan |T2| Reason: Unique monster, careful!
  6994 | D:5      | Danger: Dowan |T2| Reason: Unique monster, careful!
  7042 | D:8      | Found a shimmering blue altar of Sif Muna.
  7133 | D:8      | Noticed Grum
  7134 | D:8      | Danger: kobold |T2| Reason: Quivering poison darts and no
                  | rPois, careful!
  7134 | D:8      | Danger: Grum |T2| Reason: Unique monster, careful!
  7142 | D:8      | Killed Grum
  7143 | D:8      | Reached skill level 5 in Dodging
  7231 | D:8      | Found an ornate altar of the Wu Jian Council.
  7361 | D:8      | Danger: orc wizard |T2| Reason: Electrocution weapon and no
                  | rElec!
  7365 | D:8      | Danger: Low HP Warning |T2| Reason: 60% HP (48/79)
  7366 | D:8      | Danger: Low HP Warning |T2| Reason: 60% HP (48/79)
  7367 | D:8      | Danger: Low HP Warning |T2| Reason: 60% HP (48/79)
  7368 | D:8      | Danger: Low HP Warning |T2| Reason: 60% HP (48/79)
  7370 | D:8      | Danger: Low HP Warning |T2| Reason: 53% HP (42/79)
  7371 | D:8      | Danger: Low HP Warning |T2| Reason: 53% HP (42/79)
  7372 | D:8      | Danger: Low HP Warning |T2| Reason: 54% HP (43/79)
  7373 | D:8      | Danger: Low HP Warning |T2| Reason: 54% HP (43/79)
  7374 | D:8      | Danger: Low HP Warning |T2| Reason: 54% HP (43/79)
  7375 | D:8      | Danger: Low HP Warning |T2| Reason: 55% HP (44/79)
  7376 | D:8      | Danger: Low HP Warning |T2| Reason: 44% HP (35/79)
  7377 | D:8      | Danger: Low HP Warning |T2| Reason: 44% HP (35/79)
  7378 | D:8      | Danger: Low HP Warning |T2| Reason: 44% HP (35/79)
  7554 | D:8      | Found a staircase to the Lair.
  7581 | D:8      | Noticed Psyche
  7582 | D:8      | Danger: Psyche |T2| Reason: Unique monster, careful!
  7582 | D:8      | Danger: Psyche |T2| Reason: carrying a wand of roots (7),
                  | careful!
  7596 | D:8      | Danger: Psyche |T2| Reason: Unique monster, careful!
  7596 | D:8      | Danger: Psyche |T2| Reason: carrying a wand of roots (7),
                  | careful!
  7680 | D:8      | Danger: kobold |T2| Reason: Quivering poison darts and no
                  | rPois, careful!
  7680 | D:8      | Danger: kobold |T2| Reason: Quivering poison darts and no
                  | rPois, careful!
  7681 | D:8      | Danger: kobold brigand |T2| Reason: Quivering poison darts
                  | and no rPois, careful!
  7683 | D:8      | Danger: orc |T2| Reason: Quivering poison darts and no
                  | rPois, careful!
  7686 | D:8      | Danger: orc |T2| Reason: Quivering poison darts and no
                  | rPois, careful!
  7687 | D:8      | Danger: kobold |T2| Reason: Quivering poison darts and no
                  | rPois, careful!
  7821 | D:8      | Found Pacaemorph's Assorted Antiques.
  7842 | D:8      | Danger: Psyche |T2| Reason: Unique monster, careful!
  7842 | D:8      | Danger: Psyche |T2| Reason: carrying a wand of roots (7),
                  | careful!
  7846 | D:8      | Danger: Psyche |T2| Reason: Unique monster, careful!
  7846 | D:8      | Danger: Psyche |T2| Reason: carrying a wand of roots (7),
                  | careful!
  7847 | D:8      | Danger: Psyche |T2| Reason: carrying a wand of roots (6),
                  | careful!
  7855 | D:8      | Killed Psyche
  8084 | D:8      | Bought a scroll labelled FIRUDECINO for 26 gold pieces
  8084 | D:8      | Bought a scroll labelled INOUSEU KUNLE for 26 gold pieces
  8228 | D:8      | Noticed a two-headed ogre
  8333 | D:8      | Danger: Low HP Warning |T2| Reason: 58% HP (46/79)
  8334 | D:8      | Danger: Low HP Warning |T2| Reason: 58% HP (46/79)
  8335 | D:8      | Danger: Low HP Warning |T2| Reason: 58% HP (46/79)
  8336 | D:8      | Danger: Low HP Warning |T2| Reason: 59% HP (47/79)
  8337 | D:8      | Danger: Low HP Warning |T2| Reason: 44% HP (35/79)
  8339 | D:8      | Danger: Low HP Warning |T2| Reason: 44% HP (35/79)
  8340 | D:8      | Danger: Low HP Warning |T2| Reason: 45% HP (36/79)
  8516 | D:8      | Danger: Low HP Warning |T2| Reason: 56% HP (45/79)
  8517 | D:8      | Danger: Low HP Warning |T2| Reason: 58% HP (46/79)
  8517 | D:8      | Killed a two-headed ogre
  8518 | D:8      | Reached skill level 8 in Fighting
  8518 | D:8      | Reached XP level 10. HP: 51/88 MP: 11/11
  8751 | D:9      | Found a transporter.
  8756 | D:9      | Noticed ShadowTiger's ghost (novice TeFi)
  8766 | D:9      | Found a transporter.
  8802 | D:9      | Danger: Low HP Warning |T2| Reason: 58% HP (53/90)
  8803 | D:9      | Danger: Low HP Warning |T2| Reason: 56% HP (51/90)
  8804 | D:9      | Danger: Low HP Warning |T2| Reason: 55% HP (50/90)
  8806 | D:9      | Danger: Low HP Warning |T2| Reason: 50% HP (45/90)
  8807 | D:9      | Danger: Low HP Warning |T2| Reason: 45% HP (41/90)
  8808 | D:9      | Danger: Low HP Warning |T2| Reason: 45% HP (41/90)
  8810 | D:9      | Danger: Low HP Warning |T2| Reason: 43% HP (39/90)
  8811 | D:9      | Danger: Low HP Warning |T2| Reason: 40% HP (36/90)
  8812 | D:9      | Danger: Low HP Warning |T2| Reason: 38% HP (35/90)
  8813 | D:9      | Danger: Low HP Warning |T2| Reason: 37% HP (34/90)
  8814 | D:9      | Danger: Low HP Warning |T2| Reason: 28% HP (26/90)
  8815 | D:9      | Danger: Low HP Warning |T3| Reason: 25% HP (23/90)
  8816 | D:9      | Danger: Low HP Warning |T3| Reason: 23% HP (21/90)
  8844 | D:9      | Danger: Low HP Warning |T2| Reason: 34% HP (31/90)
  8846 | D:9      | Danger: Low HP Warning |T2| Reason: 34% HP (31/90)
  9022 | D:9      | Reached skill level 9 in Fighting
  9579 | D:9      | Reached skill level 10 in Fighting
  9920 | D:9      | Danger: Low HP Warning |T2| Reason: 52% HP (49/93)
  9922 | D:9      | Danger: Low HP Warning |T2| Reason: 52% HP (49/93)
  9924 | D:9      | Danger: Low HP Warning |T2| Reason: 48% HP (45/93)
  9926 | D:9      | Danger: Low HP Warning |T2| Reason: 41% HP (39/93)
  9928 | D:9      | Danger: Low HP Warning |T2| Reason: 43% HP (40/93)
 10150 | D:9      | Found a sparkling altar of Nemelex Xobeh.
 10157 | D:10     | Entered Level 10 of the Dungeon
 10423 | D:10     | Found a shadowy altar of Dithmenos.
 10430 | D:10     | Found a shimmering altar of Xom.
 10431 | D:10     | Found a blossoming altar of Fedhas.
 10432 | D:10     | Found a radiant altar of Vehumet.
 10548 | D:10     | Danger: kobold brigand |T3| Reason: Quivering curare and no
                  | rPois, watch out!!
 10549 | D:10     | Danger: kobold |T2| Reason: Quivering poison darts and no
                  | rPois, careful!
 10552 | D:10     | Danger: kobold brigand |T3| Reason: Quivering curare and no
                  | rPois, watch out!!
 10553 | D:10     | Danger: kobold brigand |T3| Reason: Quivering curare and no
                  | rPois, watch out!!
 10554 | D:10     | Danger: kobold brigand |T3| Reason: Quivering curare and no
                  | rPois, watch out!!
 10555 | D:10     | Danger: kobold brigand |T3| Reason: Quivering curare and no
                  | rPois, watch out!!
 10556 | D:10     | Danger: kobold brigand |T3| Reason: Quivering curare and no
                  | rPois, watch out!!
 10557 | D:10     | Danger: kobold brigand |T3| Reason: Quivering curare and no
                  | rPois, watch out!!
 10558 | D:10     | Danger: kobold brigand |T3| Reason: Quivering curare and no
                  | rPois, watch out!!
 10592 | D:10     | Found a snail-covered altar of Cheibriados.
 10826 | D:10     | Danger: kobold brigand |T3| Reason: Quivering curare and no
                  | rPois, watch out!!
 10827 | D:10     | Danger: kobold brigand |T3| Reason: Quivering curare and no
                  | rPois, watch out!!
 10828 | D:10     | Danger: kobold brigand |T3| Reason: Quivering curare and no
                  | rPois, watch out!!
 10829 | D:10     | Danger: kobold brigand |T3| Reason: Quivering curare and no
                  | rPois, watch out!!
 10830 | D:10     | Danger: kobold brigand |T3| Reason: Quivering curare and no
                  | rPois, watch out!!
 10832 | D:10     | Danger: kobold brigand |T3| Reason: Quivering curare and no
                  | rPois, watch out!!
 10849 | D:10     | Danger: kobold |T3| Reason: Quivering throwing nets, watch
                  | out!
 10862 | D:10     | Danger: ynoxinul |T2| Reason: Iron Shot deals more than 50%
                  | MHP!
 10864 | D:10     | Reached XP level 11. HP: 83/99 MP: 12/12
 10865 | D:10     | Danger: kobold |T3| Reason: Quivering throwing nets, watch
                  | out!
 10866 | D:10     | Danger: kobold |T3| Reason: Quivering throwing nets, watch
                  | out!
 10867 | D:10     | Danger: kobold |T3| Reason: Quivering throwing nets, watch
                  | out!
 10868 | D:10     | Danger: kobold |T3| Reason: Quivering throwing nets, watch
                  | out!
 10869 | D:10     | Danger: kobold |T3| Reason: Quivering throwing nets, watch
                  | out!
 10870 | D:10     | Danger: kobold |T3| Reason: Quivering throwing nets, watch
                  | out!
 10871 | D:10     | Danger: kobold |T3| Reason: Quivering throwing nets, watch
                  | out!
 10872 | D:10     | Danger: kobold |T3| Reason: Quivering throwing nets, watch
                  | out!
 11450 | D:11     | Noticed Sonja
 11451 | D:11     | Danger: Sonja |T3| Reason: Quivering curare and no rPois,
                  | watch out!!
 11451 | D:11     | Danger: Sonja |T2| Reason: Unique monster, careful!
 11452 | D:11     | Danger: Sonja |T3| Reason: Quivering curare and no rPois,
                  | watch out!!
 11452 | D:11     | Killed Sonja
 11853 | D:11     | Noticed Urug
 11854 | D:11     | Danger: Urug |T2| Reason: Quivering javelins, watch out!
 11854 | D:11     | Danger: Urug |T2| Reason: Unique monster, careful!
 11866 | D:11     | Killed Urug
 12218 | Lair:1   | Entered Level 1 of the Lair of Beasts
 12231 | Lair:1   | Acquired the +3 warlock's mirror {omnireflect}
 12231 | Lair:1   | Found the +3 warlock's mirror {omnireflect}
 12233 | Lair:1   | Acquired 1123 gold pieces
 12264 | Lair:1   | Danger: torpor snail |T2| Reason: OOD monster, careful!
 12274 | Lair:1   | Danger: torpor snail |T2| Reason: OOD monster, careful!
 12290 | D:8      | Reached skill level 1 in Shields
 12453 | Lair:1   | Danger: Malevolent teleportation! |T3| Reason: Malevolent
                  | teleportation!
 12667 | Lair:1   | Reached skill level 5 in Shields
 12734 | Lair:1   | Found a blossoming altar of Fedhas.
 12737 | Lair:1   | Noticed an oklob plant
 13064 | Lair:1   | Danger: Low HP Warning |T2| Reason: 60% HP (60/99)
 13065 | Lair:1   | Danger: Low HP Warning |T2| Reason: 59% HP (59/99)
 13066 | Lair:1   | Danger: Low HP Warning |T2| Reason: 58% HP (58/99)
 13067 | Lair:1   | Danger: Low HP Warning |T2| Reason: 58% HP (58/99)
 13068 | Lair:1   | Danger: Low HP Warning |T2| Reason: 58% HP (58/99)
 13069 | Lair:1   | Danger: Low HP Warning |T2| Reason: 57% HP (57/99)
 13070 | Lair:1   | Danger: Low HP Warning |T2| Reason: 54% HP (54/99)
 13071 | Lair:1   | Danger: Low HP Warning |T2| Reason: 54% HP (54/99)
 13072 | Lair:1   | Danger: Low HP Warning |T2| Reason: 46% HP (46/99)
 13073 | Lair:1   | Danger: Low HP Warning |T2| Reason: 45% HP (45/99)
 13074 | Lair:1   | Danger: Low HP Warning |T2| Reason: 45% HP (45/99)
 13250 | Lair:1   | Danger: electric eel |T2| Reason: Electrical Bolt and no
                  | rElec
 13369 | Lair:1   | Danger: electric eel |T2| Reason: Electrical Bolt and no
                  | rElec
 13389 | Lair:1   | Danger: Low HP Warning |T2| Reason: 57% HP (57/99)
 13392 | Lair:1   | Danger: Low HP Warning |T2| Reason: 54% HP (54/99)
 13394 | Lair:1   | Danger: Low HP Warning |T2| Reason: 42% HP (42/99)
 13395 | Lair:1   | Danger: Low HP Warning |T2| Reason: 42% HP (42/99)
 13398 | Lair:1   | Danger: Low HP Warning |T2| Reason: 43% HP (43/99)
 13401 | Lair:1   | Danger: Low HP Warning |T2| Reason: 44% HP (44/99)
 13428 | Lair:1   | Danger: Low HP Warning |T2| Reason: 53% HP (53/99)
 13429 | Lair:1   | Danger: Low HP Warning |T2| Reason: 53% HP (53/99)
 13430 | Lair:1   | Danger: Low HP Warning |T2| Reason: 54% HP (54/99)
 13431 | Lair:1   | Danger: Low HP Warning |T2| Reason: 54% HP (54/99)
 13432 | Lair:1   | Danger: Low HP Warning |T2| Reason: 55% HP (55/99)
 13433 | Lair:1   | Danger: Low HP Warning |T2| Reason: 55% HP (55/99)
 13434 | Lair:1   | Danger: Low HP Warning |T2| Reason: 55% HP (55/99)
 13435 | Lair:1   | Danger: Low HP Warning |T2| Reason: 56% HP (56/99)
 13437 | Lair:1   | Danger: Low HP Warning |T2| Reason: 56% HP (56/99)
 13669 | Lair:1   | Danger: electric eel |T2| Reason: Electrical Bolt and no
                  | rElec
 13734 | Lair:2   | Danger: basilisk |T3| Reason: Petrify and low Will
 13741 | Lair:2   | Reached XP level 12. HP: 91/106 MP: 13/13
 13783 | Lair:2   | Danger: basilisk |T3| Reason: Petrify and low Will
 13784 | Lair:2   | Danger: basilisk |T3| Reason: Petrify and low Will
 13785 | Lair:2   | Danger: basilisk |T3| Reason: Petrify and low Will
 13786 | Lair:2   | Danger: basilisk |T3| Reason: Petrify and low Will
 13788 | Lair:2   | Danger: basilisk |T3| Reason: Petrify and low Will
 13789 | Lair:2   | Danger: basilisk |T3| Reason: Petrify and low Will
 13790 | Lair:2   | Danger: basilisk |T3| Reason: Petrify and low Will
 13791 | Lair:2   | Danger: basilisk |T3| Reason: Petrify and low Will
 13792 | Lair:2   | Danger: basilisk |T3| Reason: Petrify and low Will
 13793 | Lair:2   | Danger: basilisk |T3| Reason: Petrify and low Will
 13794 | Lair:2   | Danger: basilisk |T3| Reason: Petrify and low Will
 13795 | Lair:2   | Danger: basilisk |T3| Reason: Petrify and low Will
 13796 | Lair:2   | Danger: basilisk |T3| Reason: Petrify and low Will
 13798 | Lair:2   | Danger: basilisk |T3| Reason: Petrify and low Will
 14544 | Lair:2   | Found a hole to the Spider Nest.
 14556 | Lair:2   | Danger: Low HP Warning |T2| Reason: 60% HP (64/106)
 14557 | Lair:2   | Danger: Low HP Warning |T2| Reason: 60% HP (64/106)
 14558 | Lair:2   | Danger: Low HP Warning |T2| Reason: 60% HP (64/106)
 14567 | Lair:2   | Danger: Low HP Warning |T2| Reason: 50% HP (54/106)
 14568 | Lair:2   | Danger: Low HP Warning |T2| Reason: 50% HP (54/106)
 14569 | Lair:2   | Danger: Low HP Warning |T2| Reason: 50% HP (54/106)
 14570 | Lair:2   | Danger: Low HP Warning |T2| Reason: 48% HP (51/106)
 14571 | Lair:2   | Danger: Low HP Warning |T2| Reason: 48% HP (51/106)
 15023 | Lair:3   | Noticed a six-headed hydra
 15407 | Lair:3   | Reached skill level 10 in Dodging
 15785 | Lair:3   | Killed a six-headed hydra
 15786 | Lair:3   | Reached skill level 15 in Unarmed Combat
 15796 | Lair:3   | Found a runed translucent door.
 15796 | Lair:3   | Noticed Brasilia's ghost (novice FeWn)
 15819 | Lair:3   | :hmm
 15829 | Lair:3   | Danger: Low HP Warning |T2| Reason: 59% HP (64/107)
 15830 | Lair:3   | Danger: Low HP Warning |T2| Reason: 53% HP (57/107)
 15850 | Lair:3   | Danger: Low HP Warning |T2| Reason: 58% HP (63/107)
 15851 | Lair:3   | Danger: Low HP Warning |T2| Reason: 56% HP (60/107)
 15852 | Lair:3   | Danger: Low HP Warning |T2| Reason: 55% HP (59/107)
 15853 | Lair:3   | Danger: Low HP Warning |T2| Reason: 52% HP (57/108)
 15854 | Lair:3   | Danger: Low HP Warning |T2| Reason: 52% HP (57/108)
 15855 | Lair:3   | Danger: Low HP Warning |T2| Reason: 51% HP (56/108)
 15856 | Lair:3   | Danger: Low HP Warning |T2| Reason: 50% HP (54/108)
 15857 | Lair:3   | Danger: Low HP Warning |T2| Reason: 50% HP (54/108)
 15858 | Lair:3   | Danger: Low HP Warning |T2| Reason: 50% HP (54/108)
 15859 | Lair:3   | Danger: Low HP Warning |T2| Reason: 49% HP (53/108)
 15860 | Lair:3   | Danger: Low HP Warning |T2| Reason: 48% HP (52/108)
 15861 | Lair:3   | Danger: Low HP Warning |T2| Reason: 48% HP (52/108)
 15862 | Lair:3   | Danger: Low HP Warning |T2| Reason: 55% HP (60/108)
 15863 | Lair:3   | Danger: Low HP Warning |T2| Reason: 54% HP (59/108)
 15864 | Lair:3   | Danger: Low HP Warning |T2| Reason: 55% HP (60/108)
 15865 | Lair:3   | Danger: Low HP Warning |T2| Reason: 55% HP (60/108)
 15866 | Lair:3   | Danger: Low HP Warning |T2| Reason: 55% HP (60/108)
 15867 | Lair:3   | Danger: Low HP Warning |T2| Reason: 56% HP (61/108)
 15869 | Lair:3   | Danger: Low HP Warning |T2| Reason: 56% HP (61/108)
 15870 | Lair:3   | Danger: Low HP Warning |T2| Reason: 56% HP (61/108)
 15872 | Lair:3   | Danger: Low HP Warning |T2| Reason: 48% HP (52/108)
 15873 | Lair:3   | Danger: Low HP Warning |T2| Reason: 45% HP (49/108)
 15874 | Lair:3   | Reached skill level 11 in Fighting
 15875 | Lair:3   | Danger: Low HP Warning |T2| Reason: 42% HP (47/110)
 15876 | Lair:3   | Danger: Low HP Warning |T2| Reason: 40% HP (45/110)
 15877 | Lair:3   | Danger: Low HP Warning |T2| Reason: 37% HP (41/110)
 15879 | Lair:3   | Reached XP level 13. HP: 42/116 MP: 14/14
 15879 | Lair:3   | Danger: Low HP Warning |T2| Reason: 36% HP (42/116)
 15880 | Lair:3   | Danger: Low HP Warning |T2| Reason: 35% HP (41/116)
 15881 | Lair:3   | Danger: Low HP Warning |T2| Reason: 36% HP (42/116)
 15882 | Lair:3   | Danger: Low HP Warning |T2| Reason: 31% HP (37/116)
 15884 | Lair:3   | Danger: Low HP Warning |T2| Reason: 30% HP (35/116)
 15885 | Lair:3   | Danger: Low HP Warning |T2| Reason: 31% HP (36/116)
 15942 | Lair:3   | Danger: Low HP Warning |T2| Reason: 49% HP (57/116)
 15943 | Lair:3   | Danger: Low HP Warning |T2| Reason: 49% HP (57/116)
 15953 | Lair:3   | Danger: Low HP Warning |T2| Reason: 52% HP (61/116)
 15954 | Lair:3   | Danger: Low HP Warning |T2| Reason: 52% HP (61/116)
 15955 | Lair:3   | Danger: Low HP Warning |T2| Reason: 53% HP (62/116)
 15956 | Lair:3   | Danger: Low HP Warning |T2| Reason: 53% HP (62/116)
 15957 | Lair:3   | Danger: Low HP Warning |T2| Reason: 54% HP (63/116)
 15958 | Lair:3   | Danger: Low HP Warning |T2| Reason: 54% HP (63/116)
 15959 | Lair:3   | Danger: Low HP Warning |T2| Reason: 54% HP (63/116)
 15960 | Lair:3   | Danger: Low HP Warning |T2| Reason: 55% HP (64/116)
 15961 | Lair:3   | Danger: Low HP Warning |T2| Reason: 55% HP (64/116)
 15962 | Lair:3   | Danger: Low HP Warning |T2| Reason: 55% HP (64/116)
 16113 | Lair:3   | Danger: basilisk |T3| Reason: Petrify and low Will
 16114 | Lair:3   | Danger: basilisk |T3| Reason: Petrify and low Will
 16115 | Lair:3   | Danger: basilisk |T3| Reason: Petrify and low Will
 16116 | Lair:3   | Danger: basilisk |T3| Reason: Petrify and low Will
 16119 | Lair:3   | Danger: basilisk |T3| Reason: Petrify and low Will
 16318 | Lair:3   | Found a staircase to the Shoals.
 16830 | Lair:4   | Got the Excursus on the Gift and Haze
 16894 | Lair:4   | Danger: Low HP Warning |T2| Reason: 60% HP (70/116)
 16895 | Lair:4   | Danger: Low HP Warning |T2| Reason: 60% HP (70/116)
 16896 | Lair:4   | Danger: Low HP Warning |T2| Reason: 60% HP (70/116)
 16898 | Lair:4   | Danger: Low HP Warning |T2| Reason: 53% HP (62/116)
 16899 | Lair:4   | Danger: Low HP Warning |T2| Reason: 44% HP (52/116)
 16900 | Lair:4   | Danger: Low HP Warning |T2| Reason: 45% HP (53/116)
 16901 | Lair:4   | Danger: Low HP Warning |T2| Reason: 45% HP (53/116)
 16902 | Lair:4   | Danger: Low HP Warning |T2| Reason: 45% HP (53/116)
 16903 | Lair:4   | Danger: Low HP Warning |T2| Reason: 46% HP (54/116)
 16904 | Lair:4   | Danger: Low HP Warning |T2| Reason: 46% HP (54/116)
 16905 | Lair:4   | Danger: Low HP Warning |T2| Reason: 46% HP (54/116)
 16906 | Lair:4   | Danger: Low HP Warning |T2| Reason: 47% HP (55/117)
 16907 | Lair:4   | Danger: Low HP Warning |T2| Reason: 47% HP (55/117)
 16908 | Lair:4   | Danger: Low HP Warning |T2| Reason: 47% HP (56/117)
 16909 | Lair:4   | Danger: Low HP Warning |T2| Reason: 47% HP (56/117)
 16910 | Lair:4   | Danger: Low HP Warning |T2| Reason: 47% HP (56/117)
 16911 | Lair:4   | Danger: Low HP Warning |T2| Reason: 48% HP (57/117)
 16912 | Lair:4   | Danger: Low HP Warning |T2| Reason: 48% HP (57/117)
 16913 | Lair:4   | Danger: Low HP Warning |T2| Reason: 48% HP (57/117)
 16914 | Lair:4   | Danger: Low HP Warning |T2| Reason: 49% HP (58/117)
 16915 | Lair:4   | Danger: Low HP Warning |T2| Reason: 41% HP (48/117)
 17110 | Lair:4   | Reached skill level 12 in Fighting
 17124 | Lair:4   | Danger: will-o-the-wisp |T2| Reason: Marshlight deals more
                  | than 50% MHP!
 17127 | Lair:4   | Danger: will-o-the-wisp |T2| Reason: Marshlight deals more
                  | than 50% MHP!
 17142 | Lair:4   | Danger: will-o-the-wisp |T2| Reason: Marshlight deals more
                  | than 50% MHP!
 17251 | Lair:4   | Found a large runed translucent door.
 17251 | Lair:4   | Found a large runed translucent door.
 17255 | Lair:4   | Noticed FrenchFrogFromFrance's ghost (journeyman HOBe)
 17884 | Lair:5   | Entered Level 5 of the Lair of Beasts
 17919 | Lair:5   | Danger: dream sheep |T2| Reason: Irresistible Dream Dust
                  | (84%), watch out!
 17919 | Lair:5   | Danger: dream sheep |T2| Reason: Irresistible Dream Dust
                  | (84%), watch out!
 17919 | Lair:5   | Danger: dream sheep |T2| Reason: Irresistible Dream Dust
                  | (84%), watch out!
 17919 | Lair:5   | Danger: dream sheep |T2| Reason: Irresistible Dream Dust
                  | (84%), watch out!
 17919 | Lair:5   | Danger: dream sheep |T2| Reason: Irresistible Dream Dust
                  | (84%), watch out!
 17919 | Lair:5   | Danger: dream sheep |T2| Reason: Irresistible Dream Dust
                  | (84%), watch out!
 17924 | Lair:5   | Danger: dream sheep |T2| Reason: Irresistible Dream Dust
                  | (80.8%), watch out!
 17924 | Lair:5   | Danger: dream sheep |T2| Reason: Irresistible Dream Dust
                  | (80.8%), watch out!
 17924 | Lair:5   | Danger: dream sheep |T2| Reason: Irresistible Dream Dust
                  | (80.8%), watch out!
 17924 | Lair:5   | Danger: dream sheep |T2| Reason: Irresistible Dream Dust
                  | (80.8%), watch out!
 17924 | Lair:5   | Danger: dream sheep |T2| Reason: Irresistible Dream Dust
                  | (80.8%), watch out!
 17925 | Lair:5   | Danger: dream sheep |T2| Reason: Irresistible Dream Dust
                  | (52%), watch out!
 17925 | Lair:5   | Danger: dream sheep |T2| Reason: Irresistible Dream Dust
                  | (52%), watch out!
 17926 | Lair:5   | Danger: dream sheep |T2| Reason: Irresistible Dream Dust
                  | (68%), watch out!
 17926 | Lair:5   | Danger: dream sheep |T2| Reason: Irresistible Dream Dust
                  | (68%), watch out!
 17926 | Lair:5   | Danger: dream sheep |T2| Reason: Irresistible Dream Dust
                  | (68%), watch out!
 17928 | Lair:5   | Danger: dream sheep |T2| Reason: Irresistible Dream Dust
                  | (52%), watch out!
 17928 | Lair:5   | Danger: dream sheep |T2| Reason: Irresistible Dream Dust
                  | (52%), watch out!
 17929 | Lair:5   | Danger: dream sheep |T2| Reason: Irresistible Dream Dust
                  | (68%), watch out!
 17929 | Lair:5   | Danger: dream sheep |T2| Reason: Irresistible Dream Dust
                  | (68%), watch out!
 17929 | Lair:5   | Danger: dream sheep |T2| Reason: Irresistible Dream Dust
                  | (68%), watch out!
 17931 | Lair:5   | Danger: dream sheep |T2| Reason: Irresistible Dream Dust
                  | (76%), watch out!
 17931 | Lair:5   | Danger: dream sheep |T2| Reason: Irresistible Dream Dust
                  | (76%), watch out!
 17931 | Lair:5   | Danger: dream sheep |T2| Reason: Irresistible Dream Dust
                  | (76%), watch out!
 17931 | Lair:5   | Danger: dream sheep |T2| Reason: Irresistible Dream Dust
                  | (76%), watch out!
 17937 | Lair:5   | Danger: dream sheep |T2| Reason: Irresistible Dream Dust
                  | (68%), watch out!
 17937 | Lair:5   | Danger: dream sheep |T2| Reason: Irresistible Dream Dust
                  | (68%), watch out!
 17937 | Lair:5   | Danger: dream sheep |T2| Reason: Irresistible Dream Dust
                  | (68%), watch out!
 17941 | Lair:5   | Danger: dream sheep |T2| Reason: Irresistible Dream Dust
                  | (52%), watch out!
 17941 | Lair:5   | Danger: dream sheep |T2| Reason: Irresistible Dream Dust
                  | (52%), watch out!
 17944 | Lair:5   | Danger: dream sheep |T2| Reason: Irresistible Dream Dust
                  | (4%), watch out!
 17971 | Lair:5   | Reached skill level 13 in Fighting
 17973 | Lair:5   | Danger: electric eel |T2| Reason: Electrical Bolt and no
                  | rElec
 18004 | Lair:5   | Danger: Low HP Warning |T2| Reason: 56% HP (69/122)
 18005 | Lair:5   | Danger: Low HP Warning |T2| Reason: 56% HP (69/122)
 18006 | Lair:5   | Danger: Low HP Warning |T2| Reason: 56% HP (69/122)
 18007 | Lair:5   | Danger: Low HP Warning |T2| Reason: 57% HP (70/122)
 18008 | Lair:5   | Danger: Low HP Warning |T2| Reason: 57% HP (70/122)
 18010 | Lair:5   | Danger: Low HP Warning |T2| Reason: 58% HP (71/122)
 18011 | Lair:5   | Danger: Low HP Warning |T2| Reason: 58% HP (71/122)
 18012 | Lair:5   | Danger: Low HP Warning |T2| Reason: 58% HP (71/122)
 18013 | Lair:5   | Danger: Low HP Warning |T2| Reason: 59% HP (72/122)
 18014 | Lair:5   | Danger: Low HP Warning |T2| Reason: 59% HP (72/122)
 18016 | Lair:5   | Danger: Low HP Warning |T2| Reason: 59% HP (73/122)
 18017 | Lair:5   | Danger: Low HP Warning |T2| Reason: 59% HP (73/122)
 18018 | Lair:5   | Danger: Low HP Warning |T2| Reason: 59% HP (73/122)
 18020 | Lair:5   | Danger: Low HP Warning |T2| Reason: 56% HP (69/122)
 18021 | Lair:5   | Danger: Low HP Warning |T2| Reason: 54% HP (67/122)
 18022 | Lair:5   | Danger: Low HP Warning |T2| Reason: 54% HP (66/122)
 18024 | Lair:5   | Danger: Low HP Warning |T2| Reason: 53% HP (65/122)
 18025 | Lair:5   | Danger: Low HP Warning |T2| Reason: 52% HP (64/122)
 18026 | Lair:5   | Danger: Low HP Warning |T2| Reason: 52% HP (64/122)
 18041 | Lair:5   | Danger: Low HP Warning |T2| Reason: 54% HP (66/122)
 18046 | Lair:5   | Danger: Low HP Warning |T2| Reason: 55% HP (68/122)
 18047 | Lair:5   | Danger: Low HP Warning |T2| Reason: 56% HP (69/122)
 18048 | Lair:5   | Danger: Low HP Warning |T2| Reason: 46% HP (57/122)
 18049 | Lair:5   | Danger: Low HP Warning |T2| Reason: 42% HP (52/122)
 18051 | Lair:5   | Danger: Low HP Warning |T2| Reason: 39% HP (48/122)
 18053 | Lair:5   | Danger: Low HP Warning |T2| Reason: 36% HP (44/122)
 18054 | Lair:5   | Danger: Low HP Warning |T2| Reason: 34% HP (42/122)
 18055 | Lair:5   | Danger: Low HP Warning |T2| Reason: 37% HP (46/122)
 18056 | Lair:5   | Danger: Low HP Warning |T2| Reason: 37% HP (46/122)
 18057 | Lair:5   | Danger: Low HP Warning |T2| Reason: 37% HP (46/122)
 18058 | Lair:5   | Danger: Low HP Warning |T2| Reason: 37% HP (46/122)
 18060 | Lair:5   | Danger: Low HP Warning |T2| Reason: 38% HP (47/122)
 18061 | Lair:5   | Danger: Low HP Warning |T2| Reason: 38% HP (47/122)
 18062 | Lair:5   | Danger: Low HP Warning |T2| Reason: 39% HP (48/122)
 18063 | Lair:5   | Danger: Low HP Warning |T2| Reason: 39% HP (48/122)
 18064 | Lair:5   | Danger: Low HP Warning |T2| Reason: 40% HP (49/122)
 18065 | Lair:5   | Danger: Low HP Warning |T2| Reason: 40% HP (49/122)
 18067 | Lair:4   | Danger: Low HP Warning |T2| Reason: 40% HP (50/122)
 18068 | Lair:4   | Danger: Low HP Warning |T2| Reason: 40% HP (50/122)
 18069 | Lair:4   | Danger: Low HP Warning |T2| Reason: 41% HP (51/122)
 18070 | Lair:4   | Danger: Low HP Warning |T2| Reason: 41% HP (51/122)
 18071 | Lair:4   | Danger: Low HP Warning |T2| Reason: 42% HP (52/122)
 18072 | Lair:4   | Danger: Low HP Warning |T2| Reason: 42% HP (52/122)
 18073 | Lair:4   | Danger: Low HP Warning |T2| Reason: 42% HP (52/122)
 18074 | Lair:4   | Danger: Low HP Warning |T2| Reason: 43% HP (53/122)
 18427 | Lair:5   | Danger: electric eel |T2| Reason: Electrical Bolt and no
                  | rElec
 18457 | Lair:5   | Reached skill level 14 in Fighting
 18647 | Lair:5   | Danger: Low HP Warning |T2| Reason: 53% HP (67/125)
 18648 | Lair:5   | Danger: Low HP Warning |T2| Reason: 54% HP (68/125)
 18649 | Lair:5   | Danger: Low HP Warning |T2| Reason: 54% HP (68/125)
 18650 | Lair:5   | Danger: Low HP Warning |T2| Reason: 54% HP (68/125)
 18651 | Lair:5   | Danger: Low HP Warning |T2| Reason: 55% HP (69/125)
 18652 | Lair:5   | Danger: Low HP Warning |T2| Reason: 55% HP (69/125)
 18653 | Lair:5   | Danger: Low HP Warning |T2| Reason: 55% HP (69/125)
 18654 | Lair:5   | Danger: Low HP Warning |T2| Reason: 56% HP (70/125)
 18655 | Lair:5   | Danger: Low HP Warning |T2| Reason: 56% HP (70/125)
 18656 | Lair:5   | Danger: Low HP Warning |T2| Reason: 56% HP (70/125)
 18657 | Lair:5   | Danger: Low HP Warning |T2| Reason: 55% HP (69/125)
 18658 | Lair:5   | Danger: Low HP Warning |T2| Reason: 44% HP (56/125)
 18659 | Lair:5   | Danger: Low HP Warning |T2| Reason: 44% HP (56/125)
 18660 | Lair:5   | Danger: Low HP Warning |T2| Reason: 35% HP (44/125)
 18661 | Lair:5   | Danger: Low HP Warning |T2| Reason: 29% HP (37/125)
 18662 | Lair:5   | Danger: Low HP Warning |T2| Reason: 53% HP (67/125)
 18671 | Lair:5   | Danger: Low HP Warning |T2| Reason: 60% HP (76/125)
 18672 | Lair:5   | Danger: Low HP Warning |T2| Reason: 60% HP (76/125)
 18673 | Lair:5   | Danger: Low HP Warning |T2| Reason: 53% HP (67/125)
 18674 | Lair:5   | Danger: Low HP Warning |T2| Reason: 49% HP (62/125)
 18675 | Lair:5   | Danger: Low HP Warning |T2| Reason: 49% HP (62/125)
 18676 | Lair:5   | Danger: Low HP Warning |T2| Reason: 50% HP (63/125)
 18677 | Lair:5   | Danger: Low HP Warning |T2| Reason: 50% HP (63/125)
 18678 | Lair:5   | Danger: Low HP Warning |T2| Reason: 50% HP (63/125)
 18679 | Lair:5   | Danger: Low HP Warning |T2| Reason: 45% HP (57/125)
 18680 | Lair:5   | Danger: Low HP Warning |T2| Reason: 45% HP (57/125)
 18681 | Lair:5   | Danger: Low HP Warning |T2| Reason: 45% HP (57/125)
 18682 | Lair:5   | Danger: Low HP Warning |T2| Reason: 46% HP (58/125)
 18683 | Lair:5   | Danger: electric eel |T2| Reason: Electrical Bolt and no
                  | rElec
 18683 | Lair:5   | Danger: Low HP Warning |T2| Reason: 46% HP (58/125)
 18684 | Lair:5   | Danger: Low HP Warning |T2| Reason: 46% HP (58/125)
 18685 | Lair:5   | Danger: Low HP Warning |T2| Reason: 47% HP (59/125)
 18686 | Lair:5   | Danger: Low HP Warning |T2| Reason: 47% HP (59/125)
 18687 | Lair:5   | Danger: Low HP Warning |T2| Reason: 39% HP (49/125)
 18688 | Lair:5   | Danger: Low HP Warning |T2| Reason: 40% HP (50/125)
 18689 | Lair:5   | Danger: Low HP Warning |T2| Reason: 40% HP (50/125)
 18690 | Lair:5   | Danger: Low HP Warning |T2| Reason: 40% HP (50/125)
 18691 | Lair:5   | Danger: Low HP Warning |T2| Reason: 40% HP (51/125)
 18692 | Lair:5   | Danger: Low HP Warning |T2| Reason: 40% HP (51/125)
 18693 | Lair:5   | Danger: electric eel |T2| Reason: Electrical Bolt and no
                  | rElec
 18693 | Lair:5   | Danger: Low HP Warning |T2| Reason: 41% HP (52/125)
 18694 | Lair:5   | Danger: Low HP Warning |T2| Reason: 41% HP (52/125)
 18695 | Lair:5   | Danger: Low HP Warning |T2| Reason: 41% HP (52/125)
 18696 | Lair:5   | Danger: Low HP Warning |T2| Reason: 41% HP (52/125)
 18697 | Lair:5   | Danger: Low HP Warning |T2| Reason: 42% HP (53/125)
 18698 | Lair:5   | Danger: Low HP Warning |T2| Reason: 42% HP (53/125)
 18699 | Lair:5   | Danger: Low HP Warning |T2| Reason: 42% HP (53/125)
 18727 | Lair:5   | Danger: Low HP Warning |T2| Reason: 52% HP (65/125)
 18728 | Lair:5   | Danger: Low HP Warning |T2| Reason: 52% HP (65/125)
 18729 | Lair:5   | Danger: Low HP Warning |T2| Reason: 52% HP (65/125)
 18730 | Lair:5   | Danger: Low HP Warning |T2| Reason: 52% HP (66/125)
 18731 | Lair:5   | Danger: Low HP Warning |T2| Reason: 52% HP (66/125)
 18733 | Lair:5   | Danger: Low HP Warning |T2| Reason: 52% HP (66/125)
 18735 | Lair:5   | Danger: Low HP Warning |T2| Reason: 52% HP (66/125)
 18736 | Lair:5   | Danger: Low HP Warning |T2| Reason: 53% HP (67/125)
 18737 | Lair:5   | Danger: Low HP Warning |T2| Reason: 53% HP (67/125)
 18738 | Lair:5   | Danger: Low HP Warning |T2| Reason: 53% HP (67/125)
 18739 | Lair:5   | Danger: Low HP Warning |T2| Reason: 54% HP (68/125)
 18741 | Lair:5   | Danger: Low HP Warning |T2| Reason: 55% HP (69/125)
 18742 | Lair:5   | Danger: Low HP Warning |T2| Reason: 55% HP (69/125)
 18743 | Lair:5   | Danger: Low HP Warning |T2| Reason: 55% HP (69/125)
 18744 | Lair:5   | Reached skill level 15 in Fighting
 18744 | Lair:5   | Danger: Low HP Warning |T2| Reason: 55% HP (70/126)
 18745 | Lair:5   | Danger: Low HP Warning |T2| Reason: 56% HP (71/126)
 18746 | Lair:5   | Danger: Low HP Warning |T2| Reason: 56% HP (71/126)
 18747 | Lair:5   | Danger: Low HP Warning |T2| Reason: 56% HP (71/126)
 18748 | Lair:5   | Danger: Low HP Warning |T2| Reason: 51% HP (65/126)
 18749 | Lair:5   | Danger: Low HP Warning |T2| Reason: 46% HP (59/126)
 18750 | Lair:5   | Danger: Low HP Warning |T2| Reason: 42% HP (54/126)
 18798 | Lair:5   | Danger: Low HP Warning |T2| Reason: 58% HP (74/126)
 18799 | Lair:5   | Danger: Low HP Warning |T2| Reason: 58% HP (74/126)
 18801 | Lair:5   | Danger: Low HP Warning |T2| Reason: 59% HP (75/126)
 18802 | Lair:5   | Danger: Low HP Warning |T2| Reason: 59% HP (75/126)
 18803 | Lair:5   | Danger: Low HP Warning |T2| Reason: 60% HP (76/126)
 18804 | Lair:5   | Danger: Low HP Warning |T2| Reason: 60% HP (76/126)
 18805 | Lair:5   | Danger: Low HP Warning |T2| Reason: 60% HP (76/126)
 19166 | Lair:5   | Danger: Low HP Warning |T2| Reason: 47% HP (60/126)
 19167 | Lair:5   | Danger: Low HP Warning |T2| Reason: 47% HP (60/126)
 19168 | Lair:5   | Danger: Low HP Warning |T2| Reason: 47% HP (60/126)
 19169 | Lair:5   | Danger: Low HP Warning |T2| Reason: 47% HP (60/126)
 19170 | Lair:5   | Danger: Low HP Warning |T2| Reason: 48% HP (61/126)
 19171 | Lair:5   | Danger: Low HP Warning |T2| Reason: 48% HP (61/126)
 19172 | Lair:5   | Danger: Low HP Warning |T2| Reason: 49% HP (62/126)
 19173 | Lair:5   | Danger: Low HP Warning |T2| Reason: 49% HP (62/126)
 19174 | Lair:5   | Danger: Low HP Warning |T2| Reason: 49% HP (62/126)
 19175 | Lair:5   | Danger: Low HP Warning |T2| Reason: 49% HP (62/126)
 19176 | Lair:5   | Danger: Low HP Warning |T2| Reason: 50% HP (63/126)
 19177 | Lair:5   | Danger: Low HP Warning |T2| Reason: 50% HP (63/126)
 19178 | Lair:5   | Danger: Low HP Warning |T2| Reason: 50% HP (63/126)
 19179 | Lair:5   | Danger: Low HP Warning |T2| Reason: 50% HP (64/126)
 19180 | Lair:5   | Danger: Low HP Warning |T2| Reason: 50% HP (64/126)
 19181 | Lair:5   | Danger: Low HP Warning |T2| Reason: 50% HP (64/126)
 19182 | Lair:5   | Danger: Low HP Warning |T2| Reason: 51% HP (65/126)
 19183 | Lair:5   | Danger: Low HP Warning |T2| Reason: 51% HP (65/126)
 19184 | Lair:5   | Danger: Low HP Warning |T2| Reason: 51% HP (65/126)
 19185 | Lair:5   | Danger: Low HP Warning |T2| Reason: 51% HP (65/126)
 19186 | Lair:5   | Danger: Low HP Warning |T2| Reason: 52% HP (66/126)
 19187 | Lair:5   | Danger: Low HP Warning |T2| Reason: 52% HP (66/126)
 19188 | Lair:5   | Danger: Low HP Warning |T2| Reason: 30% HP (39/126)
 19189 | Lair:5   | Danger: Low HP Warning |T2| Reason: 31% HP (40/126)
 19190 | Lair:5   | Danger: Low HP Warning |T2| Reason: 45% HP (57/126)
 19191 | Lair:5   | Danger: Low HP Warning |T2| Reason: 26% HP (33/126)
 19192 | Lair:5   | Danger: Low HP Warning |T2| Reason: 26% HP (33/126)
 19193 | Lair:5   | Danger: Low HP Warning |T2| Reason: 26% HP (33/126)
 19194 | Lair:5   | Danger: Low HP Warning |T2| Reason: 26% HP (34/126)
 19195 | Lair:5   | Danger: Low HP Warning |T2| Reason: 26% HP (34/126)
 19196 | Lair:5   | Danger: Low HP Warning |T2| Reason: 27% HP (35/126)
 19197 | Lair:5   | Danger: Low HP Warning |T2| Reason: 27% HP (35/126)
 19198 | Lair:5   | Danger: Low HP Warning |T2| Reason: 27% HP (35/126)
 19199 | Lair:5   | Danger: Low HP Warning |T2| Reason: 28% HP (36/126)
 19200 | Lair:5   | Danger: Low HP Warning |T2| Reason: 28% HP (36/126)
 19201 | Lair:5   | Danger: Low HP Warning |T2| Reason: 29% HP (37/126)
 19202 | Lair:5   | Danger: Low HP Warning |T2| Reason: 29% HP (37/126)
 19203 | Lair:5   | Danger: Low HP Warning |T2| Reason: 29% HP (37/126)
 19204 | Lair:5   | Danger: Low HP Warning |T2| Reason: 30% HP (38/126)
 19205 | Lair:5   | Danger: Low HP Warning |T2| Reason: 30% HP (38/126)
 19206 | Lair:5   | Danger: Low HP Warning |T2| Reason: 30% HP (39/126)
 19207 | Lair:5   | Danger: Low HP Warning |T2| Reason: 30% HP (39/126)
 19208 | Lair:5   | Danger: Low HP Warning |T2| Reason: 31% HP (40/126)
 19209 | Lair:5   | Danger: Low HP Warning |T2| Reason: 31% HP (40/126)
 19210 | Lair:5   | Danger: Low HP Warning |T2| Reason: 31% HP (40/126)
 19211 | Lair:5   | Danger: Low HP Warning |T2| Reason: 32% HP (41/126)
 19212 | Lair:5   | Danger: Low HP Warning |T2| Reason: 32% HP (41/126)
 19213 | Lair:5   | Danger: Low HP Warning |T2| Reason: 33% HP (42/126)
 19214 | Lair:5   | Danger: Low HP Warning |T2| Reason: 33% HP (42/126)
 19215 | Lair:5   | Danger: Low HP Warning |T2| Reason: 33% HP (42/126)
 19216 | Lair:5   | Danger: Low HP Warning |T2| Reason: 34% HP (43/126)
 19217 | Lair:5   | Danger: Low HP Warning |T2| Reason: 34% HP (43/126)
 19218 | Lair:5   | Danger: Low HP Warning |T2| Reason: 34% HP (44/126)
 19219 | Lair:5   | Danger: Low HP Warning |T2| Reason: 34% HP (44/126)
 19220 | Lair:5   | Danger: Low HP Warning |T2| Reason: 32% HP (41/126)
 19221 | Lair:5   | Danger: Low HP Warning |T2| Reason: 33% HP (42/126)
 19222 | Lair:5   | Danger: Low HP Warning |T2| Reason: 33% HP (42/126)
 19223 | Lair:5   | Danger: Low HP Warning |T2| Reason: 34% HP (43/126)
 19224 | Lair:5   | Danger: Low HP Warning |T2| Reason: 34% HP (43/126)
 19225 | Lair:5   | Danger: Low HP Warning |T2| Reason: 34% HP (43/126)
 19226 | Lair:5   | Danger: Low HP Warning |T2| Reason: 33% HP (42/126)
 19228 | Lair:4   | Danger: Low HP Warning |T2| Reason: 34% HP (43/126)
 19229 | Lair:4   | Danger: Low HP Warning |T2| Reason: 34% HP (43/126)
 19230 | Lair:4   | Danger: Low HP Warning |T2| Reason: 34% HP (44/126)
 19231 | Lair:4   | Danger: Low HP Warning |T2| Reason: 34% HP (44/126)
 19767 | Lair:5   | Reached XP level 14. HP: 125/135 MP: 15/15
 19784 | Lair:5   | Danger: Low HP Warning |T2| Reason: 56% HP (76/135)
 19785 | Lair:5   | Danger: Low HP Warning |T2| Reason: 56% HP (76/135)
 19786 | Lair:5   | Danger: Low HP Warning |T2| Reason: 57% HP (77/135)
 19787 | Lair:5   | Danger: Low HP Warning |T2| Reason: 57% HP (77/135)
 19788 | Lair:5   | Danger: Low HP Warning |T2| Reason: 57% HP (77/135)
 19789 | Lair:5   | Danger: Low HP Warning |T2| Reason: 57% HP (78/135)
 19790 | Lair:5   | Danger: Low HP Warning |T2| Reason: 57% HP (78/135)
 19791 | Lair:5   | Danger: Low HP Warning |T2| Reason: 57% HP (78/135)
 19793 | Lair:5   | Danger: Low HP Warning |T2| Reason: 58% HP (79/135)
 19794 | Lair:5   | Danger: Low HP Warning |T2| Reason: 58% HP (79/135)
 19795 | Lair:5   | Danger: Low HP Warning |T2| Reason: 59% HP (80/135)
 19796 | Lair:5   | Danger: Low HP Warning |T2| Reason: 59% HP (80/135)
 19797 | Lair:5   | Danger: Low HP Warning |T2| Reason: 54% HP (73/135)
 19798 | Lair:5   | Danger: Low HP Warning |T2| Reason: 54% HP (74/135)
 19799 | Lair:5   | Danger: Low HP Warning |T2| Reason: 54% HP (74/135)
 19800 | Lair:5   | Danger: Low HP Warning |T2| Reason: 54% HP (74/135)
 19801 | Lair:5   | Danger: Low HP Warning |T2| Reason: 46% HP (63/135)
 19802 | Lair:5   | Danger: Low HP Warning |T2| Reason: 46% HP (63/135)
 19803 | Lair:5   | Danger: Low HP Warning |T2| Reason: 46% HP (63/135)
 19804 | Lair:5   | Danger: Low HP Warning |T2| Reason: 46% HP (63/135)
 19805 | Lair:5   | Danger: Low HP Warning |T2| Reason: 47% HP (64/135)
 19806 | Lair:5   | Danger: Low HP Warning |T2| Reason: 47% HP (64/135)
 19807 | Lair:5   | Danger: Low HP Warning |T2| Reason: 47% HP (64/135)
 19808 | Lair:5   | Danger: Low HP Warning |T2| Reason: 48% HP (65/135)
 19809 | Lair:5   | Danger: Low HP Warning |T2| Reason: 48% HP (65/135)
 19810 | Lair:5   | Danger: Low HP Warning |T2| Reason: 48% HP (65/135)
 19811 | Lair:5   | Danger: Low HP Warning |T2| Reason: 48% HP (66/135)
 19812 | Lair:5   | Danger: Low HP Warning |T2| Reason: 48% HP (66/135)
 19813 | Lair:5   | Danger: Low HP Warning |T2| Reason: 48% HP (66/135)
 19814 | Lair:5   | Danger: Low HP Warning |T2| Reason: 49% HP (67/135)
 19816 | Lair:5   | Danger: Low HP Warning |T2| Reason: 49% HP (67/135)
 19817 | Lair:5   | Danger: Low HP Warning |T2| Reason: 50% HP (68/135)
 19818 | Lair:5   | Danger: Low HP Warning |T2| Reason: 50% HP (68/135)
 19820 | Lair:5   | Danger: Low HP Warning |T2| Reason: 51% HP (69/135)
 19821 | Lair:5   | Danger: Low HP Warning |T2| Reason: 51% HP (69/135)
 19823 | Lair:5   | Danger: Low HP Warning |T2| Reason: 51% HP (70/135)
 19824 | Lair:5   | Danger: Low HP Warning |T2| Reason: 51% HP (70/135)
 19825 | Lair:5   | Danger: Low HP Warning |T2| Reason: 51% HP (70/135)
 19827 | Lair:5   | Danger: Low HP Warning |T2| Reason: 52% HP (71/135)
 19828 | Lair:5   | Danger: Low HP Warning |T2| Reason: 52% HP (71/135)
 19835 | Lair:5   | Danger: Low HP Warning |T2| Reason: 54% HP (74/135)
 19836 | Lair:5   | Danger: Low HP Warning |T2| Reason: 54% HP (74/135)
 19837 | Lair:5   | Danger: Low HP Warning |T2| Reason: 55% HP (75/135)
 19838 | Lair:5   | Danger: Low HP Warning |T2| Reason: 55% HP (75/135)
 19839 | Lair:5   | Danger: Low HP Warning |T2| Reason: 47% HP (64/135)
 19842 | Lair:5   | Danger: Low HP Warning |T3| Reason: 22% HP (31/135)
 19843 | Lair:5   | Danger: Low HP Warning |T2| Reason: 26% HP (36/135)
 19844 | Lair:5   | Danger: Low HP Warning |T3| Reason: 19% HP (26/135)
 19845 | Lair:5   | Danger: Low HP Warning |T2| Reason: 40% HP (54/135)
 20089 | Lair:5   | Danger: dream sheep |T2| Reason: Irresistible Dream Dust
                  | (52%), watch out!
 20089 | Lair:5   | Danger: dream sheep |T2| Reason: Irresistible Dream Dust
                  | (52%), watch out!
 20090 | Lair:5   | Danger: dream sheep |T2| Reason: Irresistible Dream Dust
                  | (68%), watch out!
 20090 | Lair:5   | Danger: dream sheep |T2| Reason: Irresistible Dream Dust
                  | (68%), watch out!
 20090 | Lair:5   | Danger: dream sheep |T2| Reason: Irresistible Dream Dust
                  | (68%), watch out!
 20096 | Lair:5   | Danger: dream sheep |T2| Reason: Irresistible Dream Dust
                  | (76%), watch out!
 20096 | Lair:5   | Danger: dream sheep |T2| Reason: Irresistible Dream Dust
                  | (76%), watch out!
 20096 | Lair:5   | Danger: dream sheep |T2| Reason: Irresistible Dream Dust
                  | (76%), watch out!
 20096 | Lair:5   | Danger: dream sheep |T2| Reason: Irresistible Dream Dust
                  | (76%), watch out!
 20099 | Lair:5   | Danger: dream sheep |T2| Reason: Irresistible Dream Dust
                  | (68%), watch out!
 20099 | Lair:5   | Danger: dream sheep |T2| Reason: Irresistible Dream Dust
                  | (68%), watch out!
 20099 | Lair:5   | Danger: dream sheep |T2| Reason: Irresistible Dream Dust
                  | (68%), watch out!
 20100 | Lair:5   | Danger: dream sheep |T2| Reason: Irresistible Dream Dust
                  | (52%), watch out!
 20100 | Lair:5   | Danger: dream sheep |T2| Reason: Irresistible Dream Dust
                  | (52%), watch out!
 20101 | Lair:5   | Danger: dream sheep |T2| Reason: Irresistible Dream Dust
                  | (68%), watch out!
 20101 | Lair:5   | Danger: dream sheep |T2| Reason: Irresistible Dream Dust
                  | (68%), watch out!
 20101 | Lair:5   | Danger: dream sheep |T2| Reason: Irresistible Dream Dust
                  | (68%), watch out!
 20102 | Lair:5   | Danger: dream sheep |T2| Reason: Irresistible Dream Dust
                  | (52%), watch out!
 20102 | Lair:5   | Danger: dream sheep |T2| Reason: Irresistible Dream Dust
                  | (52%), watch out!
 20107 | Lair:5   | Danger: dream sheep |T2| Reason: Irresistible Dream Dust
                  | (4%), watch out!
 20429 | Lair:5   | Found a staircase to the Slime Pits.
 20922 | Lair:3   | Killed Brasilia's ghost
 21146 | D:8      | Bought 3 scrolls of identify for 156 gold pieces
 21146 | D:8      | Bought a scroll of identify for 52 gold pieces
 21146 | D:8      | Bought a thick beryl amulet for 130 gold pieces
 21275 | D:5      | Danger: Dowan |T2| Reason: Unique monster, careful!
 21288 | D:5      | Danger: Dowan |T2| Reason: Unique monster, careful!
 21291 | D:5      | Killed Dowan
 21399 | D:1      | Bought a potion of curing for 33 gold pieces
 21399 | D:1      | Bought a potion of lignification for 33 gold pieces
 21508 | D:5      | Danger: Duvessa |T2| Reason: Unique monster, careful!
 21511 | D:5      | Danger: Duvessa |T2| Reason: Unique monster, careful!
 21522 | D:5      | Killed Duvessa
 21712 | D:9      | Killed ShadowTiger's ghost
 21939 | D:12     | Reached skill level 1 in Stealth
 21973 | D:11     | Danger: slime creature |T2| Reason: OOD monster, careful!
 21973 | D:11     | Danger: slime creature |T2| Reason: OOD monster, careful!
 22150 | D:12     | Got Sif Muna's Octavo of Hexes and Effluvium
 22192 | D:12     | Found a staircase to the Orcish Mines.
 22217 | D:12     | Noticed Maurice
 22218 | D:12     | Danger: Maurice |T2| Reason: Electrocution weapon and no
                  | rElec!
 22218 | D:12     | Danger: Maurice |T2| Reason: Unique monster, careful!
 22218 | D:12     | Danger: Maurice |T2| Reason: carrying a wand of flame (11),
                  | careful!
 22229 | D:12     | Killed Maurice
 22364 | D:12     | Noticed Rupert
 22365 | D:12     | Danger: Rupert |T3| Reason: Paralyse and low Will
 22365 | D:12     | Danger: Rupert |T2| Reason: Unique monster, careful!
 22376 | D:12     | Danger: Rupert |T3| Reason: Paralyse and low Will
 22376 | D:12     | Danger: Rupert |T2| Reason: Unique monster, careful!
 22377 | D:12     | Danger: Rupert |T3| Reason: Paralyse and low Will
 22408 | D:12     | Noticed a vampire knight
 22409 | D:12     | Danger: vampire knight |T3| Reason: Paralyse and low Will
 22409 | D:12     | Danger: vampire knight |T2| Reason: OOD monster, careful!
 22425 | D:12     | Noticed Gastronok
 22426 | D:12     | Danger: Gastronok |T2| Reason: Slow and low Will, careful
 22426 | D:12     | Danger: Gastronok |T2| Reason: Unique monster, careful!
 22446 | D:12     | Killed Gastronok
 22556 | D:12     | Noticed Snorg
 22557 | D:12     | Danger: Snorg |T2| Reason: Unique monster, careful!
 22568 | D:12     | Killed Snorg
 22652 | D:12     | Danger: skeletal warrior |T2| Reason: OOD monster, careful!
 22655 | D:12     | Danger: skeletal warrior |T2| Reason: OOD monster, careful!
 22671 | D:12     | Danger: Low HP Warning |T2| Reason: 59% HP (80/135)
 22672 | D:12     | Danger: Low HP Warning |T2| Reason: 51% HP (70/135)
 22673 | D:12     | Danger: Low HP Warning |T2| Reason: 48% HP (65/135)
 22674 | D:12     | Danger: Low HP Warning |T2| Reason: 44% HP (60/135)
 22675 | D:12     | Danger: Low HP Warning |T2| Reason: 44% HP (60/135)
 22676 | D:12     | Danger: Low HP Warning |T2| Reason: 45% HP (61/135)
 22677 | D:12     | Danger: Low HP Warning |T2| Reason: 41% HP (56/135)
 22678 | D:12     | Reached skill level 5 in Stealth
 22678 | D:12     | Danger: Low HP Warning |T2| Reason: 29% HP (40/135)
 22679 | D:12     | Danger: Low HP Warning |T2| Reason: 30% HP (41/135)
 22680 | D:12     | Danger: Low HP Warning |T2| Reason: 30% HP (41/135)
 22681 | D:12     | Danger: Low HP Warning |T2| Reason: 31% HP (42/135)
 22682 | D:12     | Danger: Low HP Warning |T2| Reason: 31% HP (42/135)
 22683 | D:12     | Danger: Low HP Warning |T2| Reason: 31% HP (43/135)
 22684 | D:12     | Danger: Low HP Warning |T2| Reason: 31% HP (43/135)
 22686 | D:12     | Danger: skeletal warrior |T2| Reason: OOD monster, careful!
 22686 | D:12     | Danger: Low HP Warning |T2| Reason: 32% HP (44/135)
 22687 | D:12     | Danger: Low HP Warning |T2| Reason: 32% HP (44/135)
 22688 | D:12     | Danger: Low HP Warning |T2| Reason: 33% HP (45/135)
 22689 | D:12     | Danger: Low HP Warning |T2| Reason: 33% HP (45/135)
 22690 | D:12     | Danger: Low HP Warning |T2| Reason: 33% HP (45/135)
 22691 | D:12     | Danger: Low HP Warning |T2| Reason: 34% HP (46/135)
 22692 | D:12     | Danger: Low HP Warning |T2| Reason: 34% HP (46/135)
 22693 | D:12     | Danger: Low HP Warning |T2| Reason: 34% HP (47/135)
 22694 | D:12     | Danger: Low HP Warning |T2| Reason: 34% HP (47/135)
 22695 | D:12     | Danger: Low HP Warning |T2| Reason: 35% HP (48/135)
 22696 | D:12     | Danger: Low HP Warning |T2| Reason: 35% HP (48/135)
 22697 | D:12     | Danger: Low HP Warning |T2| Reason: 35% HP (48/135)
 22698 | D:12     | Danger: Low HP Warning |T2| Reason: 36% HP (49/135)
 22699 | D:12     | Danger: Low HP Warning |T2| Reason: 36% HP (49/135)
 22700 | D:12     | Danger: Low HP Warning |T2| Reason: 37% HP (50/135)
 22701 | D:12     | Danger: Low HP Warning |T2| Reason: 37% HP (50/135)
 22702 | D:12     | Danger: Low HP Warning |T2| Reason: 37% HP (51/135)
 22703 | D:12     | Danger: Low HP Warning |T2| Reason: 37% HP (51/135)
 22704 | D:12     | Danger: Low HP Warning |T2| Reason: 37% HP (51/135)
 22705 | D:12     | Danger: Low HP Warning |T2| Reason: 38% HP (52/135)
 22706 | D:12     | Danger: Low HP Warning |T2| Reason: 38% HP (52/135)
 22707 | D:12     | Danger: Low HP Warning |T2| Reason: 39% HP (53/135)
 22708 | D:12     | Danger: Low HP Warning |T2| Reason: 39% HP (53/135)
 22710 | D:12     | Danger: skeletal warrior |T2| Reason: OOD monster, careful!
 22710 | D:12     | Danger: Low HP Warning |T2| Reason: 40% HP (54/135)
 22711 | D:12     | Danger: Low HP Warning |T2| Reason: 40% HP (54/135)
 22712 | D:12     | Danger: Low HP Warning |T2| Reason: 40% HP (55/135)
 22714 | D:12     | Danger: skeletal warrior |T2| Reason: OOD monster, careful!
 22714 | D:12     | Danger: Low HP Warning |T2| Reason: 41% HP (56/135)
 22716 | D:12     | Danger: Low HP Warning |T2| Reason: 41% HP (56/135)
 22717 | D:12     | Danger: Low HP Warning |T2| Reason: 42% HP (57/135)
 22718 | D:12     | Danger: Low HP Warning |T2| Reason: 42% HP (57/135)
 22719 | D:12     | Danger: Low HP Warning |T2| Reason: 42% HP (58/135)
 22720 | D:12     | Danger: Low HP Warning |T2| Reason: 42% HP (58/135)
 22721 | D:12     | Danger: Low HP Warning |T2| Reason: 42% HP (58/135)
 22722 | D:12     | Danger: Low HP Warning |T2| Reason: 43% HP (59/135)
 22724 | D:12     | Danger: skeletal warrior |T2| Reason: OOD monster, careful!
 22724 | D:12     | Danger: Low HP Warning |T2| Reason: 44% HP (60/135)
 22725 | D:12     | Danger: Low HP Warning |T2| Reason: 44% HP (60/135)
 22726 | D:12     | Danger: Low HP Warning |T2| Reason: 39% HP (53/135)
 22727 | D:12     | Danger: Low HP Warning |T2| Reason: 40% HP (54/135)
 22728 | D:12     | Danger: Low HP Warning |T2| Reason: 40% HP (54/135)
 22729 | D:12     | Danger: Low HP Warning |T2| Reason: 40% HP (54/135)
 22730 | D:12     | Danger: Low HP Warning |T2| Reason: 40% HP (55/135)
 22948 | D:12     | Danger: skeletal warrior |T2| Reason: OOD monster, careful!
 22952 | D:12     | Danger: skeletal warrior |T2| Reason: OOD monster, careful!
 22979 | D:12     | Danger: skeletal warrior |T2| Reason: OOD monster, careful!
 23092 | D:12     | Danger: skeletal warrior |T2| Reason: OOD monster, careful!
 23138 | D:12     | Danger: skeletal warrior |T2| Reason: OOD monster, careful!
 23138 | D:12     | Danger: skeletal warrior |T2| Reason: OOD monster, careful!
 23141 | D:12     | Danger: skeletal warrior |T2| Reason: OOD monster, careful!
 23141 | D:12     | Danger: skeletal warrior |T2| Reason: OOD monster, careful!
 23147 | D:12     | Danger: skeletal warrior |T2| Reason: OOD monster, careful!
 23148 | D:12     | Danger: skeletal warrior |T2| Reason: OOD monster, careful!
 23158 | D:12     | Danger: skeletal warrior |T2| Reason: OOD monster, careful!
 23164 | D:12     | Danger: skeletal warrior |T2| Reason: OOD monster, careful!
 23166 | D:12     | Danger: skeletal warrior |T2| Reason: OOD monster, careful!
 23243 | D:12     | Danger: skeletal warrior |T2| Reason: OOD monster, careful!
 23243 | D:12     | Danger: skeletal warrior |T2| Reason: OOD monster, careful!
 23248 | D:12     | Danger: skeletal warrior |T2| Reason: OOD monster, careful!
 23349 | D:12     | Danger: skeletal warrior |T2| Reason: OOD monster, careful!
 23463 | D:12     | Found Ynier's General Store.
 23854 | D:12     | Bought a scroll of identify for 30 gold pieces
 23854 | D:12     | Bought a scroll of identify for 30 gold pieces
 23854 | D:12     | Bought a wand of digging (4) for 252 gold pieces
 23898 | D:13     | Found the +12 pair of quick blades "Gyre" and "Gimble"
                  | {protect}
 23903 | D:13     | Found a runed translucent gate.
 23903 | D:13     | Found a runed translucent gate.
 23903 | D:13     | Found a runed translucent gate.
 23911 | D:13     | Found Bago's Pet Rocks.
 23973 | D:13     | Danger: shock serpent |T2| Reason: Electrical Bolt and no
                  | rElec
 23988 | D:13     | Danger: deep troll shaped shifter |T2| Reason: OOD monster,
                  | careful!
 23991 | D:13     | Danger: Low HP Warning |T2| Reason: 52% HP (71/135)
 23992 | D:13     | Danger: Low HP Warning |T2| Reason: 52% HP (71/135)
 23993 | D:13     | Danger: Low HP Warning |T2| Reason: 53% HP (72/135)
 23994 | D:13     | Danger: Low HP Warning |T2| Reason: 53% HP (72/135)
 23995 | D:13     | Danger: Low HP Warning |T2| Reason: 53% HP (72/135)
 23996 | D:13     | Danger: Low HP Warning |T2| Reason: 40% HP (54/135)
 23997 | D:13     | Danger: Low HP Warning |T2| Reason: 40% HP (54/135)
 23998 | D:13     | Danger: Low HP Warning |T2| Reason: 40% HP (55/135)
 23999 | D:13     | Danger: Low HP Warning |T2| Reason: 40% HP (55/135)
 24000 | D:13     | Danger: Low HP Warning |T2| Reason: 41% HP (56/135)
 24022 | D:13     | Noticed an azure jelly
 24023 | D:13     | Noticed an acid blob
 24023 | D:13     | Noticed a quicksilver ooze
 24023 | D:13     | Noticed Leinaam's ghost (journeyman MiBe)
 24023 | D:13     | Noticed an acid blob
 24023 | D:13     | Noticed an acid blob
 24023 | D:13     | Noticed a quicksilver ooze
 24023 | D:13     | Noticed an acid blob
 24280 | D:13     | Danger: cyclops |T2| Reason: Quivering large rocks, watch
                  | out!!
 24292 | D:13     | Danger: Low HP Warning |T2| Reason: 57% HP (78/135)
 24293 | D:13     | Danger: Low HP Warning |T2| Reason: 46% HP (63/135)
 24860 | D:13     | Noticed an acid blob
 24862 | D:13     | Noticed an azure jelly
 24862 | D:13     | Noticed an azure jelly
 24864 | D:13     | Found a viscous altar of Jiyva.
 25681 | D:14     | Danger: catoblepas |T2| Reason: OOD monster, careful!
 25692 | D:14     | Danger: catoblepas |T2| Reason: OOD monster, careful!
 25702 | D:14     | Danger: Low HP Warning |T2| Reason: 59% HP (80/135)
 25703 | D:14     | Danger: Low HP Warning |T2| Reason: 59% HP (80/135)
 25704 | D:14     | Danger: Low HP Warning |T2| Reason: 60% HP (81/135)
 25707 | D:14     | Reached XP level 15. HP: 85/141 MP: 16/16
 26189 | D:14     | Danger: basilisk |T3| Reason: Petrify and low Will
 26196 | D:14     | Danger: basilisk |T3| Reason: Petrify and low Will
 26206 | D:14     | Danger: basilisk |T3| Reason: Petrify and low Will
 26207 | D:14     | Danger: basilisk |T3| Reason: Petrify and low Will
 26208 | D:14     | Danger: basilisk |T3| Reason: Petrify and low Will
 26209 | D:14     | Danger: basilisk |T3| Reason: Petrify and low Will
 26274 | D:14     | Danger: cyclops |T2| Reason: Quivering large rocks, watch
                  | out!!
 26280 | D:14     | Danger: cyclops |T2| Reason: Quivering large rocks, watch
                  | out!!
 26284 | D:14     | Danger: cyclops |T2| Reason: Quivering large rocks, watch
                  | out!!
 26307 | D:14     | Found a gate to the Vaults.
 26330 | D:14     | Danger: Low HP Warning |T2| Reason: 57% HP (81/141)
 26331 | D:14     | Danger: Low HP Warning |T2| Reason: 58% HP (82/141)
 26332 | D:14     | Danger: Low HP Warning |T2| Reason: 58% HP (82/141)
 26333 | D:14     | Danger: Low HP Warning |T2| Reason: 58% HP (82/141)
 26334 | D:14     | Danger: Low HP Warning |T2| Reason: 58% HP (83/141)
 26335 | D:14     | Danger: Low HP Warning |T2| Reason: 58% HP (83/141)
 26336 | D:14     | Danger: Low HP Warning |T2| Reason: 58% HP (83/141)
 26337 | D:14     | Danger: Low HP Warning |T2| Reason: 59% HP (84/141)
 26339 | D:14     | Danger: Low HP Warning |T2| Reason: 58% HP (83/141)
 26340 | D:14     | Danger: Low HP Warning |T2| Reason: 59% HP (84/141)
 26341 | D:14     | Danger: Low HP Warning |T2| Reason: 59% HP (84/141)
 26343 | D:14     | Danger: Low HP Warning |T2| Reason: 59% HP (84/141)
 26484 | D:14     | Danger: cyclops |T2| Reason: Quivering large rocks, watch
                  | out!!
 26486 | D:14     | Danger: cyclops |T2| Reason: Quivering large rocks, watch
                  | out!!
 26514 | D:14     | Danger: cyclops |T2| Reason: Quivering large rocks, watch
                  | out!!
 26631 | D:14     | Found a sparkling altar of Nemelex Xobeh.
 26681 | D:15     | Entered Level 15 of the Dungeon
 26927 | D:15     | Danger: wizard |T3| Reason: Banishment and low Will
 26931 | D:15     | Danger: wizard |T3| Reason: Banishment and low Will
 26932 | D:15     | Danger: wizard |T3| Reason: Banishment and low Will
 26933 | D:15     | Danger: wizard |T3| Reason: Banishment and low Will
 26934 | D:15     | Danger: wizard |T3| Reason: Banishment and low Will
 26935 | D:15     | Danger: wizard |T3| Reason: Banishment and low Will
 26936 | D:15     | Danger: wizard |T3| Reason: Banishment and low Will
 27083 | D:15     | Found a radiant altar of Vehumet.
 27215 | D:15     | Danger: deep elf zephyrmancer |T2| Reason: OOD monster,
                  | careful!
 27215 | D:15     | Danger: deep elf zephyrmancer |T2| Reason: Lightning Bolt
                  | and no rElec
 27215 | D:15     | Danger: deep elf archer |T2| Reason: Slow and low Will,
                  | careful
 27215 | D:15     | Danger: deep elf archer |T2| Reason: OOD monster, careful!
 27216 | D:15     | Danger: wizard |T3| Reason: Banishment and low Will
 27217 | D:15     | Danger: wizard |T3| Reason: Banishment and low Will
 27218 | D:15     | Danger: wizard |T3| Reason: Banishment and low Will
 27219 | D:15     | Danger: wizard |T3| Reason: Banishment and low Will
 27368 | Orc:1    | Entered Level 1 of the Orcish Mines
 27492 | Orc:1    | Found a transporter.
 27494 | Orc:1    | Found a transporter.
 27495 | Orc:1    | Found a transporter.
 27510 | Orc:1    | Found a sparkling altar of Nemelex Xobeh.
 27510 | Orc:1    | Noticed a juggernaut
 27511 | Orc:1    | Found a transporter.
 27511 | Orc:1    | Found a transporter.
 27515 | Orc:1    | Found a transporter.
 27882 | Orc:2    | Entered Level 2 of the Orcish Mines
 27908 | Orc:2    | Found a staircase to the Elven Halls.
 28024 | Orc:2    | Danger: orc |T2| Reason: Quivering boomerangs, careful!
 28026 | Orc:2    | Danger: orc warrior |T2| Reason: Quivering boomerangs,
                  | careful!
 28125 | Orc:2    | Danger: Low HP Warning |T2| Reason: 59% HP (84/141)
 28126 | Orc:2    | Danger: Low HP Warning |T2| Reason: 60% HP (85/141)
 28127 | Orc:2    | Danger: Low HP Warning |T2| Reason: 60% HP (85/141)
 28128 | Orc:2    | Danger: Low HP Warning |T2| Reason: 59% HP (84/141)
 28129 | Orc:2    | Danger: Low HP Warning |T2| Reason: 60% HP (85/141)
 28130 | Orc:2    | Danger: Low HP Warning |T2| Reason: 60% HP (85/141)
 28131 | Orc:2    | Danger: Low HP Warning |T2| Reason: 60% HP (85/141)
 28132 | Orc:2    | Danger: Low HP Warning |T2| Reason: 60% HP (85/141)
 28133 | Orc:2    | Danger: Low HP Warning |T2| Reason: 60% HP (86/141)
 28134 | Orc:2    | Danger: Low HP Warning |T2| Reason: 60% HP (86/141)
 28135 | Orc:2    | Danger: Low HP Warning |T2| Reason: 60% HP (86/141)
 28147 | Orc:2    | Danger: cyclops |T2| Reason: Quivering large rocks, watch
                  | out!!
 28151 | Orc:2    | Danger: cyclops |T2| Reason: Quivering large rocks, watch
                  | out!!
 28154 | Orc:2    | Danger: orc sorcerer |T3| Reason: Paralyse and low Will
 28155 | Orc:2    | Danger: orc sorcerer |T3| Reason: Paralyse and low Will
 28162 | Orc:2    | Danger: Low HP Warning |T2| Reason: 58% HP (83/141)
 28164 | Orc:2    | Danger: cyclops |T2| Reason: Quivering large rocks, watch
                  | out!!
 28164 | Orc:2    | Danger: Low HP Warning |T2| Reason: 58% HP (83/141)
 28166 | Orc:2    | Danger: Low HP Warning |T2| Reason: 59% HP (84/141)
 28167 | Orc:2    | Danger: Low HP Warning |T2| Reason: 59% HP (84/141)
 28168 | Orc:2    | Danger: orc |T2| Reason: Quivering boomerangs, careful!
 28168 | Orc:2    | Danger: orc sorcerer |T3| Reason: Paralyse and low Will
 28168 | Orc:2    | Danger: Low HP Warning |T2| Reason: 60% HP (85/141)
 28169 | Orc:2    | Danger: Low HP Warning |T2| Reason: 60% HP (85/141)
 28170 | Orc:2    | Danger: orc sorcerer |T3| Reason: Paralyse and low Will
 28170 | Orc:2    | Danger: Low HP Warning |T2| Reason: 60% HP (85/141)
 28171 | Orc:2    | Danger: orc sorcerer |T3| Reason: Paralyse and low Will
 28171 | Orc:2    | Danger: Low HP Warning |T2| Reason: 57% HP (81/141)
 28172 | Orc:2    | Danger: orc sorcerer |T3| Reason: Paralyse and low Will
 28172 | Orc:2    | Danger: Low HP Warning |T2| Reason: 57% HP (81/141)
 28173 | Orc:2    | Danger: orc sorcerer |T3| Reason: Paralyse and low Will
 28173 | Orc:2    | Danger: Low HP Warning |T2| Reason: 58% HP (82/141)
 28175 | Orc:2    | Danger: Low HP Warning |T2| Reason: 58% HP (82/141)
 28176 | Orc:2    | Danger: orc sorcerer |T3| Reason: Paralyse and low Will
 28176 | Orc:2    | Danger: Low HP Warning |T2| Reason: 58% HP (83/141)
 28177 | Orc:2    | Danger: orc sorcerer |T3| Reason: Paralyse and low Will
 28177 | Orc:2    | Danger: Low HP Warning |T2| Reason: 58% HP (83/141)
 28178 | Orc:2    | Danger: orc sorcerer |T3| Reason: Paralyse and low Will
 28178 | Orc:2    | Danger: Low HP Warning |T2| Reason: 58% HP (83/141)
 28179 | Orc:2    | Danger: orc sorcerer |T3| Reason: Paralyse and low Will
 28179 | Orc:2    | Danger: Low HP Warning |T2| Reason: 59% HP (84/141)
 28180 | Orc:2    | Danger: orc |T2| Reason: Quivering boomerangs, careful!
 28180 | Orc:2    | Danger: orc sorcerer |T3| Reason: Paralyse and low Will
 28180 | Orc:2    | Danger: Low HP Warning |T2| Reason: 59% HP (84/141)
 28181 | Orc:2    | Danger: orc sorcerer |T3| Reason: Paralyse and low Will
 28181 | Orc:2    | Danger: Low HP Warning |T2| Reason: 59% HP (84/141)
 28182 | Orc:2    | Danger: Low HP Warning |T2| Reason: 60% HP (85/141)
 28183 | Orc:2    | Danger: Low HP Warning |T2| Reason: 58% HP (82/141)
 28184 | Orc:2    | Danger: Low HP Warning |T2| Reason: 58% HP (82/141)
 28185 | Orc:2    | Danger: Low HP Warning |T2| Reason: 50% HP (71/141)
 28186 | Orc:2    | Danger: Low HP Warning |T2| Reason: 50% HP (71/141)
 28187 | Orc:2    | Danger: orc |T2| Reason: Quivering boomerangs, careful!
 28187 | Orc:2    | Danger: Low HP Warning |T2| Reason: 51% HP (72/141)
 28188 | Orc:2    | Danger: Low HP Warning |T2| Reason: 51% HP (72/141)
 28189 | Orc:2    | Danger: Low HP Warning |T2| Reason: 51% HP (72/141)
 28190 | Orc:2    | Danger: Low HP Warning |T2| Reason: 51% HP (73/141)
 28191 | Orc:2    | Danger: Low HP Warning |T2| Reason: 51% HP (73/141)
 28192 | Orc:2    | Danger: Low HP Warning |T2| Reason: 52% HP (74/141)
 28193 | Orc:2    | Danger: Low HP Warning |T2| Reason: 52% HP (74/141)
 28194 | Orc:2    | Danger: Low HP Warning |T2| Reason: 53% HP (75/141)
 28195 | Orc:2    | Danger: Low HP Warning |T2| Reason: 53% HP (75/141)
 28196 | Orc:2    | Danger: Low HP Warning |T2| Reason: 53% HP (75/141)
 28197 | Orc:2    | Danger: Low HP Warning |T2| Reason: 53% HP (76/141)
 28198 | Orc:2    | Danger: Low HP Warning |T2| Reason: 53% HP (76/141)
 28536 | Orc:2    | Danger: orc warrior |T2| Reason: Quivering boomerangs,
                  | careful!
 28538 | Orc:2    | Danger: orc warrior |T2| Reason: Quivering boomerangs,
                  | careful!
 28574 | Orc:2    | Danger: orc sorcerer |T3| Reason: Paralyse and low Will
 28575 | Orc:2    | Danger: orc sorcerer |T3| Reason: Paralyse and low Will
 28576 | Orc:2    | Danger: orc sorcerer |T3| Reason: Paralyse and low Will
 28581 | Orc:2    | Danger: orc sorcerer |T3| Reason: Paralyse and low Will
 28582 | Orc:2    | Danger: orc sorcerer |T3| Reason: Paralyse and low Will
 28583 | Orc:2    | Danger: orc sorcerer |T3| Reason: Paralyse and low Will
 28584 | Orc:2    | Danger: orc sorcerer |T3| Reason: Paralyse and low Will
 28585 | Orc:2    | Danger: orc sorcerer |T3| Reason: Paralyse and low Will
 28586 | Orc:2    | Danger: orc sorcerer |T3| Reason: Paralyse and low Will
 28587 | Orc:2    | Danger: orc sorcerer |T3| Reason: Paralyse and low Will
 28588 | Orc:2    | Danger: orc sorcerer |T3| Reason: Paralyse and low Will
 28589 | Orc:2    | Danger: orc sorcerer |T3| Reason: Paralyse and low Will
 28590 | Orc:2    | Danger: orc sorcerer |T3| Reason: Paralyse and low Will
 28635 | Orc:2    | Danger: Low HP Warning |T2| Reason: 58% HP (83/141)
 28636 | Orc:2    | Danger: Low HP Warning |T2| Reason: 58% HP (83/141)
 28637 | Orc:2    | Danger: Low HP Warning |T2| Reason: 55% HP (78/141)
 28638 | Orc:2    | Danger: Low HP Warning |T2| Reason: 56% HP (79/141)
 28639 | Orc:2    | Danger: Low HP Warning |T2| Reason: 56% HP (79/141)
 28806 | Orc:2    | Danger: orc sorcerer |T3| Reason: Paralyse and low Will
 28807 | Orc:2    | Danger: orc sorcerer |T3| Reason: Paralyse and low Will
 28808 | Orc:2    | Danger: orc sorcerer |T3| Reason: Paralyse and low Will
 28810 | Orc:2    | Danger: orc sorcerer |T3| Reason: Paralyse and low Will
 28811 | Orc:2    | Danger: orc sorcerer |T3| Reason: Paralyse and low Will
 28817 | Orc:2    | Danger: orc sorcerer |T3| Reason: Paralyse and low Will
 28818 | Orc:2    | Danger: orc sorcerer |T3| Reason: Paralyse and low Will
 28819 | Orc:2    | Danger: orc sorcerer |T3| Reason: Paralyse and low Will
 28856 | Orc:2    | Found Worchisal's General Store.
 28871 | Orc:2    | Found Tiomecul's Antique Armour Boutique.
 29041 | Orc:2    | Danger: orc |T2| Reason: Quivering boomerangs, careful!
 29046 | Orc:2    | Danger: orc |T2| Reason: Quivering boomerangs, careful!
 29054 | Orc:2    | Danger: orc |T2| Reason: Quivering boomerangs, careful!
 29257 | Orc:2    | Found Vacitot's Antique Weapon Emporium.
 29267 | Orc:2    | Danger: orc |T2| Reason: Quivering boomerangs, careful!
 29269 | Orc:2    | Danger: orc |T2| Reason: Quivering boomerangs, careful!
 29305 | Orc:2    | Danger: orc sorcerer |T3| Reason: Paralyse and low Will
 29306 | Orc:2    | Danger: orc sorcerer |T3| Reason: Paralyse and low Will
 29307 | Orc:2    | Danger: orc sorcerer |T3| Reason: Paralyse and low Will
 29324 | Orc:2    | Danger: orc sorcerer |T3| Reason: Paralyse and low Will
 29325 | Orc:2    | Danger: orc sorcerer |T3| Reason: Paralyse and low Will
 29325 | Orc:2    | Danger: orc sorcerer |T3| Reason: Paralyse and low Will
 29326 | Orc:2    | Danger: orc sorcerer |T3| Reason: Paralyse and low Will
 29326 | Orc:2    | Danger: orc sorcerer |T3| Reason: Paralyse and low Will
 29327 | Orc:2    | Danger: orc sorcerer |T3| Reason: Paralyse and low Will
 29327 | Orc:2    | Danger: orc sorcerer |T3| Reason: Paralyse and low Will
 29328 | Orc:2    | Danger: orc sorcerer |T3| Reason: Paralyse and low Will
 29328 | Orc:2    | Danger: orc sorcerer |T3| Reason: Paralyse and low Will
 29329 | Orc:2    | Danger: orc sorcerer |T3| Reason: Paralyse and low Will
 29330 | Orc:2    | Danger: orc sorcerer |T3| Reason: Paralyse and low Will
 29331 | Orc:2    | Danger: orc sorcerer |T3| Reason: Paralyse and low Will
 29432 | Orc:2    | Found Koigeph's Book Boutique.
 29445 | Orc:2    | Found Dawuokont's Antique Weapon Boutique.
 29716 | Orc:2    | Bought a scroll of teleportation for 48 gold pieces
 29716 | Orc:2    | Bought a scroll of poison for 64 gold pieces
 29716 | Orc:2    | Bought a potion of cancellation for 128 gold pieces
 29716 | Orc:2    | Bought a wand of paralysis (5) for 192 gold pieces
 29732 | Orc:2    | Bought a tower shield for 135 gold pieces
 29735 | Orc:2    | Acquired the +1 hat "Itwuty" {Harm Will++ rCorr Str-3}
 29791 | D:12     | Danger: Rupert |T3| Reason: Paralyse and low Will
 29791 | D:12     | Danger: Rupert |T2| Reason: Unique monster, careful!
 29792 | D:12     | Danger: Rupert |T3| Reason: Paralyse and low Will
 29935 | D:15     | Danger: deep elf zephyrmancer |T2| Reason: OOD monster,
                  | careful!
 29935 | D:15     | Danger: deep elf zephyrmancer |T2| Reason: Lightning Bolt
                  | and no rElec
 29961 | D:15     | Danger: deep elf zephyrmancer |T2| Reason: OOD monster,
                  | careful!
 29961 | D:15     | Danger: deep elf zephyrmancer |T2| Reason: Lightning Bolt
                  | and no rElec
 29965 | D:15     | Danger: basilisk |T3| Reason: Petrify and low Will
 29966 | D:15     | Danger: basilisk |T3| Reason: Petrify and low Will
 29974 | D:15     | Danger: basilisk |T3| Reason: Petrify and low Will
 29975 | D:15     | Danger: basilisk |T3| Reason: Petrify and low Will
 29976 | D:15     | Danger: basilisk |T3| Reason: Petrify and low Will
 29978 | D:15     | Danger: deep elf archer |T2| Reason: Slow and low Will,
                  | careful
 29978 | D:15     | Danger: deep elf archer |T2| Reason: OOD monster, careful!
 29978 | D:15     | Danger: basilisk |T3| Reason: Petrify and low Will
 29987 | D:15     | Danger: deep elf zephyrmancer |T2| Reason: OOD monster,
                  | careful!
 29987 | D:15     | Danger: deep elf zephyrmancer |T2| Reason: Lightning Bolt
                  | and no rElec
 29988 | D:15     | Danger: wizard |T3| Reason: Banishment and low Will
 29989 | D:15     | Danger: wizard |T3| Reason: Banishment and low Will
 29990 | D:15     | Danger: wizard |T3| Reason: Banishment and low Will
 29991 | D:15     | Danger: wizard |T3| Reason: Banishment and low Will
 29993 | D:15     | Danger: Low HP Warning |T2| Reason: 52% HP (75/143)
 29994 | D:15     | Danger: Low HP Warning |T2| Reason: 53% HP (76/143)
 29995 | D:15     | Danger: deep elf zephyrmancer |T2| Reason: OOD monster,
                  | careful!
 29995 | D:15     | Danger: deep elf zephyrmancer |T2| Reason: Lightning Bolt
                  | and no rElec
 29995 | D:15     | Danger: Low HP Warning |T2| Reason: 53% HP (76/143)
 29996 | D:15     | Danger: Low HP Warning |T2| Reason: 53% HP (77/143)
 29997 | D:15     | Danger: deep elf zephyrmancer |T2| Reason: OOD monster,
                  | careful!
 29997 | D:15     | Danger: deep elf zephyrmancer |T2| Reason: Lightning Bolt
                  | and no rElec
 29997 | D:15     | Danger: Low HP Warning |T2| Reason: 53% HP (77/143)
 29998 | D:15     | Danger: deep elf archer |T2| Reason: Slow and low Will,
                  | careful
 29998 | D:15     | Danger: deep elf archer |T2| Reason: OOD monster, careful!
 29998 | D:15     | Danger: Low HP Warning |T2| Reason: 54% HP (78/143)
 29999 | D:15     | Danger: Low HP Warning |T2| Reason: 54% HP (78/143)
 30000 | D:15     | Danger: Low HP Warning |T2| Reason: 54% HP (78/143)
 30001 | D:15     | Danger: Low HP Warning |T2| Reason: 55% HP (79/143)
 30002 | D:15     | Danger: Low HP Warning |T2| Reason: 50% HP (72/143)
 30003 | D:15     | Danger: Low HP Warning |T2| Reason: 50% HP (72/143)
 30004 | D:15     | Danger: Low HP Warning |T2| Reason: 51% HP (73/143)
 30005 | D:15     | Danger: Low HP Warning |T2| Reason: 51% HP (73/143)
 30006 | D:15     | Reached skill level 16 in Fighting
 30006 | D:15     | Danger: deep elf archer |T2| Reason: Slow and low Will,
                  | careful
 30006 | D:15     | Danger: deep elf archer |T2| Reason: OOD monster, careful!
 30006 | D:15     | Danger: Low HP Warning |T2| Reason: 51% HP (74/144)
 30007 | D:15     | Danger: Low HP Warning |T2| Reason: 40% HP (58/144)
 30008 | D:15     | Danger: Low HP Warning |T2| Reason: 40% HP (58/144)
 30009 | D:15     | Danger: deep elf archer |T2| Reason: Slow and low Will,
                  | careful
 30009 | D:15     | Danger: deep elf archer |T2| Reason: OOD monster, careful!
 30009 | D:15     | Danger: Low HP Warning |T2| Reason: 47% HP (68/144)
 30010 | D:15     | Danger: Low HP Warning |T2| Reason: 54% HP (78/144)
 30011 | D:15     | Danger: Low HP Warning |T2| Reason: 54% HP (78/144)
 30012 | D:15     | Danger: Low HP Warning |T2| Reason: 54% HP (78/144)
 30013 | D:15     | Danger: Low HP Warning |T2| Reason: 54% HP (78/144)
 30014 | D:15     | Danger: Low HP Warning |T2| Reason: 54% HP (79/144)
 30015 | D:15     | Danger: Low HP Warning |T2| Reason: 54% HP (79/144)
 30016 | D:15     | Danger: Low HP Warning |T2| Reason: 54% HP (79/144)
 30019 | D:15     | Danger: deep elf archer |T2| Reason: Slow and low Will,
                  | careful
 30019 | D:15     | Danger: deep elf archer |T2| Reason: OOD monster, careful!
 30019 | D:15     | Danger: Low HP Warning |T2| Reason: 53% HP (77/144)
 30020 | D:15     | Danger: Low HP Warning |T2| Reason: 42% HP (61/144)
 30060 | D:15     | Danger: Low HP Warning |T2| Reason: 54% HP (78/144)
 30061 | D:15     | Danger: Low HP Warning |T2| Reason: 54% HP (79/144)
 30062 | D:15     | Danger: Low HP Warning |T2| Reason: 54% HP (79/144)
 30063 | D:15     | Danger: Low HP Warning |T2| Reason: 55% HP (80/144)
 30064 | D:15     | Danger: Low HP Warning |T2| Reason: 56% HP (81/144)
 30065 | D:15     | Danger: Low HP Warning |T2| Reason: 56% HP (81/144)
 30066 | D:15     | Danger: Low HP Warning |T2| Reason: 56% HP (81/144)
 30067 | D:15     | Danger: Low HP Warning |T2| Reason: 56% HP (82/144)
 30068 | D:15     | Danger: Low HP Warning |T2| Reason: 56% HP (82/144)
 30069 | D:15     | Danger: Low HP Warning |T2| Reason: 49% HP (71/144)
 30071 | D:15     | Danger: Low HP Warning |T2| Reason: 49% HP (71/144)
 30072 | D:15     | Danger: Low HP Warning |T2| Reason: 50% HP (72/144)
 30073 | D:15     | Danger: Low HP Warning |T2| Reason: 50% HP (72/144)
 30074 | D:15     | Danger: Low HP Warning |T2| Reason: 40% HP (58/144)
 30075 | D:15     | Danger: Low HP Warning |T2| Reason: 40% HP (59/144)
 30076 | D:15     | Danger: Low HP Warning |T2| Reason: 40% HP (59/144)
 30077 | D:15     | Danger: Low HP Warning |T2| Reason: 41% HP (60/144)
 30079 | D:14     | Danger: Low HP Warning |T2| Reason: 42% HP (61/144)
 30080 | D:14     | Danger: Low HP Warning |T2| Reason: 37% HP (54/144)
 30081 | D:14     | Danger: Low HP Warning |T2| Reason: 37% HP (54/144)
 30082 | D:14     | Danger: Low HP Warning |T2| Reason: 38% HP (55/144)
 30467 | D:15     | Danger: white very ugly thing |T2| Reason: OOD monster,
                  | careful!
 30467 | D:15     | Danger: deep elf archer |T2| Reason: Slow and low Will,
                  | careful
 30467 | D:15     | Danger: deep elf archer |T2| Reason: OOD monster, careful!
 30472 | D:15     | Danger: deep elf archer |T2| Reason: Slow and low Will,
                  | careful
 30472 | D:15     | Danger: deep elf archer |T2| Reason: OOD monster, careful!
 30492 | D:15     | Danger: Low HP Warning |T2| Reason: 56% HP (81/144)
 30493 | D:15     | Danger: Low HP Warning |T2| Reason: 47% HP (69/144)
 30494 | D:15     | Danger: Low HP Warning |T2| Reason: 47% HP (69/144)
 30495 | D:15     | Danger: Low HP Warning |T2| Reason: 48% HP (70/144)
 30496 | D:15     | Danger: Low HP Warning |T2| Reason: 48% HP (70/144)
 30497 | D:15     | Danger: Low HP Warning |T2| Reason: 38% HP (55/144)
 30503 | D:15     | Danger: deep elf archer |T2| Reason: Slow and low Will,
                  | careful
 30503 | D:15     | Danger: deep elf archer |T2| Reason: OOD monster, careful!
 30503 | D:15     | Danger: Low HP Warning |T2| Reason: 40% HP (58/144)
 30504 | D:15     | Danger: Low HP Warning |T3| Reason: 25% HP (36/144)
 30703 | D:15     | Danger: deep elf archer |T2| Reason: Slow and low Will,
                  | careful
 30703 | D:15     | Danger: deep elf archer |T2| Reason: OOD monster, careful!
 30713 | D:15     | Danger: deep elf archer |T2| Reason: Slow and low Will,
                  | careful
 30713 | D:15     | Danger: deep elf archer |T2| Reason: OOD monster, careful!
 30721 | D:15     | Danger: deep elf archer |T2| Reason: Slow and low Will,
                  | careful
 30721 | D:15     | Danger: deep elf archer |T2| Reason: OOD monster, careful!
 30750 | D:15     | Danger: great orb of eyes |T3| Reason: Paralyse and low
                  | Will
 30750 | D:15     | Danger: great orb of eyes |T2| Reason: OOD monster,
                  | careful!
 30750 | D:15     | Danger: white very ugly thing |T2| Reason: OOD monster,
                  | careful!
 30752 | D:15     | Danger: great orb of eyes |T3| Reason: Paralyse and low
                  | Will
 30752 | D:15     | Danger: great orb of eyes |T2| Reason: OOD monster,
                  | careful!
 30752 | D:15     | Danger: white very ugly thing |T2| Reason: OOD monster,
                  | careful!
 30758 | D:15     | Danger: cyan very ugly thing |T2| Reason: OOD monster,
                  | careful!
 30762 | D:15     | Danger: green very ugly thing |T2| Reason: OOD monster,
                  | careful!
 30788 | D:15     | Danger: Low HP Warning |T2| Reason: 52% HP (75/144)
 30789 | D:15     | Danger: Low HP Warning |T2| Reason: 52% HP (76/144)
 30790 | D:15     | Danger: Low HP Warning |T2| Reason: 52% HP (76/144)
 30791 | D:15     | Danger: Low HP Warning |T2| Reason: 52% HP (76/144)
 30792 | D:15     | Danger: Low HP Warning |T2| Reason: 53% HP (77/144)
 30793 | D:15     | Danger: Low HP Warning |T2| Reason: 53% HP (77/144)
 30794 | D:15     | Danger: Low HP Warning |T2| Reason: 54% HP (78/144)
 30795 | D:15     | Danger: Low HP Warning |T2| Reason: 54% HP (78/144)
 30796 | D:15     | Danger: Low HP Warning |T2| Reason: 54% HP (78/144)
 30797 | D:15     | Danger: Low HP Warning |T2| Reason: 54% HP (79/144)
 30798 | D:15     | Danger: Low HP Warning |T2| Reason: 54% HP (79/144)
 30799 | D:15     | Danger: Low HP Warning |T2| Reason: 55% HP (80/144)
 30800 | D:15     | Danger: Low HP Warning |T2| Reason: 55% HP (80/144)
 30801 | D:15     | Danger: Low HP Warning |T2| Reason: 56% HP (81/144)
 30802 | D:15     | Danger: Low HP Warning |T2| Reason: 56% HP (81/144)
 30803 | D:15     | Danger: Low HP Warning |T2| Reason: 56% HP (82/144)
 30840 | D:15     | Danger: great orb of eyes |T3| Reason: Paralyse and low
                  | Will
 30840 | D:15     | Danger: great orb of eyes |T2| Reason: OOD monster,
                  | careful!
 30841 | D:15     | Danger: great orb of eyes |T3| Reason: Paralyse and low
                  | Will
 30842 | D:15     | Danger: great orb of eyes |T3| Reason: Paralyse and low
                  | Will
 30947 | D:15     | Danger: great orb of eyes |T3| Reason: Paralyse and low
                  | Will
 30947 | D:15     | Danger: great orb of eyes |T2| Reason: OOD monster,
                  | careful!
 30948 | D:15     | Danger: great orb of eyes |T3| Reason: Paralyse and low
                  | Will
 30949 | D:15     | Danger: great orb of eyes |T3| Reason: Paralyse and low
                  | Will
 30950 | D:15     | Danger: great orb of eyes |T3| Reason: Paralyse and low
                  | Will
 30951 | D:15     | Danger: great orb of eyes |T3| Reason: Paralyse and low
                  | Will
 30954 | D:15     | Danger: great orb of eyes |T3| Reason: Paralyse and low
                  | Will
 30957 | D:15     | Danger: great orb of eyes |T3| Reason: Paralyse and low
                  | Will
 30974 | D:15     | Danger: wizard |T3| Reason: Banishment and low Will
 30975 | D:15     | Danger: wizard |T3| Reason: Banishment and low Will
 31082 | D:15     | Noticed a storm dragon
 31083 | D:15     | Danger: storm dragon |T2| Reason: OOD monster, careful!
 31083 | D:15     | Danger: storm dragon |T2| Reason: Lightning Bolt and no
                  | rElec
 31084 | D:15     | a storm dragon changed into an iron troll
 31086 | D:15     | Found a staircase to the Depths.
 31087 | D:15     | an iron troll changed into a frost giant
 31087 | D:15     | Noticed a frost giant (glowing shapeshifter)
 31088 | D:15     | Danger: frost giant shaped shifter |T2| Reason: OOD
                  | monster, careful!
 31088 | D:15     | Danger: frost giant shaped shifter |T2| Reason: Bolt of
                  | Cold deals more than 50% MHP!
 31092 | D:15     | a frost giant changed into a dire elephant
 31478 | D:15     | Found a radiant altar of Vehumet.
 31885 | Shoals:1 | Entered Level 1 of the Shoals
 31913 | Shoals:1 | Found Kamorph's Assorted Antiques.
 31994 | Shoals:1 | Danger: merfolk |T3| Reason: Quivering throwing nets, watch
                  | out!
 31995 | Shoals:1 | Danger: merfolk |T3| Reason: Quivering throwing nets, watch
                  | out!
 31996 | Shoals:1 | Danger: merfolk |T3| Reason: Quivering throwing nets, watch
                  | out!
 31997 | Shoals:1 | Danger: merfolk |T2| Reason: Quivering boomerangs, careful!
 32002 | Shoals:1 | Danger: merfolk |T2| Reason: Quivering boomerangs, careful!
 32021 | Shoals:1 | Danger: Low HP Warning |T2| Reason: 57% HP (83/144)
 32022 | Shoals:1 | Danger: Low HP Warning |T2| Reason: 58% HP (84/144)
 32023 | Shoals:1 | Danger: Low HP Warning |T2| Reason: 52% HP (76/144)
 32024 | Shoals:1 | Danger: Low HP Warning |T2| Reason: 52% HP (76/144)
 32025 | Shoals:1 | Danger: Low HP Warning |T2| Reason: 53% HP (77/144)
 32026 | Shoals:1 | Danger: Low HP Warning |T2| Reason: 53% HP (77/144)
 32027 | Shoals:1 | Danger: Low HP Warning |T2| Reason: 53% HP (77/144)
 32178 | Shoals:1 | Danger: merfolk |T3| Reason: Quivering throwing nets, watch
                  | out!
 32179 | Shoals:1 | Danger: merfolk |T3| Reason: Quivering throwing nets, watch
                  | out!
 32180 | Shoals:1 | Danger: merfolk |T3| Reason: Quivering throwing nets, watch
                  | out!
 32181 | Shoals:1 | Danger: merfolk |T3| Reason: Quivering throwing nets, watch
                  | out!
 32253 | Shoals:1 | Found Dybief's Distillery.
 32261 | Shoals:1 | Bought a potion of haste for 170 gold pieces
 32261 | Shoals:1 | Bought 2 potions of haste for 340 gold pieces
 32261 | Shoals:1 | Bought a potion of curing for 51 gold pieces
 32996 | Shoals:2 | Reached skill level 1 in Throwing
 33036 | Shoals:2 | Identified the +0 leather armour of Wulucay {-Tele Harm
                  | rPois Will++ Regen+}
 33041 | Shoals:2 | Found Xocset's General Store.
 33116 | Shoals:2 | Danger: merfolk |T2| Reason: Quivering boomerangs, careful!
 33223 | Shoals:2 | Danger: Low HP Warning |T2| Reason: 60% HP (87/144)
 33224 | Shoals:2 | Danger: Low HP Warning |T2| Reason: 50% HP (73/144)
 33225 | Shoals:2 | Danger: Low HP Warning |T2| Reason: 45% HP (66/144)
 33226 | Shoals:2 | Danger: Low HP Warning |T2| Reason: 45% HP (66/144)
 33227 | Shoals:2 | Danger: Low HP Warning |T2| Reason: 45% HP (66/144)
 33228 | Shoals:2 | Danger: merfolk aquamancer |T3| Reason: IMMINENT DEATH:
                  | Throw Icicle deals 69 damage, you have 67 HP!!
 33228 | Shoals:2 | Danger: Low HP Warning |T2| Reason: 46% HP (67/144)
 33229 | Shoals:2 | Danger: Low HP Warning |T2| Reason: 46% HP (67/144)
 33230 | Shoals:2 | Danger: Low HP Warning |T2| Reason: 45% HP (66/144)
 33231 | Shoals:2 | Danger: Low HP Warning |T2| Reason: 45% HP (66/144)
 33232 | Shoals:2 | Danger: Low HP Warning |T2| Reason: 41% HP (60/144)
 33233 | Shoals:2 | Danger: Low HP Warning |T2| Reason: 41% HP (60/144)
 33234 | Shoals:2 | Danger: Low HP Warning |T2| Reason: 33% HP (48/144)
 33236 | Shoals:1 | Danger: Low HP Warning |T2| Reason: 28% HP (41/144)
 33237 | Shoals:1 | Danger: Low HP Warning |T2| Reason: 28% HP (41/144)
 33238 | Shoals:1 | Danger: Low HP Warning |T2| Reason: 26% HP (38/144)
 33239 | Shoals:1 | Danger: Low HP Warning |T2| Reason: 27% HP (39/144)
 33240 | Shoals:1 | Danger: Low HP Warning |T2| Reason: 27% HP (39/144)
 33241 | Shoals:1 | Danger: Low HP Warning |T2| Reason: 27% HP (39/144)
 33537 | Shoals:2 | Danger: Low HP Warning |T2| Reason: 54% HP (79/144)
 33781 | Shoals:2 | Danger: Low HP Warning |T2| Reason: 60% HP (87/144)
 33782 | Shoals:2 | Danger: Low HP Warning |T2| Reason: 60% HP (87/144)
 33783 | Shoals:2 | Danger: Low HP Warning |T2| Reason: 47% HP (68/144)
 33784 | Shoals:2 | Danger: Low HP Warning |T2| Reason: 32% HP (47/144)
 33785 | Shoals:2 | Danger: Low HP Warning |T2| Reason: 32% HP (47/144)
 33786 | Shoals:2 | Danger: Low HP Warning |T2| Reason: 33% HP (48/144)
 33787 | Shoals:2 | Danger: Low HP Warning |T2| Reason: 33% HP (48/144)
 33788 | Shoals:2 | Danger: Low HP Warning |T2| Reason: 33% HP (48/144)
 33789 | Shoals:2 | Danger: Low HP Warning |T2| Reason: 34% HP (49/144)
 33790 | Shoals:2 | Danger: Low HP Warning |T2| Reason: 34% HP (49/144)
 33791 | Shoals:2 | Danger: Low HP Warning |T2| Reason: 34% HP (49/144)
 33792 | Shoals:2 | Danger: Low HP Warning |T2| Reason: 34% HP (50/144)
 33793 | Shoals:2 | Reached XP level 16. HP: 52/151 MP: 17/17
 34690 | Shoals:3 | Reached skill level 5 in Throwing
 34690 | Shoals:3 | Danger: Low HP Warning |T2| Reason: 52% HP (80/151)
 34691 | Shoals:3 | Danger: Low HP Warning |T2| Reason: 57% HP (87/151)
 34692 | Shoals:3 | Danger: Low HP Warning |T2| Reason: 57% HP (88/152)
 34693 | Shoals:3 | Danger: Low HP Warning |T2| Reason: 58% HP (89/152)
 34694 | Shoals:3 | Danger: Low HP Warning |T2| Reason: 58% HP (89/152)
 34695 | Shoals:3 | Danger: Low HP Warning |T2| Reason: 58% HP (89/152)
 34696 | Shoals:3 | Danger: Low HP Warning |T2| Reason: 58% HP (89/152)
 34697 | Shoals:3 | Danger: Low HP Warning |T2| Reason: 59% HP (90/152)
 34698 | Shoals:3 | Danger: Low HP Warning |T2| Reason: 59% HP (90/152)
 34700 | Shoals:3 | Danger: Low HP Warning |T2| Reason: 51% HP (79/152)
 34701 | Shoals:3 | Danger: Low HP Warning |T2| Reason: 51% HP (79/152)
 34702 | Shoals:3 | Danger: Low HP Warning |T2| Reason: 52% HP (80/152)
 34703 | Shoals:3 | Danger: Low HP Warning |T2| Reason: 52% HP (80/152)
 34704 | Shoals:3 | Danger: Low HP Warning |T2| Reason: 53% HP (81/152)
 34705 | Shoals:3 | Danger: Low HP Warning |T2| Reason: 53% HP (81/152)
 34706 | Shoals:3 | Danger: Low HP Warning |T2| Reason: 48% HP (73/152)
 34707 | Shoals:3 | Danger: Low HP Warning |T2| Reason: 48% HP (73/152)
 34708 | Shoals:3 | Danger: Low HP Warning |T2| Reason: 48% HP (74/152)
 34709 | Shoals:3 | Danger: Low HP Warning |T2| Reason: 48% HP (74/152)
 34710 | Shoals:3 | Danger: Low HP Warning |T2| Reason: 49% HP (75/152)
 34714 | Shoals:3 | Danger: Low HP Warning |T2| Reason: 50% HP (76/152)
 34715 | Shoals:3 | Danger: Low HP Warning |T2| Reason: 50% HP (77/152)
 34716 | Shoals:3 | Danger: Low HP Warning |T2| Reason: 50% HP (77/152)
 34717 | Shoals:3 | Danger: Low HP Warning |T2| Reason: 50% HP (77/152)
 34921 | Shoals:3 | Danger: merfolk |T2| Reason: Quivering boomerangs, careful!
 34923 | Shoals:3 | Noticed Jorgrun
 34924 | Shoals:3 | Danger: Jorgrun |T3| Reason: Petrify and low Will
 34924 | Shoals:3 | Danger: Jorgrun |T2| Reason: Unique monster, careful!
 34924 | Shoals:3 | Danger: Jorgrun |T2| Reason: Iron Shot deals more than 50%
                  | MHP!
 34924 | Shoals:3 | Danger: merfolk |T3| Reason: Quivering throwing nets, watch
                  | out!
 34926 | Shoals:3 | Danger: merfolk |T2| Reason: Quivering boomerangs, careful!
 34927 | Shoals:3 | Danger: Jorgrun |T3| Reason: Petrify and low Will
 34927 | Shoals:3 | Danger: Jorgrun |T2| Reason: Unique monster, careful!
 34927 | Shoals:3 | Danger: Jorgrun |T2| Reason: Iron Shot deals more than 50%
                  | MHP!
 34929 | Shoals:3 | Danger: merfolk |T3| Reason: Quivering throwing nets, watch
                  | out!
 34930 | Shoals:3 | Danger: Jorgrun |T3| Reason: Petrify and low Will
 34930 | Shoals:3 | Danger: Jorgrun |T2| Reason: Unique monster, careful!
 34930 | Shoals:3 | Danger: Jorgrun |T2| Reason: Iron Shot deals more than 50%
                  | MHP!
 34930 | Shoals:3 | Danger: merfolk |T3| Reason: Quivering throwing nets, watch
                  | out!
 34931 | Shoals:3 | Danger: merfolk |T3| Reason: Quivering throwing nets, watch
                  | out!
 34931 | Shoals:3 | Danger: Jorgrun |T3| Reason: Petrify and low Will
 34931 | Shoals:3 | Danger: merfolk |T3| Reason: Quivering throwing nets, watch
                  | out!
 35069 | Shoals:3 | Danger: Jorgrun |T3| Reason: Petrify and low Will
 35069 | Shoals:3 | Danger: Jorgrun |T2| Reason: Unique monster, careful!
 35069 | Shoals:3 | Danger: Jorgrun |T2| Reason: Iron Shot deals more than 50%
                  | MHP!
 35109 | Shoals:3 | Danger: merfolk |T2| Reason: Quivering boomerangs, careful!
 35110 | Shoals:3 | Danger: merfolk |T3| Reason: Quivering throwing nets, watch
                  | out!
 35110 | Shoals:3 | Danger: merfolk |T3| Reason: Quivering throwing nets, watch
                  | out!
 35111 | Shoals:3 | Danger: merfolk |T3| Reason: Quivering throwing nets, watch
                  | out!
 35111 | Shoals:3 | Danger: merfolk |T3| Reason: Quivering throwing nets, watch
                  | out!
 35112 | Shoals:3 | Danger: merfolk |T3| Reason: Quivering throwing nets, watch
                  | out!
 35113 | Shoals:3 | Danger: merfolk |T3| Reason: Quivering throwing nets, watch
                  | out!
 35114 | Shoals:3 | Danger: merfolk |T3| Reason: Quivering throwing nets, watch
                  | out!
 35115 | Shoals:3 | Danger: merfolk |T3| Reason: Quivering throwing nets, watch
                  | out!
 35116 | Shoals:3 | Danger: merfolk |T3| Reason: Quivering throwing nets, watch
                  | out!
 35117 | Shoals:3 | Danger: merfolk |T3| Reason: Quivering throwing nets, watch
                  | out!
 35118 | Shoals:3 | Danger: merfolk |T3| Reason: Quivering throwing nets, watch
                  | out!
 35120 | Shoals:3 | Danger: merfolk |T3| Reason: Quivering throwing nets, watch
                  | out!
 35124 | Shoals:3 | Danger: merfolk |T3| Reason: Quivering throwing nets, watch
                  | out!
 35125 | Shoals:3 | Danger: merfolk |T2| Reason: Quivering boomerangs, careful!
 35125 | Shoals:3 | Danger: merfolk |T3| Reason: Quivering throwing nets, watch
                  | out!
 35126 | Shoals:3 | Danger: merfolk |T3| Reason: Quivering throwing nets, watch
                  | out!
 35127 | Shoals:3 | Danger: merfolk |T3| Reason: Quivering throwing nets, watch
                  | out!
 35128 | Shoals:3 | Danger: merfolk |T3| Reason: Quivering throwing nets, watch
                  | out!
 35129 | Shoals:3 | Danger: merfolk |T3| Reason: Quivering throwing nets, watch
                  | out!
 35130 | Shoals:3 | Danger: merfolk |T3| Reason: Quivering throwing nets, watch
                  | out!
 35131 | Shoals:3 | Danger: merfolk |T3| Reason: Quivering throwing nets, watch
                  | out!
 35132 | Shoals:3 | Danger: merfolk |T3| Reason: Quivering throwing nets, watch
                  | out!
 35133 | Shoals:3 | Danger: merfolk |T3| Reason: Quivering throwing nets, watch
                  | out!
 35134 | Shoals:3 | Danger: merfolk |T3| Reason: Quivering throwing nets, watch
                  | out!
 35135 | Shoals:3 | Danger: merfolk |T3| Reason: Quivering throwing nets, watch
                  | out!
 35136 | Shoals:3 | Danger: merfolk |T3| Reason: Quivering throwing nets, watch
                  | out!
 35137 | Shoals:3 | Danger: Low HP Warning |T2| Reason: 55% HP (85/152)
 35138 | Shoals:3 | Danger: Low HP Warning |T2| Reason: 55% HP (85/152)
 35139 | Shoals:3 | Danger: Low HP Warning |T2| Reason: 55% HP (84/152)
 35140 | Shoals:3 | Danger: Low HP Warning |T2| Reason: 48% HP (74/152)
 35141 | Shoals:3 | Danger: Low HP Warning |T2| Reason: 46% HP (70/152)
 35142 | Shoals:3 | Danger: Low HP Warning |T2| Reason: 45% HP (69/152)
 35143 | Shoals:3 | Danger: Low HP Warning |T2| Reason: 35% HP (54/152)
 35144 | Shoals:3 | Danger: Low HP Warning |T2| Reason: 35% HP (54/152)
 35145 | Shoals:3 | Danger: Low HP Warning |T2| Reason: 36% HP (55/152)
 35146 | Shoals:3 | Danger: Low HP Warning |T2| Reason: 36% HP (55/152)
 35147 | Shoals:3 | Danger: Low HP Warning |T2| Reason: 36% HP (55/152)
 35148 | Shoals:3 | Danger: Low HP Warning |T2| Reason: 36% HP (56/152)
 35149 | Shoals:3 | Danger: Low HP Warning |T2| Reason: 36% HP (56/152)
 35150 | Shoals:3 | Danger: Low HP Warning |T3| Reason: 24% HP (38/154)
 35151 | Shoals:3 | Danger: Low HP Warning |T2| Reason: 28% HP (44/154)
 35152 | Shoals:3 | Danger: Low HP Warning |T2| Reason: 35% HP (54/154)
 35153 | Shoals:3 | Danger: Low HP Warning |T2| Reason: 36% HP (56/154)
 35154 | Shoals:3 | Danger: Low HP Warning |T2| Reason: 41% HP (64/154)
 35155 | Shoals:3 | Danger: Low HP Warning |T2| Reason: 41% HP (64/154)
 35156 | Shoals:3 | Danger: Low HP Warning |T2| Reason: 41% HP (64/154)
 35157 | Shoals:3 | Danger: Low HP Warning |T2| Reason: 42% HP (65/154)
 35158 | Shoals:3 | Danger: Low HP Warning |T2| Reason: 42% HP (65/154)
 35159 | Shoals:3 | Danger: Low HP Warning |T2| Reason: 42% HP (65/154)
 35160 | Shoals:3 | Danger: Low HP Warning |T2| Reason: 35% HP (55/154)
 35161 | Shoals:3 | Danger: Low HP Warning |T2| Reason: 27% HP (42/154)
 35162 | Shoals:3 | Danger: Low HP Warning |T2| Reason: 27% HP (43/154)
 35163 | Shoals:3 | Danger: Low HP Warning |T2| Reason: 27% HP (43/154)
 35164 | Shoals:3 | Danger: Low HP Warning |T2| Reason: 27% HP (43/154)
 35165 | Shoals:3 | Danger: Low HP Warning |T2| Reason: 28% HP (44/154)
 35166 | Shoals:3 | Danger: Low HP Warning |T2| Reason: 28% HP (44/154)
 35167 | Shoals:3 | Danger: Low HP Warning |T2| Reason: 28% HP (44/154)
 35168 | Shoals:3 | Danger: Low HP Warning |T2| Reason: 29% HP (45/154)
 35449 | Shoals:3 | Found Jeqem's Vocational Training.
 35465 | Shoals:3 | Danger: merfolk |T2| Reason: Quivering boomerangs, careful!
 35471 | Shoals:3 | Reached skill level 17 in Fighting
 35487 | Shoals:3 | Bought a manual of Evocations for 800 gold pieces
 35527 | Shoals:3 | Danger: merfolk |T2| Reason: Quivering boomerangs, careful!
 35874 | Shoals:4 | Entered Level 4 of the Shoals
 35935 | Shoals:4 | Danger: Low HP Warning |T2| Reason: 50% HP (79/155)
 35936 | Shoals:4 | Danger: Low HP Warning |T2| Reason: 50% HP (79/155)
 35937 | Shoals:4 | Danger: Low HP Warning |T2| Reason: 49% HP (76/155)
 35938 | Shoals:4 | Danger: Low HP Warning |T2| Reason: 49% HP (76/155)
 35939 | Shoals:4 | Danger: Low HP Warning |T2| Reason: 49% HP (76/155)
 35940 | Shoals:4 | Danger: Low HP Warning |T2| Reason: 41% HP (65/155)
 35942 | Shoals:4 | Danger: Low HP Warning |T2| Reason: 41% HP (65/155)
 35943 | Shoals:4 | Danger: Low HP Warning |T2| Reason: 42% HP (66/155)
 35944 | Shoals:4 | Danger: Low HP Warning |T2| Reason: 42% HP (66/155)
 36196 | Shoals:4 | Reached skill level 5 in Evocations
 36202 | Shoals:4 | Found the +3 pair of gauntlets of War {Slay+5}
 36249 | Shoals:4 | Noticed a kraken
 36262 | Shoals:4 | Danger: dream sheep |T2| Reason: Irresistible Dream Dust
                  | (4%), watch out!
 36282 | Shoals:4 | Danger: dream sheep |T2| Reason: Irresistible Dream Dust
                  | (4%), watch out!
 36283 | Shoals:4 | Danger: dream sheep |T2| Reason: Irresistible Dream Dust
                  | (52%), watch out!
 36283 | Shoals:4 | Danger: dream sheep |T2| Reason: Irresistible Dream Dust
                  | (52%), watch out!
 36284 | Shoals:4 | Danger: dream sheep |T2| Reason: Irresistible Dream Dust
                  | (4%), watch out!
 36285 | Shoals:4 | Danger: dream sheep |T2| Reason: Irresistible Dream Dust
                  | (52%), watch out!
 36285 | Shoals:4 | Danger: dream sheep |T2| Reason: Irresistible Dream Dust
                  | (52%), watch out!
 36286 | Shoals:4 | Danger: cyclops |T2| Reason: Quivering large rocks, watch
                  | out!!
 36286 | Shoals:4 | Danger: dream sheep |T2| Reason: Irresistible Dream Dust
                  | (4%), watch out!
 36292 | Shoals:4 | Danger: dream sheep |T2| Reason: Irresistible Dream Dust
                  | (4%), watch out!
 36296 | Shoals:4 | Danger: dream sheep |T2| Reason: Irresistible Dream Dust
                  | (4%), watch out!
 36299 | Shoals:4 | Danger: cyclops |T2| Reason: Quivering large rocks, watch
                  | out!!
 36374 | Shoals:4 | Danger: merfolk |T2| Reason: Quivering boomerangs, careful!
 36400 | Shoals:4 | Noticed a kraken
 36438 | Shoals:4 | Danger: Low HP Warning |T2| Reason: 49% HP (77/155)
 36439 | Shoals:4 | Danger: Low HP Warning |T2| Reason: 49% HP (77/155)
 36440 | Shoals:4 | Danger: Low HP Warning |T2| Reason: 45% HP (71/155)
 36440 | Shoals:4 | Killed a kraken
 36441 | Shoals:4 | Danger: Low HP Warning |T2| Reason: 45% HP (71/155)
 36442 | Shoals:4 | Danger: Low HP Warning |T2| Reason: 45% HP (71/155)
 36443 | Shoals:4 | Danger: Low HP Warning |T2| Reason: 46% HP (72/155)
 36444 | Shoals:4 | Danger: Low HP Warning |T2| Reason: 46% HP (72/155)
 36445 | Shoals:4 | Danger: Low HP Warning |T2| Reason: 47% HP (73/155)
 36446 | Shoals:4 | Danger: Low HP Warning |T2| Reason: 47% HP (73/155)
 36447 | Shoals:4 | Danger: Low HP Warning |T2| Reason: 47% HP (74/155)
 36448 | Shoals:4 | Danger: Low HP Warning |T2| Reason: 47% HP (74/155)
 36449 | Shoals:4 | Danger: Low HP Warning |T2| Reason: 47% HP (74/155)
 36450 | Shoals:4 | Danger: Low HP Warning |T2| Reason: 48% HP (75/155)
 36451 | Shoals:4 | Danger: Low HP Warning |T2| Reason: 48% HP (75/155)
 36725 | Shoals:4 | Danger: cyclops |T2| Reason: Quivering large rocks, watch
                  | out!!
 36865 | Shoals:4 | Danger: cyclops |T2| Reason: Quivering large rocks, watch
                  | out!!
 36882 | Shoals:4 | Danger: cyclops |T2| Reason: Quivering large rocks, watch
                  | out!!
 36896 | Shoals:4 | Danger: Low HP Warning |T2| Reason: 58% HP (91/155)
 36897 | Shoals:4 | Danger: Low HP Warning |T2| Reason: 52% HP (82/155)
 36898 | Shoals:4 | Danger: Low HP Warning |T2| Reason: 52% HP (82/155)
 36899 | Shoals:4 | Danger: Low HP Warning |T2| Reason: 52% HP (82/155)
 36900 | Shoals:4 | Danger: Low HP Warning |T2| Reason: 45% HP (71/155)
 36901 | Shoals:4 | Danger: Low HP Warning |T2| Reason: 45% HP (71/155)
 36902 | Shoals:4 | Danger: Low HP Warning |T2| Reason: 46% HP (72/155)
 36903 | Shoals:4 | Danger: Low HP Warning |T2| Reason: 46% HP (72/155)
 36904 | Shoals:4 | Danger: Low HP Warning |T2| Reason: 47% HP (73/155)
 36905 | Shoals:4 | Danger: Low HP Warning |T2| Reason: 49% HP (76/155)
 36906 | Shoals:4 | Danger: Low HP Warning |T2| Reason: 55% HP (86/155)
 36907 | Shoals:4 | Danger: Low HP Warning |T2| Reason: 55% HP (86/155)
 36908 | Shoals:4 | Danger: Low HP Warning |T2| Reason: 55% HP (86/155)
 36909 | Shoals:4 | Danger: Low HP Warning |T2| Reason: 56% HP (87/155)
 36910 | Shoals:4 | Danger: Low HP Warning |T2| Reason: 56% HP (87/155)
 36911 | Shoals:4 | Danger: Low HP Warning |T2| Reason: 54% HP (85/155)
 36912 | Shoals:4 | Danger: Low HP Warning |T2| Reason: 50% HP (78/155)
 37036 | Shoals:3 | Danger: Jorgrun |T3| Reason: Petrify and low Will
 37036 | Shoals:3 | Danger: Jorgrun |T2| Reason: Unique monster, careful!
 37036 | Shoals:3 | Danger: Jorgrun |T2| Reason: Iron Shot deals more than 50%
                  | MHP!
 37080 | Shoals:4 | Danger: Low HP Warning |T2| Reason: 59% HP (92/155)
 37081 | Shoals:4 | Danger: Low HP Warning |T2| Reason: 59% HP (92/155)
 37082 | Shoals:4 | Danger: Low HP Warning |T2| Reason: 54% HP (84/155)
 37083 | Shoals:4 | Danger: Low HP Warning |T2| Reason: 52% HP (81/155)
 37207 | Shoals:4 | Reached skill level 10 in Evocations
 37268 | Shoals:4 | Found Sasmu's Armour Boutique.
 37315 | Shoals:4 | Danger: merfolk javelineer |T2| Reason: Quivering javelins,
                  | watch out!
 37363 | Shoals:4 | Danger: merfolk javelineer |T2| Reason: Quivering javelins,
                  | watch out!
 37520 | Shoals:4 | Danger: cyclops |T2| Reason: Quivering large rocks, watch
                  | out!!
 37521 | Shoals:4 | Danger: merfolk |T2| Reason: Quivering boomerangs, careful!
 37527 | Shoals:4 | Danger: merfolk |T2| Reason: Quivering boomerangs, careful!
 37553 | Shoals:4 | Danger: Low HP Warning |T2| Reason: 60% HP (93/155)
 37554 | Shoals:4 | Danger: Low HP Warning |T2| Reason: 60% HP (93/155)
 37555 | Shoals:4 | Danger: Low HP Warning |T2| Reason: 60% HP (93/155)
 37556 | Shoals:4 | Danger: Low HP Warning |T2| Reason: 60% HP (94/155)
 37557 | Shoals:4 | Danger: Low HP Warning |T2| Reason: 60% HP (94/155)
 37558 | Shoals:4 | Danger: cyclops |T2| Reason: Quivering large rocks, watch
                  | out!!
 37558 | Shoals:4 | Danger: Low HP Warning |T2| Reason: 60% HP (94/155)
 37559 | Shoals:4 | Danger: Low HP Warning |T2| Reason: 58% HP (91/155)
 37560 | Shoals:4 | Danger: Low HP Warning |T2| Reason: 58% HP (91/155)
 37561 | Shoals:4 | Danger: Low HP Warning |T2| Reason: 58% HP (91/155)
 37562 | Shoals:4 | Danger: Low HP Warning |T2| Reason: 59% HP (92/155)
 37563 | Shoals:4 | Danger: Low HP Warning |T2| Reason: 59% HP (92/155)
 37564 | Shoals:4 | Danger: Low HP Warning |T2| Reason: 45% HP (71/155)
 37565 | Shoals:4 | Danger: Low HP Warning |T2| Reason: 45% HP (71/155)
 37566 | Shoals:4 | Danger: Low HP Warning |T2| Reason: 46% HP (72/155)
 37567 | Shoals:4 | Danger: Low HP Warning |T2| Reason: 46% HP (72/155)
 37568 | Shoals:4 | Danger: Low HP Warning |T2| Reason: 46% HP (72/155)
 37570 | Shoals:4 | Danger: Low HP Warning |T2| Reason: 47% HP (73/155)
 37572 | Shoals:4 | Danger: Low HP Warning |T2| Reason: 47% HP (74/155)
 37573 | Shoals:4 | Danger: Low HP Warning |T2| Reason: 47% HP (74/155)
 37574 | Shoals:4 | Danger: Low HP Warning |T2| Reason: 48% HP (75/155)
 37575 | Shoals:4 | Danger: Low HP Warning |T2| Reason: 48% HP (75/155)
 37576 | Shoals:4 | Danger: Low HP Warning |T2| Reason: 49% HP (76/155)
 37577 | Shoals:4 | Danger: Low HP Warning |T2| Reason: 49% HP (76/155)
 37578 | Shoals:4 | Danger: Low HP Warning |T2| Reason: 36% HP (56/155)
 37579 | Shoals:4 | Danger: Low HP Warning |T2| Reason: 36% HP (56/155)
 37580 | Shoals:4 | Danger: Low HP Warning |T2| Reason: 36% HP (56/155)
 37581 | Shoals:4 | Danger: Low HP Warning |T2| Reason: 36% HP (57/155)
 37582 | Shoals:4 | Danger: Low HP Warning |T2| Reason: 30% HP (48/155)
 37583 | Shoals:4 | Danger: Low HP Warning |T2| Reason: 30% HP (48/155)
 37584 | Shoals:4 | Danger: Low HP Warning |T2| Reason: 31% HP (49/155)
 37585 | Shoals:4 | Danger: Low HP Warning |T2| Reason: 31% HP (49/155)
 37586 | Shoals:4 | Danger: Low HP Warning |T2| Reason: 31% HP (49/155)
 37587 | Shoals:4 | Danger: Low HP Warning |T2| Reason: 30% HP (47/155)
 37588 | Shoals:4 | Danger: Low HP Warning |T2| Reason: 30% HP (47/155)
 37589 | Shoals:4 | Danger: Low HP Warning |T2| Reason: 30% HP (47/155)
 37590 | Shoals:4 | Danger: Low HP Warning |T2| Reason: 27% HP (43/155)
 37999 | Shoals:4 | Danger: Low HP Warning |T2| Reason: 58% HP (90/155)
 38000 | Shoals:4 | Danger: Low HP Warning |T2| Reason: 58% HP (90/155)
 38165 | Shoals:4 | Danger: Low HP Warning |T2| Reason: 58% HP (90/155)
 38166 | Shoals:4 | Danger: Low HP Warning |T2| Reason: 58% HP (90/155)
 38167 | Shoals:4 | Danger: Low HP Warning |T2| Reason: 58% HP (91/155)
 38168 | Shoals:4 | Danger: Low HP Warning |T2| Reason: 56% HP (87/155)
 38169 | Shoals:4 | Danger: Low HP Warning |T2| Reason: 56% HP (87/155)
 38170 | Shoals:4 | Danger: Low HP Warning |T2| Reason: 56% HP (88/155)
 38171 | Shoals:4 | Danger: Low HP Warning |T2| Reason: 56% HP (88/155)
 38172 | Shoals:4 | Danger: Low HP Warning |T2| Reason: 56% HP (88/155)
 38403 | Shoals:4 | Danger: merfolk |T2| Reason: Quivering boomerangs, careful!
 38407 | Shoals:4 | Danger: merfolk |T2| Reason: Quivering boomerangs, careful!
 38542 | Shoals:4 | Got a barnacled rune of Zot
 38686 | Shoals:4 | Danger: Low HP Warning |T2| Reason: 55% HP (86/155)
 38687 | Shoals:4 | Danger: Low HP Warning |T2| Reason: 55% HP (86/155)
 38688 | Shoals:4 | Danger: Low HP Warning |T2| Reason: 49% HP (76/155)
 38689 | Shoals:4 | Danger: Low HP Warning |T2| Reason: 49% HP (76/155)
 38690 | Shoals:4 | Danger: Low HP Warning |T2| Reason: 49% HP (76/155)
 38899 | Shoals:4 | Danger: Low HP Warning |T2| Reason: 56% HP (87/155)
 38900 | Shoals:4 | Danger: Low HP Warning |T2| Reason: 56% HP (87/155)
 38901 | Shoals:4 | Danger: Low HP Warning |T2| Reason: 41% HP (65/155)
 38902 | Shoals:4 | Danger: Low HP Warning |T2| Reason: 42% HP (66/155)
 38903 | Shoals:4 | Danger: Low HP Warning |T2| Reason: 42% HP (66/155)
 38904 | Shoals:4 | Danger: Low HP Warning |T2| Reason: 39% HP (61/155)
 38905 | Shoals:4 | Danger: Low HP Warning |T2| Reason: 40% HP (62/155)
 39602 | Spider:1 | Entered Level 1 of the Spider Nest
 39649 | Spider:1 | Danger: Low HP Warning |T2| Reason: 60% HP (94/155)
 39650 | Spider:1 | Danger: Low HP Warning |T2| Reason: 51% HP (80/155)
 39651 | Spider:1 | Danger: Low HP Warning |T2| Reason: 51% HP (80/155)
 39652 | Spider:1 | Danger: Low HP Warning |T2| Reason: 49% HP (76/155)
 39653 | Spider:1 | Danger: Low HP Warning |T2| Reason: 49% HP (76/155)
 39654 | Spider:1 | Danger: Low HP Warning |T2| Reason: 49% HP (76/155)
 39655 | Spider:1 | Danger: Low HP Warning |T2| Reason: 49% HP (76/155)
 39656 | Spider:1 | Danger: Low HP Warning |T2| Reason: 49% HP (77/155)
 39657 | Spider:1 | Danger: Low HP Warning |T2| Reason: 49% HP (77/155)
 39658 | Spider:1 | Danger: Low HP Warning |T2| Reason: 49% HP (77/155)
 39659 | Spider:1 | Danger: Low HP Warning |T2| Reason: 49% HP (77/155)
 39660 | Spider:1 | Danger: Low HP Warning |T2| Reason: 41% HP (65/155)
 39661 | Spider:1 | Danger: Low HP Warning |T2| Reason: 41% HP (65/155)
 39662 | Spider:1 | Danger: Low HP Warning |T2| Reason: 41% HP (65/155)
 39663 | Spider:1 | Danger: Low HP Warning |T2| Reason: 41% HP (65/155)
 39664 | Spider:1 | Danger: Low HP Warning |T2| Reason: 41% HP (65/155)
 39665 | Spider:1 | Danger: Low HP Warning |T2| Reason: 42% HP (66/155)
 39666 | Spider:1 | Danger: Low HP Warning |T2| Reason: 42% HP (66/155)
 39667 | Spider:1 | Danger: Low HP Warning |T2| Reason: 34% HP (54/155)
 39668 | Spider:1 | Danger: Low HP Warning |T2| Reason: 34% HP (54/155)
 39669 | Spider:1 | Danger: Low HP Warning |T2| Reason: 34% HP (54/155)
 39670 | Spider:1 | Danger: Low HP Warning |T2| Reason: 35% HP (55/155)
 39671 | Spider:1 | Danger: Low HP Warning |T2| Reason: 35% HP (55/155)
 39672 | Spider:1 | Danger: Low HP Warning |T2| Reason: 35% HP (55/155)
 39673 | Spider:1 | Danger: Low HP Warning |T2| Reason: 35% HP (55/155)
 39674 | Spider:1 | Danger: Low HP Warning |T2| Reason: 36% HP (56/155)
 39675 | Spider:1 | Danger: Low HP Warning |T2| Reason: 36% HP (56/155)
 40388 | Spider:1 | Danger: Low HP Warning |T2| Reason: 52% HP (81/155)
 40389 | Spider:1 | Danger: Low HP Warning |T2| Reason: 52% HP (81/155)
 40390 | Spider:1 | Danger: Low HP Warning |T2| Reason: 52% HP (81/155)
 40391 | Spider:1 | Danger: Low HP Warning |T2| Reason: 52% HP (82/155)
 40392 | Spider:1 | Danger: Low HP Warning |T2| Reason: 52% HP (82/155)
 40393 | Spider:1 | Danger: Low HP Warning |T2| Reason: 52% HP (82/155)
 40394 | Spider:1 | Danger: Low HP Warning |T2| Reason: 53% HP (83/155)
 40395 | Spider:1 | Danger: Low HP Warning |T2| Reason: 53% HP (83/155)
 40396 | Spider:1 | Danger: Low HP Warning |T2| Reason: 53% HP (83/155)
 40397 | Spider:1 | Danger: Low HP Warning |T2| Reason: 51% HP (80/155)
 40940 | Spider:1 | Danger: orb spider |T2| Reason: Orb of Destruction deals
                  | more than 50% MHP!
 41061 | Spider:2 | Danger: orb spider |T2| Reason: Orb of Destruction deals
                  | more than 50% MHP!
 41073 | Spider:2 | Reached XP level 17. HP: 161/161 MP: 18/18
 41203 | Spider:2 | Danger: orb spider |T2| Reason: Orb of Destruction deals
                  | more than 50% MHP!
 41285 | Spider:2 | Danger: orb spider |T2| Reason: Orb of Destruction deals
                  | more than 50% MHP!
 41292 | Spider:1 | Danger: orb spider |T2| Reason: Orb of Destruction deals
                  | more than 50% MHP!
 41293 | Spider:1 | Danger: orb spider |T2| Reason: Orb of Destruction deals
                  | more than 50% MHP!
 41306 | Spider:1 | Danger: orb spider |T2| Reason: Orb of Destruction deals
                  | more than 50% MHP!
 41322 | Spider:1 | Danger: Low HP Warning |T2| Reason: 55% HP (89/159)
 41323 | Spider:1 | Danger: Low HP Warning |T2| Reason: 55% HP (89/159)
 41324 | Spider:1 | Danger: Low HP Warning |T2| Reason: 56% HP (90/159)
 41325 | Spider:1 | Danger: Low HP Warning |T2| Reason: 56% HP (90/159)
 41326 | Spider:1 | Danger: Low HP Warning |T2| Reason: 56% HP (90/159)
 41328 | Spider:1 | Danger: Low HP Warning |T2| Reason: 56% HP (91/160)
 41329 | Spider:1 | Danger: Low HP Warning |T2| Reason: 57% HP (92/160)
 41330 | Spider:1 | Danger: Low HP Warning |T2| Reason: 57% HP (92/160)
 41331 | Spider:1 | Danger: Low HP Warning |T2| Reason: 57% HP (92/160)
 41333 | Spider:1 | Danger: Low HP Warning |T2| Reason: 58% HP (93/160)
 41568 | Spider:2 | Danger: Low HP Warning |T2| Reason: 56% HP (91/161)
 41569 | Spider:2 | Danger: Low HP Warning |T2| Reason: 53% HP (86/161)
 41570 | Spider:2 | Danger: Low HP Warning |T2| Reason: 54% HP (87/161)
 41571 | Spider:2 | Danger: Low HP Warning |T2| Reason: 52% HP (84/161)
 41572 | Spider:2 | Danger: Low HP Warning |T2| Reason: 52% HP (84/161)
 41573 | Spider:2 | Danger: Low HP Warning |T2| Reason: 52% HP (85/161)
 41574 | Spider:2 | Danger: Low HP Warning |T2| Reason: 52% HP (85/161)
 41785 | Spider:2 | Danger: orb spider |T2| Reason: Orb of Destruction deals
                  | more than 50% MHP!
 41802 | Spider:2 | Danger: orb spider |T2| Reason: Orb of Destruction deals
                  | more than 50% MHP!
 41807 | Spider:2 | Reached skill level 15 in Dodging
 41843 | Spider:2 | Danger: tarantella simulacrum |T2| Reason: simulacrum and
                  | no rC, careful
 41843 | Spider:2 | Danger: tarantella simulacrum |T3| Reason: fast simulacrum
                  | and no rC, watch out!!
 41844 | Spider:2 | Danger: tarantella simulacrum |T3| Reason: fast simulacrum
                  | and no rC, watch out!!
 41845 | Spider:2 | Danger: tarantella simulacrum |T3| Reason: fast simulacrum
                  | and no rC, watch out!!
 41846 | Spider:2 | Danger: tarantella simulacrum |T3| Reason: fast simulacrum
                  | and no rC, watch out!!
 41848 | Spider:2 | Danger: tarantella simulacrum |T2| Reason: simulacrum and
                  | no rC, careful
 41848 | Spider:2 | Danger: tarantella simulacrum |T3| Reason: fast simulacrum
                  | and no rC, watch out!!
 41850 | Spider:2 | Danger: tarantella simulacrum |T2| Reason: simulacrum and
                  | no rC, careful
 41850 | Spider:2 | Danger: tarantella simulacrum |T3| Reason: fast simulacrum
                  | and no rC, watch out!!
 41850 | Spider:2 | Danger: tarantella simulacrum |T2| Reason: simulacrum and
                  | no rC, careful
 41850 | Spider:2 | Danger: tarantella simulacrum |T3| Reason: fast simulacrum
                  | and no rC, watch out!!
 41851 | Spider:2 | Danger: tarantella simulacrum |T3| Reason: fast simulacrum
                  | and no rC, watch out!!
 41851 | Spider:2 | Danger: tarantella simulacrum |T3| Reason: fast simulacrum
                  | and no rC, watch out!!
 41852 | Spider:2 | Danger: tarantella simulacrum |T3| Reason: fast simulacrum
                  | and no rC, watch out!!
 41853 | Spider:2 | Danger: tarantella simulacrum |T3| Reason: fast simulacrum
                  | and no rC, watch out!!
 41870 | Spider:2 | Danger: Low HP Warning |T2| Reason: 56% HP (91/161)
 41871 | Spider:2 | Danger: Low HP Warning |T2| Reason: 56% HP (91/161)
 42042 | Spider:2 | Danger: orb spider |T2| Reason: Orb of Destruction deals
                  | more than 50% MHP!
 42044 | Spider:2 | Danger: orb spider |T2| Reason: Orb of Destruction deals
                  | more than 50% MHP!
 42071 | Spider:2 | Danger: orb spider |T2| Reason: Orb of Destruction deals
                  | more than 50% MHP!
 42072 | Spider:2 | Danger: orb spider |T3| Reason: IMMINENT DEATH: Orb of
                  | Destruction deals 99 damage, you have 97 HP!!
 42072 | Spider:2 | Danger: Low HP Warning |T2| Reason: 60% HP (97/161)
 42073 | Spider:2 | Danger: orb spider |T3| Reason: IMMINENT DEATH: Orb of
                  | Destruction deals 99 damage, you have 98 HP!!
 42073 | Spider:2 | Danger: Low HP Warning |T2| Reason: 60% HP (98/161)
 42074 | Spider:2 | Danger: orb spider |T3| Reason: IMMINENT DEATH: Orb of
                  | Destruction deals 99 damage, you have 98 HP!!
 42074 | Spider:2 | Danger: Low HP Warning |T2| Reason: 60% HP (98/161)
 42079 | Spider:2 | Danger: orb spider |T2| Reason: Orb of Destruction deals
                  | more than 50% MHP!
 42779 | Spider:2 | Noticed Aizul
 42780 | Spider:2 | Danger: Aizul |T2| Reason: Unique monster, careful!
 42784 | Spider:2 | Danger: Aizul |T2| Reason: Unique monster, careful!
 42806 | Spider:2 | Killed Aizul
 42811 | Spider:2 | Danger: Low HP Warning |T2| Reason: 59% HP (96/161)
 42976 | Spider:2 | Danger: wolf spider simulacrum |T2| Reason: simulacrum and
                  | no rC, careful
 42976 | Spider:2 | Danger: wolf spider simulacrum |T3| Reason: fast simulacrum
                  | and no rC, watch out!!
 42977 | Spider:2 | Danger: wolf spider simulacrum |T3| Reason: fast simulacrum
                  | and no rC, watch out!!
 42979 | Spider:2 | Danger: wolf spider simulacrum |T2| Reason: simulacrum and
                  | no rC, careful
 42979 | Spider:2 | Danger: wolf spider simulacrum |T3| Reason: fast simulacrum
                  | and no rC, watch out!!
 42981 | Spider:2 | Danger: wolf spider simulacrum |T2| Reason: simulacrum and
                  | no rC, careful
 42981 | Spider:2 | Danger: wolf spider simulacrum |T3| Reason: fast simulacrum
                  | and no rC, watch out!!
 42982 | Spider:2 | Danger: wolf spider simulacrum |T3| Reason: fast simulacrum
                  | and no rC, watch out!!
 42983 | Spider:2 | Danger: wolf spider simulacrum |T2| Reason: simulacrum and
                  | no rC, careful
 42983 | Spider:2 | Danger: wolf spider simulacrum |T3| Reason: fast simulacrum
                  | and no rC, watch out!!
 42983 | Spider:2 | Danger: wolf spider simulacrum |T3| Reason: fast simulacrum
                  | and no rC, watch out!!
 42984 | Spider:2 | Danger: wolf spider simulacrum |T3| Reason: fast simulacrum
                  | and no rC, watch out!!
 42985 | Spider:2 | Danger: wolf spider simulacrum |T2| Reason: simulacrum and
                  | no rC, careful
 42985 | Spider:2 | Danger: wolf spider simulacrum |T3| Reason: fast simulacrum
                  | and no rC, watch out!!
 42985 | Spider:2 | Danger: wolf spider simulacrum |T3| Reason: fast simulacrum
                  | and no rC, watch out!!
 42987 | Spider:2 | Danger: wolf spider simulacrum |T3| Reason: fast simulacrum
                  | and no rC, watch out!!
 42988 | Spider:2 | Danger: wolf spider simulacrum |T3| Reason: fast simulacrum
                  | and no rC, watch out!!
 42989 | Spider:2 | Danger: wolf spider simulacrum |T3| Reason: fast simulacrum
                  | and no rC, watch out!!
 43669 | Spider:3 | Danger: Low HP Warning |T2| Reason: 56% HP (86/153)
 43670 | Spider:3 | Danger: Low HP Warning |T2| Reason: 53% HP (82/153)
 43671 | Spider:3 | Danger: Low HP Warning |T2| Reason: 47% HP (72/153)
 43672 | Spider:3 | Danger: Low HP Warning |T2| Reason: 43% HP (67/153)
 43673 | Spider:3 | Danger: Low HP Warning |T2| Reason: 42% HP (65/153)
 43990 | Spider:3 | Danger: Low HP Warning |T2| Reason: 55% HP (84/152)
 43991 | Spider:3 | Danger: jorogumo |T3| Reason: IMMINENT DEATH: Bolt of
                  | Draining deals 60 damage, you have 58 HP!!
 43991 | Spider:3 | Danger: Low HP Warning |T2| Reason: 38% HP (58/152)
 43992 | Spider:3 | Danger: Low HP Warning |T2| Reason: 42% HP (65/152)
 43993 | Spider:3 | Danger: jorogumo |T3| Reason: IMMINENT DEATH: Bolt of
                  | Draining deals 60 damage, you have 53 HP!!
 43993 | Spider:3 | Danger: Low HP Warning |T2| Reason: 34% HP (53/152)
 43994 | Spider:3 | Danger: jorogumo |T3| Reason: IMMINENT DEATH: Bolt of
                  | Draining deals 60 damage, you have 53 HP!!
 43994 | Spider:3 | Danger: Low HP Warning |T2| Reason: 34% HP (53/152)
 43995 | Spider:3 | Danger: jorogumo |T3| Reason: IMMINENT DEATH: Bolt of
                  | Draining deals 60 damage, you have 54 HP!!
 43995 | Spider:3 | Danger: Low HP Warning |T2| Reason: 35% HP (54/152)
 43999 | Spider:3 | Danger: jorogumo |T3| Reason: IMMINENT DEATH: Bolt of
                  | Draining deals 60 damage, you have 55 HP!!
 43999 | Spider:3 | Danger: Low HP Warning |T2| Reason: 36% HP (55/152)
 44000 | Spider:3 | Danger: jorogumo |T3| Reason: IMMINENT DEATH: Bolt of
                  | Draining deals 60 damage, you have 55 HP!!
 44000 | Spider:3 | Danger: Low HP Warning |T2| Reason: 36% HP (55/152)
 44001 | Spider:3 | Danger: jorogumo |T3| Reason: IMMINENT DEATH: Bolt of
                  | Draining deals 60 damage, you have 29 HP!!
 44001 | Spider:3 | Danger: Low HP Warning |T3| Reason: 19% HP (29/146)
 44485 | Spider:3 | Danger: Low HP Warning |T2| Reason: 60% HP (92/151)
 45096 | Spider:3 | Noticed Asterion
 45097 | Spider:3 | Danger: Asterion |T2| Reason: Unique monster, careful!
 45138 | Spider:3 | Identified the ring "Maozyn" {Fly Will+}
 45610 | Spider:3 | Noticed Arachne
 45611 | Spider:3 | Danger: Arachne |T2| Reason: Unique monster, careful!
 45632 | Spider:3 | Killed Arachne
 45853 | Spider:4 | Entered Level 4 of the Spider Nest
 45876 | Spider:4 | Noticed Louise
 45877 | Spider:4 | Danger: Louise |T3| Reason: Banishment and low Will
 45877 | Spider:4 | Danger: Louise |T2| Reason: Unique monster, careful!
 45877 | Spider:4 | Danger: Louise |T2| Reason: Lightning Bolt and no rElec
 45916 | Spider:4 | Danger: culicivora simulacrum |T2| Reason: simulacrum and
                  | no rC, careful
 45916 | Spider:4 | Danger: culicivora simulacrum |T3| Reason: fast simulacrum
                  | and no rC, watch out!!
 45917 | Spider:4 | Danger: culicivora simulacrum |T3| Reason: fast simulacrum
                  | and no rC, watch out!!
 45918 | Spider:4 | Danger: culicivora simulacrum |T3| Reason: fast simulacrum
                  | and no rC, watch out!!
 45919 | Spider:4 | Danger: culicivora simulacrum |T3| Reason: fast simulacrum
                  | and no rC, watch out!!
 45920 | Spider:4 | Danger: culicivora simulacrum |T3| Reason: fast simulacrum
                  | and no rC, watch out!!
 45921 | Spider:4 | Danger: culicivora simulacrum |T3| Reason: fast simulacrum
                  | and no rC, watch out!!
 45924 | Spider:4 | Danger: culicivora simulacrum |T2| Reason: simulacrum and
                  | no rC, careful
 45924 | Spider:4 | Danger: culicivora simulacrum |T3| Reason: fast simulacrum
                  | and no rC, watch out!!
 45925 | Spider:4 | Danger: culicivora simulacrum |T3| Reason: fast simulacrum
                  | and no rC, watch out!!
 45926 | Spider:4 | Danger: culicivora simulacrum |T3| Reason: fast simulacrum
                  | and no rC, watch out!!
 45927 | Spider:4 | Danger: culicivora simulacrum |T3| Reason: fast simulacrum
                  | and no rC, watch out!!
 46150 | Spider:4 | Danger: Low HP Warning |T2| Reason: 60% HP (94/156)
 46151 | Spider:4 | Danger: Low HP Warning |T2| Reason: 59% HP (94/157)
 46152 | Spider:4 | Danger: Low HP Warning |T2| Reason: 60% HP (95/158)
 46153 | Spider:4 | Danger: Low HP Warning |T2| Reason: 60% HP (95/158)
 46154 | Spider:4 | Danger: Low HP Warning |T2| Reason: 60% HP (96/158)
 46155 | Spider:4 | Danger: Low HP Warning |T2| Reason: 60% HP (96/158)
 46158 | Spider:4 | Danger: Low HP Warning |T2| Reason: 56% HP (87/155)
 46159 | Spider:4 | Danger: Low HP Warning |T2| Reason: 56% HP (88/156)
 46160 | Spider:4 | Danger: Low HP Warning |T2| Reason: 56% HP (88/156)
 46161 | Spider:4 | Danger: Low HP Warning |T2| Reason: 45% HP (71/156)
 46162 | Spider:4 | Danger: Low HP Warning |T2| Reason: 51% HP (80/156)
 46163 | Spider:4 | Danger: redback simulacrum |T2| Reason: simulacrum and no
                  | rC, careful
 46163 | Spider:4 | Danger: redback simulacrum |T3| Reason: fast simulacrum and
                  | no rC, watch out!!
 46163 | Spider:4 | Danger: Low HP Warning |T2| Reason: 51% HP (80/156)
 46164 | Spider:4 | Danger: redback simulacrum |T3| Reason: fast simulacrum and
                  | no rC, watch out!!
 46164 | Spider:4 | Danger: Low HP Warning |T2| Reason: 46% HP (73/156)
 46165 | Spider:4 | Danger: redback simulacrum |T3| Reason: fast simulacrum and
                  | no rC, watch out!!
 46165 | Spider:4 | Danger: Low HP Warning |T2| Reason: 42% HP (67/156)
 46166 | Spider:4 | Danger: redback simulacrum |T3| Reason: fast simulacrum and
                  | no rC, watch out!!
 46166 | Spider:4 | Danger: Low HP Warning |T2| Reason: 42% HP (67/156)
 46167 | Spider:4 | Danger: redback simulacrum |T3| Reason: fast simulacrum and
                  | no rC, watch out!!
 46167 | Spider:4 | Danger: Low HP Warning |T2| Reason: 43% HP (68/156)
 46168 | Spider:4 | Danger: Low HP Warning |T2| Reason: 43% HP (68/156)
 46169 | Spider:4 | Danger: Low HP Warning |T2| Reason: 43% HP (68/156)
 46170 | Spider:4 | Danger: Low HP Warning |T2| Reason: 43% HP (68/156)
 46171 | Spider:4 | Danger: Low HP Warning |T2| Reason: 43% HP (68/156)
 46172 | Spider:4 | Danger: Low HP Warning |T2| Reason: 44% HP (69/156)
 46173 | Spider:4 | Danger: Low HP Warning |T2| Reason: 44% HP (69/156)
 46174 | Spider:4 | Danger: jumping spider simulacrum |T2| Reason: simulacrum
                  | and no rC, careful
 46174 | Spider:4 | Danger: jumping spider simulacrum |T3| Reason: fast
                  | simulacrum and no rC, watch out!!
 46174 | Spider:4 | Danger: Low HP Warning |T2| Reason: 44% HP (69/156)
 46175 | Spider:4 | Danger: jumping spider simulacrum |T3| Reason: fast
                  | simulacrum and no rC, watch out!!
 46175 | Spider:4 | Danger: Low HP Warning |T2| Reason: 44% HP (70/156)
 46176 | Spider:4 | Danger: jumping spider simulacrum |T2| Reason: simulacrum
                  | and no rC, careful
 46176 | Spider:4 | Danger: jumping spider simulacrum |T3| Reason: fast
                  | simulacrum and no rC, watch out!!
 46176 | Spider:4 | Danger: jumping spider simulacrum |T3| Reason: fast
                  | simulacrum and no rC, watch out!!
 46176 | Spider:4 | Danger: Low HP Warning |T2| Reason: 44% HP (70/156)
 46177 | Spider:4 | Danger: jumping spider simulacrum |T3| Reason: fast
                  | simulacrum and no rC, watch out!!
 46177 | Spider:4 | Danger: Low HP Warning |T2| Reason: 44% HP (70/156)
 46178 | Spider:4 | Danger: jumping spider simulacrum |T3| Reason: fast
                  | simulacrum and no rC, watch out!!
 46178 | Spider:4 | Danger: Low HP Warning |T2| Reason: 45% HP (71/156)
 46179 | Spider:4 | Danger: Low HP Warning |T2| Reason: 45% HP (71/156)
 46180 | Spider:4 | Danger: Low HP Warning |T2| Reason: 46% HP (72/156)
 46181 | Spider:4 | Danger: Low HP Warning |T2| Reason: 46% HP (72/156)
 46182 | Spider:4 | Danger: jumping spider simulacrum |T2| Reason: simulacrum
                  | and no rC, careful
 46182 | Spider:4 | Danger: jumping spider simulacrum |T3| Reason: fast
                  | simulacrum and no rC, watch out!!
 46182 | Spider:4 | Danger: Low HP Warning |T2| Reason: 46% HP (72/156)
 46183 | Spider:4 | Danger: jumping spider simulacrum |T3| Reason: fast
                  | simulacrum and no rC, watch out!!
 46183 | Spider:4 | Danger: Low HP Warning |T2| Reason: 46% HP (73/156)
 46184 | Spider:4 | Danger: jumping spider simulacrum |T3| Reason: fast
                  | simulacrum and no rC, watch out!!
 46184 | Spider:4 | Danger: Low HP Warning |T2| Reason: 46% HP (73/156)
 46185 | Spider:4 | Danger: jumping spider simulacrum |T3| Reason: fast
                  | simulacrum and no rC, watch out!!
 46185 | Spider:4 | Danger: Low HP Warning |T2| Reason: 47% HP (74/156)
 46186 | Spider:4 | Danger: jumping spider simulacrum |T3| Reason: fast
                  | simulacrum and no rC, watch out!!
 46186 | Spider:4 | Danger: Low HP Warning |T2| Reason: 47% HP (74/156)
 46188 | Spider:4 | Danger: Low HP Warning |T2| Reason: 48% HP (75/156)
 46189 | Spider:4 | Danger: Low HP Warning |T2| Reason: 44% HP (70/156)
 46190 | Spider:4 | Danger: Low HP Warning |T2| Reason: 45% HP (71/156)
 46191 | Spider:4 | Danger: Low HP Warning |T2| Reason: 45% HP (71/156)
 46192 | Spider:4 | Danger: Low HP Warning |T2| Reason: 46% HP (72/156)
 46193 | Spider:4 | Danger: Low HP Warning |T2| Reason: 46% HP (72/156)
 46194 | Spider:4 | Danger: Low HP Warning |T2| Reason: 46% HP (72/156)
 46195 | Spider:4 | Danger: Low HP Warning |T2| Reason: 46% HP (73/156)
 46196 | Spider:4 | Danger: Low HP Warning |T2| Reason: 46% HP (73/156)
 46197 | Spider:4 | Danger: Low HP Warning |T2| Reason: 47% HP (74/156)
 46198 | Spider:4 | Danger: Low HP Warning |T2| Reason: 47% HP (74/156)
 46199 | Spider:4 | Danger: Low HP Warning |T2| Reason: 48% HP (75/156)
 46200 | Spider:4 | Danger: Low HP Warning |T2| Reason: 48% HP (75/156)
 46201 | Spider:4 | Danger: Low HP Warning |T2| Reason: 48% HP (75/156)
 46202 | Spider:4 | Danger: Low HP Warning |T2| Reason: 48% HP (76/156)
 46203 | Spider:4 | Danger: Low HP Warning |T2| Reason: 48% HP (76/156)
 46204 | Spider:4 | Danger: Low HP Warning |T2| Reason: 49% HP (77/156)
 46205 | Spider:4 | Danger: Low HP Warning |T2| Reason: 49% HP (77/156)
 46206 | Spider:4 | Danger: Low HP Warning |T2| Reason: 49% HP (77/156)
 46207 | Spider:4 | Danger: Low HP Warning |T2| Reason: 49% HP (77/156)
 46208 | Spider:4 | Danger: Low HP Warning |T2| Reason: 50% HP (78/156)
 46210 | Spider:4 | Danger: Low HP Warning |T2| Reason: 50% HP (78/156)
 46211 | Spider:4 | Danger: Low HP Warning |T2| Reason: 47% HP (74/156)
 46212 | Spider:4 | Danger: Low HP Warning |T2| Reason: 47% HP (74/156)
 46214 | Spider:4 | Danger: Low HP Warning |T2| Reason: 48% HP (75/156)
 46417 | Spider:4 | Identified Roxanne's Codex of Therianthropy
 46417 | Spider:4 | Noticed Roxanne
 46418 | Spider:4 | Danger: Roxanne |T2| Reason: Unique monster, careful!
 46418 | Spider:4 | Danger: Roxanne |T3| Reason: Bolt of Magma (irresistible
                  | ~3d30+ equivalent) and not rF+++, watch out!
 46418 | Spider:4 | Danger: Roxanne |T2| Reason: Lehudib's Crystal Spear deals
                  | more than 50% MHP!
 46468 | Spider:4 | Noticed Bai Suzhen
 46469 | Spider:4 | Danger: Bai Suzhen |T2| Reason: Unique monster, careful!
 46503 | Spider:4 | Danger: Bai Suzhen |T2| Reason: Unique monster, careful!
 46902 | Spider:4 | Danger: Low HP Warning |T2| Reason: 51% HP (83/161)
 46904 | Spider:4 | Danger: Low HP Warning |T2| Reason: 49% HP (80/161)
 46905 | Spider:4 | Danger: Low HP Warning |T2| Reason: 50% HP (81/161)
 46906 | Spider:4 | Danger: Low HP Warning |T2| Reason: 40% HP (65/161)
 46907 | Spider:4 | Danger: Low HP Warning |T2| Reason: 37% HP (60/161)
 46908 | Spider:4 | Danger: Low HP Warning |T2| Reason: 37% HP (60/161)
 46909 | Spider:4 | Danger: Low HP Warning |T2| Reason: 37% HP (60/161)
 47436 | Spider:4 | Danger: Low HP Warning |T2| Reason: 55% HP (89/161)
 47437 | Spider:4 | Danger: Low HP Warning |T2| Reason: 55% HP (90/161)
 47438 | Spider:4 | Danger: Low HP Warning |T2| Reason: 39% HP (63/161)
 47439 | Spider:4 | Danger: Low HP Warning |T2| Reason: 32% HP (53/161)
 47440 | Spider:4 | Danger: Low HP Warning |T2| Reason: 33% HP (54/161)
 47441 | Spider:4 | Danger: Low HP Warning |T2| Reason: 33% HP (54/161)
 47442 | Spider:4 | Danger: Low HP Warning |T2| Reason: 33% HP (54/161)
 47465 | Spider:4 | Danger: Low HP Warning |T2| Reason: 36% HP (59/161)
 47466 | Spider:4 | Danger: Low HP Warning |T2| Reason: 36% HP (59/161)
 47467 | Spider:4 | Danger: Low HP Warning |T2| Reason: 37% HP (60/161)
 47468 | Spider:4 | Danger: Low HP Warning |T2| Reason: 37% HP (60/161)
 47469 | Spider:4 | Danger: Low HP Warning |T2| Reason: 37% HP (61/161)
 47470 | Spider:4 | Danger: Low HP Warning |T2| Reason: 37% HP (61/161)
 47471 | Spider:4 | Danger: Low HP Warning |T2| Reason: 38% HP (62/161)
 47472 | Spider:4 | Danger: Low HP Warning |T2| Reason: 38% HP (62/161)
 47473 | Spider:4 | Danger: Low HP Warning |T2| Reason: 38% HP (62/161)
 47474 | Spider:4 | Danger: Low HP Warning |T2| Reason: 39% HP (63/161)
 47475 | Spider:4 | Danger: Low HP Warning |T2| Reason: 39% HP (63/161)
 47477 | Spider:4 | Danger: Low HP Warning |T2| Reason: 39% HP (64/161)
 47680 | Spider:4 | Danger: Bai Suzhen |T2| Reason: Unique monster, careful!
 47685 | Spider:4 | Danger: Bai Suzhen |T2| Reason: Unique monster, careful!
 47698 | Spider:4 | Danger: Low HP Warning |T2| Reason: 55% HP (90/161)
 47699 | Spider:4 | Danger: Bai Suzhen |T3| Reason: IMMINENT DEATH: Primal Wave
                  | deals 78 damage, you have 65 HP!!
 47699 | Spider:4 | Danger: Low HP Warning |T2| Reason: 40% HP (65/161)
 47700 | Spider:4 | Danger: Bai Suzhen |T3| Reason: IMMINENT DEATH: Primal Wave
                  | deals 78 damage, you have 42 HP!!
 47700 | Spider:4 | Danger: Low HP Warning |T2| Reason: 26% HP (42/161)
 47701 | Spider:4 | Danger: Bai Suzhen |T3| Reason: IMMINENT DEATH: Primal Wave
                  | deals 78 damage, you have 42 HP!!
 47701 | Spider:4 | Danger: Low HP Warning |T2| Reason: 26% HP (42/161)
 47702 | Spider:4 | Danger: Bai Suzhen |T3| Reason: IMMINENT DEATH: Primal Wave
                  | deals 78 damage, you have 60 HP!!
 47702 | Spider:4 | Danger: Low HP Warning |T2| Reason: 37% HP (60/161)
 47703 | Spider:4 | Danger: Bai Suzhen |T3| Reason: IMMINENT DEATH: Primal Wave
                  | deals 78 damage, you have 73 HP!!
 47703 | Spider:4 | Danger: Low HP Warning |T2| Reason: 45% HP (73/161)
 47704 | Spider:4 | Danger: Bai Suzhen |T3| Reason: IMMINENT DEATH: Primal Wave
                  | deals 78 damage, you have 72 HP!!
 47704 | Spider:4 | Danger: Low HP Warning |T2| Reason: 44% HP (72/161)
 47705 | Spider:4 | Danger: Bai Suzhen |T3| Reason: IMMINENT DEATH: Primal Wave
                  | deals 78 damage, you have 72 HP!!
 47705 | Spider:4 | Danger: Low HP Warning |T2| Reason: 44% HP (72/161)
 47706 | Spider:4 | Danger: Bai Suzhen |T3| Reason: IMMINENT DEATH: Primal Wave
                  | deals 78 damage, you have 67 HP!!
 47706 | Spider:4 | Danger: Low HP Warning |T2| Reason: 41% HP (67/161)
 47707 | Spider:4 | Danger: Bai Suzhen |T3| Reason: IMMINENT DEATH: Primal Wave
                  | deals 78 damage, you have 68 HP!!
 47707 | Spider:4 | Danger: Low HP Warning |T2| Reason: 42% HP (68/161)
 47708 | Spider:4 | Danger: Bai Suzhen |T3| Reason: IMMINENT DEATH: Primal Wave
                  | deals 78 damage, you have 68 HP!!
 47708 | Spider:4 | Danger: Low HP Warning |T2| Reason: 42% HP (68/161)
 47708 | Spider:4 | Killed Bai Suzhen
 47711 | Spider:4 | Danger: Low HP Warning |T2| Reason: 42% HP (69/161)
 47712 | Spider:4 | Danger: Louise |T3| Reason: Banishment and low Will
 47712 | Spider:4 | Danger: Louise |T2| Reason: Unique monster, careful!
 47712 | Spider:4 | Danger: Louise |T2| Reason: Lightning Bolt and no rElec
 47712 | Spider:4 | Danger: Low HP Warning |T2| Reason: 42% HP (69/161)
 47713 | Spider:4 | Danger: Louise |T3| Reason: Banishment and low Will
 47713 | Spider:4 | Danger: Low HP Warning |T2| Reason: 42% HP (69/161)
 47715 | Spider:3 | Danger: Low HP Warning |T2| Reason: 43% HP (70/161)
 47716 | Spider:3 | Danger: Low HP Warning |T2| Reason: 36% HP (58/161)
 47717 | Spider:3 | Danger: Low HP Warning |T2| Reason: 36% HP (58/161)
 47718 | Spider:3 | Danger: Low HP Warning |T2| Reason: 36% HP (59/161)
 47719 | Spider:3 | Danger: Low HP Warning |T2| Reason: 36% HP (59/161)
 47720 | Spider:3 | Danger: Low HP Warning |T2| Reason: 36% HP (59/161)
 47721 | Spider:3 | Danger: Low HP Warning |T2| Reason: 32% HP (53/161)
 47722 | Spider:3 | Danger: Low HP Warning |T2| Reason: 30% HP (49/161)
 47723 | Spider:3 | Danger: Low HP Warning |T2| Reason: 31% HP (50/161)
 47724 | Spider:3 | Danger: Low HP Warning |T2| Reason: 31% HP (50/161)
 47988 | Spider:3 | Danger: Asterion |T2| Reason: Unique monster, careful!
 47990 | Spider:3 | Danger: Asterion |T2| Reason: Unique monster, careful!
 47994 | Spider:3 | Danger: Asterion |T2| Reason: Unique monster, careful!
 48002 | Spider:3 | Killed Asterion
 48082 | Spider:4 | Danger: Louise |T2| Reason: Unique monster, careful!
 48082 | Spider:4 | Danger: Louise |T2| Reason: Lightning Bolt and no rElec
 48086 | Spider:4 | Danger: Louise |T2| Reason: Unique monster, careful!
 48086 | Spider:4 | Danger: Louise |T2| Reason: Lightning Bolt and no rElec
 48090 | Spider:4 | Danger: Louise |T2| Reason: Unique monster, careful!
 48090 | Spider:4 | Danger: Louise |T2| Reason: Lightning Bolt and no rElec
 48110 | Spider:4 | Killed Louise
 48184 | Spider:4 | Reached XP level 18. HP: 156/169 MP: 19/19
 48334 | Spider:4 | Got a gossamer rune of Zot
 48353 | Spider:4 | Identified the scarf of the Valley of Death {harm, Int+3}
 48478 | Spider:4 | Danger: Roxanne |T2| Reason: Unique monster, careful!
 48478 | Spider:4 | Danger: Roxanne |T3| Reason: Bolt of Magma (irresistible
                  | ~3d30+ equivalent) and not rF+++, watch out!
 48478 | Spider:4 | Danger: Roxanne |T2| Reason: Lehudib's Crystal Spear deals
                  | more than 50% MHP!
 48479 | Spider:4 | Danger: Roxanne |T3| Reason: Bolt of Magma (irresistible
                  | ~3d30+ equivalent) and not rF+++, watch out!
 48480 | Spider:4 | Danger: Roxanne |T3| Reason: Bolt of Magma (irresistible
                  | ~3d30+ equivalent) and not rF+++, watch out!
 48481 | Spider:4 | Danger: Roxanne |T3| Reason: Bolt of Magma (irresistible
                  | ~3d30+ equivalent) and not rF+++, watch out!
 48482 | Spider:4 | Danger: Roxanne |T3| Reason: Bolt of Magma (irresistible
                  | ~3d30+ equivalent) and not rF+++, watch out!
 48483 | Spider:4 | Danger: Roxanne |T3| Reason: Bolt of Magma (irresistible
                  | ~3d30+ equivalent) and not rF+++, watch out!
 48484 | Spider:4 | Danger: Roxanne |T3| Reason: Bolt of Magma (irresistible
                  | ~3d30+ equivalent) and not rF+++, watch out!
 48485 | Spider:4 | Danger: Roxanne |T3| Reason: Bolt of Magma (irresistible
                  | ~3d30+ equivalent) and not rF+++, watch out!
 48486 | Spider:4 | Danger: Roxanne |T3| Reason: Bolt of Magma (irresistible
                  | ~3d30+ equivalent) and not rF+++, watch out!
 48487 | Spider:4 | Danger: Roxanne |T3| Reason: Bolt of Magma (irresistible
                  | ~3d30+ equivalent) and not rF+++, watch out!
 48488 | Spider:4 | Danger: Roxanne |T3| Reason: Bolt of Magma (irresistible
                  | ~3d30+ equivalent) and not rF+++, watch out!
 48489 | Spider:4 | Danger: Roxanne |T3| Reason: Bolt of Magma (irresistible
                  | ~3d30+ equivalent) and not rF+++, watch out!
 48490 | Spider:4 | Danger: Roxanne |T3| Reason: Bolt of Magma (irresistible
                  | ~3d30+ equivalent) and not rF+++, watch out!
 48491 | Spider:4 | Danger: Roxanne |T3| Reason: Bolt of Magma (irresistible
                  | ~3d30+ equivalent) and not rF+++, watch out!
 48492 | Spider:4 | Danger: Roxanne |T3| Reason: Bolt of Magma (irresistible
                  | ~3d30+ equivalent) and not rF+++, watch out!
 48493 | Spider:4 | Danger: Roxanne |T3| Reason: Bolt of Magma (irresistible
                  | ~3d30+ equivalent) and not rF+++, watch out!
 48494 | Spider:4 | Danger: Roxanne |T3| Reason: Bolt of Magma (irresistible
                  | ~3d30+ equivalent) and not rF+++, watch out!
 48494 | Spider:4 | Killed Roxanne
 48774 | Vaults:1 | Entered Level 1 of the Vaults
 49097 | Vaults:1 | Found Usos Tieqi's Armour Emporium.
 49100 | Vaults:1 | Danger: ironbound frostheart |T2| Reason: Creeping Frost
                  | and no rC
 49191 | Vaults:1 | Reached skill level 10 in Shields
 49193 | Vaults:1 | Danger: Low HP Warning |T2| Reason: 52% HP (89/169)
 49194 | Vaults:1 | Danger: Low HP Warning |T2| Reason: 53% HP (90/169)
 49195 | Vaults:1 | Danger: Low HP Warning |T2| Reason: 53% HP (90/169)
 49196 | Vaults:1 | Danger: Low HP Warning |T2| Reason: 53% HP (90/169)
 49197 | Vaults:1 | Danger: Low HP Warning |T2| Reason: 53% HP (91/169)
 49198 | Vaults:1 | Danger: Low HP Warning |T2| Reason: 53% HP (91/169)
 49199 | Vaults:1 | Danger: Low HP Warning |T2| Reason: 53% HP (91/169)
 49200 | Vaults:1 | Danger: Low HP Warning |T2| Reason: 54% HP (92/169)
 49201 | Vaults:1 | Danger: Low HP Warning |T2| Reason: 54% HP (92/169)
 49202 | Vaults:1 | Danger: Low HP Warning |T2| Reason: 54% HP (92/169)
 49203 | Vaults:1 | Danger: Low HP Warning |T2| Reason: 55% HP (93/169)
 49204 | Vaults:1 | Danger: Low HP Warning |T2| Reason: 55% HP (93/169)
 49205 | Vaults:1 | Danger: Low HP Warning |T2| Reason: 55% HP (93/169)
 49206 | Vaults:1 | Danger: Low HP Warning |T2| Reason: 55% HP (94/169)
 49207 | Vaults:1 | Danger: Low HP Warning |T2| Reason: 55% HP (94/169)
 49573 | Vaults:1 | Danger: orc knight |T2| Reason: OOD monster, careful!
 49602 | Vaults:1 | Danger: war gargoyle |T2| Reason: OOD monster, careful!
 49613 | Vaults:1 | Danger: Low HP Warning |T2| Reason: 59% HP (100/169)
 49614 | Vaults:1 | Danger: Low HP Warning |T2| Reason: 59% HP (100/169)
 49615 | Vaults:1 | Danger: Low HP Warning |T2| Reason: 59% HP (101/169)
 49616 | Vaults:1 | Danger: Low HP Warning |T2| Reason: 59% HP (101/169)
 49617 | Vaults:1 | Danger: Low HP Warning |T2| Reason: 59% HP (101/169)
 49618 | Vaults:1 | Danger: Low HP Warning |T2| Reason: 60% HP (102/169)
 49619 | Vaults:1 | Danger: Low HP Warning |T2| Reason: 60% HP (102/169)
 49620 | Vaults:1 | Danger: Low HP Warning |T2| Reason: 60% HP (102/169)
 49621 | Vaults:1 | Danger: Low HP Warning |T2| Reason: 60% HP (103/169)
 49622 | Vaults:1 | Danger: Low HP Warning |T2| Reason: 60% HP (103/169)
 49623 | Vaults:1 | Danger: Low HP Warning |T2| Reason: 49% HP (83/169)
 49624 | Vaults:1 | Danger: Low HP Warning |T2| Reason: 49% HP (84/169)
 49625 | Vaults:1 | Danger: Low HP Warning |T2| Reason: 49% HP (84/169)
 49626 | Vaults:1 | Danger: Low HP Warning |T2| Reason: 49% HP (84/169)
 49627 | Vaults:1 | Danger: Low HP Warning |T2| Reason: 50% HP (85/169)
 49628 | Vaults:1 | Danger: Low HP Warning |T2| Reason: 50% HP (85/169)
 49629 | Vaults:1 | Danger: Low HP Warning |T2| Reason: 50% HP (85/169)
 49630 | Vaults:1 | Danger: orc knight |T2| Reason: OOD monster, careful!
 49630 | Vaults:1 | Danger: Low HP Warning |T2| Reason: 50% HP (85/169)
 49631 | Vaults:1 | Danger: Low HP Warning |T2| Reason: 50% HP (86/169)
 49632 | Vaults:1 | Danger: Low HP Warning |T2| Reason: 50% HP (86/169)
 49633 | Vaults:1 | Danger: orc knight |T2| Reason: OOD monster, careful!
 49633 | Vaults:1 | Danger: Low HP Warning |T2| Reason: 50% HP (86/169)
 49634 | Vaults:1 | Danger: Low HP Warning |T2| Reason: 51% HP (87/169)
 49635 | Vaults:1 | Danger: Low HP Warning |T2| Reason: 51% HP (87/169)
 49636 | Vaults:1 | Danger: orc knight |T2| Reason: OOD monster, careful!
 49636 | Vaults:1 | Danger: Low HP Warning |T2| Reason: 51% HP (87/169)
 49637 | Vaults:1 | Danger: Low HP Warning |T2| Reason: 44% HP (76/169)
 49638 | Vaults:1 | Danger: Low HP Warning |T2| Reason: 44% HP (76/169)
 49639 | Vaults:1 | Danger: orc knight |T2| Reason: OOD monster, careful!
 49639 | Vaults:1 | Danger: Low HP Warning |T2| Reason: 32% HP (55/169)
 49640 | Vaults:1 | Danger: Low HP Warning |T2| Reason: 29% HP (50/169)
 49641 | Vaults:1 | Danger: Low HP Warning |T2| Reason: 27% HP (46/169)
 49642 | Vaults:1 | Danger: peacekeeper |T3| Reason: IMMINENT DEATH: Throw
                  | Barbs deals 26 damage, you have 25 HP!!
 49642 | Vaults:1 | Danger: Low HP Warning |T3| Reason: 14% HP (25/169)
 49643 | Vaults:1 | Danger: Low HP Warning |T3| Reason: 17% HP (30/169)
 49644 | Vaults:1 | Danger: Low HP Warning |T3| Reason: 17% HP (30/169)
 49645 | Vaults:1 | Danger: Low HP Warning |T3| Reason: 18% HP (31/169)
 49646 | Vaults:1 | Danger: peacekeeper |T3| Reason: IMMINENT DEATH: Throw
                  | Barbs deals 26 damage, you have 21 HP!!
 49646 | Vaults:1 | Danger: Low HP Warning |T3| Reason: 12% HP (21/169)
 49647 | Vaults:1 | Danger: Low HP Warning |T3| Reason: 18% HP (32/169)
 49648 | Vaults:1 | Danger: orc knight |T2| Reason: OOD monster, careful!
 49648 | Vaults:1 | Danger: Low HP Warning |T3| Reason: 20% HP (34/169)
 49649 | Vaults:1 | Danger: Low HP Warning |T2| Reason: 26% HP (44/169)
 50036 | Elf:1    | Entered Level 1 of the Elven Halls
 50037 | Elf:1    | Danger: deep elf zephyrmancer |T2| Reason: Lightning Bolt
                  | and no rElec
 50037 | Elf:1    | Danger: deep elf zephyrmancer |T2| Reason: Lightning Bolt
                  | and no rElec
 50037 | Elf:1    | Danger: deep elf zephyrmancer |T2| Reason: Lightning Bolt
                  | and no rElec
 50102 | Elf:1    | Found a frozen archway.
 50105 | Elf:1    | Found Ygitiw's Book Shoppe.
 50132 | IceCv    | Entered an ice cave
 50133 | IceCv    | Danger: rime drake |T2| Reason: Flash Freeze (3d13) and not
                  | rC+, careful!
 50133 | IceCv    | Danger: rime drake |T2| Reason: Flash Freeze (3d13) and not
                  | rC+, careful!
 50883 | IceCv    | Danger: Low HP Warning |T2| Reason: 59% HP (100/169)
 50884 | IceCv    | Danger: Low HP Warning |T2| Reason: 59% HP (100/169)
 50885 | IceCv    | Danger: Low HP Warning |T2| Reason: 59% HP (100/169)
 50887 | IceCv    | Danger: Low HP Warning |T2| Reason: 59% HP (101/169)
 50888 | IceCv    | Danger: Low HP Warning |T2| Reason: 53% HP (91/169)
 50889 | IceCv    | Danger: Low HP Warning |T2| Reason: 54% HP (92/169)
 51067 | IceCv    | Noticed a shard shrike
 51068 | IceCv    | Danger: shard shrike |T2| Reason: Throw Icicle deals more
                  | than 50% MHP!
 51077 | IceCv    | Danger: shard shrike |T2| Reason: Throw Icicle deals more
                  | than 50% MHP!
 51084 | IceCv    | Danger: shard shrike |T2| Reason: Throw Icicle deals more
                  | than 50% MHP!
 51092 | IceCv    | Danger: Low HP Warning |T2| Reason: 53% HP (90/169)
 51093 | IceCv    | Danger: Low HP Warning |T2| Reason: 53% HP (91/169)
 51094 | IceCv    | Danger: Low HP Warning |T2| Reason: 53% HP (91/169)
 51095 | IceCv    | Danger: Low HP Warning |T2| Reason: 53% HP (91/169)
 51096 | IceCv    | Danger: Low HP Warning |T2| Reason: 54% HP (92/169)
 51097 | IceCv    | Danger: Low HP Warning |T2| Reason: 54% HP (92/169)
 51098 | IceCv    | Danger: Low HP Warning |T2| Reason: 54% HP (92/169)
 51099 | IceCv    | Danger: Low HP Warning |T2| Reason: 55% HP (93/169)
 51100 | IceCv    | Danger: Low HP Warning |T2| Reason: 55% HP (93/169)
 51101 | IceCv    | Danger: Low HP Warning |T2| Reason: 55% HP (93/169)
 51102 | IceCv    | Danger: Low HP Warning |T2| Reason: 55% HP (93/169)
 51103 | IceCv    | Danger: Low HP Warning |T2| Reason: 55% HP (94/169)
 51104 | IceCv    | Danger: Low HP Warning |T2| Reason: 55% HP (94/169)
 51105 | IceCv    | Danger: Low HP Warning |T2| Reason: 55% HP (94/169)
 51106 | IceCv    | Danger: Low HP Warning |T2| Reason: 56% HP (95/169)
 51107 | IceCv    | Danger: Low HP Warning |T2| Reason: 56% HP (95/169)
 51108 | IceCv    | Danger: Low HP Warning |T2| Reason: 56% HP (95/169)
 51109 | IceCv    | Danger: shard shrike |T3| Reason: IMMINENT DEATH: Throw
                  | Icicle deals 90 damage, you have 72 HP!!
 51109 | IceCv    | Danger: Low HP Warning |T2| Reason: 42% HP (72/169)
 51110 | IceCv    | Danger: shard shrike |T3| Reason: IMMINENT DEATH: Throw
                  | Icicle deals 90 damage, you have 46 HP!!
 51110 | IceCv    | Danger: Low HP Warning |T2| Reason: 27% HP (46/169)
 51111 | IceCv    | Danger: shard shrike |T3| Reason: IMMINENT DEATH: Throw
                  | Icicle deals 90 damage, you have 23 HP!!
 51111 | IceCv    | Danger: Low HP Warning |T3| Reason: 13% HP (23/169)
 51112 | IceCv    | Danger: shard shrike |T3| Reason: IMMINENT DEATH: Throw
                  | Icicle deals 90 damage, you have 24 HP!!
 51112 | IceCv    | Danger: Low HP Warning |T3| Reason: 14% HP (24/169)
 51113 | IceCv    | Danger: shard shrike |T3| Reason: IMMINENT DEATH: Throw
                  | Icicle deals 90 damage, you have 24 HP!!
 51113 | IceCv    | Danger: Low HP Warning |T3| Reason: 14% HP (24/169)
 51114 | IceCv    | Danger: shard shrike |T3| Reason: IMMINENT DEATH: Throw
                  | Icicle deals 90 damage, you have 25 HP!!
 51114 | IceCv    | Danger: Low HP Warning |T3| Reason: 14% HP (25/169)
 51114 | IceCv    | Killed a shard shrike
 51150 | IceCv    | Danger: Low HP Warning |T3| Reason: 24% HP (42/169)
 51590 | IceCv    | Got the Elucidation of the Spider and Destruction
 51932 | Elf:1    | Danger: deep elf demonologist |T3| Reason: Banishment and
                  | low Will
 51933 | Elf:1    | Danger: deep elf demonologist |T3| Reason: Banishment and
                  | low Will
 51934 | Elf:1    | Danger: deep elf demonologist |T3| Reason: Banishment and
                  | low Will
 51935 | Elf:1    | Danger: deep elf demonologist |T3| Reason: Banishment and
                  | low Will
 51936 | Elf:1    | Danger: deep elf demonologist |T3| Reason: Banishment and
                  | low Will
 51937 | Elf:1    | Danger: deep elf demonologist |T3| Reason: Banishment and
                  | low Will
 51938 | Elf:1    | Danger: deep elf demonologist |T3| Reason: Banishment and
                  | low Will
 51939 | Elf:1    | Danger: deep elf demonologist |T3| Reason: Banishment and
                  | low Will
 51940 | Elf:1    | Danger: deep elf demonologist |T3| Reason: Banishment and
                  | low Will
 51941 | Elf:1    | Danger: deep elf demonologist |T3| Reason: Banishment and
                  | low Will
 51942 | Elf:1    | Danger: deep elf demonologist |T3| Reason: Banishment and
                  | low Will
 52012 | Elf:1    | Danger: deep elf zephyrmancer |T2| Reason: Lightning Bolt
                  | and no rElec
 52013 | Elf:1    | Danger: deep elf zephyrmancer |T2| Reason: Lightning Bolt
                  | and no rElec
 52032 | Elf:1    | Danger: deep elf zephyrmancer |T2| Reason: Lightning Bolt
                  | and no rElec
 52032 | Elf:1    | Danger: deep elf annihilator |T2| Reason: Lightning Bolt
                  | and no rElec
 52032 | Elf:1    | Danger: deep elf annihilator |T2| Reason: Lehudib's Crystal
                  | Spear deals more than 50% MHP!
 52037 | Elf:1    | Danger: deep elf sorcerer |T3| Reason: Banishment and low
                  | Will
 52037 | Elf:1    | Danger: deep elf sorcerer |T3| Reason: Damnation in LOF,
                  | watch out!
 52038 | Elf:1    | Danger: deep elf sorcerer |T3| Reason: Banishment and low
                  | Will
 52038 | Elf:1    | Danger: deep elf sorcerer |T3| Reason: Damnation in LOF,
                  | watch out!
 52039 | Elf:1    | Danger: deep elf sorcerer |T3| Reason: Banishment and low
                  | Will
 52039 | Elf:1    | Danger: deep elf sorcerer |T3| Reason: Damnation in LOF,
                  | watch out!
 52040 | Elf:1    | Danger: deep elf annihilator |T2| Reason: Lightning Bolt
                  | and no rElec
 52040 | Elf:1    | Danger: deep elf annihilator |T2| Reason: Lehudib's Crystal
                  | Spear deals more than 50% MHP!
 52040 | Elf:1    | Danger: deep elf sorcerer |T3| Reason: Banishment and low
                  | Will
 52040 | Elf:1    | Danger: deep elf sorcerer |T3| Reason: Damnation in LOF,
                  | watch out!
 52041 | Elf:1    | Danger: deep elf sorcerer |T3| Reason: Banishment and low
                  | Will
 52041 | Elf:1    | Danger: deep elf sorcerer |T3| Reason: Damnation in LOF,
                  | watch out!
 52042 | Elf:1    | Danger: deep elf sorcerer |T2| Reason: Damnation in LOS,
                  | careful!
 52042 | Elf:1    | Danger: deep elf sorcerer |T3| Reason: Banishment and low
                  | Will
 52043 | Elf:1    | Danger: deep elf sorcerer |T3| Reason: Damnation in LOF,
                  | watch out!
 52043 | Elf:1    | Danger: deep elf sorcerer |T3| Reason: Banishment and low
                  | Will
 52044 | Elf:1    | Danger: deep elf sorcerer |T3| Reason: Banishment and low
                  | Will
 52044 | Elf:1    | Danger: deep elf sorcerer |T3| Reason: Damnation in LOF,
                  | watch out!
 52045 | Elf:1    | Danger: deep elf sorcerer |T2| Reason: Damnation in LOS,
                  | careful!
 52045 | Elf:1    | Danger: deep elf sorcerer |T3| Reason: Banishment and low
                  | Will
 52046 | Elf:1    | Danger: deep elf zephyrmancer |T2| Reason: Lightning Bolt
                  | and no rElec
 52046 | Elf:1    | Danger: Low HP Warning |T2| Reason: 60% HP (103/169)
 52047 | Elf:1    | Danger: deep elf sorcerer |T3| Reason: Banishment and low
                  | Will
 52047 | Elf:1    | Danger: deep elf sorcerer |T2| Reason: Damnation in LOS,
                  | careful!
 52047 | Elf:1    | Danger: Low HP Warning |T2| Reason: 60% HP (103/169)
 52049 | Elf:1    | Danger: deep elf annihilator |T2| Reason: Lightning Bolt
                  | and no rElec
 52049 | Elf:1    | Danger: deep elf annihilator |T2| Reason: Lehudib's Crystal
                  | Spear deals more than 50% MHP!
 52274 | Elf:1    | Danger: air elemental |T3| Reason: Stunning Burst
                  | (paralyse) and no rElec
 52279 | Elf:1    | Danger: air elemental |T3| Reason: Stunning Burst
                  | (paralyse) and no rElec
 52280 | Elf:1    | Danger: air elemental |T3| Reason: Stunning Burst
                  | (paralyse) and no rElec
 52280 | Elf:1    | Paralysed by an air elemental for 1 turns
 52282 | Elf:1    | Danger: air elemental |T3| Reason: Stunning Burst
                  | (paralyse) and no rElec
 52283 | Elf:1    | Danger: air elemental |T3| Reason: Stunning Burst
                  | (paralyse) and no rElec
 52284 | Elf:1    | Danger: air elemental |T3| Reason: Stunning Burst
                  | (paralyse) and no rElec
 52285 | Elf:1    | Danger: air elemental |T3| Reason: Stunning Burst
                  | (paralyse) and no rElec
 52286 | Elf:1    | Danger: air elemental |T3| Reason: Stunning Burst
                  | (paralyse) and no rElec
 52286 | Elf:1    | Paralysed by an air elemental for 1 turns
 52288 | Elf:1    | Danger: air elemental |T3| Reason: Stunning Burst
                  | (paralyse) and no rElec
 52289 | Elf:1    | Danger: air elemental |T3| Reason: Stunning Burst
                  | (paralyse) and no rElec
 52386 | Elf:1    | Danger: deep elf sorcerer |T3| Reason: Banishment and low
                  | Will
 52386 | Elf:1    | Danger: deep elf sorcerer |T3| Reason: Damnation in LOF,
                  | watch out!
 52387 | Elf:1    | Danger: deep elf sorcerer |T3| Reason: Banishment and low
                  | Will
 52387 | Elf:1    | Danger: deep elf sorcerer |T3| Reason: Damnation in LOF,
                  | watch out!
 52388 | Elf:1    | Danger: deep elf sorcerer |T3| Reason: Banishment and low
                  | Will
 52388 | Elf:1    | Danger: deep elf sorcerer |T3| Reason: Damnation in LOF,
                  | watch out!
 52389 | Elf:1    | Danger: deep elf sorcerer |T3| Reason: Banishment and low
                  | Will
 52389 | Elf:1    | Danger: deep elf sorcerer |T3| Reason: Damnation in LOF,
                  | watch out!
 52390 | Elf:1    | Danger: deep elf sorcerer |T3| Reason: Banishment and low
                  | Will
 52390 | Elf:1    | Danger: deep elf sorcerer |T3| Reason: Damnation in LOF,
                  | watch out!
 52391 | Elf:1    | Danger: deep elf sorcerer |T3| Reason: Banishment and low
                  | Will
 52391 | Elf:1    | Danger: deep elf sorcerer |T3| Reason: Damnation in LOF,
                  | watch out!
 52519 | Elf:1    | Danger: deep elf annihilator |T2| Reason: Lightning Bolt
                  | and no rElec
 52519 | Elf:1    | Danger: deep elf annihilator |T2| Reason: Lehudib's Crystal
                  | Spear deals more than 50% MHP!
 52524 | Elf:1    | Danger: deep elf annihilator |T2| Reason: Lightning Bolt
                  | and no rElec
 52524 | Elf:1    | Danger: deep elf annihilator |T2| Reason: Lehudib's Crystal
                  | Spear deals more than 50% MHP!
 52533 | Elf:1    | Danger: deep elf annihilator |T2| Reason: Lightning Bolt
                  | and no rElec
 52533 | Elf:1    | Danger: deep elf annihilator |T2| Reason: Lehudib's Crystal
                  | Spear deals more than 50% MHP!
 52544 | Elf:1    | Danger: deep elf annihilator |T2| Reason: Lightning Bolt
                  | and no rElec
 52544 | Elf:1    | Danger: deep elf annihilator |T2| Reason: Lehudib's Crystal
                  | Spear deals more than 50% MHP!
 52547 | Elf:1    | Danger: deep elf annihilator |T2| Reason: Lightning Bolt
                  | and no rElec
 52547 | Elf:1    | Danger: deep elf annihilator |T2| Reason: Lehudib's Crystal
                  | Spear deals more than 50% MHP!
 52551 | Elf:1    | Danger: deep elf archer |T2| Reason: Slow and low Will,
                  | careful
 52554 | Elf:1    | Danger: deep elf annihilator |T2| Reason: Lightning Bolt
                  | and no rElec
 52554 | Elf:1    | Danger: deep elf annihilator |T2| Reason: Lehudib's Crystal
                  | Spear deals more than 50% MHP!
 52556 | Elf:1    | Danger: deep elf archer |T2| Reason: Slow and low Will,
                  | careful
 52562 | Elf:1    | Danger: deep elf archer |T2| Reason: Slow and low Will,
                  | careful
 52568 | Elf:1    | Danger: deep elf archer |T2| Reason: Slow and low Will,
                  | careful
 52570 | Elf:1    | Danger: Low HP Warning |T2| Reason: 60% HP (102/169)
 52572 | Elf:1    | Danger: deep elf archer |T2| Reason: Slow and low Will,
                  | careful
 52572 | Elf:1    | Danger: Low HP Warning |T2| Reason: 48% HP (82/169)
 52573 | Elf:1    | Danger: Low HP Warning |T2| Reason: 48% HP (82/169)
 52574 | Elf:1    | Danger: Low HP Warning |T2| Reason: 49% HP (83/169)
 52580 | Elf:1    | Danger: deep elf archer |T2| Reason: Slow and low Will,
                  | careful
 52580 | Elf:1    | Danger: Low HP Warning |T2| Reason: 50% HP (86/169)
 52581 | Elf:1    | Danger: Low HP Warning |T2| Reason: 50% HP (86/169)
 52582 | Elf:1    | Danger: Low HP Warning |T2| Reason: 50% HP (86/169)
 52620 | Elf:1    | Danger: deep elf zephyrmancer |T2| Reason: Lightning Bolt
                  | and no rElec
 52909 | Elf:1    | Danger: deep elf zephyrmancer |T2| Reason: Lightning Bolt
                  | and no rElec
 52988 | Elf:1    | Danger: deep elf zephyrmancer |T2| Reason: Lightning Bolt
                  | and no rElec
 52989 | Elf:1    | Danger: deep elf archer |T2| Reason: Slow and low Will,
                  | careful
 53007 | Elf:1    | Danger: deep elf zephyrmancer |T2| Reason: Lightning Bolt
                  | and no rElec
 53008 | Elf:1    | Danger: deep elf archer |T2| Reason: Slow and low Will,
                  | careful
 53008 | Elf:1    | Danger: deep elf zephyrmancer |T2| Reason: Lightning Bolt
                  | and no rElec
 53015 | Elf:1    | Danger: deep elf zephyrmancer |T2| Reason: Lightning Bolt
                  | and no rElec
 53020 | Elf:1    | Danger: deep elf zephyrmancer |T2| Reason: Lightning Bolt
                  | and no rElec
 53022 | Elf:1    | Danger: deep elf zephyrmancer |T2| Reason: Lightning Bolt
                  | and no rElec
 53029 | Elf:1    | Danger: deep elf zephyrmancer |T2| Reason: Lightning Bolt
                  | and no rElec
 53051 | Elf:1    | Danger: deep elf archer |T2| Reason: Slow and low Will,
                  | careful
 53063 | Elf:1    | Danger: Low HP Warning |T2| Reason: 60% HP (103/169)
 53064 | Elf:1    | Danger: Low HP Warning |T2| Reason: 60% HP (103/169)
 53069 | Elf:1    | Danger: Low HP Warning |T2| Reason: 53% HP (91/169)
 53070 | Elf:1    | Danger: Low HP Warning |T2| Reason: 53% HP (91/169)
 53071 | Elf:1    | Danger: Low HP Warning |T2| Reason: 54% HP (92/169)
 53072 | Elf:1    | Danger: Low HP Warning |T2| Reason: 52% HP (89/169)
 53073 | Elf:1    | Danger: Low HP Warning |T2| Reason: 52% HP (89/169)
 53074 | Elf:1    | Danger: Low HP Warning |T2| Reason: 53% HP (90/169)
 53075 | Elf:1    | Danger: Low HP Warning |T2| Reason: 53% HP (90/169)
 53479 | Elf:1    | Danger: deep elf zephyrmancer |T2| Reason: Lightning Bolt
                  | and no rElec
 53600 | Elf:1    | Found a portal to a secret trove of treasure.
 53630 | Elf:2    | Danger: air elemental |T3| Reason: Stunning Burst
                  | (paralyse) and no rElec
 53630 | Elf:2    | Danger: deep elf zephyrmancer |T2| Reason: Lightning Bolt
                  | and no rElec
 53631 | Elf:2    | Danger: air elemental |T3| Reason: Stunning Burst
                  | (paralyse) and no rElec
 53632 | Elf:2    | Danger: air elemental |T3| Reason: Stunning Burst
                  | (paralyse) and no rElec
 53633 | Elf:2    | Danger: air elemental |T3| Reason: Stunning Burst
                  | (paralyse) and no rElec
 53634 | Elf:2    | Danger: air elemental |T3| Reason: Stunning Burst
                  | (paralyse) and no rElec
 53635 | Elf:2    | Danger: air elemental |T3| Reason: Stunning Burst
                  | (paralyse) and no rElec
 53636 | Elf:2    | Danger: air elemental |T3| Reason: Stunning Burst
                  | (paralyse) and no rElec
 53639 | Elf:2    | Reached XP level 19. HP: 171/177 MP: 20/20
 53693 | Elf:2    | Found Duma's General Store.
 53695 | Elf:2    | Found Bafaplie's Jewellery Shoppe.
 53698 | Elf:2    | Found Xawuviri's Antique Weapon Emporium.
 53701 | Elf:2    | Bought 6 curare-tipped darts for 129 gold pieces
 53751 | Elf:2    | Danger: air elemental |T3| Reason: Stunning Burst
                  | (paralyse) and no rElec
 53751 | Elf:2    | Danger: deep elf zephyrmancer |T2| Reason: Lightning Bolt
                  | and no rElec
 53751 | Elf:2    | Danger: deep elf zephyrmancer |T2| Reason: Lightning Bolt
                  | and no rElec
 53753 | Elf:2    | Danger: air elemental |T3| Reason: Stunning Burst
                  | (paralyse) and no rElec
 53753 | Elf:2    | Paralysed by an air elemental for 1 turns
 53755 | Elf:2    | Danger: air elemental |T3| Reason: Stunning Burst
                  | (paralyse) and no rElec
 53756 | Elf:2    | Danger: deep elf zephyrmancer |T2| Reason: Lightning Bolt
                  | and no rElec
 53756 | Elf:2    | Danger: air elemental |T3| Reason: Stunning Burst
                  | (paralyse) and no rElec
 53757 | Elf:2    | Danger: air elemental |T3| Reason: Stunning Burst
                  | (paralyse) and no rElec
 53758 | Elf:2    | Danger: air elemental |T3| Reason: Stunning Burst
                  | (paralyse) and no rElec
 53759 | Elf:2    | Danger: deep elf zephyrmancer |T2| Reason: Lightning Bolt
                  | and no rElec
 53759 | Elf:2    | Danger: air elemental |T3| Reason: Stunning Burst
                  | (paralyse) and no rElec
 53761 | Elf:2    | Danger: deep elf zephyrmancer |T2| Reason: Lightning Bolt
                  | and no rElec
 53765 | Elf:2    | Danger: deep elf zephyrmancer |T2| Reason: Lightning Bolt
                  | and no rElec
 53765 | Elf:2    | Danger: deep elf zephyrmancer |T2| Reason: Lightning Bolt
                  | and no rElec
 53767 | Elf:2    | Danger: deep elf zephyrmancer |T2| Reason: Lightning Bolt
                  | and no rElec
 53777 | Elf:2    | Danger: deep elf archer |T2| Reason: Slow and low Will,
                  | careful
 53777 | Elf:2    | Danger: deep elf zephyrmancer |T2| Reason: Lightning Bolt
                  | and no rElec
 53778 | Elf:2    | Reached skill level 15 in Shields
 53781 | Elf:2    | Danger: Low HP Warning |T2| Reason: 60% HP (107/177)
 53782 | Elf:2    | Danger: Low HP Warning |T2| Reason: 60% HP (107/177)
 53783 | Elf:2    | Danger: deep elf archer |T2| Reason: Slow and low Will,
                  | careful
 53789 | Elf:2    | Danger: deep elf archer |T2| Reason: Slow and low Will,
                  | careful
 53800 | Elf:2    | Danger: deep elf sorcerer |T3| Reason: Banishment and low
                  | Will
 53800 | Elf:2    | Danger: deep elf sorcerer |T3| Reason: Damnation in LOF,
                  | watch out!
 53801 | Elf:2    | Danger: deep elf sorcerer |T3| Reason: Banishment and low
                  | Will
 53801 | Elf:2    | Danger: deep elf sorcerer |T3| Reason: Damnation in LOF,
                  | watch out!
 53802 | Elf:2    | Danger: deep elf sorcerer |T3| Reason: Banishment and low
                  | Will
 53802 | Elf:2    | Danger: deep elf sorcerer |T3| Reason: Damnation in LOF,
                  | watch out!
 53803 | Elf:2    | Danger: deep elf sorcerer |T3| Reason: Banishment and low
                  | Will
 53803 | Elf:2    | Danger: deep elf sorcerer |T3| Reason: Damnation in LOF,
                  | watch out!
 53829 | Elf:2    | Danger: air elemental |T3| Reason: Stunning Burst
                  | (paralyse) and no rElec
 53831 | Elf:2    | Danger: air elemental |T3| Reason: Stunning Burst
                  | (paralyse) and no rElec
 53832 | Elf:2    | Danger: air elemental |T3| Reason: Stunning Burst
                  | (paralyse) and no rElec
 53833 | Elf:2    | Danger: air elemental |T3| Reason: Stunning Burst
                  | (paralyse) and no rElec
 53834 | Elf:2    | Danger: air elemental |T3| Reason: Stunning Burst
                  | (paralyse) and no rElec
 53835 | Elf:2    | Danger: air elemental |T3| Reason: Stunning Burst
                  | (paralyse) and no rElec
 53836 | Elf:2    | Danger: air elemental |T3| Reason: Stunning Burst
                  | (paralyse) and no rElec
 53837 | Elf:2    | Danger: air elemental |T3| Reason: Stunning Burst
                  | (paralyse) and no rElec
 53951 | Elf:2    | Danger: deep elf archer |T2| Reason: Slow and low Will,
                  | careful
 53951 | Elf:2    | Danger: deep elf archer |T2| Reason: Slow and low Will,
                  | careful
 53956 | Elf:2    | Danger: deep elf zephyrmancer |T2| Reason: Lightning Bolt
                  | and no rElec
 53958 | Elf:2    | Danger: deep elf archer |T2| Reason: Slow and low Will,
                  | careful
 53963 | Elf:2    | Danger: deep elf zephyrmancer |T2| Reason: Lightning Bolt
                  | and no rElec
 53971 | Elf:2    | Danger: deep elf archer |T2| Reason: Slow and low Will,
                  | careful
 53971 | Elf:2    | Danger: deep elf zephyrmancer |T2| Reason: Lightning Bolt
                  | and no rElec
 53974 | Elf:2    | Danger: deep elf zephyrmancer |T2| Reason: Lightning Bolt
                  | and no rElec
 53981 | Elf:2    | Danger: deep elf archer |T2| Reason: Slow and low Will,
                  | careful
 54135 | Elf:2    | Danger: Malevolent teleportation! |T3| Reason: Malevolent
                  | teleportation!
 54136 | Elf:2    | Danger: deep elf zephyrmancer |T2| Reason: Lightning Bolt
                  | and no rElec
 54138 | Elf:2    | Danger: deep elf zephyrmancer |T2| Reason: Lightning Bolt
                  | and no rElec
 54139 | Elf:2    | Danger: deep elf zephyrmancer |T2| Reason: Lightning Bolt
                  | and no rElec
 54144 | Elf:2    | Danger: deep elf blademaster |T2| Reason: OOD monster,
                  | careful!
 54147 | Elf:2    | Danger: deep elf blademaster |T2| Reason: OOD monster,
                  | careful!
 54149 | Elf:2    | Danger: Low HP Warning |T2| Reason: 58% HP (99/170)
 54150 | Elf:2    | Danger: Low HP Warning |T2| Reason: 54% HP (93/170)
 54151 | Elf:2    | Danger: Low HP Warning |T2| Reason: 38% HP (66/170)
 54152 | Elf:2    | Danger: deep elf pyromancer |T3| Reason: IMMINENT DEATH:
                  | Bolt of Fire deals 51 damage, you have 50 HP!!
 54152 | Elf:2    | Danger: +3 scimitar of electrocution |T2| Reason:
                  | Electrocution weapon and no rElec!
 54152 | Elf:2    | Danger: deep elf knight |T3| Reason: IMMINENT DEATH: Throw
                  | Icicle deals 60 damage, you have 50 HP!!
 54152 | Elf:2    | Danger: Low HP Warning |T2| Reason: 29% HP (50/170)
 54153 | Elf:2    | Danger: Low HP Warning |T2| Reason: 29% HP (50/170)
 54155 | Elf:2    | Danger: Low HP Warning |T2| Reason: 30% HP (51/170)
 54156 | Elf:2    | Danger: Low HP Warning |T2| Reason: 30% HP (52/170)
 54157 | Elf:2    | Danger: Low HP Warning |T2| Reason: 30% HP (52/170)
 54171 | Elf:2    | Danger: +1 scimitar of distortion |T3| Reason: Distortion
                  | weapon!
 54172 | Elf:2    | Danger: +1 scimitar of distortion |T3| Reason: Distortion
                  | weapon!
 54173 | Elf:2    | Danger: +1 scimitar of distortion |T3| Reason: Distortion
                  | weapon!
 54174 | Elf:2    | Danger: +1 scimitar of distortion |T3| Reason: Distortion
                  | weapon!
 54175 | Elf:2    | Danger: +1 scimitar of distortion |T3| Reason: Distortion
                  | weapon!
 54176 | Elf:2    | Danger: +1 scimitar of distortion |T3| Reason: Distortion
                  | weapon!
 54176 | Elf:2    | Found a runed translucent gate.
 54177 | Elf:2    | Danger: deep elf blademaster |T2| Reason: OOD monster,
                  | careful!
 54177 | Elf:2    | Danger: +1 scimitar of distortion |T3| Reason: Distortion
                  | weapon!
 54177 | Elf:2    | Found a runed translucent gate.
 54178 | Elf:2    | Danger: +1 scimitar of distortion |T3| Reason: Distortion
                  | weapon!
 54178 | Elf:2    | Danger: Low HP Warning |T2| Reason: 44% HP (75/170)
 54179 | Elf:2    | Danger: +1 scimitar of distortion |T3| Reason: Distortion
                  | weapon!
 54179 | Elf:2    | Danger: Low HP Warning |T2| Reason: 36% HP (62/170)
 54180 | Elf:2    | Danger: +1 scimitar of distortion |T3| Reason: Distortion
                  | weapon!
 54180 | Elf:2    | Danger: Low HP Warning |T3| Reason: 23% HP (40/170)
 54181 | Elf:2    | Danger: deep elf pyromancer |T3| Reason: IMMINENT DEATH:
                  | Bolt of Fire deals 51 damage, you have 40 HP!!
 54181 | Elf:2    | Danger: deep elf knight |T3| Reason: IMMINENT DEATH: Throw
                  | Icicle deals 60 damage, you have 40 HP!!
 54181 | Elf:2    | Danger: deep elf knight |T3| Reason: IMMINENT DEATH: Force
                  | Lance deals 42 damage, you have 40 HP!!
 54181 | Elf:2    | Danger: Low HP Warning |T3| Reason: 23% HP (40/170)
 54182 | Elf:2    | Danger: deep elf pyromancer |T3| Reason: IMMINENT DEATH:
                  | Bolt of Fire deals 51 damage, you have 41 HP!!
 54182 | Elf:2    | Danger: deep elf knight |T3| Reason: IMMINENT DEATH: Throw
                  | Icicle deals 60 damage, you have 41 HP!!
 54182 | Elf:2    | Danger: deep elf knight |T3| Reason: IMMINENT DEATH: Force
                  | Lance deals 42 damage, you have 41 HP!!
 54182 | Elf:2    | Danger: Low HP Warning |T3| Reason: 24% HP (41/170)
 54183 | Elf:2    | Danger: deep elf knight |T3| Reason: IMMINENT DEATH: Throw
                  | Icicle deals 60 damage, you have 41 HP!!
 54183 | Elf:2    | Danger: deep elf knight |T3| Reason: IMMINENT DEATH: Force
                  | Lance deals 42 damage, you have 41 HP!!
 54183 | Elf:2    | Danger: Low HP Warning |T3| Reason: 24% HP (41/170)
 54185 | Elf:2    | Danger: Low HP Warning |T2| Reason: 36% HP (62/170)
 54186 | Elf:2    | Danger: Low HP Warning |T2| Reason: 37% HP (63/170)
 54187 | Elf:2    | Danger: Low HP Warning |T2| Reason: 37% HP (63/170)
 54188 | Elf:2    | Danger: Low HP Warning |T2| Reason: 34% HP (59/170)
 54189 | Elf:2    | Danger: Low HP Warning |T2| Reason: 34% HP (59/170)
 54190 | Elf:2    | Danger: Low HP Warning |T2| Reason: 35% HP (60/171)
 54191 | Elf:2    | Danger: Low HP Warning |T2| Reason: 35% HP (60/171)
 54192 | Elf:2    | Danger: Low HP Warning |T2| Reason: 34% HP (60/172)
 54193 | Elf:2    | Danger: deep elf knight |T3| Reason: IMMINENT DEATH: Throw
                  | Icicle deals 60 damage, you have 42 HP!!
 54193 | Elf:2    | Danger: Low HP Warning |T3| Reason: 24% HP (42/172)
 54194 | Elf:2    | Danger: deep elf zephyrmancer |T2| Reason: Lightning Bolt
                  | and no rElec
 54194 | Elf:2    | Danger: deep elf zephyrmancer |T3| Reason: IMMINENT DEATH:
                  | Lightning Bolt deals 48 damage, you have 43 HP!!
 54194 | Elf:2    | Danger: +3 scimitar of electrocution |T2| Reason:
                  | Electrocution weapon and no rElec!
 54194 | Elf:2    | Danger: deep elf knight |T3| Reason: IMMINENT DEATH: Throw
                  | Icicle deals 60 damage, you have 43 HP!!
 54194 | Elf:2    | Danger: Low HP Warning |T3| Reason: 25% HP (43/172)
 54195 | Elf:2    | Danger: deep elf knight |T3| Reason: IMMINENT DEATH: Throw
                  | Icicle deals 60 damage, you have 43 HP!!
 54195 | Elf:2    | Danger: Low HP Warning |T3| Reason: 25% HP (43/172)
 54196 | Elf:2    | Danger: deep elf knight |T3| Reason: IMMINENT DEATH: Throw
                  | Icicle deals 60 damage, you have 16 HP!!
 54196 | Elf:2    | Danger: deep elf knight |T3| Reason: IMMINENT DEATH: Force
                  | Lance deals 42 damage, you have 16 HP!!
 54196 | Elf:2    | Danger: deep elf zephyrmancer |T2| Reason: Lightning Bolt
                  | and no rElec
 54196 | Elf:2    | Danger: deep elf zephyrmancer |T3| Reason: IMMINENT DEATH:
                  | Lightning Bolt deals 48 damage, you have 16 HP!!
 54196 | Elf:2    | Danger: Low HP Warning |T3| Reason: 9% HP (16/172)
 54197 | Elf:2    | Danger: deep elf zephyrmancer |T3| Reason: IMMINENT DEATH:
                  | Lightning Bolt deals 48 damage, you have 14 HP!!
 54197 | Elf:2    | Danger: deep elf knight |T3| Reason: IMMINENT DEATH: Throw
                  | Icicle deals 60 damage, you have 14 HP!!
 54197 | Elf:2    | Danger: deep elf knight |T3| Reason: IMMINENT DEATH: Force
                  | Lance deals 42 damage, you have 14 HP!!
 54197 | Elf:2    | Danger: deep elf zephyrmancer |T2| Reason: Lightning Bolt
                  | and no rElec
 54197 | Elf:2    | Danger: deep elf zephyrmancer |T3| Reason: IMMINENT DEATH:
                  | Lightning Bolt deals 48 damage, you have 14 HP!!
 54197 | Elf:2    | Danger: Low HP Warning |T3| Reason: 8% HP (14/172)
 54198 | Elf:2    | Danger: deep elf zephyrmancer |T3| Reason: IMMINENT DEATH:
                  | Lightning Bolt deals 48 damage, you have 15 HP!!
 54198 | Elf:2    | Danger: deep elf knight |T3| Reason: IMMINENT DEATH: Throw
                  | Icicle deals 60 damage, you have 15 HP!!
 54198 | Elf:2    | Danger: deep elf knight |T3| Reason: IMMINENT DEATH: Force
                  | Lance deals 42 damage, you have 15 HP!!
 54198 | Elf:2    | Danger: deep elf zephyrmancer |T3| Reason: IMMINENT DEATH:
                  | Lightning Bolt deals 48 damage, you have 15 HP!!
 54198 | Elf:2    | Danger: Low HP Warning |T3| Reason: 8% HP (15/172)
 54199 | Elf:2    | Danger: deep elf zephyrmancer |T3| Reason: IMMINENT DEATH:
                  | Lightning Bolt deals 48 damage, you have 15 HP!!
 54199 | Elf:2    | Danger: deep elf knight |T3| Reason: IMMINENT DEATH: Throw
                  | Icicle deals 60 damage, you have 15 HP!!
 54199 | Elf:2    | Danger: deep elf knight |T3| Reason: IMMINENT DEATH: Force
                  | Lance deals 42 damage, you have 15 HP!!
 54199 | Elf:2    | Danger: deep elf zephyrmancer |T3| Reason: IMMINENT DEATH:
                  | Lightning Bolt deals 48 damage, you have 15 HP!!
 54199 | Elf:2    | Danger: Low HP Warning |T3| Reason: 8% HP (15/172)
 54200 | Elf:2    | Danger: deep elf zephyrmancer |T3| Reason: IMMINENT DEATH:
                  | Lightning Bolt deals 48 damage, you have 22 HP!!
 54200 | Elf:2    | Danger: deep elf knight |T3| Reason: IMMINENT DEATH: Throw
                  | Icicle deals 60 damage, you have 22 HP!!
 54200 | Elf:2    | Danger: deep elf knight |T3| Reason: IMMINENT DEATH: Force
                  | Lance deals 42 damage, you have 22 HP!!
 54200 | Elf:2    | Danger: deep elf zephyrmancer |T3| Reason: IMMINENT DEATH:
                  | Lightning Bolt deals 48 damage, you have 22 HP!!
 54200 | Elf:2    | Danger: Low HP Warning |T3| Reason: 12% HP (22/173)
 54201 | Elf:2    | Danger: deep elf zephyrmancer |T3| Reason: IMMINENT DEATH:
                  | Lightning Bolt deals 48 damage, you have 23 HP!!
 54201 | Elf:2    | Danger: deep elf zephyrmancer |T3| Reason: IMMINENT DEATH:
                  | Lightning Bolt deals 48 damage, you have 23 HP!!
 54201 | Elf:2    | Danger: deep elf knight |T3| Reason: IMMINENT DEATH: Throw
                  | Icicle deals 60 damage, you have 23 HP!!
 54201 | Elf:2    | Danger: deep elf knight |T3| Reason: IMMINENT DEATH: Force
                  | Lance deals 42 damage, you have 23 HP!!
 54201 | Elf:2    | Danger: Low HP Warning |T3| Reason: 13% HP (23/173)
 54202 | Elf:2    | Danger: deep elf knight |T3| Reason: IMMINENT DEATH: Throw
                  | Icicle deals 60 damage, you have 23 HP!!
 54202 | Elf:2    | Danger: deep elf knight |T3| Reason: IMMINENT DEATH: Force
                  | Lance deals 42 damage, you have 23 HP!!
 54202 | Elf:2    | Danger: deep elf zephyrmancer |T3| Reason: IMMINENT DEATH:
                  | Lightning Bolt deals 48 damage, you have 23 HP!!
 54202 | Elf:2    | Danger: Low HP Warning |T3| Reason: 13% HP (23/173)
 54203 | Elf:2    | Danger: deep elf knight |T3| Reason: IMMINENT DEATH: Throw
                  | Icicle deals 60 damage, you have 34 HP!!
 54203 | Elf:2    | Danger: deep elf knight |T3| Reason: IMMINENT DEATH: Force
                  | Lance deals 42 damage, you have 34 HP!!
 54203 | Elf:2    | Danger: Low HP Warning |T3| Reason: 19% HP (34/174)
 54204 | Elf:2    | Danger: Low HP Warning |T3| Reason: 20% HP (35/175)
 54205 | Elf:2    | Danger: Low HP Warning |T3| Reason: 20% HP (35/175)
 54206 | Elf:2    | Danger: deep elf zephyrmancer |T2| Reason: Lightning Bolt
                  | and no rElec
 54206 | Elf:2    | Danger: deep elf zephyrmancer |T3| Reason: IMMINENT DEATH:
                  | Lightning Bolt deals 48 damage, you have 35 HP!!
 54206 | Elf:2    | Danger: deep elf zephyrmancer |T2| Reason: Lightning Bolt
                  | and no rElec
 54206 | Elf:2    | Danger: deep elf zephyrmancer |T3| Reason: IMMINENT DEATH:
                  | Lightning Bolt deals 48 damage, you have 35 HP!!
 54206 | Elf:2    | Danger: Low HP Warning |T3| Reason: 19% HP (35/176)
 54207 | Elf:2    | Danger: deep elf zephyrmancer |T2| Reason: Lightning Bolt
                  | and no rElec
 54207 | Elf:2    | Danger: deep elf zephyrmancer |T3| Reason: IMMINENT DEATH:
                  | Lightning Bolt deals 48 damage, you have 35 HP!!
 54207 | Elf:2    | Danger: deep elf zephyrmancer |T3| Reason: IMMINENT DEATH:
                  | Lightning Bolt deals 48 damage, you have 35 HP!!
 54207 | Elf:2    | Danger: deep elf zephyrmancer |T3| Reason: IMMINENT DEATH:
                  | Lightning Bolt deals 48 damage, you have 35 HP!!
 54207 | Elf:2    | Danger: Low HP Warning |T3| Reason: 19% HP (35/176)
 54208 | Elf:2    | Danger: deep elf zephyrmancer |T3| Reason: IMMINENT DEATH:
                  | Lightning Bolt deals 48 damage, you have 36 HP!!
 54208 | Elf:2    | Danger: Low HP Warning |T3| Reason: 20% HP (36/176)
 54209 | Elf:2    | Danger: deep elf zephyrmancer |T3| Reason: IMMINENT DEATH:
                  | Lightning Bolt deals 48 damage, you have 36 HP!!
 54209 | Elf:2    | Danger: Low HP Warning |T3| Reason: 20% HP (36/176)
 54210 | Elf:2    | Danger: deep elf zephyrmancer |T2| Reason: Lightning Bolt
                  | and no rElec
 54210 | Elf:2    | Danger: deep elf zephyrmancer |T3| Reason: IMMINENT DEATH:
                  | Lightning Bolt deals 48 damage, you have 36 HP!!
 54210 | Elf:2    | Danger: deep elf zephyrmancer |T3| Reason: IMMINENT DEATH:
                  | Lightning Bolt deals 48 damage, you have 36 HP!!
 54210 | Elf:2    | Danger: Low HP Warning |T3| Reason: 20% HP (36/177)
 54211 | Elf:2    | Danger: deep elf blademaster |T2| Reason: OOD monster,
                  | careful!
 54211 | Elf:2    | Danger: deep elf zephyrmancer |T3| Reason: IMMINENT DEATH:
                  | Lightning Bolt deals 48 damage, you have 36 HP!!
 54211 | Elf:2    | Danger: Low HP Warning |T3| Reason: 20% HP (36/177)
 54212 | Elf:2    | Danger: deep elf zephyrmancer |T3| Reason: IMMINENT DEATH:
                  | Lightning Bolt deals 48 damage, you have 37 HP!!
 54212 | Elf:2    | Danger: Low HP Warning |T3| Reason: 20% HP (37/177)
 54214 | Elf:2    | Danger: deep elf zephyrmancer |T3| Reason: IMMINENT DEATH:
                  | Lightning Bolt deals 48 damage, you have 37 HP!!
 54214 | Elf:2    | Danger: Low HP Warning |T3| Reason: 20% HP (37/177)
 54215 | Elf:2    | Danger: deep elf blademaster |T2| Reason: OOD monster,
                  | careful!
 54215 | Elf:2    | Danger: Low HP Warning |T3| Reason: 20% HP (37/177)
 54216 | Elf:2    | Danger: Low HP Warning |T3| Reason: 21% HP (38/177)
 54217 | Elf:2    | Danger: Low HP Warning |T3| Reason: 21% HP (38/177)
 54218 | Elf:2    | Danger: Low HP Warning |T3| Reason: 21% HP (38/177)
 54219 | Elf:2    | Danger: Low HP Warning |T3| Reason: 22% HP (39/177)
 54220 | Elf:2    | Danger: Low HP Warning |T3| Reason: 22% HP (39/177)
 54221 | Elf:2    | Danger: Low HP Warning |T3| Reason: 22% HP (39/177)
 54222 | Elf:2    | Danger: Low HP Warning |T3| Reason: 22% HP (40/177)
 54223 | Elf:2    | Danger: +1 scimitar of distortion |T3| Reason: Distortion
                  | weapon!
 54223 | Elf:2    | Danger: Low HP Warning |T3| Reason: 22% HP (40/177)
 54224 | Elf:2    | Danger: +1 scimitar of distortion |T3| Reason: Distortion
                  | weapon!
 54224 | Elf:2    | Danger: Low HP Warning |T3| Reason: 22% HP (40/177)
 54224 | Elf:2    | :feel like i'm bout to get splatter latticed
 54225 | Elf:2    | Danger: +1 scimitar of distortion |T3| Reason: Distortion
                  | weapon!
 54225 | Elf:2    | Danger: Low HP Warning |T3| Reason: 23% HP (41/177)
 54226 | Elf:2    | Danger: deep elf knight |T3| Reason: IMMINENT DEATH: Throw
                  | Icicle deals 60 damage, you have 41 HP!!
 54226 | Elf:2    | Danger: deep elf knight |T3| Reason: IMMINENT DEATH: Force
                  | Lance deals 42 damage, you have 41 HP!!
 54226 | Elf:2    | Danger: +1 scimitar of distortion |T3| Reason: Distortion
                  | weapon!
 54226 | Elf:2    | Danger: Low HP Warning |T3| Reason: 23% HP (41/177)
 54227 | Elf:2    | Danger: +1 scimitar of distortion |T3| Reason: Distortion
                  | weapon!
 54227 | Elf:2    | Danger: deep elf knight |T3| Reason: IMMINENT DEATH: Throw
                  | Icicle deals 60 damage, you have 41 HP!!
 54227 | Elf:2    | Danger: deep elf knight |T3| Reason: IMMINENT DEATH: Force
                  | Lance deals 42 damage, you have 41 HP!!
 54227 | Elf:2    | Danger: Low HP Warning |T3| Reason: 23% HP (41/177)
 54228 | Elf:2    | Danger: deep elf knight |T3| Reason: IMMINENT DEATH: Throw
                  | Icicle deals 60 damage, you have 42 HP!!
 54228 | Elf:2    | Danger: +1 scimitar of distortion |T3| Reason: Distortion
                  | weapon!
 54228 | Elf:2    | Danger: Low HP Warning |T3| Reason: 23% HP (42/177)
 54232 | Elf:2    | Danger: +1 scimitar of distortion |T3| Reason: Distortion
                  | weapon!
 54232 | Elf:2    | Danger: Low HP Warning |T3| Reason: 24% HP (43/177)
 54233 | Elf:2    | Danger: +1 scimitar of distortion |T3| Reason: Distortion
                  | weapon!
 54233 | Elf:2    | Danger: Low HP Warning |T3| Reason: 24% HP (43/177)
 54235 | Elf:2    | Danger: Low HP Warning |T3| Reason: 24% HP (44/177)
 54236 | Elf:2    | Danger: +1 scimitar of distortion |T3| Reason: Distortion
                  | weapon!
 54236 | Elf:2    | Danger: Low HP Warning |T3| Reason: 24% HP (44/177)
 54237 | Elf:2    | Danger: +1 scimitar of distortion |T3| Reason: Distortion
                  | weapon!
 54237 | Elf:2    | Danger: Low HP Warning |T3| Reason: 25% HP (45/177)
 54238 | Elf:2    | Danger: +1 scimitar of distortion |T3| Reason: Distortion
                  | weapon!
 54238 | Elf:2    | Danger: Low HP Warning |T3| Reason: 25% HP (45/177)
 54239 | Elf:2    | Danger: +1 scimitar of distortion |T3| Reason: Distortion
                  | weapon!
 54239 | Elf:2    | Danger: Low HP Warning |T3| Reason: 25% HP (45/177)
 54240 | Elf:2    | Danger: +1 scimitar of distortion |T3| Reason: Distortion
                  | weapon!
 54240 | Elf:2    | Danger: Low HP Warning |T3| Reason: 25% HP (46/177)
 54241 | Elf:2    | Danger: +1 scimitar of distortion |T3| Reason: Distortion
                  | weapon!
 54241 | Elf:2    | Danger: Low HP Warning |T3| Reason: 25% HP (46/177)
 54242 | Elf:2    | Danger: +1 scimitar of distortion |T3| Reason: Distortion
                  | weapon!
 54242 | Elf:2    | Danger: Low HP Warning |T3| Reason: 25% HP (46/177)
 54244 | Elf:2    | Danger: deep elf knight |T3| Reason: IMMINENT DEATH: Throw
                  | Icicle deals 60 damage, you have 49 HP!!
 54244 | Elf:2    | Danger: Low HP Warning |T2| Reason: 27% HP (49/177)
 54245 | Elf:2    | Danger: deep elf knight |T3| Reason: IMMINENT DEATH: Throw
                  | Icicle deals 60 damage, you have 52 HP!!
 54245 | Elf:2    | Danger: Low HP Warning |T2| Reason: 29% HP (52/177)
 54246 | Elf:2    | Danger: deep elf knight |T3| Reason: IMMINENT DEATH: Throw
                  | Icicle deals 60 damage, you have 56 HP!!
 54246 | Elf:2    | Danger: Low HP Warning |T2| Reason: 31% HP (56/177)
 54247 | Elf:2    | Danger: Low HP Warning |T2| Reason: 33% HP (60/177)
 54248 | Elf:2    | Danger: Low HP Warning |T2| Reason: 35% HP (63/177)
 54249 | Elf:2    | Danger: deep elf zephyrmancer |T2| Reason: Lightning Bolt
                  | and no rElec
 54249 | Elf:2    | Danger: Low HP Warning |T2| Reason: 38% HP (69/177)
 54250 | Elf:2    | Danger: Low HP Warning |T2| Reason: 41% HP (74/177)
 54251 | Elf:2    | Danger: deep elf zephyrmancer |T2| Reason: Lightning Bolt
                  | and no rElec
 54251 | Elf:2    | Danger: Low HP Warning |T2| Reason: 42% HP (75/177)
 54252 | Elf:2    | Danger: deep elf zephyrmancer |T3| Reason: IMMINENT DEATH:
                  | Lightning Bolt deals 48 damage, you have 32 HP!!
 54252 | Elf:2    | Danger: Low HP Warning |T3| Reason: 18% HP (32/177)
 54253 | Elf:2    | Danger: deep elf zephyrmancer |T3| Reason: IMMINENT DEATH:
                  | Lightning Bolt deals 48 damage, you have 33 HP!!
 54253 | Elf:2    | Danger: Low HP Warning |T3| Reason: 18% HP (33/177)
 54254 | Elf:2    | Danger: deep elf zephyrmancer |T3| Reason: IMMINENT DEATH:
                  | Lightning Bolt deals 48 damage, you have 22 HP!!
 54254 | Elf:2    | Danger: deep elf zephyrmancer |T3| Reason: IMMINENT DEATH:
                  | Lightning Bolt deals 48 damage, you have 22 HP!!
 54254 | Elf:2    | Danger: Low HP Warning |T3| Reason: 12% HP (22/177)
 54255 | Elf:2    | Danger: deep elf zephyrmancer |T3| Reason: IMMINENT DEATH:
                  | Lightning Bolt deals 48 damage, you have 20 HP!!
 54255 | Elf:2    | Danger: deep elf zephyrmancer |T3| Reason: IMMINENT DEATH:
                  | Lightning Bolt deals 48 damage, you have 20 HP!!
 54255 | Elf:2    | Danger: Low HP Warning |T3| Reason: 11% HP (20/177)
 54256 | Elf:2    | Danger: deep elf zephyrmancer |T3| Reason: IMMINENT DEATH:
                  | Lightning Bolt deals 48 damage, you have 19 HP!!
 54256 | Elf:2    | Danger: Low HP Warning |T3| Reason: 10% HP (19/177)
 54257 | Elf:2    | Danger: deep elf zephyrmancer |T3| Reason: IMMINENT DEATH:
                  | Lightning Bolt deals 48 damage, you have 19 HP!!
 54257 | Elf:2    | Danger: Low HP Warning |T3| Reason: 10% HP (19/177)
 54257 | Elf:2    | HP: 8/177 [deep elf zephyrmancer/bolt of lightning (12)]
 54258 | Elf:2    | Danger: deep elf zephyrmancer |T3| Reason: IMMINENT DEATH:
                  | Lightning Bolt deals 48 damage, you have 8 HP!!
 54258 | Elf:2    | Danger: Low HP Warning |T3| Reason: 4% HP (8/177)
 54259 | Elf:2    | Danger: deep elf zephyrmancer |T3| Reason: IMMINENT DEATH:
                  | Lightning Bolt deals 48 damage, you have 8 HP!!
 54259 | Elf:2    | Danger: Low HP Warning |T3| Reason: 4% HP (8/177)
 54260 | Elf:2    | Danger: deep elf zephyrmancer |T3| Reason: IMMINENT DEATH:
                  | Lightning Bolt deals 48 damage, you have 9 HP!!
 54260 | Elf:2    | Danger: Low HP Warning |T3| Reason: 5% HP (9/177)
 54261 | Elf:2    | Danger: deep elf knight |T3| Reason: IMMINENT DEATH: Throw
                  | Icicle deals 60 damage, you have 9 HP!!
 54261 | Elf:2    | Danger: deep elf knight |T3| Reason: IMMINENT DEATH: Force
                  | Lance deals 42 damage, you have 9 HP!!
 54261 | Elf:2    | Danger: deep elf zephyrmancer |T3| Reason: IMMINENT DEATH:
                  | Lightning Bolt deals 48 damage, you have 9 HP!!
 54261 | Elf:2    | Danger: deep elf zephyrmancer |T3| Reason: IMMINENT DEATH:
                  | Lightning Bolt deals 48 damage, you have 9 HP!!
 54261 | Elf:2    | Danger: deep elf zephyrmancer |T3| Reason: IMMINENT DEATH:
                  | Lightning Bolt deals 48 damage, you have 9 HP!!
 54261 | Elf:2    | Danger: Low HP Warning |T3| Reason: 5% HP (9/177)
 54262 | Elf:2    | Danger: deep elf zephyrmancer |T3| Reason: IMMINENT DEATH:
                  | Lightning Bolt deals 48 damage, you have 10 HP!!
 54262 | Elf:2    | Danger: deep elf zephyrmancer |T3| Reason: IMMINENT DEATH:
                  | Lightning Bolt deals 48 damage, you have 10 HP!!
 54262 | Elf:2    | Danger: Low HP Warning |T3| Reason: 5% HP (10/177)
 54263 | Elf:2    | Danger: deep elf zephyrmancer |T3| Reason: IMMINENT DEATH:
                  | Lightning Bolt deals 48 damage, you have 10 HP!!
 54263 | Elf:2    | Danger: deep elf zephyrmancer |T3| Reason: IMMINENT DEATH:
                  | Lightning Bolt deals 48 damage, you have 10 HP!!
 54263 | Elf:2    | Danger: deep elf zephyrmancer |T3| Reason: IMMINENT DEATH:
                  | Lightning Bolt deals 48 damage, you have 10 HP!!
 54263 | Elf:2    | Danger: Low HP Warning |T3| Reason: 5% HP (10/177)
 54264 | Elf:2    | Danger: deep elf knight |T3| Reason: IMMINENT DEATH: Throw
                  | Icicle deals 60 damage, you have 11 HP!!
 54264 | Elf:2    | Danger: deep elf knight |T3| Reason: IMMINENT DEATH: Force
                  | Lance deals 42 damage, you have 11 HP!!
 54264 | Elf:2    | Danger: deep elf zephyrmancer |T3| Reason: IMMINENT DEATH:
                  | Lightning Bolt deals 48 damage, you have 11 HP!!
 54264 | Elf:2    | Danger: deep elf zephyrmancer |T3| Reason: IMMINENT DEATH:
                  | Lightning Bolt deals 48 damage, you have 11 HP!!
 54264 | Elf:2    | Danger: deep elf zephyrmancer |T3| Reason: IMMINENT DEATH:
                  | Lightning Bolt deals 48 damage, you have 11 HP!!
 54264 | Elf:2    | Danger: deep elf zephyrmancer |T3| Reason: IMMINENT DEATH:
                  | Lightning Bolt deals 48 damage, you have 11 HP!!
 54264 | Elf:2    | Danger: Low HP Warning |T3| Reason: 6% HP (11/177)
 54265 | Elf:2    | Danger: deep elf knight |T3| Reason: IMMINENT DEATH: Throw
                  | Icicle deals 60 damage, you have 11 HP!!
 54265 | Elf:2    | Danger: deep elf knight |T3| Reason: IMMINENT DEATH: Force
                  | Lance deals 42 damage, you have 11 HP!!
 54265 | Elf:2    | Danger: deep elf zephyrmancer |T3| Reason: IMMINENT DEATH:
                  | Lightning Bolt deals 48 damage, you have 11 HP!!
 54265 | Elf:2    | Danger: deep elf zephyrmancer |T3| Reason: IMMINENT DEATH:
                  | Lightning Bolt deals 48 damage, you have 11 HP!!
 54265 | Elf:2    | Danger: deep elf zephyrmancer |T3| Reason: IMMINENT DEATH:
                  | Lightning Bolt deals 48 damage, you have 11 HP!!
 54265 | Elf:2    | Danger: deep elf zephyrmancer |T3| Reason: IMMINENT DEATH:
                  | Lightning Bolt deals 48 damage, you have 11 HP!!
 54265 | Elf:2    | Danger: Low HP Warning |T3| Reason: 6% HP (11/177)
 54266 | Elf:2    | Danger: deep elf knight |T3| Reason: IMMINENT DEATH: Throw
                  | Icicle deals 60 damage, you have 11 HP!!
 54266 | Elf:2    | Danger: deep elf knight |T3| Reason: IMMINENT DEATH: Force
                  | Lance deals 42 damage, you have 11 HP!!
 54266 | Elf:2    | Danger: deep elf zephyrmancer |T3| Reason: IMMINENT DEATH:
                  | Lightning Bolt deals 48 damage, you have 11 HP!!
 54266 | Elf:2    | Danger: deep elf zephyrmancer |T3| Reason: IMMINENT DEATH:
                  | Lightning Bolt deals 48 damage, you have 11 HP!!
 54266 | Elf:2    | Danger: deep elf zephyrmancer |T3| Reason: IMMINENT DEATH:
                  | Lightning Bolt deals 48 damage, you have 11 HP!!
 54266 | Elf:2    | Danger: Low HP Warning |T3| Reason: 6% HP (11/177)
 54267 | Elf:2    | Danger: deep elf knight |T3| Reason: IMMINENT DEATH: Throw
                  | Icicle deals 60 damage, you have 12 HP!!
 54267 | Elf:2    | Danger: deep elf knight |T3| Reason: IMMINENT DEATH: Force
                  | Lance deals 42 damage, you have 12 HP!!
 54267 | Elf:2    | Danger: deep elf zephyrmancer |T3| Reason: IMMINENT DEATH:
                  | Lightning Bolt deals 48 damage, you have 12 HP!!
 54267 | Elf:2    | Danger: deep elf zephyrmancer |T3| Reason: IMMINENT DEATH:
                  | Lightning Bolt deals 48 damage, you have 12 HP!!
 54267 | Elf:2    | Danger: deep elf zephyrmancer |T3| Reason: IMMINENT DEATH:
                  | Lightning Bolt deals 48 damage, you have 12 HP!!
 54267 | Elf:2    | Danger: Low HP Warning |T3| Reason: 6% HP (12/177)
 54268 | Elf:2    | Danger: deep elf zephyrmancer |T3| Reason: IMMINENT DEATH:
                  | Lightning Bolt deals 48 damage, you have 12 HP!!
 54268 | Elf:2    | Danger: deep elf zephyrmancer |T3| Reason: IMMINENT DEATH:
                  | Lightning Bolt deals 48 damage, you have 12 HP!!
 54268 | Elf:2    | Danger: Low HP Warning |T3| Reason: 6% HP (12/177)
 54269 | Elf:2    | Danger: deep elf zephyrmancer |T3| Reason: IMMINENT DEATH:
                  | Lightning Bolt deals 48 damage, you have 13 HP!!
 54269 | Elf:2    | Danger: Low HP Warning |T3| Reason: 7% HP (13/177)
 54270 | Elf:2    | Danger: deep elf knight |T3| Reason: IMMINENT DEATH: Throw
                  | Icicle deals 60 damage, you have 13 HP!!
 54270 | Elf:2    | Danger: deep elf knight |T3| Reason: IMMINENT DEATH: Force
                  | Lance deals 42 damage, you have 13 HP!!
 54270 | Elf:2    | Danger: deep elf zephyrmancer |T3| Reason: IMMINENT DEATH:
                  | Lightning Bolt deals 48 damage, you have 13 HP!!
 54270 | Elf:2    | Danger: Low HP Warning |T3| Reason: 7% HP (13/177)
 54271 | Elf:2    | Danger: deep elf zephyrmancer |T3| Reason: IMMINENT DEATH:
                  | Lightning Bolt deals 48 damage, you have 14 HP!!
 54271 | Elf:2    | Danger: deep elf zephyrmancer |T3| Reason: IMMINENT DEATH:
                  | Lightning Bolt deals 48 damage, you have 14 HP!!
 54271 | Elf:2    | Danger: Low HP Warning |T3| Reason: 7% HP (14/177)
 54272 | Elf:2    | Danger: deep elf zephyrmancer |T3| Reason: IMMINENT DEATH:
                  | Lightning Bolt deals 48 damage, you have 14 HP!!
 54272 | Elf:2    | Danger: deep elf zephyrmancer |T3| Reason: IMMINENT DEATH:
                  | Lightning Bolt deals 48 damage, you have 14 HP!!
 54272 | Elf:2    | Danger: Low HP Warning |T3| Reason: 7% HP (14/177)
 54273 | Elf:2    | Danger: deep elf zephyrmancer |T3| Reason: IMMINENT DEATH:
                  | Lightning Bolt deals 48 damage, you have 15 HP!!
 54273 | Elf:2    | Danger: deep elf zephyrmancer |T3| Reason: IMMINENT DEATH:
                  | Lightning Bolt deals 48 damage, you have 15 HP!!
 54273 | Elf:2    | Danger: Low HP Warning |T3| Reason: 8% HP (15/177)
 54274 | Elf:2    | Danger: deep elf zephyrmancer |T3| Reason: IMMINENT DEATH:
                  | Lightning Bolt deals 48 damage, you have 15 HP!!
 54274 | Elf:2    | Danger: deep elf zephyrmancer |T3| Reason: IMMINENT DEATH:
                  | Lightning Bolt deals 48 damage, you have 15 HP!!
 54274 | Elf:2    | Danger: Low HP Warning |T3| Reason: 8% HP (15/177)
 54275 | Elf:2    | Danger: deep elf zephyrmancer |T3| Reason: IMMINENT DEATH:
                  | Lightning Bolt deals 48 damage, you have 16 HP!!
 54275 | Elf:2    | Danger: Low HP Warning |T3| Reason: 9% HP (16/177)
 54277 | Elf:2    | Danger: deep elf zephyrmancer |T3| Reason: IMMINENT DEATH:
                  | Lightning Bolt deals 48 damage, you have 17 HP!!
 54277 | Elf:2    | Danger: Low HP Warning |T3| Reason: 9% HP (17/177)
 54278 | Elf:2    | Danger: deep elf zephyrmancer |T3| Reason: IMMINENT DEATH:
                  | Lightning Bolt deals 48 damage, you have 17 HP!!
 54278 | Elf:2    | Danger: Low HP Warning |T3| Reason: 9% HP (17/177)
 54279 | Elf:2    | Danger: deep elf zephyrmancer |T3| Reason: IMMINENT DEATH:
                  | Lightning Bolt deals 48 damage, you have 18 HP!!
 54279 | Elf:2    | Danger: Low HP Warning |T3| Reason: 10% HP (18/177)
 54280 | Elf:2    | Danger: deep elf zephyrmancer |T3| Reason: IMMINENT DEATH:
                  | Lightning Bolt deals 48 damage, you have 18 HP!!
 54280 | Elf:2    | Danger: Low HP Warning |T3| Reason: 10% HP (18/177)
 54281 | Elf:2    | Danger: deep elf zephyrmancer |T3| Reason: IMMINENT DEATH:
                  | Lightning Bolt deals 48 damage, you have 19 HP!!
 54281 | Elf:2    | Danger: Low HP Warning |T3| Reason: 10% HP (19/177)
 54455 | Elf:2    | Danger: Low HP Warning |T2| Reason: 58% HP (104/177)
 54483 | Elf:2    | Danger: deep elf zephyrmancer |T2| Reason: Lightning Bolt
                  | and no rElec
 54488 | Elf:2    | Danger: deep elf zephyrmancer |T2| Reason: Lightning Bolt
                  | and no rElec
 54785 | Elf:2    | Danger: deep elf zephyrmancer |T2| Reason: Lightning Bolt
                  | and no rElec
 54836 | Elf:2    | Found a runed translucent gate.
 55127 | Elf:2    | Danger: deep elf zephyrmancer |T2| Reason: Lightning Bolt
                  | and no rElec
 55133 | Elf:2    | Danger: deep elf zephyrmancer |T2| Reason: Lightning Bolt
                  | and no rElec
 55136 | Elf:2    | Danger: air elemental |T3| Reason: Stunning Burst
                  | (paralyse) and no rElec
 55136 | Elf:2    | Paralysed by an air elemental for 1 turns
 55138 | Elf:2    | Danger: air elemental |T3| Reason: Stunning Burst
                  | (paralyse) and no rElec
 55139 | Elf:2    | Danger: air elemental |T3| Reason: Stunning Burst
                  | (paralyse) and no rElec
 55140 | Elf:2    | Danger: air elemental |T3| Reason: Stunning Burst
                  | (paralyse) and no rElec
 55141 | Elf:2    | Danger: air elemental |T3| Reason: Stunning Burst
                  | (paralyse) and no rElec
 55390 | Elf:2    | Danger: air elemental |T3| Reason: Stunning Burst
                  | (paralyse) and no rElec
 55391 | Elf:2    | Danger: air elemental |T3| Reason: Stunning Burst
                  | (paralyse) and no rElec
 55392 | Elf:2    | Danger: air elemental |T3| Reason: Stunning Burst
                  | (paralyse) and no rElec
 55393 | Elf:2    | Danger: air elemental |T3| Reason: Stunning Burst
                  | (paralyse) and no rElec
 55394 | Elf:2    | Danger: air elemental |T3| Reason: Stunning Burst
                  | (paralyse) and no rElec
 55395 | Elf:2    | Danger: air elemental |T3| Reason: Stunning Burst
                  | (paralyse) and no rElec
 55396 | Elf:2    | Danger: air elemental |T3| Reason: Stunning Burst
                  | (paralyse) and no rElec
 55461 | Elf:2    | Danger: air elemental |T3| Reason: Stunning Burst
                  | (paralyse) and no rElec
 55462 | Elf:2    | Danger: air elemental |T3| Reason: Stunning Burst
                  | (paralyse) and no rElec
 55530 | Elf:3    | Entered Level 3 of the Elven Halls
 55596 | Elf:3    | Danger: deep elf zephyrmancer |T2| Reason: Lightning Bolt
                  | and no rElec
 55597 | Elf:3    | Danger: deep elf zephyrmancer |T2| Reason: Lightning Bolt
                  | and no rElec
 55604 | Elf:3    | Danger: deep elf zephyrmancer |T2| Reason: Lightning Bolt
                  | and no rElec
 55611 | Elf:3    | Danger: deep elf zephyrmancer |T2| Reason: Lightning Bolt
                  | and no rElec
 55618 | Elf:3    | Danger: deep elf zephyrmancer |T2| Reason: Lightning Bolt
                  | and no rElec
 55621 | Elf:3    | Danger: deep elf zephyrmancer |T2| Reason: Lightning Bolt
                  | and no rElec
 55786 | Elf:3    | Danger: deep elf zephyrmancer |T2| Reason: Lightning Bolt
                  | and no rElec
 55791 | Elf:3    | Danger: deep elf zephyrmancer |T2| Reason: Lightning Bolt
                  | and no rElec
 55799 | Elf:3    | Danger: deep elf sorcerer |T3| Reason: Banishment and low
                  | Will
 55799 | Elf:3    | Danger: deep elf sorcerer |T3| Reason: Damnation in LOF,
                  | watch out!
 55800 | Elf:3    | Danger: deep elf sorcerer |T3| Reason: Banishment and low
                  | Will
 55800 | Elf:3    | Danger: deep elf sorcerer |T3| Reason: Damnation in LOF,
                  | watch out!
 55804 | Abyss:2  | Cast into level 2 of the Abyss (a deep elf sorcerer)
 55850 | Abyss:2  | Found a corrupted altar of Lugonu.
 55916 | Abyss:2  | Found a corrupted altar of Lugonu.
 55958 | Abyss:2  | Danger: Low HP Warning |T2| Reason: 58% HP (103/177)
 55959 | Abyss:2  | Danger: Low HP Warning |T2| Reason: 46% HP (83/177)
 55960 | Abyss:2  | Danger: Low HP Warning |T2| Reason: 43% HP (77/177)
 55961 | Abyss:2  | Danger: Low HP Warning |T2| Reason: 35% HP (63/177)
 55962 | Abyss:2  | Danger: Low HP Warning |T2| Reason: 36% HP (64/177)
 55963 | Abyss:2  | Danger: Low HP Warning |T2| Reason: 36% HP (65/177)
 55964 | Abyss:2  | Danger: Low HP Warning |T2| Reason: 37% HP (66/177)
 55965 | Abyss:2  | Danger: Low HP Warning |T2| Reason: 37% HP (67/177)
 55966 | Abyss:2  | Danger: Low HP Warning |T2| Reason: 33% HP (59/177)
 55967 | Abyss:2  | Danger: Low HP Warning |T3| Reason: 25% HP (45/177)
 55968 | Abyss:2  | Danger: Low HP Warning |T3| Reason: 25% HP (46/177)
 55969 | Abyss:2  | Danger: Low HP Warning |T2| Reason: 26% HP (47/177)
 55970 | Abyss:2  | Danger: Low HP Warning |T2| Reason: 27% HP (48/177)
 55971 | Abyss:2  | Danger: Low HP Warning |T2| Reason: 27% HP (49/177)
 55972 | Abyss:2  | Danger: Low HP Warning |T2| Reason: 28% HP (51/177)
 55973 | Abyss:2  | Danger: Low HP Warning |T2| Reason: 29% HP (52/177)
 55974 | Abyss:2  | Danger: Low HP Warning |T2| Reason: 28% HP (51/177)
 55975 | Abyss:2  | Danger: wretched star |T3| Reason: IMMINENT DEATH: Force
                  | Lance deals 42 damage, you have 40 HP!!
 55975 | Abyss:2  | Danger: Low HP Warning |T3| Reason: 22% HP (40/177)
 55976 | Abyss:2  | Danger: wretched star |T3| Reason: IMMINENT DEATH: Force
                  | Lance deals 42 damage, you have 41 HP!!
 55976 | Abyss:2  | Danger: Low HP Warning |T3| Reason: 23% HP (41/177)
 55977 | Abyss:2  | Danger: Low HP Warning |T3| Reason: 23% HP (42/177)
 55978 | Abyss:2  | Danger: Low HP Warning |T3| Reason: 24% HP (43/177)
 55979 | Abyss:2  | Danger: Low HP Warning |T3| Reason: 25% HP (45/177)
 55980 | Abyss:2  | Danger: Low HP Warning |T3| Reason: 25% HP (46/177)
 55981 | Abyss:2  | Danger: Low HP Warning |T2| Reason: 26% HP (47/177)
 55982 | Abyss:2  | Danger: Low HP Warning |T2| Reason: 26% HP (47/177)
 55983 | Abyss:2  | Danger: Low HP Warning |T2| Reason: 27% HP (48/177)
 55984 | Abyss:2  | Danger: Low HP Warning |T2| Reason: 27% HP (49/177)
 55985 | Abyss:2  | Danger: Low HP Warning |T2| Reason: 35% HP (50/141)
 55986 | Abyss:2  | Danger: Low HP Warning |T2| Reason: 36% HP (51/141)
 55987 | Abyss:2  | Danger: Low HP Warning |T2| Reason: 36% HP (52/141)
 55988 | Abyss:2  | Danger: wretched star |T3| Reason: IMMINENT DEATH: Force
                  | Lance deals 42 damage, you have 36 HP!!
 55988 | Abyss:2  | Danger: Low HP Warning |T3| Reason: 25% HP (36/141)
 55989 | Abyss:2  | Danger: wretched star |T3| Reason: IMMINENT DEATH: Force
                  | Lance deals 42 damage, you have 38 HP!!
 55989 | Abyss:2  | Danger: Low HP Warning |T2| Reason: 26% HP (38/141)
 55990 | Abyss:2  | Danger: wretched star |T3| Reason: IMMINENT DEATH: Force
                  | Lance deals 42 damage, you have 39 HP!!
 55990 | Abyss:2  | Danger: Low HP Warning |T2| Reason: 27% HP (39/141)
 55991 | Abyss:2  | Danger: Low HP Warning |T2| Reason: 28% HP (40/141)
 55992 | Abyss:2  | Danger: Low HP Warning |T2| Reason: 29% HP (41/141)
 55993 | Abyss:2  | Danger: Low HP Warning |T2| Reason: 29% HP (42/141)
 55994 | Abyss:2  | Danger: Low HP Warning |T2| Reason: 30% HP (43/141)
 55995 | Abyss:2  | Danger: Low HP Warning |T2| Reason: 31% HP (44/141)
 55996 | Abyss:2  | Danger: Low HP Warning |T2| Reason: 32% HP (46/141)
 55997 | Abyss:2  | Danger: Low HP Warning |T2| Reason: 33% HP (47/141)
 55998 | Abyss:2  | Danger: Low HP Warning |T2| Reason: 34% HP (48/141)
 56001 | Abyss:2  | Danger: Low HP Warning |T2| Reason: 36% HP (52/141)
 56003 | Abyss:2  | Danger: Low HP Warning |T2| Reason: 38% HP (54/141)
 56004 | Abyss:2  | Danger: Low HP Warning |T2| Reason: 39% HP (56/141)
 56005 | Abyss:2  | Danger: Low HP Warning |T2| Reason: 40% HP (57/141)
 56006 | Abyss:2  | Danger: Low HP Warning |T2| Reason: 41% HP (58/141)
 56006 | Abyss:2  | Found a corrupted altar of Lugonu.
 56008 | Abyss:2  | Danger: Low HP Warning |T2| Reason: 42% HP (60/141)
 56011 | Abyss:2  | Danger: Low HP Warning |T2| Reason: 45% HP (64/141)
 56012 | Abyss:2  | Danger: Low HP Warning |T2| Reason: 46% HP (65/141)
 56013 | Abyss:2  | Danger: Low HP Warning |T2| Reason: 47% HP (67/141)
 56014 | Abyss:2  | Danger: Low HP Warning |T2| Reason: 48% HP (68/141)
 56015 | Abyss:2  | Danger: Low HP Warning |T2| Reason: 48% HP (69/141)
 56016 | Abyss:2  | Danger: Low HP Warning |T2| Reason: 49% HP (70/141)
 56018 | Abyss:2  | Danger: Low HP Warning |T2| Reason: 51% HP (73/141)
 56019 | Abyss:2  | Danger: Low HP Warning |T2| Reason: 52% HP (74/141)
 56020 | Abyss:2  | Danger: Low HP Warning |T2| Reason: 53% HP (75/141)
 56021 | Abyss:2  | Danger: Low HP Warning |T2| Reason: 39% HP (56/141)
 56022 | Abyss:2  | Danger: Low HP Warning |T2| Reason: 40% HP (57/141)
 56023 | Abyss:2  | Danger: Low HP Warning |T2| Reason: 40% HP (57/141)
 56024 | Abyss:2  | Danger: Low HP Warning |T2| Reason: 41% HP (58/141)
 56025 | Abyss:2  | Danger: Low HP Warning |T2| Reason: 31% HP (44/141)
 56026 | Abyss:2  | Danger: Low HP Warning |T2| Reason: 31% HP (45/141)
 56160 | Abyss:2  | Danger: Hell Sentinel |T3| Reason: Damnation in LOF, watch
                  | out!
 56160 | Abyss:2  | Danger: Hell Sentinel |T2| Reason: Iron Shot deals more
                  | than 50% MHP!
 56161 | Abyss:2  | Danger: Hell Sentinel |T3| Reason: Damnation in LOF, watch
                  | out!
 56251 | Abyss:2  | Found a corrupted altar of Lugonu.
 56360 | Abyss:2  | Danger: Low HP Warning |T2| Reason: 48% HP (77/159)
 56361 | Abyss:2  | Danger: Low HP Warning |T2| Reason: 43% HP (77/177)
 56362 | Abyss:2  | Danger: Low HP Warning |T2| Reason: 43% HP (77/177)
 56364 | Abyss:2  | Danger: blizzard demon |T2| Reason: Lightning Bolt and no
                  | rElec
 56364 | Abyss:2  | Danger: Low HP Warning |T2| Reason: 43% HP (77/177)
 56365 | Abyss:2  | Danger: Low HP Warning |T2| Reason: 43% HP (77/177)
 56366 | Abyss:2  | Danger: Low HP Warning |T2| Reason: 43% HP (77/177)
 56367 | Abyss:2  | Danger: ynoxinul |T3| Reason: IMMINENT DEATH: Iron Shot
                  | deals 48 damage, you have 39 HP!!
 56367 | Abyss:2  | Danger: ynoxinul |T3| Reason: IMMINENT DEATH: Iron Shot
                  | deals 48 damage, you have 39 HP!!
 56367 | Abyss:2  | Danger: Low HP Warning |T3| Reason: 22% HP (39/177)
 56368 | Abyss:2  | Danger: ynoxinul |T3| Reason: IMMINENT DEATH: Iron Shot
                  | deals 48 damage, you have 39 HP!!
 56368 | Abyss:2  | Danger: Low HP Warning |T3| Reason: 22% HP (39/177)
 56369 | Abyss:2  | Danger: ynoxinul |T3| Reason: IMMINENT DEATH: Iron Shot
                  | deals 48 damage, you have 39 HP!!
 56369 | Abyss:2  | Danger: Low HP Warning |T3| Reason: 22% HP (39/177)
 56371 | Abyss:2  | Danger: blizzard demon |T2| Reason: Lightning Bolt and no
                  | rElec
 56371 | Abyss:2  | Danger: blizzard demon |T3| Reason: IMMINENT DEATH: Bolt of
                  | Cold deals 63 damage, you have 39 HP!!
 56371 | Abyss:2  | Danger: blizzard demon |T3| Reason: IMMINENT DEATH:
                  | Lightning Bolt deals 54 damage, you have 39 HP!!
 56371 | Abyss:2  | Danger: Low HP Warning |T3| Reason: 22% HP (39/177)
 56372 | Abyss:2  | Danger: blizzard demon |T3| Reason: IMMINENT DEATH: Bolt of
                  | Cold deals 63 damage, you have 39 HP!!
 56372 | Abyss:2  | Danger: blizzard demon |T3| Reason: IMMINENT DEATH:
                  | Lightning Bolt deals 54 damage, you have 39 HP!!
 56372 | Abyss:2  | Danger: Low HP Warning |T3| Reason: 22% HP (39/177)
 56373 | Abyss:2  | Danger: blizzard demon |T3| Reason: IMMINENT DEATH: Bolt of
                  | Cold deals 63 damage, you have 39 HP!!
 56373 | Abyss:2  | Danger: blizzard demon |T3| Reason: IMMINENT DEATH:
                  | Lightning Bolt deals 54 damage, you have 39 HP!!
 56373 | Abyss:2  | Danger: Low HP Warning |T3| Reason: 22% HP (39/177)
 56374 | Abyss:2  | Danger: blizzard demon |T3| Reason: IMMINENT DEATH: Bolt of
                  | Cold deals 63 damage, you have 39 HP!!
 56374 | Abyss:2  | Danger: blizzard demon |T3| Reason: IMMINENT DEATH:
                  | Lightning Bolt deals 54 damage, you have 39 HP!!
 56374 | Abyss:2  | Danger: Low HP Warning |T3| Reason: 22% HP (39/177)
 56375 | Abyss:2  | Danger: blizzard demon |T3| Reason: IMMINENT DEATH: Bolt of
                  | Cold deals 63 damage, you have 32 HP!!
 56375 | Abyss:2  | Danger: blizzard demon |T3| Reason: IMMINENT DEATH:
                  | Lightning Bolt deals 54 damage, you have 32 HP!!
 56375 | Abyss:2  | Danger: Low HP Warning |T3| Reason: 18% HP (32/177)
 56376 | Abyss:2  | Danger: blizzard demon |T3| Reason: IMMINENT DEATH: Bolt of
                  | Cold deals 63 damage, you have 32 HP!!
 56376 | Abyss:2  | Danger: blizzard demon |T3| Reason: IMMINENT DEATH:
                  | Lightning Bolt deals 54 damage, you have 32 HP!!
 56376 | Abyss:2  | Danger: Low HP Warning |T3| Reason: 18% HP (32/177)
 56377 | Abyss:2  | Danger: Low HP Warning |T3| Reason: 18% HP (32/177)
 56378 | Abyss:2  | Danger: Low HP Warning |T3| Reason: 18% HP (32/177)
 56379 | Abyss:2  | Danger: Low HP Warning |T3| Reason: 18% HP (32/177)
 56380 | Abyss:2  | Danger: Low HP Warning |T3| Reason: 18% HP (32/177)
 56381 | Abyss:2  | Danger: Low HP Warning |T3| Reason: 18% HP (32/177)
 56383 | Abyss:2  | Danger: Low HP Warning |T3| Reason: 18% HP (32/177)
 56384 | Abyss:2  | Danger: Low HP Warning |T3| Reason: 18% HP (32/177)
 56385 | Abyss:2  | Danger: Low HP Warning |T3| Reason: 18% HP (32/177)
 56386 | Abyss:2  | Danger: Low HP Warning |T3| Reason: 18% HP (32/177)
 56387 | Abyss:2  | Danger: Low HP Warning |T3| Reason: 18% HP (32/177)
 56388 | Abyss:2  | Danger: Low HP Warning |T3| Reason: 18% HP (32/177)
 56389 | Abyss:2  | Danger: Low HP Warning |T3| Reason: 13% HP (24/177)
 56390 | Elf:3    | Escaped the Abyss
 56391 | Elf:3    | Danger: deep elf zephyrmancer |T2| Reason: Lightning Bolt
                  | and no rElec
 56391 | Elf:3    | Danger: deep elf zephyrmancer |T3| Reason: IMMINENT DEATH:
                  | Lightning Bolt deals 48 damage, you have 23 HP!!
 56391 | Elf:3    | Danger: deep elf sorcerer |T3| Reason: Banishment and low
                  | Will
 56391 | Elf:3    | Danger: deep elf sorcerer |T3| Reason: Damnation in LOF,
                  | watch out!
 56391 | Elf:3    | Danger: deep elf sorcerer |T3| Reason: IMMINENT DEATH:
                  | Corrosive Bolt deals 63 damage, you have 23 HP!!
 56391 | Elf:3    | Danger: deep elf sorcerer |T3| Reason: IMMINENT DEATH: Hurl
                  | Damnation deals 60 damage, you have 23 HP!!
 56391 | Elf:3    | Danger: Low HP Warning |T3| Reason: 12% HP (23/177)
 56392 | Elf:3    | Danger: deep elf zephyrmancer |T3| Reason: IMMINENT DEATH:
                  | Lightning Bolt deals 48 damage, you have 23 HP!!
 56392 | Elf:3    | Danger: deep elf sorcerer |T3| Reason: Banishment and low
                  | Will
 56392 | Elf:3    | Danger: deep elf sorcerer |T3| Reason: Damnation in LOF,
                  | watch out!
 56392 | Elf:3    | Danger: deep elf sorcerer |T3| Reason: IMMINENT DEATH:
                  | Corrosive Bolt deals 63 damage, you have 23 HP!!
 56392 | Elf:3    | Danger: deep elf sorcerer |T3| Reason: IMMINENT DEATH: Hurl
                  | Damnation deals 60 damage, you have 23 HP!!
 56392 | Elf:3    | Danger: Low HP Warning |T3| Reason: 12% HP (23/177)
 56393 | Elf:3    | Danger: deep elf zephyrmancer |T3| Reason: IMMINENT DEATH:
                  | Lightning Bolt deals 48 damage, you have 23 HP!!
 56393 | Elf:3    | Danger: deep elf sorcerer |T3| Reason: Banishment and low
                  | Will
 56393 | Elf:3    | Danger: deep elf sorcerer |T3| Reason: Damnation in LOF,
                  | watch out!
 56393 | Elf:3    | Danger: deep elf sorcerer |T3| Reason: IMMINENT DEATH:
                  | Corrosive Bolt deals 63 damage, you have 23 HP!!
 56393 | Elf:3    | Danger: deep elf sorcerer |T3| Reason: IMMINENT DEATH: Hurl
                  | Damnation deals 60 damage, you have 23 HP!!
 56393 | Elf:3    | Danger: Low HP Warning |T3| Reason: 12% HP (23/177)
 56394 | Elf:3    | Danger: deep elf sorcerer |T2| Reason: Damnation in LOS,
                  | careful!
 56394 | Elf:3    | Danger: deep elf sorcerer |T3| Reason: Banishment and low
                  | Will
 56394 | Elf:3    | Danger: deep elf sorcerer |T3| Reason: IMMINENT DEATH:
                  | Corrosive Bolt deals 63 damage, you have 23 HP!!
 56394 | Elf:3    | Danger: deep elf sorcerer |T3| Reason: IMMINENT DEATH: Hurl
                  | Damnation deals 60 damage, you have 23 HP!!
 56394 | Elf:3    | Danger: Low HP Warning |T3| Reason: 12% HP (23/177)
 56397 | Elf:3    | Danger: deep elf sorcerer |T3| Reason: Banishment and low
                  | Will
 56397 | Elf:3    | Danger: deep elf sorcerer |T2| Reason: Damnation in LOS,
                  | careful!
 56397 | Elf:3    | Danger: deep elf sorcerer |T3| Reason: IMMINENT DEATH:
                  | Corrosive Bolt deals 63 damage, you have 23 HP!!
 56397 | Elf:3    | Danger: deep elf sorcerer |T3| Reason: IMMINENT DEATH: Hurl
                  | Damnation deals 60 damage, you have 23 HP!!
 56397 | Elf:3    | Danger: Low HP Warning |T3| Reason: 12% HP (23/177)
 56398 | Elf:3    | Danger: deep elf sorcerer |T3| Reason: Banishment and low
                  | Will
 56398 | Elf:3    | Danger: deep elf sorcerer |T3| Reason: IMMINENT DEATH:
                  | Corrosive Bolt deals 63 damage, you have 23 HP!!
 56398 | Elf:3    | Danger: deep elf sorcerer |T3| Reason: IMMINENT DEATH: Hurl
                  | Damnation deals 60 damage, you have 23 HP!!
 56398 | Elf:3    | Danger: Low HP Warning |T3| Reason: 12% HP (23/177)
 56560 | Elf:3    | Danger: deep elf sorcerer |T3| Reason: Banishment and low
                  | Will
 56560 | Elf:3    | Danger: deep elf sorcerer |T3| Reason: Damnation in LOF,
                  | watch out!
 56561 | Elf:3    | Danger: deep elf sorcerer |T3| Reason: Banishment and low
                  | Will
 56561 | Elf:3    | Danger: deep elf sorcerer |T3| Reason: Damnation in LOF,
                  | watch out!
 56562 | Elf:3    | Danger: deep elf sorcerer |T3| Reason: Banishment and low
                  | Will
 56562 | Elf:3    | Danger: deep elf sorcerer |T3| Reason: Damnation in LOF,
                  | watch out!
 56564 | Elf:3    | Danger: deep elf sorcerer |T3| Reason: Banishment and low
                  | Will
 56564 | Elf:3    | Danger: deep elf sorcerer |T2| Reason: Damnation in LOS,
                  | careful!
 56567 | Elf:3    | Danger: deep elf sorcerer |T3| Reason: Banishment and low
                  | Will
 56567 | Elf:3    | Danger: deep elf sorcerer |T3| Reason: Damnation in LOF,
                  | watch out!
 56568 | Elf:3    | Danger: deep elf sorcerer |T3| Reason: Banishment and low
                  | Will
 56568 | Elf:3    | Danger: deep elf sorcerer |T3| Reason: Damnation in LOF,
                  | watch out!
 56569 | Elf:3    | Danger: deep elf sorcerer |T3| Reason: Banishment and low
                  | Will
 56569 | Elf:3    | Danger: deep elf sorcerer |T3| Reason: Damnation in LOF,
                  | watch out!
 56570 | Elf:3    | Danger: deep elf sorcerer |T3| Reason: Banishment and low
                  | Will
 56570 | Elf:3    | Danger: deep elf sorcerer |T3| Reason: Damnation in LOF,
                  | watch out!
 56571 | Elf:3    | Danger: deep elf sorcerer |T3| Reason: Banishment and low
                  | Will
 56571 | Elf:3    | Danger: deep elf sorcerer |T3| Reason: Damnation in LOF,
                  | watch out!
 56572 | Elf:3    | Danger: deep elf sorcerer |T3| Reason: Banishment and low
                  | Will
 56572 | Elf:3    | Danger: deep elf sorcerer |T3| Reason: Damnation in LOF,
                  | watch out!
 56573 | Elf:3    | Danger: deep elf sorcerer |T3| Reason: Banishment and low
                  | Will
 56573 | Elf:3    | Danger: deep elf sorcerer |T3| Reason: Damnation in LOF,
                  | watch out!
 56644 | Elf:3    | Danger: deep elf zephyrmancer |T2| Reason: Lightning Bolt
                  | and no rElec
 56645 | Elf:3    | Danger: deep elf archer |T2| Reason: Slow and low Will,
                  | careful
 56647 | Elf:3    | Danger: deep elf archer |T2| Reason: Slow and low Will,
                  | careful
 56648 | Elf:3    | Danger: deep elf archer |T2| Reason: Slow and low Will,
                  | careful
 56656 | Elf:3    | Danger: deep elf archer |T2| Reason: Slow and low Will,
                  | careful
 56668 | Elf:3    | Danger: deep elf archer |T2| Reason: Slow and low Will,
                  | careful
 56668 | Elf:3    | Danger: air elemental |T3| Reason: Stunning Burst
                  | (paralyse) and no rElec
 56668 | Elf:3    | Danger: deep elf archer |T2| Reason: Slow and low Will,
                  | careful
 56677 | Elf:3    | Danger: air elemental |T3| Reason: Stunning Burst
                  | (paralyse) and no rElec
 56678 | Elf:3    | Danger: deep elf zephyrmancer |T2| Reason: Lightning Bolt
                  | and no rElec
 56678 | Elf:3    | Danger: deep elf archer |T2| Reason: Slow and low Will,
                  | careful
 56678 | Elf:3    | Danger: air elemental |T3| Reason: Stunning Burst
                  | (paralyse) and no rElec
 56679 | Elf:3    | Danger: air elemental |T3| Reason: Stunning Burst
                  | (paralyse) and no rElec
 56680 | Elf:3    | Danger: deep elf archer |T2| Reason: Slow and low Will,
                  | careful
 56680 | Elf:3    | Danger: deep elf zephyrmancer |T2| Reason: Lightning Bolt
                  | and no rElec
 56680 | Elf:3    | Danger: air elemental |T3| Reason: Stunning Burst
                  | (paralyse) and no rElec
 56681 | Elf:3    | Danger: air elemental |T3| Reason: Stunning Burst
                  | (paralyse) and no rElec
 56681 | Elf:3    | Paralysed by an air elemental for 1 turns
 56683 | Elf:3    | Danger: deep elf zephyrmancer |T2| Reason: Lightning Bolt
                  | and no rElec
 56683 | Elf:3    | Danger: air elemental |T3| Reason: Stunning Burst
                  | (paralyse) and no rElec
 56684 | Elf:3    | Danger: air elemental |T3| Reason: Stunning Burst
                  | (paralyse) and no rElec
 56685 | Elf:3    | Danger: deep elf zephyrmancer |T2| Reason: Lightning Bolt
                  | and no rElec
 56685 | Elf:3    | Danger: air elemental |T3| Reason: Stunning Burst
                  | (paralyse) and no rElec
 56686 | Elf:3    | Danger: air elemental |T3| Reason: Stunning Burst
                  | (paralyse) and no rElec
 56687 | Elf:3    | Danger: air elemental |T3| Reason: Stunning Burst
                  | (paralyse) and no rElec
 56688 | Elf:3    | Danger: air elemental |T3| Reason: Stunning Burst
                  | (paralyse) and no rElec
 56691 | Elf:3    | Danger: deep elf zephyrmancer |T2| Reason: Lightning Bolt
                  | and no rElec
 56700 | Elf:3    | Danger: deep elf archer |T2| Reason: Slow and low Will,
                  | careful
 56702 | Elf:3    | Danger: deep elf zephyrmancer |T2| Reason: Lightning Bolt
                  | and no rElec
 56705 | Elf:3    | Danger: deep elf zephyrmancer |T2| Reason: Lightning Bolt
                  | and no rElec
 56710 | Elf:3    | Danger: Low HP Warning |T2| Reason: 49% HP (84/171)
 56711 | Elf:3    | Danger: Low HP Warning |T2| Reason: 49% HP (85/172)
 56712 | Elf:3    | Danger: Low HP Warning |T2| Reason: 50% HP (86/172)
 56713 | Elf:3    | Danger: Low HP Warning |T2| Reason: 50% HP (87/172)
 56714 | Elf:3    | Danger: Low HP Warning |T2| Reason: 51% HP (89/172)
 56715 | Elf:3    | Danger: Low HP Warning |T2| Reason: 41% HP (72/172)
 56716 | Elf:3    | Danger: Low HP Warning |T2| Reason: 42% HP (73/172)
 56895 | Elf:3    | Danger: deep elf zephyrmancer |T2| Reason: Lightning Bolt
                  | and no rElec
 56896 | Elf:3    | Danger: deep elf zephyrmancer |T2| Reason: Lightning Bolt
                  | and no rElec
 56903 | Elf:3    | Danger: deep elf zephyrmancer |T2| Reason: Lightning Bolt
                  | and no rElec
 56903 | Elf:3    | Danger: deep elf demonologist |T3| Reason: Banishment and
                  | low Will
 56907 | Elf:3    | Danger: deep elf zephyrmancer |T2| Reason: Lightning Bolt
                  | and no rElec
 56908 | Elf:3    | Danger: deep elf demonologist |T3| Reason: Banishment and
                  | low Will
 56909 | Elf:3    | Danger: deep elf demonologist |T3| Reason: Banishment and
                  | low Will
 56910 | Elf:3    | Danger: deep elf demonologist |T3| Reason: Banishment and
                  | low Will
 56911 | Elf:3    | Danger: deep elf demonologist |T3| Reason: Banishment and
                  | low Will
 56922 | Elf:3    | Danger: Low HP Warning |T2| Reason: 53% HP (93/174)
 56923 | Elf:3    | Danger: Low HP Warning |T2| Reason: 29% HP (52/174)
 56924 | Elf:3    | Danger: Low HP Warning |T2| Reason: 30% HP (53/174)
 56925 | Elf:3    | Danger: Low HP Warning |T2| Reason: 31% HP (54/174)
 56926 | Elf:3    | Danger: Low HP Warning |T3| Reason: 10% HP (18/174)
 56927 | Elf:3    | Danger: Low HP Warning |T3| Reason: 10% HP (19/174)
 56928 | Elf:3    | Danger: Low HP Warning |T3| Reason: 11% HP (20/174)
 56933 | Elf:3    | Danger: Low HP Warning |T3| Reason: 15% HP (27/174)
 56934 | Elf:3    | Danger: Low HP Warning |T3| Reason: 16% HP (28/174)
 56935 | Elf:3    | Danger: Low HP Warning |T3| Reason: 16% HP (29/174)
 56936 | Elf:3    | Danger: Low HP Warning |T3| Reason: 17% HP (31/174)
 56937 | Elf:3    | Danger: Low HP Warning |T3| Reason: 18% HP (32/174)
 56938 | Elf:3    | Danger: Low HP Warning |T3| Reason: 18% HP (33/174)
 56943 | Elf:3    | Danger: Low HP Warning |T3| Reason: 22% HP (40/174)
 56944 | Elf:3    | Danger: Low HP Warning |T3| Reason: 23% HP (41/174)
 56945 | Elf:3    | Danger: Low HP Warning |T3| Reason: 24% HP (42/174)
 56946 | Elf:3    | Danger: Low HP Warning |T3| Reason: 24% HP (43/174)
 56947 | Elf:3    | Danger: Low HP Warning |T3| Reason: 25% HP (45/174)
 56948 | Elf:3    | Danger: Low HP Warning |T2| Reason: 26% HP (46/174)
 56949 | Elf:3    | Danger: Low HP Warning |T2| Reason: 27% HP (47/174)
 56961 | Elf:3    | Danger: deep elf annihilator |T2| Reason: Lightning Bolt
                  | and no rElec
 56961 | Elf:3    | Danger: deep elf annihilator |T3| Reason: IMMINENT DEATH:
                  | Poison Arrow deals 66 damage, you have 63 HP!!
 56961 | Elf:3    | Danger: deep elf annihilator |T3| Reason: IMMINENT DEATH:
                  | Iron Shot deals 84 damage, you have 63 HP!!
 56961 | Elf:3    | Danger: deep elf annihilator |T2| Reason: Lehudib's Crystal
                  | Spear deals more than 50% MHP!
 56961 | Elf:3    | Danger: deep elf annihilator |T3| Reason: IMMINENT DEATH:
                  | Lehudib's Crystal Spear deals 102 damage, you have 63 HP!!
 56961 | Elf:3    | Danger: Low HP Warning |T2| Reason: 36% HP (63/174)
 56962 | Elf:3    | Danger: deep elf annihilator |T3| Reason: IMMINENT DEATH:
                  | Poison Arrow deals 66 damage, you have 64 HP!!
 56962 | Elf:3    | Danger: deep elf annihilator |T3| Reason: IMMINENT DEATH:
                  | Iron Shot deals 84 damage, you have 64 HP!!
 56962 | Elf:3    | Danger: deep elf annihilator |T3| Reason: IMMINENT DEATH:
                  | Lehudib's Crystal Spear deals 102 damage, you have 64 HP!!
 56962 | Elf:3    | Danger: Low HP Warning |T2| Reason: 36% HP (64/174)
 56969 | Elf:3    | Danger: deep elf annihilator |T2| Reason: Lightning Bolt
                  | and no rElec
 56969 | Elf:3    | Danger: deep elf annihilator |T3| Reason: IMMINENT DEATH:
                  | Iron Shot deals 84 damage, you have 73 HP!!
 56969 | Elf:3    | Danger: deep elf annihilator |T2| Reason: Lehudib's Crystal
                  | Spear deals more than 50% MHP!
 56969 | Elf:3    | Danger: deep elf annihilator |T3| Reason: IMMINENT DEATH:
                  | Lehudib's Crystal Spear deals 102 damage, you have 73 HP!!
 56969 | Elf:3    | Danger: Low HP Warning |T2| Reason: 41% HP (73/174)
 56970 | Elf:3    | Danger: deep elf annihilator |T3| Reason: IMMINENT DEATH:
                  | Iron Shot deals 84 damage, you have 74 HP!!
 56970 | Elf:3    | Danger: deep elf annihilator |T3| Reason: IMMINENT DEATH:
                  | Lehudib's Crystal Spear deals 102 damage, you have 74 HP!!
 56970 | Elf:3    | Danger: Low HP Warning |T2| Reason: 42% HP (74/174)
 56971 | Elf:3    | Danger: deep elf annihilator |T3| Reason: IMMINENT DEATH:
                  | Iron Shot deals 84 damage, you have 76 HP!!
 56971 | Elf:3    | Danger: deep elf annihilator |T3| Reason: IMMINENT DEATH:
                  | Lehudib's Crystal Spear deals 102 damage, you have 76 HP!!
 56971 | Elf:3    | Danger: Low HP Warning |T2| Reason: 43% HP (76/174)
 56972 | Elf:3    | Danger: Low HP Warning |T2| Reason: 44% HP (77/174)
 56973 | Elf:3    | Danger: deep elf annihilator |T2| Reason: Lightning Bolt
                  | and no rElec
 56973 | Elf:3    | Danger: deep elf annihilator |T3| Reason: IMMINENT DEATH:
                  | Iron Shot deals 84 damage, you have 78 HP!!
 56973 | Elf:3    | Danger: deep elf annihilator |T2| Reason: Lehudib's Crystal
                  | Spear deals more than 50% MHP!
 56973 | Elf:3    | Danger: deep elf annihilator |T3| Reason: IMMINENT DEATH:
                  | Lehudib's Crystal Spear deals 102 damage, you have 78 HP!!
 56973 | Elf:3    | Danger: Low HP Warning |T2| Reason: 44% HP (78/174)
 56974 | Elf:3    | Danger: deep elf annihilator |T3| Reason: IMMINENT DEATH:
                  | Iron Shot deals 84 damage, you have 80 HP!!
 56974 | Elf:3    | Danger: deep elf annihilator |T3| Reason: IMMINENT DEATH:
                  | Lehudib's Crystal Spear deals 102 damage, you have 80 HP!!
 56974 | Elf:3    | Danger: Low HP Warning |T2| Reason: 45% HP (80/174)
 56975 | Elf:3    | Danger: deep elf annihilator |T3| Reason: IMMINENT DEATH:
                  | Iron Shot deals 84 damage, you have 81 HP!!
 56975 | Elf:3    | Danger: deep elf annihilator |T3| Reason: IMMINENT DEATH:
                  | Lehudib's Crystal Spear deals 102 damage, you have 81 HP!!
 56975 | Elf:3    | Danger: Low HP Warning |T2| Reason: 46% HP (81/174)
 56976 | Elf:3    | Danger: deep elf annihilator |T3| Reason: IMMINENT DEATH:
                  | Iron Shot deals 84 damage, you have 79 HP!!
 56976 | Elf:3    | Danger: deep elf annihilator |T3| Reason: IMMINENT DEATH:
                  | Lehudib's Crystal Spear deals 102 damage, you have 79 HP!!
 56976 | Elf:3    | Danger: Low HP Warning |T2| Reason: 45% HP (79/174)
 56977 | Elf:3    | Danger: deep elf annihilator |T3| Reason: IMMINENT DEATH:
                  | Iron Shot deals 84 damage, you have 80 HP!!
 56977 | Elf:3    | Danger: deep elf annihilator |T3| Reason: IMMINENT DEATH:
                  | Lehudib's Crystal Spear deals 102 damage, you have 80 HP!!
 56977 | Elf:3    | Danger: Low HP Warning |T2| Reason: 45% HP (80/174)
 56978 | Elf:3    | Danger: deep elf annihilator |T3| Reason: IMMINENT DEATH:
                  | Iron Shot deals 84 damage, you have 81 HP!!
 56978 | Elf:3    | Danger: deep elf annihilator |T3| Reason: IMMINENT DEATH:
                  | Lehudib's Crystal Spear deals 102 damage, you have 81 HP!!
 56978 | Elf:3    | Danger: Low HP Warning |T2| Reason: 46% HP (81/174)
 56979 | Elf:3    | Danger: deep elf annihilator |T3| Reason: IMMINENT DEATH:
                  | Iron Shot deals 84 damage, you have 82 HP!!
 56979 | Elf:3    | Danger: deep elf annihilator |T3| Reason: IMMINENT DEATH:
                  | Lehudib's Crystal Spear deals 102 damage, you have 82 HP!!
 56979 | Elf:3    | Danger: Low HP Warning |T2| Reason: 47% HP (82/174)
 56980 | Elf:3    | Danger: deep elf annihilator |T3| Reason: IMMINENT DEATH:
                  | Iron Shot deals 84 damage, you have 83 HP!!
 56980 | Elf:3    | Danger: deep elf annihilator |T3| Reason: IMMINENT DEATH:
                  | Lehudib's Crystal Spear deals 102 damage, you have 83 HP!!
 56980 | Elf:3    | Danger: Low HP Warning |T2| Reason: 47% HP (83/174)
 56981 | Elf:3    | Danger: deep elf annihilator |T3| Reason: IMMINENT DEATH:
                  | Iron Shot deals 84 damage, you have 83 HP!!
 56981 | Elf:3    | Danger: deep elf annihilator |T3| Reason: IMMINENT DEATH:
                  | Lehudib's Crystal Spear deals 102 damage, you have 83 HP!!
 56981 | Elf:3    | Danger: Low HP Warning |T2| Reason: 47% HP (83/174)
 56982 | Elf:3    | Danger: deep elf annihilator |T3| Reason: IMMINENT DEATH:
                  | Poison Arrow deals 66 damage, you have 63 HP!!
 56982 | Elf:3    | Danger: deep elf annihilator |T3| Reason: IMMINENT DEATH:
                  | Iron Shot deals 84 damage, you have 63 HP!!
 56982 | Elf:3    | Danger: deep elf annihilator |T3| Reason: IMMINENT DEATH:
                  | Lehudib's Crystal Spear deals 102 damage, you have 63 HP!!
 56982 | Elf:3    | Danger: Low HP Warning |T2| Reason: 36% HP (63/174)
 56983 | Elf:3    | Danger: deep elf annihilator |T3| Reason: IMMINENT DEATH:
                  | Poison Arrow deals 66 damage, you have 63 HP!!
 56983 | Elf:3    | Danger: deep elf annihilator |T3| Reason: IMMINENT DEATH:
                  | Iron Shot deals 84 damage, you have 63 HP!!
 56983 | Elf:3    | Danger: deep elf annihilator |T3| Reason: IMMINENT DEATH:
                  | Lehudib's Crystal Spear deals 102 damage, you have 63 HP!!
 56983 | Elf:3    | Danger: Low HP Warning |T2| Reason: 36% HP (63/174)
 56984 | Elf:3    | Danger: deep elf annihilator |T3| Reason: IMMINENT DEATH:
                  | Lightning Bolt deals 60 damage, you have 40 HP!!
 56984 | Elf:3    | Danger: deep elf annihilator |T3| Reason: IMMINENT DEATH:
                  | Poison Arrow deals 66 damage, you have 40 HP!!
 56984 | Elf:3    | Danger: deep elf annihilator |T3| Reason: IMMINENT DEATH:
                  | Iron Shot deals 84 damage, you have 40 HP!!
 56984 | Elf:3    | Danger: deep elf annihilator |T3| Reason: IMMINENT DEATH:
                  | Lehudib's Crystal Spear deals 102 damage, you have 40 HP!!
 56984 | Elf:3    | Danger: Low HP Warning |T3| Reason: 22% HP (40/174)
 56985 | Elf:3    | Danger: deep elf annihilator |T3| Reason: IMMINENT DEATH:
                  | Lightning Bolt deals 60 damage, you have 48 HP!!
 56985 | Elf:3    | Danger: deep elf annihilator |T3| Reason: IMMINENT DEATH:
                  | Poison Arrow deals 66 damage, you have 48 HP!!
 56985 | Elf:3    | Danger: deep elf annihilator |T3| Reason: IMMINENT DEATH:
                  | Iron Shot deals 84 damage, you have 48 HP!!
 56985 | Elf:3    | Danger: deep elf annihilator |T3| Reason: IMMINENT DEATH:
                  | Lehudib's Crystal Spear deals 102 damage, you have 48 HP!!
 56985 | Elf:3    | Danger: Low HP Warning |T3| Reason: 18% HP (48/261)
 56986 | Elf:3    | Danger: deep elf annihilator |T3| Reason: IMMINENT DEATH:
                  | Lightning Bolt deals 60 damage, you have 49 HP!!
 56986 | Elf:3    | Danger: deep elf annihilator |T3| Reason: IMMINENT DEATH:
                  | Poison Arrow deals 66 damage, you have 49 HP!!
 56986 | Elf:3    | Danger: deep elf annihilator |T3| Reason: IMMINENT DEATH:
                  | Iron Shot deals 84 damage, you have 49 HP!!
 56986 | Elf:3    | Danger: deep elf annihilator |T3| Reason: IMMINENT DEATH:
                  | Lehudib's Crystal Spear deals 102 damage, you have 49 HP!!
 56986 | Elf:3    | Danger: Low HP Warning |T3| Reason: 18% HP (49/261)
 56987 | Elf:3    | Danger: deep elf annihilator |T3| Reason: IMMINENT DEATH:
                  | Lightning Bolt deals 60 damage, you have 49 HP!!
 56987 | Elf:3    | Danger: deep elf annihilator |T3| Reason: IMMINENT DEATH:
                  | Poison Arrow deals 66 damage, you have 49 HP!!
 56987 | Elf:3    | Danger: deep elf annihilator |T3| Reason: IMMINENT DEATH:
                  | Iron Shot deals 84 damage, you have 49 HP!!
 56987 | Elf:3    | Danger: deep elf annihilator |T3| Reason: IMMINENT DEATH:
                  | Lehudib's Crystal Spear deals 102 damage, you have 49 HP!!
 56987 | Elf:3    | Danger: Low HP Warning |T3| Reason: 18% HP (49/261)
 56988 | Elf:3    | Danger: deep elf annihilator |T3| Reason: IMMINENT DEATH:
                  | Lightning Bolt deals 60 damage, you have 50 HP!!
 56988 | Elf:3    | Danger: deep elf annihilator |T3| Reason: IMMINENT DEATH:
                  | Poison Arrow deals 66 damage, you have 50 HP!!
 56988 | Elf:3    | Danger: deep elf annihilator |T3| Reason: IMMINENT DEATH:
                  | Iron Shot deals 84 damage, you have 50 HP!!
 56988 | Elf:3    | Danger: deep elf annihilator |T3| Reason: IMMINENT DEATH:
                  | Lehudib's Crystal Spear deals 102 damage, you have 50 HP!!
 56988 | Elf:3    | Danger: Low HP Warning |T3| Reason: 19% HP (50/261)
 56989 | Elf:3    | Danger: deep elf annihilator |T3| Reason: IMMINENT DEATH:
                  | Lightning Bolt deals 60 damage, you have 45 HP!!
 56989 | Elf:3    | Danger: deep elf annihilator |T3| Reason: IMMINENT DEATH:
                  | Poison Arrow deals 66 damage, you have 45 HP!!
 56989 | Elf:3    | Danger: deep elf annihilator |T3| Reason: IMMINENT DEATH:
                  | Iron Shot deals 84 damage, you have 45 HP!!
 56989 | Elf:3    | Danger: deep elf annihilator |T3| Reason: IMMINENT DEATH:
                  | Lehudib's Crystal Spear deals 102 damage, you have 45 HP!!
 56989 | Elf:3    | Danger: Low HP Warning |T3| Reason: 17% HP (45/264)
 56997 | Elf:3    | Danger: Low HP Warning |T3| Reason: 22% HP (39/177)
 56998 | Elf:3    | Danger: Low HP Warning |T3| Reason: 23% HP (41/177)
 57000 | Elf:3    | Danger: Low HP Warning |T3| Reason: 25% HP (45/177)
 57007 | Elf:3    | Danger: deep elf sorcerer |T3| Reason: Banishment and low
                  | Will
 57007 | Elf:3    | Danger: deep elf sorcerer |T3| Reason: Damnation in LOF,
                  | watch out!
 57007 | Elf:3    | Danger: deep elf sorcerer |T3| Reason: IMMINENT DEATH:
                  | Corrosive Bolt deals 63 damage, you have 58 HP!!
 57007 | Elf:3    | Danger: deep elf sorcerer |T3| Reason: IMMINENT DEATH: Hurl
                  | Damnation deals 60 damage, you have 58 HP!!
 57007 | Elf:3    | Danger: Low HP Warning |T2| Reason: 32% HP (58/177)
 57043 | Elf:3    | Danger: deep elf sorcerer |T3| Reason: Banishment and low
                  | Will
 57043 | Elf:3    | Danger: deep elf sorcerer |T3| Reason: Damnation in LOF,
                  | watch out!
 57045 | Elf:3    | Danger: deep elf sorcerer |T3| Reason: Banishment and low
                  | Will
 57045 | Elf:3    | Danger: deep elf sorcerer |T3| Reason: Damnation in LOF,
                  | watch out!
 57046 | Elf:3    | Danger: deep elf sorcerer |T3| Reason: Banishment and low
                  | Will
 57046 | Elf:3    | Danger: deep elf sorcerer |T3| Reason: Damnation in LOF,
                  | watch out!
 57048 | Elf:3    | Danger: deep elf sorcerer |T3| Reason: Banishment and low
                  | Will
 57048 | Elf:3    | Danger: deep elf sorcerer |T3| Reason: Damnation in LOF,
                  | watch out!
 57049 | Elf:3    | Danger: deep elf sorcerer |T3| Reason: Banishment and low
                  | Will
 57049 | Elf:3    | Danger: deep elf sorcerer |T3| Reason: Damnation in LOF,
                  | watch out!
 57050 | Elf:3    | Danger: deep elf sorcerer |T3| Reason: Banishment and low
                  | Will
 57050 | Elf:3    | Danger: deep elf sorcerer |T3| Reason: Damnation in LOF,
                  | watch out!
 57051 | Elf:3    | Danger: deep elf sorcerer |T3| Reason: Banishment and low
                  | Will
 57051 | Elf:3    | Danger: deep elf sorcerer |T3| Reason: Damnation in LOF,
                  | watch out!
 57052 | Elf:3    | Danger: deep elf sorcerer |T3| Reason: Banishment and low
                  | Will
 57052 | Elf:3    | Danger: deep elf sorcerer |T3| Reason: Damnation in LOF,
                  | watch out!
 57053 | Elf:3    | Danger: deep elf sorcerer |T3| Reason: Banishment and low
                  | Will
 57053 | Elf:3    | Danger: deep elf sorcerer |T3| Reason: Damnation in LOF,
                  | watch out!
 57054 | Elf:3    | Danger: deep elf sorcerer |T3| Reason: Banishment and low
                  | Will
 57054 | Elf:3    | Danger: deep elf sorcerer |T3| Reason: Damnation in LOF,
                  | watch out!
 57055 | Elf:3    | Danger: deep elf sorcerer |T3| Reason: Banishment and low
                  | Will
 57055 | Elf:3    | Danger: deep elf sorcerer |T3| Reason: Damnation in LOF,
                  | watch out!
 57056 | Elf:3    | Danger: deep elf sorcerer |T3| Reason: Banishment and low
                  | Will
 57056 | Elf:3    | Danger: deep elf sorcerer |T3| Reason: Damnation in LOF,
                  | watch out!
 57057 | Elf:3    | Danger: deep elf sorcerer |T3| Reason: Banishment and low
                  | Will
 57057 | Elf:3    | Danger: deep elf sorcerer |T3| Reason: Damnation in LOF,
                  | watch out!
 57057 | Abyss:3  | Cast into level 3 of the Abyss (a deep elf sorcerer)
 57126 | Abyss:3  | Danger: great orb of eyes |T3| Reason: Paralyse and low
                  | Will
 57127 | Abyss:3  | Danger: great orb of eyes |T3| Reason: Paralyse and low
                  | Will
 57128 | Abyss:3  | Danger: great orb of eyes |T3| Reason: Paralyse and low
                  | Will
 57129 | Abyss:3  | Danger: great orb of eyes |T3| Reason: Paralyse and low
                  | Will
 57130 | Abyss:3  | Danger: great orb of eyes |T3| Reason: Paralyse and low
                  | Will
 57131 | Abyss:3  | Danger: great orb of eyes |T3| Reason: Paralyse and low
                  | Will
 57132 | Abyss:3  | Danger: great orb of eyes |T3| Reason: Paralyse and low
                  | Will
 57133 | Abyss:3  | Danger: great orb of eyes |T3| Reason: Paralyse and low
                  | Will
 57134 | Abyss:3  | Danger: great orb of eyes |T3| Reason: Paralyse and low
                  | Will
 57135 | Abyss:3  | Danger: great orb of eyes |T3| Reason: Paralyse and low
                  | Will
 57136 | Abyss:3  | Danger: great orb of eyes |T3| Reason: Paralyse and low
                  | Will
 57137 | Abyss:3  | Danger: great orb of eyes |T3| Reason: Paralyse and low
                  | Will
 57138 | Abyss:3  | Danger: great orb of eyes |T3| Reason: Paralyse and low
                  | Will
 57139 | Abyss:3  | Danger: great orb of eyes |T3| Reason: Paralyse and low
                  | Will
 57402 | Abyss:3  | Danger: Low HP Warning |T2| Reason: 59% HP (94/159)
 57404 | Abyss:3  | Danger: Low HP Warning |T2| Reason: 60% HP (96/160)
 57414 | Abyss:3  | Danger: Low HP Warning |T2| Reason: 55% HP (89/160)
 57415 | Abyss:3  | Danger: Low HP Warning |T2| Reason: 55% HP (89/160)
 57416 | Abyss:3  | Danger: Low HP Warning |T2| Reason: 52% HP (84/160)
 57417 | Abyss:3  | Danger: Low HP Warning |T2| Reason: 50% HP (81/160)
 57418 | Abyss:3  | Danger: Low HP Warning |T2| Reason: 51% HP (82/160)
 57419 | Abyss:3  | Danger: Low HP Warning |T2| Reason: 46% HP (83/178)
 57420 | Abyss:3  | Danger: Low HP Warning |T2| Reason: 44% HP (80/178)
 57421 | Abyss:3  | Danger: Low HP Warning |T2| Reason: 45% HP (81/178)
 57422 | Abyss:3  | Danger: Low HP Warning |T2| Reason: 46% HP (82/178)
 57423 | Abyss:3  | Danger: Low HP Warning |T2| Reason: 43% HP (77/178)
 57424 | Abyss:3  | Danger: Low HP Warning |T2| Reason: 39% HP (70/178)
 57425 | Abyss:3  | Danger: Low HP Warning |T2| Reason: 39% HP (71/179)
 57426 | Abyss:3  | Danger: Low HP Warning |T2| Reason: 40% HP (72/179)
 57427 | Abyss:3  | Danger: Low HP Warning |T2| Reason: 40% HP (73/179)
 57428 | Abyss:3  | Danger: Low HP Warning |T2| Reason: 41% HP (74/179)
 57434 | Abyss:3  | Danger: Low HP Warning |T2| Reason: 45% HP (82/179)
 57435 | Abyss:3  | Danger: Low HP Warning |T2| Reason: 46% HP (83/179)
 57436 | Abyss:3  | Danger: Low HP Warning |T2| Reason: 46% HP (84/179)
 57437 | Abyss:3  | Danger: Low HP Warning |T2| Reason: 47% HP (85/179)
 57438 | Abyss:3  | Danger: Low HP Warning |T2| Reason: 48% HP (87/179)
 57439 | Abyss:3  | Danger: Low HP Warning |T2| Reason: 49% HP (88/179)
 57446 | Abyss:3  | Danger: Low HP Warning |T2| Reason: 54% HP (97/179)
 57447 | Abyss:3  | Danger: Low HP Warning |T2| Reason: 54% HP (98/179)
 57448 | Abyss:3  | Danger: Low HP Warning |T2| Reason: 55% HP (99/179)
 57456 | Abyss:3  | Danger: Low HP Warning |T2| Reason: 60% HP (109/179)
 57468 | Abyss:3  | Danger: Low HP Warning |T2| Reason: 59% HP (107/179)
 57469 | Abyss:3  | Danger: Low HP Warning |T2| Reason: 60% HP (108/179)
 57470 | Abyss:3  | Danger: Low HP Warning |T2| Reason: 60% HP (109/179)
 57483 | Abyss:3  | Got an abyssal rune of Zot
 57488 | Elf:3    | Escaped the Abyss
 57492 | Elf:3    | Danger: deep elf sorcerer |T3| Reason: Banishment and low
                  | Will
 57492 | Elf:3    | Danger: deep elf sorcerer |T3| Reason: Damnation in LOF,
                  | watch out!
 57493 | Elf:3    | Danger: deep elf sorcerer |T3| Reason: Banishment and low
                  | Will
 57493 | Elf:3    | Danger: deep elf sorcerer |T3| Reason: Damnation in LOF,
                  | watch out!
 57494 | Elf:3    | Danger: deep elf sorcerer |T3| Reason: Banishment and low
                  | Will
 57494 | Elf:3    | Danger: deep elf sorcerer |T3| Reason: Damnation in LOF,
                  | watch out!
 57495 | Elf:3    | Danger: deep elf sorcerer |T3| Reason: Banishment and low
                  | Will
 57495 | Elf:3    | Danger: deep elf sorcerer |T3| Reason: Damnation in LOF,
                  | watch out!
 57496 | Elf:3    | Danger: deep elf sorcerer |T3| Reason: Banishment and low
                  | Will
 57496 | Elf:3    | Danger: deep elf sorcerer |T3| Reason: Damnation in LOF,
                  | watch out!
 57497 | Elf:3    | Danger: deep elf sorcerer |T3| Reason: Banishment and low
                  | Will
 57497 | Elf:3    | Danger: deep elf sorcerer |T3| Reason: Damnation in LOF,
                  | watch out!
 57498 | Elf:3    | Danger: deep elf sorcerer |T3| Reason: Banishment and low
                  | Will
 57498 | Elf:3    | Danger: deep elf sorcerer |T3| Reason: Damnation in LOF,
                  | watch out!
 57499 | Elf:3    | Danger: deep elf sorcerer |T3| Reason: Banishment and low
                  | Will
 57499 | Elf:3    | Danger: deep elf sorcerer |T3| Reason: Damnation in LOF,
                  | watch out!
 57500 | Elf:3    | Danger: deep elf sorcerer |T3| Reason: Banishment and low
                  | Will
 57500 | Elf:3    | Danger: deep elf sorcerer |T3| Reason: Damnation in LOF,
                  | watch out!
 57501 | Elf:3    | Danger: deep elf sorcerer |T3| Reason: Banishment and low
                  | Will
 57501 | Elf:3    | Danger: deep elf sorcerer |T3| Reason: Damnation in LOF,
                  | watch out!
 57502 | Elf:3    | Danger: deep elf sorcerer |T3| Reason: Banishment and low
                  | Will
 57502 | Elf:3    | Danger: deep elf sorcerer |T3| Reason: Damnation in LOF,
                  | watch out!
 57503 | Elf:3    | Danger: deep elf sorcerer |T3| Reason: Banishment and low
                  | Will
 57503 | Elf:3    | Danger: deep elf sorcerer |T3| Reason: Damnation in LOF,
                  | watch out!
 57504 | Elf:3    | Reached skill level 18 in Fighting
 57564 | Elf:3    | Danger: deep elf sorcerer |T3| Reason: Banishment and low
                  | Will
 57564 | Elf:3    | Danger: deep elf sorcerer |T2| Reason: Damnation in LOS,
                  | careful!
 57565 | Elf:3    | Danger: deep elf sorcerer |T3| Reason: Banishment and low
                  | Will
 57566 | Elf:3    | Danger: deep elf sorcerer |T3| Reason: Banishment and low
                  | Will
 57573 | Elf:3    | Danger: deep elf sorcerer |T3| Reason: Banishment and low
                  | Will
 57573 | Elf:3    | Danger: deep elf sorcerer |T2| Reason: Damnation in LOS,
                  | careful!
 57574 | Elf:3    | Danger: deep elf sorcerer |T3| Reason: Banishment and low
                  | Will
 57830 | Vaults:1 | Danger: orc knight |T2| Reason: OOD monster, careful!
 57884 | Vaults:1 | Danger: great orb of eyes |T3| Reason: Paralyse and low
                  | Will
 57885 | Vaults:1 | Danger: great orb of eyes |T3| Reason: Paralyse and low
                  | Will
 57886 | Vaults:1 | Danger: great orb of eyes |T3| Reason: Paralyse and low
                  | Will
 57887 | Vaults:1 | Danger: great orb of eyes |T3| Reason: Paralyse and low
                  | Will
 57888 | Vaults:1 | Danger: great orb of eyes |T3| Reason: Paralyse and low
                  | Will
 57889 | Vaults:1 | Danger: great orb of eyes |T3| Reason: Paralyse and low
                  | Will
 57899 | Vaults:1 | Reached XP level 20. HP: 169/186 MP: 21/21
 58170 | Vaults:1 | Danger: redback |T2| Reason: OOD monster, careful!
 58171 | Vaults:1 | Danger: redback |T2| Reason: OOD monster, careful!
 58218 | Vaults:1 | Found Kunenuu's Armour Emporium.
 58325 | Vaults:1 | Danger: Low HP Warning |T2| Reason: 58% HP (110/189)
 58327 | Vaults:1 | Danger: Low HP Warning |T2| Reason: 59% HP (112/189)
 58328 | Vaults:1 | Danger: Low HP Warning |T2| Reason: 59% HP (113/189)
 58330 | Vaults:1 | Danger: Low HP Warning |T2| Reason: 60% HP (115/189)
 58337 | Vaults:1 | Danger: Low HP Warning |T2| Reason: 53% HP (102/189)
 58338 | Vaults:1 | Danger: Low HP Warning |T2| Reason: 54% HP (103/189)
 58339 | Vaults:1 | Danger: Low HP Warning |T2| Reason: 55% HP (104/189)
 58340 | Vaults:1 | Danger: Low HP Warning |T2| Reason: 53% HP (101/189)
 58341 | Vaults:1 | Danger: Low HP Warning |T2| Reason: 53% HP (102/189)
 58342 | Vaults:1 | Danger: Low HP Warning |T2| Reason: 54% HP (103/189)
 58343 | Vaults:1 | Danger: Low HP Warning |T2| Reason: 55% HP (104/189)
 58528 | Vaults:1 | Danger: orc knight |T2| Reason: OOD monster, careful!
 58529 | Vaults:1 | Danger: orc knight |T2| Reason: OOD monster, careful!
 58530 | Vaults:1 | Danger: frost giant |T2| Reason: OOD monster, careful!
 58530 | Vaults:1 | Danger: orc knight |T2| Reason: Electrocution weapon and no
                  | rElec!
 58530 | Vaults:1 | Danger: orc knight |T2| Reason: OOD monster, careful!
 58536 | Vaults:1 | Danger: orc knight |T2| Reason: Electrocution weapon and no
                  | rElec!
 58541 | Vaults:1 | Danger: orc knight |T2| Reason: Electrocution weapon and no
                  | rElec!
 58541 | Vaults:1 | Danger: orc knight |T2| Reason: OOD monster, careful!
 58544 | Vaults:1 | Danger: orc knight |T2| Reason: OOD monster, careful!
 58552 | Vaults:1 | Danger: orc knight |T2| Reason: OOD monster, careful!
 58556 | Vaults:1 | Danger: orc knight |T2| Reason: OOD monster, careful!
 58559 | Vaults:1 | Danger: orc knight |T2| Reason: OOD monster, careful!
 58562 | Vaults:1 | Danger: orc knight |T2| Reason: OOD monster, careful!
 58565 | Vaults:1 | Danger: Low HP Warning |T2| Reason: 57% HP (108/189)
 58566 | Vaults:1 | Danger: Low HP Warning |T2| Reason: 57% HP (109/189)
 58567 | Vaults:1 | Danger: Low HP Warning |T2| Reason: 58% HP (110/189)
 58568 | Vaults:1 | Danger: orc knight |T2| Reason: OOD monster, careful!
 58568 | Vaults:1 | Danger: Low HP Warning |T2| Reason: 58% HP (110/189)
 58569 | Vaults:1 | Danger: Low HP Warning |T2| Reason: 58% HP (111/189)
 58570 | Vaults:1 | Danger: Low HP Warning |T2| Reason: 59% HP (112/189)
 58571 | Vaults:1 | Danger: Low HP Warning |T2| Reason: 59% HP (113/189)
 58572 | Vaults:1 | Danger: orc knight |T2| Reason: OOD monster, careful!
 58572 | Vaults:1 | Danger: Low HP Warning |T2| Reason: 60% HP (115/189)
 58582 | Vaults:1 | Danger: orc knight |T2| Reason: OOD monster, careful!
 58584 | Vaults:1 | Reached skill level 19 in Fighting
 58585 | Vaults:1 | Danger: orc knight |T2| Reason: Electrocution weapon and no
                  | rElec!
 58585 | Vaults:1 | Danger: orc knight |T2| Reason: OOD monster, careful!
 58592 | Vaults:1 | Danger: Low HP Warning |T2| Reason: 58% HP (112/191)
 58593 | Vaults:1 | Danger: Low HP Warning |T2| Reason: 59% HP (113/191)
 58594 | Vaults:1 | Danger: Low HP Warning |T2| Reason: 55% HP (106/191)
 58595 | Vaults:1 | Danger: Low HP Warning |T2| Reason: 56% HP (107/191)
 58596 | Vaults:1 | Danger: Low HP Warning |T2| Reason: 56% HP (108/191)
 58597 | Vaults:1 | Danger: Low HP Warning |T2| Reason: 45% HP (86/191)
 58598 | Vaults:1 | Danger: Low HP Warning |T2| Reason: 45% HP (87/191)
 58599 | Vaults:1 | Danger: Low HP Warning |T2| Reason: 45% HP (87/191)
 58600 | Vaults:1 | Danger: Low HP Warning |T2| Reason: 46% HP (88/191)
 58601 | Vaults:1 | Danger: Low HP Warning |T2| Reason: 45% HP (87/191)
 58602 | Vaults:1 | Danger: Low HP Warning |T2| Reason: 45% HP (87/191)
 58603 | Vaults:1 | Danger: Low HP Warning |T2| Reason: 41% HP (80/191)
 58604 | Vaults:1 | Danger: Low HP Warning |T2| Reason: 42% HP (81/191)
 58605 | Vaults:1 | Danger: Low HP Warning |T2| Reason: 43% HP (83/191)
 58606 | Vaults:1 | Danger: Low HP Warning |T2| Reason: 43% HP (84/191)
 58607 | Vaults:1 | Danger: redback |T2| Reason: OOD monster, careful!
 58607 | Vaults:1 | Danger: Low HP Warning |T2| Reason: 44% HP (85/191)
 58608 | Vaults:1 | Danger: Low HP Warning |T2| Reason: 45% HP (86/191)
 58609 | Vaults:1 | Danger: Low HP Warning |T2| Reason: 45% HP (87/191)
 58610 | Vaults:1 | Danger: Low HP Warning |T2| Reason: 46% HP (88/191)
 58611 | Vaults:1 | Danger: Low HP Warning |T2| Reason: 46% HP (89/191)
 58612 | Vaults:1 | Danger: Low HP Warning |T2| Reason: 47% HP (90/191)
 58613 | Vaults:1 | Danger: Low HP Warning |T2| Reason: 47% HP (91/191)
 58614 | Vaults:1 | Danger: Low HP Warning |T2| Reason: 48% HP (92/191)
 58615 | Vaults:1 | Danger: Low HP Warning |T2| Reason: 48% HP (93/191)
 58616 | Vaults:1 | Danger: Low HP Warning |T2| Reason: 47% HP (90/191)
 58617 | Vaults:1 | Danger: ironbound thunderhulk |T3| Reason: Call Down
                  | Lightning and no rElec
 58617 | Vaults:1 | Danger: Low HP Warning |T2| Reason: 47% HP (91/191)
 58618 | Vaults:1 | Danger: Low HP Warning |T2| Reason: 48% HP (92/191)
 58619 | Vaults:1 | Danger: Low HP Warning |T2| Reason: 48% HP (93/191)
 58620 | Vaults:1 | Danger: Low HP Warning |T2| Reason: 49% HP (94/191)
 58621 | Vaults:1 | Danger: Low HP Warning |T2| Reason: 45% HP (87/191)
 58622 | Vaults:1 | Danger: Low HP Warning |T2| Reason: 45% HP (87/191)
 58623 | Vaults:1 | Danger: Low HP Warning |T2| Reason: 46% HP (88/191)
 58624 | Vaults:1 | Danger: Low HP Warning |T2| Reason: 46% HP (89/191)
 58625 | Vaults:1 | Danger: Low HP Warning |T2| Reason: 47% HP (90/191)
 58626 | Vaults:1 | Danger: ironbound thunderhulk |T3| Reason: IMMINENT DEATH:
                  | Call Down Lightning deals 78 damage, you have 69 HP!!
 58626 | Vaults:1 | Danger: Low HP Warning |T2| Reason: 36% HP (69/191)
 58627 | Vaults:1 | Danger: ironbound thunderhulk |T3| Reason: IMMINENT DEATH:
                  | Call Down Lightning deals 78 damage, you have 70 HP!!
 58627 | Vaults:1 | Danger: Low HP Warning |T2| Reason: 36% HP (70/191)
 58628 | Vaults:1 | Danger: ironbound thunderhulk |T3| Reason: IMMINENT DEATH:
                  | Call Down Lightning deals 78 damage, you have 71 HP!!
 58628 | Vaults:1 | Danger: Low HP Warning |T2| Reason: 37% HP (71/191)
 58629 | Vaults:1 | Danger: ironbound thunderhulk |T3| Reason: IMMINENT DEATH:
                  | Call Down Lightning deals 78 damage, you have 71 HP!!
 58629 | Vaults:1 | Danger: Low HP Warning |T2| Reason: 37% HP (71/191)
 58630 | Vaults:1 | Danger: ironbound thunderhulk |T3| Reason: IMMINENT DEATH:
                  | Call Down Lightning deals 78 damage, you have 64 HP!!
 58630 | Vaults:1 | Danger: Low HP Warning |T2| Reason: 33% HP (64/191)
 58631 | Vaults:1 | Danger: ironbound thunderhulk |T3| Reason: IMMINENT DEATH:
                  | Call Down Lightning deals 78 damage, you have 65 HP!!
 58631 | Vaults:1 | Danger: Low HP Warning |T2| Reason: 34% HP (65/191)
 58632 | Vaults:1 | Danger: Low HP Warning |T2| Reason: 34% HP (66/191)
 58633 | Vaults:1 | Danger: Low HP Warning |T2| Reason: 35% HP (67/191)
 58634 | Vaults:1 | Danger: Low HP Warning |T2| Reason: 31% HP (60/191)
 58635 | Vaults:1 | Danger: Low HP Warning |T2| Reason: 31% HP (61/191)
 58636 | Vaults:1 | Danger: Low HP Warning |T2| Reason: 32% HP (62/191)
 58637 | Vaults:1 | Danger: Low HP Warning |T2| Reason: 32% HP (63/191)
 58638 | Vaults:1 | Danger: Low HP Warning |T2| Reason: 26% HP (50/191)
 58639 | Vaults:1 | Danger: Low HP Warning |T2| Reason: 26% HP (51/191)
 58640 | Vaults:1 | Danger: Low HP Warning |T2| Reason: 27% HP (52/191)
 58641 | Vaults:1 | Danger: Low HP Warning |T3| Reason: 17% HP (33/191)
 58642 | Vaults:1 | Danger: Low HP Warning |T3| Reason: 17% HP (34/191)
 58643 | Vaults:1 | Danger: Low HP Warning |T3| Reason: 18% HP (35/191)
 58644 | Vaults:1 | Danger: Low HP Warning |T3| Reason: 18% HP (36/191)
 58645 | Vaults:1 | Danger: Low HP Warning |T3| Reason: 19% HP (37/191)
 58646 | Vaults:1 | Danger: Low HP Warning |T3| Reason: 19% HP (38/191)
 58647 | Vaults:1 | Danger: Low HP Warning |T3| Reason: 19% HP (38/191)
 58648 | Vaults:1 | Danger: Low HP Warning |T3| Reason: 14% HP (28/191)
 58649 | Vaults:1 | Danger: Low HP Warning |T3| Reason: 15% HP (29/191)
 58650 | Vaults:1 | Danger: Low HP Warning |T3| Reason: 15% HP (30/191)
 58651 | Vaults:1 | Danger: Low HP Warning |T3| Reason: 16% HP (31/191)
 58652 | Vaults:1 | Danger: Low HP Warning |T3| Reason: 16% HP (32/191)
 58653 | Vaults:1 | Danger: Low HP Warning |T3| Reason: 17% HP (33/191)
 58654 | Vaults:1 | Danger: Low HP Warning |T3| Reason: 17% HP (34/191)
 58655 | Vaults:1 | Danger: Low HP Warning |T3| Reason: 18% HP (35/191)
 59022 | Vaults:1 | Found Simois's Armour Emporium.
 59023 | Vaults:1 | Danger: great orb of eyes |T3| Reason: Paralyse and low
                  | Will
 59024 | Vaults:1 | Danger: great orb of eyes |T3| Reason: Paralyse and low
                  | Will
 59025 | Vaults:1 | Danger: great orb of eyes |T3| Reason: Paralyse and low
                  | Will
 59026 | Vaults:1 | Danger: great orb of eyes |T3| Reason: Paralyse and low
                  | Will
 59027 | Vaults:1 | Danger: great orb of eyes |T3| Reason: Paralyse and low
                  | Will
 59028 | Vaults:1 | Danger: great orb of eyes |T3| Reason: Paralyse and low
                  | Will
 59029 | Vaults:1 | Danger: great orb of eyes |T3| Reason: Paralyse and low
                  | Will
 59198 | Vaults:1 | Found Lankom's Antique Armour Shoppe.
 59361 | Vaults:1 | Danger: vault guard |T2| Reason: OOD monster, careful!
 59364 | Vaults:1 | Danger: vault guard |T2| Reason: OOD monster, careful!
 59367 | Vaults:1 | Danger: vault guard |T2| Reason: OOD monster, careful!
 59370 | Vaults:1 | Danger: vault guard |T2| Reason: OOD monster, careful!
 59478 | Vaults:1 | Danger: sphinx |T3| Reason: Paralyse and low Will
 59478 | Vaults:1 | Danger: sphinx |T2| Reason: Slow and low Will, careful
 59482 | Vaults:1 | Danger: sphinx |T3| Reason: Paralyse and low Will
 59482 | Vaults:1 | Danger: sphinx |T2| Reason: Slow and low Will, careful
 59483 | Vaults:1 | Danger: sphinx |T3| Reason: Paralyse and low Will
 59484 | Vaults:1 | Danger: sphinx |T3| Reason: Paralyse and low Will
 59485 | Vaults:1 | Danger: sphinx |T3| Reason: Paralyse and low Will
 59486 | Vaults:1 | Danger: sphinx |T3| Reason: Paralyse and low Will
 59487 | Vaults:1 | Danger: sphinx |T3| Reason: Paralyse and low Will
 59488 | Vaults:1 | Danger: sphinx |T3| Reason: Paralyse and low Will
 59489 | Vaults:1 | Danger: sphinx |T3| Reason: Paralyse and low Will
 59490 | Vaults:1 | Danger: sphinx |T3| Reason: Paralyse and low Will
 59491 | Vaults:1 | Danger: sphinx |T3| Reason: Paralyse and low Will
 59492 | Vaults:1 | Danger: sphinx |T3| Reason: Paralyse and low Will
 59493 | Vaults:1 | Danger: sphinx |T3| Reason: Paralyse and low Will
 59494 | Vaults:1 | Danger: sphinx |T3| Reason: Paralyse and low Will
 59495 | Vaults:1 | Danger: sphinx |T3| Reason: Paralyse and low Will
 59496 | Vaults:1 | Danger: sphinx |T3| Reason: Paralyse and low Will
 59497 | Vaults:1 | Danger: sphinx |T3| Reason: Paralyse and low Will
 59498 | Vaults:1 | Danger: sphinx |T3| Reason: Paralyse and low Will
 59499 | Vaults:1 | Danger: sphinx |T3| Reason: Paralyse and low Will
 59500 | Vaults:1 | Danger: sphinx |T3| Reason: Paralyse and low Will
 59501 | Vaults:1 | Danger: sphinx |T3| Reason: Paralyse and low Will
 59502 | Vaults:1 | Danger: sphinx |T3| Reason: Paralyse and low Will
 59503 | Vaults:1 | Danger: sphinx |T3| Reason: Paralyse and low Will
 59504 | Vaults:1 | Danger: sphinx |T3| Reason: Paralyse and low Will
 59505 | Vaults:1 | Danger: sphinx |T3| Reason: Paralyse and low Will
 59506 | Vaults:1 | Danger: sphinx |T3| Reason: Paralyse and low Will
 59507 | Vaults:1 | Danger: sphinx |T3| Reason: Paralyse and low Will
 59508 | Vaults:1 | Danger: sphinx |T3| Reason: Paralyse and low Will
 59509 | Vaults:1 | Danger: sphinx |T3| Reason: Paralyse and low Will
 59510 | Vaults:1 | Danger: sphinx |T3| Reason: Paralyse and low Will
 59511 | Vaults:1 | Danger: sphinx |T3| Reason: Paralyse and low Will
 59512 | Vaults:1 | Danger: sphinx |T3| Reason: Paralyse and low Will
 59513 | Vaults:1 | Danger: sphinx |T3| Reason: Paralyse and low Will
 59514 | Vaults:1 | Danger: sphinx |T3| Reason: Paralyse and low Will
 59515 | Vaults:1 | Danger: sphinx |T3| Reason: Paralyse and low Will
 59516 | Vaults:1 | Danger: sphinx |T3| Reason: Paralyse and low Will
 59517 | Vaults:1 | Danger: sphinx |T3| Reason: Paralyse and low Will
 59518 | Vaults:1 | Danger: sphinx |T3| Reason: Paralyse and low Will
 59877 | Vaults:2 | Reached skill level 20 in Fighting
 60034 | Vaults:2 | Danger: vault guard |T2| Reason: OOD monster, careful!
 60051 | Vaults:2 | Danger: vault guard |T2| Reason: OOD monster, careful!
 60063 | Vaults:2 | Danger: great orb of eyes |T3| Reason: Paralyse and low
                  | Will
 60064 | Vaults:2 | Danger: great orb of eyes |T3| Reason: Paralyse and low
                  | Will
 60065 | Vaults:2 | Danger: great orb of eyes |T3| Reason: Paralyse and low
                  | Will
 60066 | Vaults:2 | Danger: great orb of eyes |T3| Reason: Paralyse and low
                  | Will
 60067 | Vaults:2 | Danger: great orb of eyes |T3| Reason: Paralyse and low
                  | Will
 60068 | Vaults:2 | Danger: great orb of eyes |T3| Reason: Paralyse and low
                  | Will
 60069 | Vaults:2 | Danger: great orb of eyes |T3| Reason: Paralyse and low
                  | Will
 60070 | Vaults:2 | Danger: great orb of eyes |T3| Reason: Paralyse and low
                  | Will
 60071 | Vaults:2 | Danger: great orb of eyes |T3| Reason: Paralyse and low
                  | Will
 60072 | Vaults:2 | Danger: great orb of eyes |T3| Reason: Paralyse and low
                  | Will
 60073 | Vaults:2 | Danger: great orb of eyes |T3| Reason: Paralyse and low
                  | Will
 60074 | Vaults:2 | Danger: great orb of eyes |T3| Reason: Paralyse and low
                  | Will
 60075 | Vaults:2 | Danger: great orb of eyes |T3| Reason: Paralyse and low
                  | Will
 60076 | Vaults:2 | Danger: great orb of eyes |T3| Reason: Paralyse and low
                  | Will
 60077 | Vaults:2 | Danger: great orb of eyes |T3| Reason: Paralyse and low
                  | Will
 60078 | Vaults:2 | Danger: great orb of eyes |T3| Reason: Paralyse and low
                  | Will
 60248 | Vaults:2 | Danger: vault guard |T2| Reason: OOD monster, careful!
 60344 | Vaults:2 | Found a staircase to the Crypt.
 60369 | Vaults:2 | Danger: Low HP Warning |T2| Reason: 60% HP (116/193)
 60370 | Vaults:2 | Danger: Low HP Warning |T2| Reason: 60% HP (117/193)
 60434 | Vaults:2 | Danger: ironbound thunderhulk |T3| Reason: Call Down
                  | Lightning and no rElec
 60435 | Vaults:2 | Danger: ironbound thunderhulk |T3| Reason: Call Down
                  | Lightning and no rElec
 60436 | Vaults:2 | Danger: ironbound thunderhulk |T3| Reason: Call Down
                  | Lightning and no rElec
 60437 | Vaults:2 | Danger: ironbound thunderhulk |T3| Reason: Call Down
                  | Lightning and no rElec
 60438 | Vaults:2 | Danger: ironbound thunderhulk |T3| Reason: Call Down
                  | Lightning and no rElec
 60439 | Vaults:2 | Danger: ironbound thunderhulk |T3| Reason: Call Down
                  | Lightning and no rElec
 60440 | Vaults:2 | Danger: ironbound thunderhulk |T3| Reason: Call Down
                  | Lightning and no rElec
 60441 | Vaults:2 | Danger: ironbound thunderhulk |T3| Reason: Call Down
                  | Lightning and no rElec
 60442 | Vaults:2 | Danger: ironbound thunderhulk |T3| Reason: Call Down
                  | Lightning and no rElec
 60443 | Vaults:2 | Danger: ironbound thunderhulk |T3| Reason: Call Down
                  | Lightning and no rElec
 60653 | Vaults:2 | Danger: sphinx |T3| Reason: Paralyse and low Will
 60653 | Vaults:2 | Danger: sphinx |T2| Reason: Slow and low Will, careful
 60654 | Vaults:2 | Danger: great orb of eyes |T3| Reason: Paralyse and low
                  | Will
 60654 | Vaults:2 | Danger: sphinx |T3| Reason: Paralyse and low Will
 60655 | Vaults:2 | Danger: sphinx |T3| Reason: Paralyse and low Will
 60655 | Vaults:2 | Danger: great orb of eyes |T3| Reason: Paralyse and low
                  | Will
 60656 | Vaults:2 | Danger: sphinx |T3| Reason: Paralyse and low Will
 60656 | Vaults:2 | Danger: great orb of eyes |T3| Reason: Paralyse and low
                  | Will
 60657 | Vaults:2 | Danger: sphinx |T3| Reason: Paralyse and low Will
 60657 | Vaults:2 | Danger: great orb of eyes |T3| Reason: Paralyse and low
                  | Will
 60658 | Vaults:2 | Danger: sphinx |T3| Reason: Paralyse and low Will
 60658 | Vaults:2 | Danger: great orb of eyes |T3| Reason: Paralyse and low
                  | Will
 60659 | Vaults:2 | Danger: great orb of eyes |T3| Reason: Paralyse and low
                  | Will
 60659 | Vaults:2 | Danger: sphinx |T3| Reason: Paralyse and low Will
 60660 | Vaults:2 | Danger: great orb of eyes |T3| Reason: Paralyse and low
                  | Will
 60660 | Vaults:2 | Danger: sphinx |T3| Reason: Paralyse and low Will
 60661 | Vaults:2 | Danger: great orb of eyes |T3| Reason: Paralyse and low
                  | Will
 60661 | Vaults:2 | Danger: sphinx |T3| Reason: Paralyse and low Will
 60662 | Vaults:2 | Danger: great orb of eyes |T3| Reason: Paralyse and low
                  | Will
 60662 | Vaults:2 | Danger: sphinx |T3| Reason: Paralyse and low Will
 60663 | Vaults:2 | Danger: great orb of eyes |T3| Reason: Paralyse and low
                  | Will
 60663 | Vaults:2 | Danger: sphinx |T3| Reason: Paralyse and low Will
 60664 | Vaults:2 | Danger: great orb of eyes |T3| Reason: Paralyse and low
                  | Will
 60664 | Vaults:2 | Danger: sphinx |T3| Reason: Paralyse and low Will
 60665 | Vaults:2 | Danger: great orb of eyes |T3| Reason: Paralyse and low
                  | Will
 60665 | Vaults:2 | Danger: sphinx |T3| Reason: Paralyse and low Will
 60666 | Vaults:2 | Danger: great orb of eyes |T3| Reason: Paralyse and low
                  | Will
 60667 | Vaults:2 | Danger: great orb of eyes |T3| Reason: Paralyse and low
                  | Will
 60668 | Vaults:2 | Danger: great orb of eyes |T3| Reason: Paralyse and low
                  | Will
 60669 | Vaults:2 | Danger: great orb of eyes |T3| Reason: Paralyse and low
                  | Will
 60671 | Vaults:2 | Danger: great orb of eyes |T3| Reason: Paralyse and low
                  | Will
 60672 | Vaults:2 | Danger: great orb of eyes |T3| Reason: Paralyse and low
                  | Will
 60721 | Vaults:2 | Danger: orc warlord |T2| Reason: Electrocution weapon and
                  | no rElec!
 60722 | Vaults:2 | Danger: wizard |T3| Reason: Banishment and low Will
 60726 | Vaults:2 | Danger: wizard |T3| Reason: Banishment and low Will
 60727 | Vaults:2 | Danger: wizard |T3| Reason: Banishment and low Will
 60728 | Vaults:2 | Danger: wizard |T3| Reason: Banishment and low Will
 60729 | Vaults:2 | Danger: great orb of eyes |T3| Reason: Paralyse and low
                  | Will
 60730 | Vaults:2 | Danger: great orb of eyes |T3| Reason: Paralyse and low
                  | Will
 60731 | Vaults:2 | Danger: great orb of eyes |T3| Reason: Paralyse and low
                  | Will
 60732 | Vaults:2 | Danger: great orb of eyes |T3| Reason: Paralyse and low
                  | Will
 60733 | Vaults:2 | Danger: great orb of eyes |T3| Reason: Paralyse and low
                  | Will
 60734 | Vaults:2 | Danger: great orb of eyes |T3| Reason: Paralyse and low
                  | Will
 60735 | Vaults:2 | Danger: great orb of eyes |T3| Reason: Paralyse and low
                  | Will
 60736 | Vaults:2 | Danger: great orb of eyes |T3| Reason: Paralyse and low
                  | Will
 60737 | Vaults:2 | Danger: great orb of eyes |T3| Reason: Paralyse and low
                  | Will
 60738 | Vaults:2 | Danger: great orb of eyes |T3| Reason: Paralyse and low
                  | Will
 60739 | Vaults:2 | Danger: great orb of eyes |T3| Reason: Paralyse and low
                  | Will
 60740 | Vaults:2 | Danger: great orb of eyes |T3| Reason: Paralyse and low
                  | Will
 60741 | Vaults:2 | Danger: great orb of eyes |T3| Reason: Paralyse and low
                  | Will
 60742 | Vaults:2 | Danger: great orb of eyes |T3| Reason: Paralyse and low
                  | Will
 60743 | Vaults:2 | Danger: great orb of eyes |T3| Reason: Paralyse and low
                  | Will
 60755 | Vaults:2 | Danger: wizard |T3| Reason: Banishment and low Will
 60831 | Vaults:2 | Danger: Low HP Warning |T2| Reason: 55% HP (107/193)
 60832 | Vaults:2 | Danger: Low HP Warning |T2| Reason: 55% HP (108/193)
 60833 | Vaults:2 | Danger: Low HP Warning |T2| Reason: 56% HP (109/193)
 60834 | Vaults:2 | Danger: Low HP Warning |T2| Reason: 52% HP (101/193)
 60835 | Vaults:2 | Danger: Low HP Warning |T2| Reason: 52% HP (102/193)
 60836 | Vaults:2 | Danger: Low HP Warning |T2| Reason: 53% HP (103/193)
 61046 | Vaults:2 | Danger: vault guard |T2| Reason: OOD monster, careful!
 61048 | Vaults:2 | Danger: war gargoyle |T2| Reason: OOD monster, careful!
 61060 | Vaults:2 | Danger: Low HP Warning |T2| Reason: 50% HP (97/193)
 61459 | Vaults:2 | Danger: vault sentinel |T2| Reason: Quivering poison darts
                  | and no rPois, careful!
 61897 | Vaults:3 | Danger: great orb of eyes |T3| Reason: Paralyse and low
                  | Will
 61898 | Vaults:3 | Danger: great orb of eyes |T3| Reason: Paralyse and low
                  | Will
 61899 | Vaults:3 | Danger: great orb of eyes |T3| Reason: Paralyse and low
                  | Will
 61900 | Vaults:3 | Danger: great orb of eyes |T3| Reason: Paralyse and low
                  | Will
 61901 | Vaults:3 | Danger: great orb of eyes |T3| Reason: Paralyse and low
                  | Will
 61902 | Vaults:3 | Danger: great orb of eyes |T3| Reason: Paralyse and low
                  | Will
 62401 | Vaults:3 | Danger: vault warden |T2| Reason: Electrocution weapon and
                  | no rElec!
 62423 | Vaults:3 | Danger: ironbound thunderhulk |T3| Reason: Call Down
                  | Lightning and no rElec
 62424 | Vaults:3 | Danger: ironbound thunderhulk |T3| Reason: Call Down
                  | Lightning and no rElec
 62425 | Vaults:3 | Danger: ironbound thunderhulk |T3| Reason: Call Down
                  | Lightning and no rElec
 62426 | Vaults:3 | Danger: ironbound thunderhulk |T3| Reason: Call Down
                  | Lightning and no rElec
 62427 | Vaults:3 | Danger: ironbound thunderhulk |T3| Reason: Call Down
                  | Lightning and no rElec
 62428 | Vaults:3 | Danger: ironbound thunderhulk |T3| Reason: Call Down
                  | Lightning and no rElec
 62429 | Vaults:3 | Danger: ironbound thunderhulk |T3| Reason: Call Down
                  | Lightning and no rElec
 62430 | Vaults:3 | Danger: ironbound thunderhulk |T3| Reason: Call Down
                  | Lightning and no rElec
 62431 | Vaults:3 | Danger: ironbound thunderhulk |T3| Reason: Call Down
                  | Lightning and no rElec
 62432 | Vaults:3 | Danger: ironbound thunderhulk |T3| Reason: Call Down
                  | Lightning and no rElec
 62433 | Vaults:3 | Danger: ironbound thunderhulk |T3| Reason: Call Down
                  | Lightning and no rElec
 62434 | Vaults:3 | Danger: ironbound thunderhulk |T3| Reason: Call Down
                  | Lightning and no rElec
 62536 | Vaults:3 | Danger: vault guard |T2| Reason: OOD monster, careful!
 62552 | Vaults:2 | Danger: Low HP Warning |T2| Reason: 56% HP (109/193)
 62553 | Vaults:2 | Danger: Low HP Warning |T2| Reason: 56% HP (109/193)
 62554 | Vaults:2 | Reached XP level 21. HP: 115/201 MP: 22/22
 62626 | Vaults:3 | Danger: ironbound thunderhulk |T3| Reason: Call Down
                  | Lightning and no rElec
 62628 | Vaults:3 | Danger: ironbound thunderhulk |T3| Reason: Call Down
                  | Lightning and no rElec
 62631 | Vaults:3 | Danger: ironbound thunderhulk |T3| Reason: Call Down
                  | Lightning and no rElec
 62632 | Vaults:3 | Danger: ironbound thunderhulk |T3| Reason: Call Down
                  | Lightning and no rElec
 62632 | Vaults:3 | Danger: Low HP Warning |T2| Reason: 60% HP (122/201)
 62633 | Vaults:3 | Danger: ironbound thunderhulk |T3| Reason: Call Down
                  | Lightning and no rElec
 62634 | Vaults:3 | Danger: ironbound thunderhulk |T3| Reason: Call Down
                  | Lightning and no rElec
 62635 | Vaults:3 | Danger: ironbound thunderhulk |T3| Reason: Call Down
                  | Lightning and no rElec
 62636 | Vaults:3 | Danger: ironbound thunderhulk |T3| Reason: Call Down
                  | Lightning and no rElec
 62636 | Vaults:3 | Danger: Low HP Warning |T2| Reason: 52% HP (106/201)
 62637 | Vaults:3 | Danger: ironbound thunderhulk |T3| Reason: Call Down
                  | Lightning and no rElec
 62637 | Vaults:3 | Danger: Low HP Warning |T2| Reason: 53% HP (107/201)
 62638 | Vaults:3 | Danger: ironbound thunderhulk |T3| Reason: Call Down
                  | Lightning and no rElec
 62638 | Vaults:3 | Danger: Low HP Warning |T2| Reason: 53% HP (107/201)
 62639 | Vaults:3 | Danger: ironbound thunderhulk |T3| Reason: Call Down
                  | Lightning and no rElec
 62639 | Vaults:3 | Danger: Low HP Warning |T2| Reason: 50% HP (101/201)
 62640 | Vaults:3 | Danger: Low HP Warning |T2| Reason: 50% HP (102/201)
 62641 | Vaults:3 | Danger: Low HP Warning |T2| Reason: 51% HP (103/201)
 62642 | Vaults:3 | Danger: Low HP Warning |T2| Reason: 51% HP (104/201)
 62643 | Vaults:3 | Danger: Low HP Warning |T2| Reason: 52% HP (105/201)
 62644 | Vaults:3 | Danger: Low HP Warning |T2| Reason: 52% HP (106/201)
 62645 | Vaults:3 | Danger: Low HP Warning |T2| Reason: 53% HP (107/201)
 62646 | Vaults:3 | Danger: Low HP Warning |T2| Reason: 53% HP (107/201)
 62647 | Vaults:3 | Danger: Low HP Warning |T2| Reason: 53% HP (108/201)
 62648 | Vaults:3 | Danger: Low HP Warning |T2| Reason: 54% HP (109/201)
 62649 | Vaults:3 | Danger: Low HP Warning |T2| Reason: 54% HP (110/201)
 62650 | Vaults:3 | Danger: Low HP Warning |T2| Reason: 55% HP (111/201)
 62651 | Vaults:3 | Danger: Low HP Warning |T2| Reason: 55% HP (112/201)
 62652 | Vaults:3 | Danger: Low HP Warning |T2| Reason: 56% HP (113/201)
 62889 | Vaults:3 | Danger: vault guard |T2| Reason: OOD monster, careful!
 62889 | Vaults:3 | Danger: vault guard |T2| Reason: OOD monster, careful!
 62897 | Vaults:3 | Danger: Low HP Warning |T2| Reason: 59% HP (120/201)
 62898 | Vaults:3 | Danger: Low HP Warning |T2| Reason: 60% HP (121/201)
 62899 | Vaults:3 | Danger: Low HP Warning |T2| Reason: 60% HP (122/201)
 62906 | Vaults:3 | Danger: Low HP Warning |T2| Reason: 57% HP (116/201)
 62907 | Vaults:3 | Danger: Low HP Warning |T2| Reason: 58% HP (117/201)
 62908 | Vaults:3 | Danger: Low HP Warning |T2| Reason: 48% HP (97/201)
 62909 | Vaults:3 | Danger: Low HP Warning |T2| Reason: 48% HP (98/201)
 62910 | Vaults:3 | Danger: Low HP Warning |T2| Reason: 48% HP (98/201)
 62911 | Vaults:3 | Danger: Low HP Warning |T2| Reason: 49% HP (99/201)
 62912 | Vaults:3 | Danger: Low HP Warning |T2| Reason: 49% HP (100/201)
 62913 | Vaults:3 | Danger: Low HP Warning |T2| Reason: 50% HP (101/201)
 62914 | Vaults:3 | Danger: Low HP Warning |T2| Reason: 50% HP (102/201)
 62915 | Vaults:3 | Danger: vault guard |T2| Reason: OOD monster, careful!
 62915 | Vaults:3 | Danger: Low HP Warning |T2| Reason: 51% HP (103/201)
 62916 | Vaults:3 | Danger: Low HP Warning |T2| Reason: 51% HP (104/201)
 62917 | Vaults:3 | Danger: vault guard |T2| Reason: OOD monster, careful!
 62917 | Vaults:3 | Danger: Low HP Warning |T2| Reason: 52% HP (105/201)
 62918 | Vaults:3 | Danger: Low HP Warning |T2| Reason: 52% HP (106/201)
 62919 | Vaults:3 | Danger: Low HP Warning |T2| Reason: 53% HP (108/201)
 62920 | Vaults:3 | Danger: Low HP Warning |T2| Reason: 47% HP (95/201)
 62921 | Vaults:3 | Danger: Low HP Warning |T2| Reason: 47% HP (96/201)
 62922 | Vaults:3 | Danger: vault guard |T2| Reason: OOD monster, careful!
 62922 | Vaults:3 | Danger: Low HP Warning |T2| Reason: 48% HP (98/201)
 62923 | Vaults:3 | Danger: Low HP Warning |T2| Reason: 44% HP (90/201)
 62924 | Vaults:3 | Danger: Low HP Warning |T2| Reason: 45% HP (91/201)
 62925 | Vaults:3 | Danger: Low HP Warning |T2| Reason: 45% HP (92/201)
 62926 | Vaults:3 | Danger: Low HP Warning |T2| Reason: 45% HP (92/201)
 62927 | Vaults:3 | Danger: Low HP Warning |T2| Reason: 46% HP (93/201)
 62928 | Vaults:3 | Danger: Low HP Warning |T2| Reason: 46% HP (94/201)
 62929 | Vaults:3 | Danger: Low HP Warning |T2| Reason: 47% HP (95/201)
 62930 | Vaults:3 | Danger: Low HP Warning |T2| Reason: 47% HP (96/201)
 62931 | Vaults:3 | Danger: Low HP Warning |T2| Reason: 48% HP (97/201)
 62932 | Vaults:3 | Danger: Low HP Warning |T2| Reason: 48% HP (98/201)
 62933 | Vaults:3 | Danger: Low HP Warning |T2| Reason: 38% HP (78/201)
 62934 | Vaults:3 | Danger: Low HP Warning |T2| Reason: 39% HP (79/201)
 62935 | Vaults:3 | Danger: Low HP Warning |T2| Reason: 39% HP (80/201)
 62936 | Vaults:3 | Danger: Low HP Warning |T2| Reason: 39% HP (80/201)
 62937 | Vaults:3 | Danger: Low HP Warning |T2| Reason: 40% HP (81/201)
 62938 | Vaults:3 | Danger: Low HP Warning |T2| Reason: 40% HP (82/201)
 62939 | Vaults:3 | Danger: Low HP Warning |T2| Reason: 41% HP (83/201)
 63194 | Vaults:3 | Found Udeam's Magic Scroll Emporium.
 63199 | Vaults:3 | Bought a scroll of teleportation for 54 gold pieces
 63199 | Vaults:3 | Bought a scroll of teleportation for 54 gold pieces
 63199 | Vaults:3 | Bought a scroll of teleportation for 54 gold pieces
 63199 | Vaults:3 | Bought a scroll of teleportation for 54 gold pieces
 63199 | Vaults:3 | Bought a scroll of enchant armour for 135 gold pieces
 63199 | Vaults:3 | Bought a scroll of poison for 72 gold pieces
 63199 | Vaults:3 | Bought a scroll of poison for 72 gold pieces
 63476 | Vaults:3 | Reached skill level 10 in Throwing
 63826 | Vaults:4 | Danger: war gargoyle |T2| Reason: OOD monster, careful!
 63826 | Vaults:4 | Danger: war gargoyle |T2| Reason: OOD monster, careful!
 63835 | Vaults:4 | Danger: Low HP Warning |T2| Reason: 47% HP (95/201)
 63836 | Vaults:4 | Danger: Low HP Warning |T2| Reason: 45% HP (92/201)
 63837 | Vaults:4 | Danger: war gargoyle |T3| Reason: IMMINENT DEATH: Metal
                  | Splinters deals 81 damage, you have 69 HP!!
 63837 | Vaults:4 | Danger: war gargoyle |T3| Reason: IMMINENT DEATH: Metal
                  | Splinters deals 81 damage, you have 69 HP!!
 63837 | Vaults:4 | Danger: Low HP Warning |T2| Reason: 34% HP (69/201)
 63838 | Vaults:4 | Danger: war gargoyle |T3| Reason: IMMINENT DEATH: Metal
                  | Splinters deals 81 damage, you have 70 HP!!
 63838 | Vaults:4 | Danger: war gargoyle |T3| Reason: IMMINENT DEATH: Metal
                  | Splinters deals 81 damage, you have 70 HP!!
 63838 | Vaults:4 | Danger: Low HP Warning |T2| Reason: 34% HP (70/201)
 63840 | Vaults:3 | Danger: war gargoyle |T3| Reason: IMMINENT DEATH: Metal
                  | Splinters deals 81 damage, you have 72 HP!!
 63840 | Vaults:3 | Danger: Low HP Warning |T2| Reason: 35% HP (72/201)
 63841 | Vaults:3 | Danger: war gargoyle |T3| Reason: IMMINENT DEATH: Metal
                  | Splinters deals 81 damage, you have 49 HP!!
 63841 | Vaults:3 | Danger: Low HP Warning |T3| Reason: 24% HP (49/201)
 63842 | Vaults:3 | Danger: war gargoyle |T3| Reason: IMMINENT DEATH: Metal
                  | Splinters deals 81 damage, you have 49 HP!!
 63842 | Vaults:3 | Danger: Low HP Warning |T3| Reason: 24% HP (49/201)
 64004 | Vaults:4 | Identified the +0 plate armour of Catatonia {rElec rF- rC+
                  | rCorr}
 64041 | Vaults:4 | Danger: orc warlord |T2| Reason: Electrocution weapon and
                  | no rElec!
 64082 | Vaults:4 | Danger: orc warlord |T2| Reason: Electrocution weapon and
                  | no rElec!
 64129 | Vaults:4 | Found a magical portal.
 64141 | WizLab   | Entered Iskenderun's Mystic Tower
 64150 | WizLab   | Danger: conjurer statue |T2| Reason: Orb of Destruction
                  | deals more than 50% MHP!
 64153 | WizLab   | Danger: conjurer statue |T2| Reason: Orb of Destruction
                  | deals more than 50% MHP!
 64155 | WizLab   | Danger: tengu conjurer |T2| Reason: Lightning Bolt and no
                  | rElec
 64158 | WizLab   | Danger: conjurer statue |T3| Reason: IMMINENT DEATH: Orb of
                  | Destruction deals 117 damage, you have 110 HP!!
 64158 | WizLab   | Danger: Low HP Warning |T2| Reason: 54% HP (110/201)
 64159 | WizLab   | Danger: tengu conjurer |T2| Reason: Lightning Bolt and no
                  | rElec
 64159 | WizLab   | Danger: conjurer statue |T3| Reason: IMMINENT DEATH: Orb of
                  | Destruction deals 117 damage, you have 90 HP!!
 64159 | WizLab   | Danger: Low HP Warning |T2| Reason: 44% HP (90/201)
 64160 | WizLab   | Danger: conjurer statue |T3| Reason: IMMINENT DEATH: Orb of
                  | Destruction deals 117 damage, you have 59 HP!!
 64160 | WizLab   | Danger: Low HP Warning |T2| Reason: 29% HP (59/201)
 64161 | WizLab   | Danger: tengu conjurer |T3| Reason: IMMINENT DEATH:
                  | Lightning Bolt deals 42 damage, you have 14 HP!!
 64161 | WizLab   | Danger: tengu conjurer |T3| Reason: IMMINENT DEATH:
                  | Lightning Bolt deals 42 damage, you have 14 HP!!
 64161 | WizLab   | Danger: conjurer statue |T3| Reason: IMMINENT DEATH: Orb of
                  | Destruction deals 117 damage, you have 14 HP!!
 64161 | WizLab   | Danger: Low HP Warning |T3| Reason: 6% HP (14/201)
 64162 | WizLab   | Danger: tengu conjurer |T3| Reason: IMMINENT DEATH:
                  | Lightning Bolt deals 42 damage, you have 11 HP!!
 64162 | WizLab   | Danger: tengu conjurer |T3| Reason: IMMINENT DEATH:
                  | Lightning Bolt deals 42 damage, you have 11 HP!!
 64162 | WizLab   | Danger: conjurer statue |T3| Reason: IMMINENT DEATH: Orb of
                  | Destruction deals 117 damage, you have 11 HP!!
 64162 | WizLab   | Danger: Low HP Warning |T3| Reason: 5% HP (11/201)
 64163 | WizLab   | Danger: tengu conjurer |T3| Reason: IMMINENT DEATH:
                  | Lightning Bolt deals 42 damage, you have 13 HP!!
 64163 | WizLab   | Danger: tengu conjurer |T3| Reason: IMMINENT DEATH:
                  | Lightning Bolt deals 42 damage, you have 13 HP!!
 64163 | WizLab   | Danger: conjurer statue |T3| Reason: IMMINENT DEATH: Orb of
                  | Destruction deals 117 damage, you have 13 HP!!
 64163 | WizLab   | Danger: Low HP Warning |T3| Reason: 6% HP (13/201)
 64164 | WizLab   | Danger: tengu conjurer |T3| Reason: IMMINENT DEATH:
                  | Lightning Bolt deals 42 damage, you have 14 HP!!
 64164 | WizLab   | Danger: conjurer statue |T3| Reason: IMMINENT DEATH: Orb of
                  | Destruction deals 117 damage, you have 14 HP!!
 64164 | WizLab   | Danger: tengu conjurer |T3| Reason: IMMINENT DEATH:
                  | Lightning Bolt deals 42 damage, you have 14 HP!!
 64164 | WizLab   | Danger: Low HP Warning |T3| Reason: 6% HP (14/201)
 64165 | WizLab   | Danger: tengu conjurer |T3| Reason: IMMINENT DEATH:
                  | Lightning Bolt deals 42 damage, you have 15 HP!!
 64165 | WizLab   | Danger: conjurer statue |T3| Reason: IMMINENT DEATH: Orb of
                  | Destruction deals 117 damage, you have 15 HP!!
 64165 | WizLab   | Danger: tengu conjurer |T3| Reason: IMMINENT DEATH:
                  | Lightning Bolt deals 42 damage, you have 15 HP!!
 64165 | WizLab   | Danger: Low HP Warning |T3| Reason: 7% HP (15/201)
 64672 | Vaults:4 | Danger: ironbound thunderhulk |T3| Reason: Call Down
                  | Lightning and no rElec
 64673 | Vaults:4 | Danger: ironbound thunderhulk |T3| Reason: Call Down
                  | Lightning and no rElec
 64677 | Vaults:4 | Danger: ironbound thunderhulk |T3| Reason: Call Down
                  | Lightning and no rElec
 64678 | Vaults:4 | Danger: ironbound thunderhulk |T3| Reason: Call Down
                  | Lightning and no rElec
 64679 | Vaults:4 | Danger: ironbound thunderhulk |T3| Reason: Call Down
                  | Lightning and no rElec
 64680 | Vaults:4 | Danger: ironbound thunderhulk |T3| Reason: Call Down
                  | Lightning and no rElec
 64681 | Vaults:4 | Danger: ironbound thunderhulk |T3| Reason: Call Down
                  | Lightning and no rElec
 64682 | Vaults:4 | Danger: ironbound thunderhulk |T3| Reason: Call Down
                  | Lightning and no rElec
 64682 | Vaults:4 | Danger: Low HP Warning |T2| Reason: 49% HP (99/201)
 64683 | Vaults:4 | Danger: Low HP Warning |T2| Reason: 42% HP (85/201)
 64684 | Vaults:4 | Danger: ironbound thunderhulk |T3| Reason: IMMINENT DEATH:
                  | Call Down Lightning deals 78 damage, you have 71 HP!!
 64684 | Vaults:4 | Danger: Low HP Warning |T2| Reason: 35% HP (71/201)
 64685 | Vaults:4 | Danger: ironbound thunderhulk |T3| Reason: IMMINENT DEATH:
                  | Call Down Lightning deals 78 damage, you have 47 HP!!
 64685 | Vaults:4 | Danger: Low HP Warning |T3| Reason: 23% HP (47/201)
 64686 | Vaults:4 | Danger: ironbound thunderhulk |T3| Reason: IMMINENT DEATH:
                  | Call Down Lightning deals 78 damage, you have 48 HP!!
 64686 | Vaults:4 | Danger: Low HP Warning |T3| Reason: 23% HP (48/201)
 64687 | Vaults:4 | Danger: ironbound thunderhulk |T3| Reason: IMMINENT DEATH:
                  | Call Down Lightning deals 78 damage, you have 50 HP!!
 64687 | Vaults:4 | Danger: Low HP Warning |T3| Reason: 24% HP (50/201)
 64688 | Vaults:4 | Danger: ironbound thunderhulk |T3| Reason: IMMINENT DEATH:
                  | Call Down Lightning deals 78 damage, you have 41 HP!!
 64688 | Vaults:4 | Danger: Low HP Warning |T3| Reason: 20% HP (41/201)
 64689 | Vaults:4 | Danger: ironbound thunderhulk |T3| Reason: IMMINENT DEATH:
                  | Call Down Lightning deals 78 damage, you have 42 HP!!
 64689 | Vaults:4 | Danger: Low HP Warning |T3| Reason: 20% HP (42/201)
 64690 | Vaults:4 | Danger: ironbound thunderhulk |T3| Reason: IMMINENT DEATH:
                  | Call Down Lightning deals 78 damage, you have 44 HP!!
 64690 | Vaults:4 | Danger: Low HP Warning |T3| Reason: 21% HP (44/201)
 64691 | Vaults:4 | Danger: ironbound thunderhulk |T3| Reason: IMMINENT DEATH:
                  | Call Down Lightning deals 78 damage, you have 45 HP!!
 64691 | Vaults:4 | Danger: Low HP Warning |T3| Reason: 22% HP (45/201)
 64693 | Vaults:3 | Danger: Low HP Warning |T3| Reason: 14% HP (30/201)
 64694 | Vaults:3 | Danger: Low HP Warning |T3| Reason: 15% HP (31/201)
 64695 | Vaults:3 | Danger: Low HP Warning |T3| Reason: 15% HP (32/201)
 64696 | Vaults:3 | Danger: Low HP Warning |T3| Reason: 16% HP (33/201)
 64697 | Vaults:3 | Danger: Low HP Warning |T3| Reason: 13% HP (27/201)
 64698 | Vaults:3 | Danger: Low HP Warning |T3| Reason: 13% HP (28/201)
 64831 | Vaults:4 | Danger: ironbound thunderhulk |T3| Reason: Call Down
                  | Lightning and no rElec
 64885 | Vaults:4 | Danger: ironbound thunderhulk |T3| Reason: Call Down
                  | Lightning and no rElec
 64886 | Vaults:4 | Danger: ironbound thunderhulk |T3| Reason: Call Down
                  | Lightning and no rElec
 64887 | Vaults:4 | Danger: ironbound thunderhulk |T3| Reason: Call Down
                  | Lightning and no rElec
 64888 | Vaults:4 | Danger: ironbound thunderhulk |T3| Reason: Call Down
                  | Lightning and no rElec
 64889 | Vaults:4 | Danger: ironbound thunderhulk |T3| Reason: Call Down
                  | Lightning and no rElec
 64890 | Vaults:4 | Danger: ironbound thunderhulk |T3| Reason: Call Down
                  | Lightning and no rElec
 65073 | Vaults:4 | Noticed an ancient lich
 65075 | Vaults:4 | Identified the +1 robe of Intense Surprise {rN+}
 65076 | Vaults:4 | Danger: ancient lich |T2| Reason: OOD monster, careful!
 65076 | Vaults:4 | Danger: ancient lich |T2| Reason: Corrosive Bolt deals more
                  | than 50% MHP!
 65076 | Vaults:4 | Danger: ancient lich |T2| Reason: Lehudib's Crystal Spear
                  | deals more than 50% MHP!
 65081 | Vaults:4 | Danger: tentacled monstrosity |T2| Reason: OOD monster,
                  | careful!
 65083 | Vaults:4 | Danger: stone giant |T2| Reason: Quivering large rocks,
                  | watch out!!
 65083 | Vaults:4 | Danger: stone giant |T2| Reason: OOD monster, careful!
 65120 | Vaults:4 | Danger: ancient lich |T2| Reason: OOD monster, careful!
 65120 | Vaults:4 | Danger: ancient lich |T2| Reason: Corrosive Bolt deals more
                  | than 50% MHP!
 65120 | Vaults:4 | Danger: ancient lich |T2| Reason: Lehudib's Crystal Spear
                  | deals more than 50% MHP!
 65127 | Vaults:4 | Danger: ancient lich |T3| Reason: IMMINENT DEATH: Lehudib's
                  | Crystal Spear deals 144 damage, you have 140 HP!!
 65128 | Vaults:4 | Danger: ancient lich |T3| Reason: IMMINENT DEATH: Lehudib's
                  | Crystal Spear deals 144 damage, you have 141 HP!!
 65129 | Vaults:4 | Danger: ancient lich |T3| Reason: IMMINENT DEATH: Lehudib's
                  | Crystal Spear deals 144 damage, you have 142 HP!!
 65130 | Vaults:4 | Danger: ancient lich |T3| Reason: IMMINENT DEATH: Lehudib's
                  | Crystal Spear deals 144 damage, you have 128 HP!!
 65131 | Vaults:4 | Danger: ancient lich |T3| Reason: IMMINENT DEATH: Lehudib's
                  | Crystal Spear deals 144 damage, you have 129 HP!!
 65132 | Vaults:4 | Danger: ancient lich |T3| Reason: IMMINENT DEATH: Lehudib's
                  | Crystal Spear deals 144 damage, you have 130 HP!!
 65133 | Vaults:4 | Danger: ancient lich |T3| Reason: IMMINENT DEATH: Corrosive
                  | Bolt deals 102 damage, you have 64 HP!!
 65133 | Vaults:4 | Danger: ancient lich |T3| Reason: IMMINENT DEATH: Lehudib's
                  | Crystal Spear deals 144 damage, you have 64 HP!!
 65133 | Vaults:4 | Danger: Low HP Warning |T2| Reason: 31% HP (64/201)
 65134 | Vaults:4 | Danger: ancient lich |T3| Reason: IMMINENT DEATH: Corrosive
                  | Bolt deals 102 damage, you have 53 HP!!
 65134 | Vaults:4 | Danger: ancient lich |T3| Reason: IMMINENT DEATH: Lehudib's
                  | Crystal Spear deals 144 damage, you have 53 HP!!
 65134 | Vaults:4 | Danger: Low HP Warning |T2| Reason: 26% HP (53/201)
 65135 | Vaults:4 | Danger: ancient lich |T3| Reason: IMMINENT DEATH: Corrosive
                  | Bolt deals 102 damage, you have 53 HP!!
 65135 | Vaults:4 | Danger: ancient lich |T3| Reason: IMMINENT DEATH: Lehudib's
                  | Crystal Spear deals 144 damage, you have 53 HP!!
 65135 | Vaults:4 | Danger: Low HP Warning |T2| Reason: 26% HP (53/201)
 65136 | Vaults:4 | Danger: ancient lich |T3| Reason: IMMINENT DEATH: Corrosive
                  | Bolt deals 102 damage, you have 54 HP!!
 65136 | Vaults:4 | Danger: ancient lich |T3| Reason: IMMINENT DEATH: Lehudib's
                  | Crystal Spear deals 144 damage, you have 54 HP!!
 65136 | Vaults:4 | Danger: Low HP Warning |T2| Reason: 26% HP (54/201)
 65137 | Vaults:4 | Danger: ancient lich |T3| Reason: IMMINENT DEATH: Corrosive
                  | Bolt deals 102 damage, you have 55 HP!!
 65137 | Vaults:4 | Danger: ancient lich |T3| Reason: IMMINENT DEATH: Lehudib's
                  | Crystal Spear deals 144 damage, you have 55 HP!!
 65137 | Vaults:4 | Danger: Low HP Warning |T2| Reason: 27% HP (55/201)
 65137 | Vaults:4 | Killed an ancient lich
 65138 | Vaults:4 | Danger: Low HP Warning |T2| Reason: 27% HP (56/201)
 65139 | Vaults:4 | Danger: Low HP Warning |T2| Reason: 28% HP (57/201)
 65140 | Vaults:4 | Danger: Low HP Warning |T2| Reason: 28% HP (58/201)
 65141 | Vaults:4 | Danger: Low HP Warning |T2| Reason: 29% HP (59/201)
 65142 | Vaults:4 | Danger: Low HP Warning |T2| Reason: 29% HP (60/201)
 65143 | Vaults:4 | Danger: Low HP Warning |T2| Reason: 29% HP (60/201)
 65144 | Vaults:4 | Danger: Low HP Warning |T2| Reason: 30% HP (61/201)
 65145 | Vaults:4 | Danger: Low HP Warning |T2| Reason: 30% HP (62/201)
 65146 | Vaults:4 | Danger: Low HP Warning |T3| Reason: 23% HP (47/201)
 65147 | Vaults:4 | Danger: Low HP Warning |T3| Reason: 23% HP (48/201)
 65148 | Vaults:4 | Danger: Low HP Warning |T3| Reason: 24% HP (49/201)
 65152 | Vaults:4 | Danger: Low HP Warning |T2| Reason: 26% HP (54/201)
 65153 | Vaults:4 | Danger: Low HP Warning |T2| Reason: 27% HP (55/201)
 65154 | Vaults:4 | Danger: Low HP Warning |T2| Reason: 27% HP (56/201)
 65155 | Vaults:4 | Danger: Low HP Warning |T2| Reason: 28% HP (58/201)
 65157 | Vaults:4 | Danger: Low HP Warning |T2| Reason: 29% HP (60/201)
 65158 | Vaults:4 | Danger: Low HP Warning |T2| Reason: 30% HP (62/201)
 65159 | Vaults:4 | Danger: Low HP Warning |T2| Reason: 31% HP (63/201)
 65160 | Vaults:4 | Danger: Low HP Warning |T2| Reason: 31% HP (64/201)
 65161 | Vaults:4 | Danger: Low HP Warning |T2| Reason: 32% HP (66/201)
 65162 | Vaults:4 | Danger: Low HP Warning |T2| Reason: 33% HP (67/201)
 65163 | Vaults:4 | Danger: Low HP Warning |T2| Reason: 33% HP (68/201)
 65164 | Vaults:4 | Danger: Low HP Warning |T2| Reason: 34% HP (70/201)
 65165 | Vaults:4 | Danger: Low HP Warning |T2| Reason: 35% HP (71/201)
 65166 | Vaults:4 | Danger: Low HP Warning |T2| Reason: 35% HP (72/201)
 65167 | Vaults:4 | Danger: Low HP Warning |T2| Reason: 36% HP (74/201)
 65169 | Vaults:4 | Danger: Low HP Warning |T2| Reason: 37% HP (76/201)
 65170 | Vaults:4 | Danger: Low HP Warning |T2| Reason: 38% HP (78/201)
 65171 | Vaults:4 | Danger: Low HP Warning |T2| Reason: 39% HP (79/201)
 65172 | Vaults:4 | Danger: Low HP Warning |T2| Reason: 39% HP (80/201)
 65173 | Vaults:4 | Danger: Low HP Warning |T2| Reason: 40% HP (82/201)
 65175 | Vaults:4 | Danger: Low HP Warning |T2| Reason: 41% HP (84/201)
 65176 | Vaults:4 | Danger: Low HP Warning |T2| Reason: 42% HP (86/201)
 65177 | Vaults:4 | Danger: Low HP Warning |T2| Reason: 43% HP (87/201)
 65178 | Vaults:4 | Danger: Low HP Warning |T2| Reason: 43% HP (88/201)
 65180 | Vaults:4 | Danger: Low HP Warning |T2| Reason: 45% HP (91/201)
 65181 | Vaults:4 | Danger: Low HP Warning |T2| Reason: 45% HP (92/201)
 65182 | Vaults:4 | Danger: Low HP Warning |T2| Reason: 46% HP (94/201)
 65183 | Vaults:4 | Danger: Low HP Warning |T2| Reason: 47% HP (95/201)
 65184 | Vaults:4 | Danger: Low HP Warning |T2| Reason: 47% HP (96/201)
 65185 | Vaults:4 | Danger: Low HP Warning |T2| Reason: 48% HP (98/201)
 65186 | Vaults:4 | Danger: Low HP Warning |T2| Reason: 49% HP (99/201)
 65187 | Vaults:4 | Danger: Low HP Warning |T2| Reason: 49% HP (100/201)
 65189 | Vaults:4 | Danger: Low HP Warning |T2| Reason: 51% HP (103/201)
 65190 | Vaults:4 | Danger: Low HP Warning |T2| Reason: 51% HP (104/201)
 65192 | Vaults:4 | Danger: Low HP Warning |T2| Reason: 53% HP (107/201)
 65193 | Vaults:4 | Danger: Low HP Warning |T2| Reason: 53% HP (108/201)
 65194 | Vaults:4 | Danger: Low HP Warning |T2| Reason: 54% HP (109/201)
 65195 | Vaults:4 | Danger: Low HP Warning |T2| Reason: 55% HP (111/201)
 65196 | Vaults:4 | Danger: Low HP Warning |T2| Reason: 55% HP (112/201)
 65197 | Vaults:4 | Danger: Low HP Warning |T2| Reason: 56% HP (113/201)
 65200 | Vaults:4 | Danger: Low HP Warning |T2| Reason: 58% HP (117/201)
 65202 | Vaults:4 | Danger: war gargoyle |T2| Reason: OOD monster, careful!
 65202 | Vaults:4 | Danger: Low HP Warning |T2| Reason: 59% HP (120/201)
 65203 | Vaults:4 | Danger: Low HP Warning |T2| Reason: 60% HP (121/201)
 65275 | Vaults:4 | Danger: tentacled monstrosity |T2| Reason: OOD monster,
                  | careful!
 65338 | Vaults:4 | Danger: stone giant |T2| Reason: Quivering large rocks,
                  | watch out!!
 65338 | Vaults:4 | Danger: stone giant |T2| Reason: OOD monster, careful!
 65519 | Vaults:4 | Danger: vault guard |T2| Reason: OOD monster, careful!
 65520 | Vaults:4 | Danger: vault guard |T2| Reason: OOD monster, careful!
 65526 | Vaults:4 | Danger: vault guard |T2| Reason: OOD monster, careful!
 65529 | Vaults:4 | Danger: vault guard |T2| Reason: OOD monster, careful!
 65840 | Vaults:4 | Danger: Low HP Warning |T2| Reason: 56% HP (114/201)
 65841 | Vaults:4 | Danger: Low HP Warning |T2| Reason: 56% HP (114/201)
 65842 | Vaults:4 | Danger: Low HP Warning |T2| Reason: 57% HP (115/201)
 65843 | Vaults:4 | Danger: Low HP Warning |T2| Reason: 57% HP (116/201)
 65844 | Vaults:4 | Danger: Low HP Warning |T2| Reason: 58% HP (118/201)
 65845 | Vaults:4 | Danger: Low HP Warning |T2| Reason: 52% HP (106/201)
 65846 | Vaults:4 | Danger: Low HP Warning |T2| Reason: 53% HP (107/201)
 65847 | Vaults:4 | Danger: Low HP Warning |T2| Reason: 53% HP (107/201)
 65848 | Vaults:4 | Danger: Low HP Warning |T2| Reason: 53% HP (108/201)
 65850 | Vaults:4 | Danger: Low HP Warning |T2| Reason: 54% HP (110/201)
 65851 | Vaults:4 | Danger: Low HP Warning |T2| Reason: 55% HP (111/201)
 66390 | Depths:1 | Entered Level 1 of the Depths
 66392 | Depths:1 | Danger: lich |T2| Reason: OOD monster, careful!
 66392 | Depths:1 | Danger: lich |T2| Reason: Orb of Destruction deals more
                  | than 50% MHP!
 66403 | Depths:1 | Danger: lich |T2| Reason: OOD monster, careful!
 66403 | Depths:1 | Danger: lich |T2| Reason: Orb of Destruction deals more
                  | than 50% MHP!
 66403 | Depths:1 | Danger: lich |T3| Reason: IMMINENT DEATH: Orb of
                  | Destruction deals 162 damage, you have 153 HP!!
 66404 | Depths:1 | Danger: lich |T3| Reason: IMMINENT DEATH: Orb of
                  | Destruction deals 162 damage, you have 153 HP!!
 66405 | Depths:1 | Danger: lich |T3| Reason: IMMINENT DEATH: Orb of
                  | Destruction deals 162 damage, you have 154 HP!!
 66406 | Depths:1 | Danger: lich |T3| Reason: IMMINENT DEATH: Orb of
                  | Destruction deals 162 damage, you have 155 HP!!
 66407 | Depths:1 | Danger: lich |T3| Reason: IMMINENT DEATH: Orb of
                  | Destruction deals 162 damage, you have 156 HP!!
 66408 | Depths:1 | Danger: lich |T3| Reason: IMMINENT DEATH: Orb of
                  | Destruction deals 162 damage, you have 146 HP!!
 66409 | Depths:1 | Danger: lich |T3| Reason: IMMINENT DEATH: Orb of
                  | Destruction deals 162 damage, you have 147 HP!!
 66455 | Depths:1 | Danger: lich |T2| Reason: OOD monster, careful!
 66455 | Depths:1 | Danger: lich |T2| Reason: Orb of Destruction deals more
                  | than 50% MHP!
 66547 | Depths:1 | Found a bloodstained altar of Trog.
 66853 | Depths:1 | Found a gateway to Hell.
 66899 | Depths:1 | Danger: merfolk javelineer |T2| Reason: Quivering javelins,
                  | watch out!
 66909 | Depths:1 | Danger: merfolk javelineer |T2| Reason: Quivering javelins,
                  | watch out!
 66923 | Depths:1 | Danger: merfolk javelineer |T2| Reason: Quivering javelins,
                  | watch out!
 66983 | Depths:1 | Danger: stone giant |T2| Reason: Quivering large rocks,
                  | watch out!!
 67101 | Depths:1 | Danger: Low HP Warning |T2| Reason: 55% HP (112/201)
 67217 | Depths:1 | Found the +3 salamander hide armour {Flames, rFlCloud rF++
                  | rC--}
 67434 | Depths:1 | Found a one-way gate leading to the halls of Pandemonium.
 67517 | Depths:2 | Danger: Malevolent teleportation! |T3| Reason: Malevolent
                  | teleportation!
 67518 | Depths:2 | Danger: stone giant |T2| Reason: Quivering large rocks,
                  | watch out!!
 67518 | Depths:2 | Danger: stone giant |T2| Reason: Quivering large rocks,
                  | watch out!!
 67560 | Depths:2 | Danger: sphinx |T2| Reason: OOD monster, careful!
 67573 | Depths:2 | Danger: sphinx |T2| Reason: OOD monster, careful!
 67576 | Depths:2 | Danger: sphinx |T2| Reason: OOD monster, careful!
 67579 | Depths:2 | Danger: sphinx |T2| Reason: OOD monster, careful!
 67588 | Depths:2 | Reached XP level 22. HP: 205/209 MP: 23/23
 67636 | Depths:2 | Danger: tengu conjurer |T2| Reason: Lightning Bolt and no
                  | rElec
 67684 | Depths:2 | Danger: stone giant |T2| Reason: Quivering large rocks,
                  | watch out!!
 67741 | Depths:2 | Danger: stone giant |T2| Reason: Quivering large rocks,
                  | watch out!!
 67746 | Depths:2 | Danger: merfolk javelineer |T2| Reason: Quivering javelins,
                  | watch out!
 67746 | Depths:2 | Danger: spriggan air mage |T2| Reason: Lightning Bolt and
                  | no rElec
 67748 | Depths:2 | Danger: stone giant |T2| Reason: Quivering large rocks,
                  | watch out!!
 67748 | Depths:2 | Danger: spriggan defender |T2| Reason: OOD monster,
                  | careful!
 67758 | Depths:2 | Danger: merfolk javelineer |T2| Reason: Quivering javelins,
                  | watch out!
 67762 | Depths:2 | Danger: spriggan defender |T2| Reason: OOD monster,
                  | careful!
 67764 | Depths:2 | Danger: spriggan air mage |T2| Reason: Lightning Bolt and
                  | no rElec
 67764 | Depths:2 | Danger: Low HP Warning |T2| Reason: 56% HP (119/209)
 67765 | Depths:2 | Danger: spriggan air mage |T2| Reason: Lightning Bolt and
                  | no rElec
 67765 | Depths:2 | Danger: Low HP Warning |T2| Reason: 57% HP (120/209)
 67766 | Depths:2 | Danger: Low HP Warning |T2| Reason: 57% HP (120/209)
 67767 | Depths:2 | Danger: Low HP Warning |T2| Reason: 50% HP (105/209)
 67768 | Depths:2 | Danger: spriggan defender |T2| Reason: OOD monster,
                  | careful!
 67768 | Depths:2 | Danger: Low HP Warning |T2| Reason: 43% HP (90/209)
 67769 | Depths:2 | Danger: spriggan defender |T2| Reason: OOD monster,
                  | careful!
 67769 | Depths:2 | Danger: Low HP Warning |T2| Reason: 43% HP (90/209)
 67770 | Depths:2 | Danger: merfolk javelineer |T2| Reason: Quivering javelins,
                  | watch out!
 67770 | Depths:2 | Danger: Low HP Warning |T2| Reason: 43% HP (90/209)
 67771 | Depths:2 | Danger: spriggan air mage |T2| Reason: Lightning Bolt and
                  | no rElec
 67771 | Depths:2 | Danger: Low HP Warning |T2| Reason: 44% HP (92/209)
 67772 | Depths:2 | Danger: Low HP Warning |T2| Reason: 44% HP (93/209)
 67773 | Depths:2 | Danger: Low HP Warning |T2| Reason: 44% HP (94/209)
 67774 | Depths:2 | Danger: Low HP Warning |T2| Reason: 45% HP (96/209)
 67775 | Depths:2 | Danger: Low HP Warning |T2| Reason: 37% HP (79/209)
 67776 | Depths:2 | Danger: Low HP Warning |T2| Reason: 38% HP (80/209)
 67777 | Depths:2 | Danger: Low HP Warning |T2| Reason: 39% HP (82/209)
 67778 | Depths:2 | Danger: Low HP Warning |T2| Reason: 39% HP (83/209)
 67779 | Depths:2 | Danger: Low HP Warning |T2| Reason: 40% HP (85/209)
 67780 | Depths:2 | Danger: spriggan air mage |T3| Reason: IMMINENT DEATH:
                  | Lightning Bolt deals 57 damage, you have 48 HP!!
 67780 | Depths:2 | Danger: Low HP Warning |T3| Reason: 22% HP (48/209)
 67780 | Depths:2 | Danger: spriggan air mage |T2| Reason: Lightning Bolt and
                  | no rElec
 67780 | Depths:2 | Danger: spriggan air mage |T3| Reason: IMMINENT DEATH:
                  | Lightning Bolt deals 57 damage, you have 48 HP!!
 67780 | Depths:2 | Danger: Low HP Warning |T3| Reason: 22% HP (48/209)
 67781 | Depths:2 | Danger: spriggan air mage |T3| Reason: IMMINENT DEATH:
                  | Lightning Bolt deals 57 damage, you have 49 HP!!
 67781 | Depths:2 | Danger: Low HP Warning |T3| Reason: 23% HP (49/209)
 67782 | Depths:2 | Danger: spriggan air mage |T3| Reason: IMMINENT DEATH:
                  | Lightning Bolt deals 57 damage, you have 51 HP!!
 67782 | Depths:2 | Danger: Low HP Warning |T3| Reason: 24% HP (51/209)
 67783 | Depths:2 | Danger: spriggan air mage |T3| Reason: IMMINENT DEATH:
                  | Lightning Bolt deals 57 damage, you have 52 HP!!
 67783 | Depths:2 | Danger: Low HP Warning |T3| Reason: 24% HP (52/209)
 67784 | Depths:2 | Danger: spriggan air mage |T3| Reason: IMMINENT DEATH:
                  | Lightning Bolt deals 57 damage, you have 53 HP!!
 67784 | Depths:2 | Danger: Low HP Warning |T3| Reason: 25% HP (53/209)
 67785 | Depths:2 | Danger: spriggan air mage |T3| Reason: IMMINENT DEATH:
                  | Lightning Bolt deals 57 damage, you have 55 HP!!
 67785 | Depths:2 | Danger: Low HP Warning |T2| Reason: 26% HP (55/209)
 67786 | Depths:2 | Danger: spriggan air mage |T3| Reason: IMMINENT DEATH:
                  | Lightning Bolt deals 57 damage, you have 56 HP!!
 67786 | Depths:2 | Danger: Low HP Warning |T2| Reason: 26% HP (56/209)
 67787 | Depths:2 | Danger: spriggan air mage |T3| Reason: IMMINENT DEATH:
                  | Lightning Bolt deals 57 damage, you have 51 HP!!
 67787 | Depths:2 | Danger: Low HP Warning |T3| Reason: 24% HP (51/209)
 67787 | Depths:2 | Identified the ring "Roaseeng" {rC+ rN+}
 67788 | Depths:2 | Danger: spriggan air mage |T3| Reason: IMMINENT DEATH:
                  | Lightning Bolt deals 57 damage, you have 52 HP!!
 67788 | Depths:2 | Danger: Low HP Warning |T3| Reason: 24% HP (52/209)
 68063 | Depths:2 | Danger: stone giant |T2| Reason: Quivering large rocks,
                  | watch out!!
 68071 | Depths:2 | Danger: stone giant |T2| Reason: Quivering large rocks,
                  | watch out!!
 68073 | Depths:2 | Danger: stone giant |T2| Reason: Quivering large rocks,
                  | watch out!!
 68112 | Depths:2 | Danger: lich |T2| Reason: Orb of Destruction deals more
                  | than 50% MHP!
 68116 | Depths:2 | Danger: lich |T2| Reason: Orb of Destruction deals more
                  | than 50% MHP!
 68123 | Depths:2 | Danger: lich |T2| Reason: Orb of Destruction deals more
                  | than 50% MHP!
 68130 | Depths:2 | Danger: titan |T2| Reason: OOD monster, careful!
 68130 | Depths:2 | Danger: titan |T2| Reason: Lightning Bolt and no rElec
 68135 | Depths:2 | Danger: Low HP Warning |T2| Reason: 51% HP (107/206)
 68136 | Depths:2 | Danger: Low HP Warning |T2| Reason: 52% HP (108/206)
 68137 | Depths:2 | Danger: Low HP Warning |T2| Reason: 52% HP (109/206)
 68139 | Depths:2 | Danger: Low HP Warning |T2| Reason: 54% HP (112/206)
 68318 | Depths:3 | Danger: spriggan air mage |T2| Reason: Lightning Bolt and
                  | no rElec
 68347 | Depths:3 | Danger: Low HP Warning |T2| Reason: 60% HP (127/209)
 68348 | Depths:3 | Danger: Low HP Warning |T2| Reason: 59% HP (124/209)
 68349 | Depths:3 | Danger: Low HP Warning |T2| Reason: 53% HP (111/209)
 68350 | Depths:3 | Danger: Low HP Warning |T2| Reason: 52% HP (109/209)
 68351 | Depths:3 | Danger: iron dragon |T2| Reason: OOD monster, careful!
 68351 | Depths:3 | Danger: Low HP Warning |T2| Reason: 51% HP (107/209)
 68352 | Depths:3 | Danger: Low HP Warning |T2| Reason: 44% HP (93/209)
 68353 | Depths:3 | Danger: Low HP Warning |T2| Reason: 44% HP (92/209)
 68354 | Depths:3 | Danger: Low HP Warning |T2| Reason: 44% HP (92/209)
 68355 | Depths:3 | Danger: iron dragon |T2| Reason: OOD monster, careful!
 68355 | Depths:3 | Danger: Low HP Warning |T2| Reason: 43% HP (91/209)
 68356 | Depths:3 | Danger: Low HP Warning |T2| Reason: 43% HP (91/209)
 68458 | Depths:2 | Danger: spriggan air mage |T2| Reason: Lightning Bolt and
                  | no rElec
 68458 | Depths:2 | Danger: spriggan air mage |T2| Reason: Lightning Bolt and
                  | no rElec
 68460 | Depths:2 | Danger: spriggan air mage |T2| Reason: Lightning Bolt and
                  | no rElec
 68461 | Depths:2 | Danger: spriggan air mage |T2| Reason: Lightning Bolt and
                  | no rElec
 68490 | Depths:3 | Danger: Low HP Warning |T2| Reason: 45% HP (96/209)
 68491 | Depths:3 | Danger: Low HP Warning |T2| Reason: 46% HP (97/209)
 68492 | Depths:3 | Danger: Low HP Warning |T2| Reason: 46% HP (98/209)
 68493 | Depths:3 | Danger: Low HP Warning |T2| Reason: 47% HP (99/209)
 68494 | Depths:3 | Danger: Low HP Warning |T2| Reason: 47% HP (100/209)
 68495 | Depths:3 | Danger: Low HP Warning |T2| Reason: 48% HP (101/209)
 68626 | Depths:3 | Danger: spriggan air mage |T2| Reason: Lightning Bolt and
                  | no rElec
 68639 | Depths:3 | Found a one-way gate to the infinite horrors of the Abyss.
 68819 | Depths:3 | Danger: tengu reaver |T2| Reason: Lightning Bolt and no
                  | rElec
 68821 | Depths:3 | Danger: spriggan air mage |T2| Reason: Lightning Bolt and
                  | no rElec
 68822 | Depths:3 | Found Guplauj's Distillery.
 68823 | Depths:3 | Danger: spriggan air mage |T2| Reason: Lightning Bolt and
                  | no rElec
 68825 | Depths:3 | Danger: spriggan air mage |T2| Reason: Lightning Bolt and
                  | no rElec
 68826 | Depths:3 | Danger: tengu conjurer |T2| Reason: Lightning Bolt and no
                  | rElec
 68827 | Depths:3 | Danger: Low HP Warning |T2| Reason: 53% HP (112/209)
 68828 | Depths:3 | Danger: Low HP Warning |T2| Reason: 54% HP (114/209)
 68829 | Depths:3 | Danger: Low HP Warning |T2| Reason: 47% HP (99/209)
 68830 | Depths:3 | Danger: Low HP Warning |T2| Reason: 47% HP (100/209)
 68831 | Depths:3 | Danger: Low HP Warning |T2| Reason: 48% HP (102/209)
 68832 | Depths:3 | Danger: Low HP Warning |T2| Reason: 49% HP (103/209)
 68833 | Depths:3 | Danger: tengu conjurer |T2| Reason: Lightning Bolt and no
                  | rElec
 68833 | Depths:3 | Danger: Low HP Warning |T2| Reason: 49% HP (104/209)
 68834 | Depths:3 | Danger: Low HP Warning |T2| Reason: 39% HP (82/209)
 68835 | Depths:3 | Danger: tengu reaver |T2| Reason: Lightning Bolt and no
                  | rElec
 68835 | Depths:3 | Danger: Low HP Warning |T2| Reason: 39% HP (83/209)
 68836 | Depths:3 | Danger: Low HP Warning |T2| Reason: 40% HP (84/209)
 68837 | Depths:3 | Danger: Low HP Warning |T2| Reason: 41% HP (86/209)
 68839 | Depths:3 | Danger: spriggan air mage |T2| Reason: Lightning Bolt and
                  | no rElec
 68839 | Depths:3 | Danger: Low HP Warning |T2| Reason: 42% HP (88/209)
 68841 | Depths:3 | Danger: Low HP Warning |T2| Reason: 43% HP (91/209)
 68842 | Depths:3 | Danger: Low HP Warning |T2| Reason: 39% HP (83/209)
 68843 | Depths:3 | Danger: Low HP Warning |T2| Reason: 40% HP (84/209)
 68844 | Depths:3 | Danger: Low HP Warning |T2| Reason: 40% HP (85/209)
 68845 | Depths:3 | Danger: spriggan air mage |T2| Reason: Lightning Bolt and
                  | no rElec
 68845 | Depths:3 | Danger: tengu reaver |T2| Reason: Lightning Bolt and no
                  | rElec
 68845 | Depths:3 | Danger: spriggan air mage |T2| Reason: Lightning Bolt and
                  | no rElec
 68845 | Depths:3 | Danger: Low HP Warning |T2| Reason: 41% HP (86/209)
 68846 | Depths:3 | Danger: tengu conjurer |T2| Reason: Lightning Bolt and no
                  | rElec
 68846 | Depths:3 | Danger: Low HP Warning |T2| Reason: 41% HP (87/209)
 68847 | Depths:3 | Danger: Low HP Warning |T2| Reason: 42% HP (89/209)
 68850 | Depths:3 | Danger: tengu reaver |T2| Reason: Lightning Bolt and no
                  | rElec
 68850 | Depths:3 | Danger: spriggan air mage |T2| Reason: Lightning Bolt and
                  | no rElec
 68850 | Depths:3 | Danger: Low HP Warning |T2| Reason: 44% HP (93/209)
 68851 | Depths:3 | Danger: Low HP Warning |T2| Reason: 44% HP (94/209)
 68852 | Depths:3 | Danger: Low HP Warning |T2| Reason: 45% HP (95/209)
 68853 | Depths:3 | Danger: tengu reaver |T2| Reason: Lightning Bolt and no
                  | rElec
 68853 | Depths:3 | Danger: Low HP Warning |T2| Reason: 46% HP (97/209)
 68854 | Depths:3 | Danger: Low HP Warning |T2| Reason: 46% HP (98/209)
 68856 | Depths:3 | Danger: spriggan air mage |T2| Reason: Lightning Bolt and
                  | no rElec
 68856 | Depths:3 | Danger: Low HP Warning |T2| Reason: 48% HP (101/209)
 68857 | Depths:3 | Danger: Low HP Warning |T2| Reason: 48% HP (102/209)
 68858 | Depths:3 | Danger: Low HP Warning |T2| Reason: 49% HP (103/209)
 68859 | Depths:3 | Danger: Low HP Warning |T2| Reason: 50% HP (105/209)
 68860 | Depths:3 | Danger: Low HP Warning |T2| Reason: 50% HP (106/209)
 68861 | Depths:3 | Danger: Low HP Warning |T2| Reason: 51% HP (107/209)
 68862 | Depths:3 | Danger: Low HP Warning |T2| Reason: 50% HP (106/209)
 69026 | Depths:2 | Danger: spriggan defender |T2| Reason: OOD monster,
                  | careful!
 69026 | Depths:2 | Danger: spriggan defender |T3| Reason: Quivering curare and
                  | no rPois, watch out!!
 69026 | Depths:2 | Danger: spriggan defender |T2| Reason: OOD monster,
                  | careful!
 69028 | Depths:2 | Danger: spriggan defender |T2| Reason: OOD monster,
                  | careful!
 69034 | Depths:2 | Danger: spriggan defender |T2| Reason: OOD monster,
                  | careful!
 69035 | Depths:2 | Danger: spriggan defender |T3| Reason: Quivering curare and
                  | no rPois, watch out!!
 69035 | Depths:2 | Danger: spriggan defender |T2| Reason: OOD monster,
                  | careful!
 69039 | Depths:2 | Danger: spriggan defender |T3| Reason: Quivering curare and
                  | no rPois, watch out!!
 69039 | Depths:2 | Danger: spriggan defender |T2| Reason: OOD monster,
                  | careful!
 69040 | Depths:2 | Danger: spriggan defender |T2| Reason: OOD monster,
                  | careful!
 69040 | Depths:2 | Danger: spriggan defender |T3| Reason: Quivering curare and
                  | no rPois, watch out!!
 69041 | Depths:2 | Danger: spriggan defender |T3| Reason: Quivering curare and
                  | no rPois, watch out!!
 69044 | Depths:2 | Danger: spriggan defender |T3| Reason: Quivering curare and
                  | no rPois, watch out!!
 69044 | Depths:2 | Danger: spriggan defender |T2| Reason: OOD monster,
                  | careful!
 69044 | Depths:2 | Danger: spriggan defender |T2| Reason: OOD monster,
                  | careful!
 69045 | Depths:2 | Danger: spriggan defender |T3| Reason: Quivering curare and
                  | no rPois, watch out!!
 69047 | Depths:2 | Danger: spriggan defender |T3| Reason: Quivering curare and
                  | no rPois, watch out!!
 69047 | Depths:2 | Danger: spriggan defender |T2| Reason: OOD monster,
                  | careful!
 69048 | Depths:2 | Danger: spriggan defender |T3| Reason: Quivering curare and
                  | no rPois, watch out!!
 69049 | Depths:2 | Danger: spriggan defender |T3| Reason: Quivering curare and
                  | no rPois, watch out!!
 69050 | Depths:2 | Danger: spriggan defender |T3| Reason: Quivering curare and
                  | no rPois, watch out!!
 69051 | Depths:2 | Danger: spriggan defender |T3| Reason: Quivering curare and
                  | no rPois, watch out!!
 69052 | Depths:2 | Danger: spriggan defender |T3| Reason: Quivering curare and
                  | no rPois, watch out!!
 69053 | Depths:2 | Danger: spriggan defender |T3| Reason: Quivering curare and
                  | no rPois, watch out!!
 69054 | Depths:2 | Danger: spriggan defender |T3| Reason: Quivering curare and
                  | no rPois, watch out!!
 69055 | Depths:2 | Danger: spriggan defender |T3| Reason: Quivering curare and
                  | no rPois, watch out!!
 69056 | Depths:2 | Danger: spriggan defender |T3| Reason: Quivering curare and
                  | no rPois, watch out!!
 69114 | Depths:2 | Danger: spriggan air mage |T2| Reason: Lightning Bolt and
                  | no rElec
 69119 | Depths:2 | Danger: merfolk javelineer |T2| Reason: Quivering javelins,
                  | watch out!
 69123 | Depths:2 | Danger: spriggan air mage |T2| Reason: Lightning Bolt and
                  | no rElec
 69128 | Depths:2 | Danger: spriggan air mage |T2| Reason: Lightning Bolt and
                  | no rElec
 69132 | Depths:2 | Danger: spriggan air mage |T2| Reason: Lightning Bolt and
                  | no rElec
 69141 | Depths:2 | Danger: spriggan air mage |T2| Reason: Lightning Bolt and
                  | no rElec
 69183 | Depths:2 | Danger: merfolk javelineer |T2| Reason: Quivering javelins,
                  | watch out!
 69192 | Depths:2 | Danger: spriggan air mage |T2| Reason: Lightning Bolt and
                  | no rElec
 69193 | Depths:2 | Danger: merfolk javelineer |T2| Reason: Quivering javelins,
                  | watch out!
 69199 | Depths:2 | Danger: spriggan air mage |T2| Reason: Lightning Bolt and
                  | no rElec
 69202 | Depths:2 | Danger: merfolk javelineer |T2| Reason: Quivering javelins,
                  | watch out!
 69202 | Depths:2 | Danger: Low HP Warning |T2| Reason: 59% HP (125/209)
 69203 | Depths:2 | Danger: Low HP Warning |T2| Reason: 60% HP (126/209)
 69204 | Depths:2 | Danger: Low HP Warning |T2| Reason: 58% HP (123/209)
 69205 | Depths:2 | Danger: Low HP Warning |T2| Reason: 59% HP (124/209)
 69206 | Depths:2 | Danger: Low HP Warning |T2| Reason: 59% HP (125/209)
 69207 | Depths:2 | Danger: Low HP Warning |T2| Reason: 60% HP (126/209)
 69208 | Depths:2 | Danger: Low HP Warning |T2| Reason: 60% HP (127/209)
 69212 | Depths:2 | Danger: Low HP Warning |T2| Reason: 55% HP (117/209)
 69213 | Depths:2 | Danger: Low HP Warning |T2| Reason: 56% HP (118/209)
 69359 | Depths:2 | Found a burning altar of Makhleb.
 69483 | Depths:2 | Danger: vampire knight |T3| Reason: Paralyse and low Will
 69484 | Depths:2 | Danger: vampire knight |T3| Reason: Paralyse and low Will
 69485 | Depths:2 | Danger: vampire knight |T3| Reason: Paralyse and low Will
 69486 | Depths:2 | Danger: vampire knight |T3| Reason: Paralyse and low Will
 69487 | Depths:2 | Danger: vampire knight |T3| Reason: Paralyse and low Will
 69488 | Depths:2 | Danger: vampire knight |T3| Reason: Paralyse and low Will
 69489 | Depths:2 | Danger: vampire knight |T3| Reason: Paralyse and low Will
 69575 | Depths:2 | Danger: lich |T2| Reason: Slow and low Will, careful
 69575 | Depths:2 | Danger: lich |T2| Reason: Orb of Destruction deals more
                  | than 50% MHP!
 69932 | Depths:3 | Danger: wizard |T3| Reason: Banishment and low Will
 69936 | Depths:3 | Danger: wizard |T3| Reason: Banishment and low Will
 69937 | Depths:3 | Danger: wizard |T3| Reason: Banishment and low Will
 69938 | Depths:3 | Danger: stone giant |T2| Reason: Quivering large rocks,
                  | watch out!!
 69938 | Depths:3 | Danger: wizard |T3| Reason: Banishment and low Will
 69939 | Depths:3 | Danger: wizard |T3| Reason: Banishment and low Will
 69940 | Depths:3 | Danger: wizard |T3| Reason: Banishment and low Will
 69942 | Depths:3 | Danger: wizard |T3| Reason: Banishment and low Will
 70010 | Depths:3 | Danger: vampire knight |T3| Reason: Paralyse and low Will
 70011 | Depths:3 | Danger: vampire knight |T3| Reason: Paralyse and low Will
 70012 | Depths:3 | Danger: vampire knight |T3| Reason: Paralyse and low Will
 70013 | Depths:3 | Danger: vampire knight |T3| Reason: Paralyse and low Will
 70014 | Depths:3 | Danger: vampire knight |T3| Reason: Paralyse and low Will
 70015 | Depths:3 | Danger: vampire knight |T3| Reason: Paralyse and low Will
 70023 | Depths:3 | Danger: vampire knight |T3| Reason: Paralyse and low Will
 70024 | Depths:3 | Danger: vampire knight |T3| Reason: Paralyse and low Will
 70025 | Depths:3 | Danger: vampire knight |T3| Reason: Paralyse and low Will
 70026 | Depths:3 | Danger: vampire knight |T3| Reason: Paralyse and low Will
 70027 | Depths:3 | Danger: vampire knight |T3| Reason: Paralyse and low Will
 70028 | Depths:3 | Danger: vampire knight |T3| Reason: Paralyse and low Will
 70029 | Depths:3 | Danger: vampire knight |T3| Reason: Paralyse and low Will
 70030 | Depths:3 | Danger: vampire knight |T3| Reason: Paralyse and low Will
 70031 | Depths:3 | Danger: vampire knight |T3| Reason: Paralyse and low Will
 70032 | Depths:3 | Danger: vampire knight |T3| Reason: Paralyse and low Will
 70033 | Depths:3 | Danger: vampire knight |T3| Reason: Paralyse and low Will
 70047 | Depths:3 | Danger: Low HP Warning |T2| Reason: 58% HP (122/209)
 70048 | Depths:3 | Danger: Low HP Warning |T2| Reason: 39% HP (82/209)
 70049 | Depths:3 | Danger: Low HP Warning |T2| Reason: 39% HP (82/209)
 70050 | Depths:3 | Danger: Low HP Warning |T2| Reason: 39% HP (83/209)
 70051 | Depths:3 | Danger: Low HP Warning |T2| Reason: 38% HP (81/209)
 70052 | Depths:3 | Danger: Low HP Warning |T2| Reason: 35% HP (75/209)
 70053 | Depths:3 | Danger: Low HP Warning |T2| Reason: 36% HP (76/209)
 70054 | Depths:3 | Danger: Low HP Warning |T2| Reason: 36% HP (77/209)
 70055 | Depths:3 | Danger: Low HP Warning |T2| Reason: 37% HP (78/209)
 70056 | Depths:3 | Danger: Low HP Warning |T2| Reason: 37% HP (79/209)
 70057 | Depths:3 | Danger: Low HP Warning |T2| Reason: 38% HP (80/209)
 70058 | Depths:3 | Danger: Low HP Warning |T2| Reason: 37% HP (79/209)
 70059 | Depths:3 | Danger: Low HP Warning |T2| Reason: 37% HP (79/209)
 70060 | Depths:3 | Danger: Low HP Warning |T2| Reason: 38% HP (80/209)
 70061 | Depths:3 | Danger: Low HP Warning |T2| Reason: 38% HP (81/209)
 70122 | Depths:3 | Danger: tengu reaver |T2| Reason: Lightning Bolt and no
                  | rElec
 70229 | Depths:3 | Danger: stone giant |T2| Reason: Quivering large rocks,
                  | watch out!!
 70243 | Depths:3 | Danger: stone giant |T2| Reason: Quivering large rocks,
                  | watch out!!
 70243 | Depths:3 | Danger: spriggan air mage |T2| Reason: Lightning Bolt and
                  | no rElec
 70244 | Depths:3 | Danger: tengu conjurer |T2| Reason: Lightning Bolt and no
                  | rElec
 70248 | Depths:3 | Danger: spriggan air mage |T2| Reason: Lightning Bolt and
                  | no rElec
 70250 | Depths:3 | Danger: stone giant |T2| Reason: Quivering large rocks,
                  | watch out!!
 70250 | Depths:3 | Danger: tengu conjurer |T2| Reason: Lightning Bolt and no
                  | rElec
 70289 | Depths:3 | Danger: stone giant |T2| Reason: Quivering large rocks,
                  | watch out!!
 70291 | Depths:3 | Danger: iron dragon |T2| Reason: OOD monster, careful!
 70294 | Depths:3 | Danger: vampire knight |T3| Reason: Paralyse and low Will
 70296 | Depths:3 | Danger: vampire knight |T3| Reason: Paralyse and low Will
 70297 | Depths:3 | Danger: vampire knight |T3| Reason: Paralyse and low Will
 70298 | Depths:3 | Danger: vampire knight |T3| Reason: Paralyse and low Will
 70299 | Depths:3 | Danger: vampire knight |T3| Reason: Paralyse and low Will
 70300 | Depths:3 | Danger: vampire knight |T3| Reason: Paralyse and low Will
 70302 | Depths:3 | Danger: vampire knight |T3| Reason: Paralyse and low Will
 70304 | Depths:3 | Danger: vampire knight |T3| Reason: Paralyse and low Will
 70305 | Depths:3 | Danger: vampire knight |T3| Reason: Paralyse and low Will
 70306 | Depths:3 | Danger: vampire knight |T3| Reason: Paralyse and low Will
 70307 | Depths:3 | Danger: vampire knight |T3| Reason: Paralyse and low Will
 70308 | Depths:3 | Danger: vampire knight |T3| Reason: Paralyse and low Will
 70309 | Depths:3 | Danger: vampire knight |T3| Reason: Paralyse and low Will
 70310 | Depths:3 | Danger: vampire knight |T3| Reason: Paralyse and low Will
 70311 | Depths:3 | Danger: vampire knight |T3| Reason: Paralyse and low Will
 70312 | Depths:3 | Danger: vampire knight |T3| Reason: Paralyse and low Will
 70313 | Depths:3 | Danger: vampire knight |T3| Reason: Paralyse and low Will
 70313 | Depths:3 | Danger: Low HP Warning |T2| Reason: 57% HP (121/209)
 70314 | Depths:3 | Danger: vampire knight |T3| Reason: Paralyse and low Will
 70314 | Depths:3 | Danger: Low HP Warning |T2| Reason: 58% HP (122/209)
 70315 | Depths:3 | Danger: vampire knight |T3| Reason: Paralyse and low Will
 70315 | Depths:3 | Danger: Low HP Warning |T2| Reason: 59% HP (124/209)
 70316 | Depths:3 | Danger: vampire knight |T3| Reason: Paralyse and low Will
 70316 | Depths:3 | Danger: Low HP Warning |T2| Reason: 59% HP (125/209)
 70317 | Depths:3 | Danger: vampire knight |T3| Reason: Paralyse and low Will
 70317 | Depths:3 | Danger: Low HP Warning |T2| Reason: 60% HP (126/209)
 70318 | Depths:3 | Danger: vampire knight |T3| Reason: Paralyse and low Will
 70318 | Depths:3 | Danger: Low HP Warning |T2| Reason: 60% HP (127/209)
 70319 | Depths:3 | Danger: vampire knight |T3| Reason: Paralyse and low Will
 70319 | Depths:3 | Danger: Low HP Warning |T2| Reason: 60% HP (127/209)
 70320 | Depths:3 | Danger: vampire knight |T3| Reason: Paralyse and low Will
 70321 | Depths:3 | Danger: vampire knight |T3| Reason: Paralyse and low Will
 70322 | Depths:3 | Danger: vampire knight |T3| Reason: Paralyse and low Will
 70323 | Depths:3 | Danger: vampire knight |T3| Reason: Paralyse and low Will
 70324 | Depths:3 | Danger: vampire knight |T3| Reason: Paralyse and low Will
 70324 | Depths:3 | Danger: Low HP Warning |T2| Reason: 54% HP (113/209)
 70325 | Depths:3 | Danger: vampire knight |T3| Reason: Paralyse and low Will
 70325 | Depths:3 | Danger: Low HP Warning |T2| Reason: 54% HP (114/209)
 70326 | Depths:3 | Danger: vampire knight |T3| Reason: Paralyse and low Will
 70326 | Depths:3 | Danger: Low HP Warning |T2| Reason: 55% HP (115/209)
 70328 | Depths:3 | Danger: iron dragon |T2| Reason: OOD monster, careful!
 70328 | Depths:3 | Danger: Low HP Warning |T2| Reason: 55% HP (117/209)
 70329 | Depths:3 | Danger: Low HP Warning |T2| Reason: 56% HP (118/209)
 70330 | Depths:3 | Danger: Low HP Warning |T2| Reason: 57% HP (120/209)
 70331 | Depths:3 | Danger: Low HP Warning |T2| Reason: 57% HP (121/209)
 70332 | Depths:3 | Danger: Low HP Warning |T2| Reason: 58% HP (122/209)
 70333 | Depths:3 | Danger: Low HP Warning |T2| Reason: 59% HP (124/209)
 70334 | Depths:3 | Danger: Low HP Warning |T2| Reason: 59% HP (125/209)
 70335 | Depths:3 | Danger: Low HP Warning |T2| Reason: 60% HP (126/209)
 70374 | Depths:3 | Danger: iron dragon |T2| Reason: OOD monster, careful!
 70449 | Depths:3 | Noticed a caustic shrike
 70450 | Depths:3 | Danger: caustic shrike |T2| Reason: OOD monster, careful!
 70472 | Depths:3 | Danger: spriggan air mage |T2| Reason: Lightning Bolt and
                  | no rElec
 70479 | Depths:3 | Danger: Low HP Warning |T2| Reason: 56% HP (119/209)
 70480 | Depths:3 | Danger: Low HP Warning |T2| Reason: 57% HP (120/209)
 70481 | Depths:3 | Danger: Low HP Warning |T2| Reason: 52% HP (110/209)
 70482 | Depths:3 | Danger: Low HP Warning |T2| Reason: 50% HP (105/209)
 70483 | Depths:3 | Danger: Low HP Warning |T2| Reason: 50% HP (105/209)
 70484 | Depths:3 | Danger: Low HP Warning |T2| Reason: 50% HP (106/209)
 70485 | Depths:3 | Danger: Low HP Warning |T2| Reason: 51% HP (107/209)
 70486 | Depths:3 | Danger: Low HP Warning |T2| Reason: 51% HP (108/209)
 70487 | Depths:3 | Danger: Low HP Warning |T2| Reason: 52% HP (109/209)
 70488 | Depths:3 | Danger: Low HP Warning |T2| Reason: 52% HP (110/209)
 70489 | Depths:3 | Danger: Low HP Warning |T2| Reason: 53% HP (111/209)
 70490 | Depths:3 | Danger: Low HP Warning |T2| Reason: 53% HP (112/209)
 70491 | Depths:3 | Danger: Low HP Warning |T2| Reason: 54% HP (113/209)
 70492 | Depths:3 | Danger: Low HP Warning |T2| Reason: 49% HP (104/209)
 70493 | Depths:3 | Danger: Low HP Warning |T2| Reason: 50% HP (105/209)
 70494 | Depths:3 | Danger: Low HP Warning |T2| Reason: 50% HP (106/209)
 70495 | Depths:3 | Danger: Low HP Warning |T2| Reason: 51% HP (107/209)
 70496 | Depths:3 | Danger: Low HP Warning |T2| Reason: 51% HP (108/209)
 70497 | Depths:3 | Danger: Low HP Warning |T2| Reason: 52% HP (109/209)
 70586 | Depths:3 | Danger: vampire knight |T3| Reason: Paralyse and low Will
 70587 | Depths:3 | Danger: vampire knight |T3| Reason: Paralyse and low Will
 70588 | Depths:3 | Danger: vampire knight |T3| Reason: Paralyse and low Will
 70589 | Depths:3 | Danger: vampire knight |T3| Reason: Paralyse and low Will
 70590 | Depths:3 | Danger: vampire knight |T3| Reason: Paralyse and low Will
 70591 | Depths:3 | Danger: vampire knight |T3| Reason: Paralyse and low Will
 70592 | Depths:3 | Danger: vampire knight |T3| Reason: Paralyse and low Will
 70593 | Depths:3 | Danger: vampire knight |T3| Reason: Paralyse and low Will
 70666 | Depths:3 | Danger: stone giant |T2| Reason: Quivering large rocks,
                  | watch out!!
 70708 | Depths:3 | Danger: caustic shrike |T2| Reason: OOD monster, careful!
 70717 | Depths:3 | Killed a caustic shrike
 70728 | Depths:3 | Bought a potion of heal wounds for 115 gold pieces
 70728 | Depths:3 | Bought a potion of curing for 69 gold pieces
 70728 | Depths:3 | Bought a potion of cancellation for 184 gold pieces
 70728 | Depths:3 | Bought a potion of curing for 69 gold pieces
 70728 | Depths:3 | Bought a potion of resistance for 230 gold pieces
 70728 | Depths:3 | Bought a potion of cancellation for 184 gold pieces
 70746 | Depths:3 | Identified the +4 trident of Fofu {flame, *Slow rN+++ rCorr
                  | SInv}
 70929 | Depths:3 | Danger: iron dragon |T2| Reason: OOD monster, careful!
 70980 | Depths:3 | Danger: Low HP Warning |T2| Reason: 60% HP (126/209)
 70981 | Depths:3 | Danger: Low HP Warning |T2| Reason: 60% HP (127/209)
 70986 | Depths:3 | Danger: Low HP Warning |T2| Reason: 60% HP (127/209)
 70987 | Depths:3 | Danger: Low HP Warning |T2| Reason: 50% HP (106/209)
 70988 | Depths:3 | Danger: Low HP Warning |T2| Reason: 48% HP (102/209)
 70989 | Depths:3 | Danger: Low HP Warning |T2| Reason: 48% HP (102/209)
 70990 | Depths:3 | Danger: Low HP Warning |T2| Reason: 49% HP (103/209)
 70991 | Depths:3 | Danger: frost giant |T3| Reason: IMMINENT DEATH: Bolt of
                  | Cold deals 75 damage, you have 73 HP!!
 70991 | Depths:3 | Danger: Low HP Warning |T2| Reason: 34% HP (73/209)
 70992 | Depths:3 | Danger: frost giant |T3| Reason: IMMINENT DEATH: Bolt of
                  | Cold deals 75 damage, you have 65 HP!!
 70992 | Depths:3 | Danger: Low HP Warning |T2| Reason: 31% HP (65/209)
 70993 | Depths:3 | Danger: frost giant |T3| Reason: IMMINENT DEATH: Bolt of
                  | Cold deals 75 damage, you have 66 HP!!
 70993 | Depths:3 | Danger: Low HP Warning |T2| Reason: 31% HP (66/209)
 71033 | Depths:3 | Danger: Low HP Warning |T2| Reason: 56% HP (119/209)
 71468 | Depths:3 | Found Yrurch's Book Boutique.
 71468 | Depths:3 | Found Poyruewk's Jewellery Emporium.
 71469 | Depths:3 | Found Teruzywn's Jewellery Emporium.
 71520 | Depths:4 | Entered Level 4 of the Depths
 71520 | Depths:4 | Found Vuezeurph's Distillery.
 71524 | Depths:4 | Danger: stone giant |T2| Reason: Quivering large rocks,
                  | watch out!!
 71579 | Depths:4 | Bought a potion of haste for 150 gold pieces
 71579 | Depths:4 | Bought a potion of curing for 45 gold pieces
 71603 | Depths:4 | Found a shadowy altar of Dithmenos.
 71625 | Depths:4 | Danger: Low HP Warning |T2| Reason: 60% HP (127/209)
 71626 | Depths:4 | Danger: Low HP Warning |T2| Reason: 53% HP (111/209)
 71627 | Depths:4 | Danger: Low HP Warning |T2| Reason: 52% HP (109/209)
 71628 | Depths:4 | Danger: Low HP Warning |T2| Reason: 52% HP (110/209)
 71629 | Depths:4 | Danger: Low HP Warning |T2| Reason: 53% HP (111/209)
 71630 | Depths:4 | Danger: Low HP Warning |T2| Reason: 53% HP (112/209)
 71631 | Depths:4 | Danger: Low HP Warning |T2| Reason: 54% HP (113/209)
 71632 | Depths:4 | Danger: Low HP Warning |T2| Reason: 54% HP (113/209)
 71633 | Depths:4 | Danger: Low HP Warning |T2| Reason: 40% HP (85/209)
 71634 | Depths:4 | Danger: Low HP Warning |T2| Reason: 41% HP (86/209)
 71635 | Depths:4 | Danger: frost giant |T3| Reason: IMMINENT DEATH: Bolt of
                  | Cold deals 75 damage, you have 61 HP!!
 71635 | Depths:4 | Danger: Low HP Warning |T2| Reason: 29% HP (61/209)
 71636 | Depths:4 | Danger: frost giant |T3| Reason: IMMINENT DEATH: Bolt of
                  | Cold deals 75 damage, you have 35 HP!!
 71636 | Depths:4 | Danger: Low HP Warning |T3| Reason: 16% HP (35/209)
 71637 | Depths:4 | Danger: frost giant |T3| Reason: IMMINENT DEATH: Bolt of
                  | Cold deals 75 damage, you have 60 HP!!
 71637 | Depths:4 | Danger: Low HP Warning |T2| Reason: 28% HP (60/209)
 71638 | Depths:4 | Danger: frost giant |T3| Reason: IMMINENT DEATH: Bolt of
                  | Cold deals 75 damage, you have 61 HP!!
 71638 | Depths:4 | Danger: Low HP Warning |T2| Reason: 29% HP (61/209)
 71639 | Depths:4 | Danger: frost giant |T3| Reason: IMMINENT DEATH: Bolt of
                  | Cold deals 75 damage, you have 62 HP!!
 71639 | Depths:4 | Danger: Low HP Warning |T2| Reason: 29% HP (62/209)
 71640 | Depths:4 | Danger: frost giant |T3| Reason: IMMINENT DEATH: Bolt of
                  | Cold deals 75 damage, you have 63 HP!!
 71640 | Depths:4 | Danger: Low HP Warning |T2| Reason: 30% HP (63/209)
 71641 | Depths:4 | Danger: frost giant |T3| Reason: IMMINENT DEATH: Bolt of
                  | Cold deals 75 damage, you have 64 HP!!
 71641 | Depths:4 | Danger: Low HP Warning |T2| Reason: 30% HP (64/209)
 71642 | Depths:4 | Danger: frost giant |T3| Reason: IMMINENT DEATH: Bolt of
                  | Cold deals 75 damage, you have 65 HP!!
 71642 | Depths:4 | Danger: Low HP Warning |T2| Reason: 31% HP (65/209)
 71643 | Depths:4 | Danger: Low HP Warning |T2| Reason: 31% HP (66/209)
 71644 | Depths:4 | Danger: Low HP Warning |T2| Reason: 32% HP (67/209)
 71645 | Depths:4 | Danger: Low HP Warning |T2| Reason: 33% HP (69/209)
 71646 | Depths:4 | Danger: Low HP Warning |T2| Reason: 33% HP (70/209)
 71647 | Depths:4 | Danger: Low HP Warning |T2| Reason: 33% HP (71/209)
 71648 | Depths:4 | Danger: Low HP Warning |T2| Reason: 34% HP (73/209)
 71649 | Depths:4 | Danger: Low HP Warning |T2| Reason: 35% HP (74/209)
 71650 | Depths:4 | Danger: Low HP Warning |T2| Reason: 35% HP (75/209)
 71651 | Depths:4 | Danger: Low HP Warning |T2| Reason: 36% HP (77/209)
 71652 | Depths:4 | Danger: Low HP Warning |T2| Reason: 37% HP (78/209)
 71653 | Depths:4 | Danger: Low HP Warning |T2| Reason: 37% HP (79/209)
 71654 | Depths:4 | Danger: Low HP Warning |T2| Reason: 38% HP (81/209)
 71655 | Depths:4 | Danger: Low HP Warning |T2| Reason: 39% HP (82/209)
 71656 | Depths:4 | Danger: Low HP Warning |T2| Reason: 39% HP (83/209)
 71657 | Depths:4 | Danger: Low HP Warning |T2| Reason: 40% HP (85/209)
 71658 | Depths:4 | Danger: Low HP Warning |T2| Reason: 41% HP (86/209)
 71659 | Depths:4 | Danger: Low HP Warning |T2| Reason: 41% HP (87/209)
 71660 | Depths:4 | Danger: Low HP Warning |T2| Reason: 42% HP (89/209)
 71661 | Depths:4 | Danger: Low HP Warning |T2| Reason: 43% HP (90/209)
 71809 | Depths:4 | Noticed a juggernaut
 71810 | Depths:4 | Danger: juggernaut |T2| Reason: OOD monster, careful!
 71819 | Depths:4 | Danger: juggernaut |T2| Reason: OOD monster, careful!
 71834 | Depths:4 | Killed a juggernaut
 72201 | Depths:4 | Danger: walking divine tome |T2| Reason: OOD monster,
                  | careful!
 72224 | Depths:4 | Danger: Low HP Warning |T2| Reason: 45% HP (96/209)
 72225 | Depths:4 | Danger: stone giant |T2| Reason: Quivering large rocks,
                  | watch out!!
 72225 | Depths:4 | Danger: Low HP Warning |T2| Reason: 46% HP (97/209)
 72226 | Depths:4 | Danger: Low HP Warning |T2| Reason: 47% HP (99/209)
 72227 | Depths:4 | Danger: Low HP Warning |T2| Reason: 47% HP (100/209)
 72400 | Depths:4 | Danger: stone giant |T2| Reason: Quivering large rocks,
                  | watch out!!
 72424 | Depths:4 | Danger: stone giant |T2| Reason: Quivering large rocks,
                  | watch out!!
 72448 | Depths:4 | Danger: lich |T2| Reason: Slow and low Will, careful
 72448 | Depths:4 | Danger: lich |T2| Reason: Orb of Destruction deals more
                  | than 50% MHP!
 72501 | Depths:4 | Found Teolul's Antique Weapon Boutique.
 72514 | Depths:4 | Reached XP level 23. HP: 215/215 MP: 24/24
 72543 | Depths:4 | Danger: lich |T2| Reason: Slow and low Will, careful
 72543 | Depths:4 | Danger: lich |T2| Reason: Orb of Destruction deals more
                  | than 50% MHP!
 72547 | Depths:4 | Danger: lich |T2| Reason: Slow and low Will, careful
 72547 | Depths:4 | Danger: lich |T2| Reason: Orb of Destruction deals more
                  | than 50% MHP!
 72556 | Depths:4 | Found Zoeti's Distillery.
 72556 | Depths:4 | Found Cuufikol's Armour Shop.
 72559 | Depths:4 | Found Ruqatzeb's Weapon Shop.
 72618 | Depths:4 | Found a one-way gateway to a ziggurat.
 72634 | Depths:4 | Danger: golden dragon |T2| Reason: OOD monster, careful!
 72788 | Depths:4 | Danger: golden dragon |T2| Reason: OOD monster, careful!
 73075 | Depths:4 | Danger: Low HP Warning |T2| Reason: 57% HP (123/215)
 73076 | Depths:4 | Danger: Low HP Warning |T2| Reason: 57% HP (123/215)
 73077 | Depths:4 | Danger: Low HP Warning |T2| Reason: 57% HP (124/215)
 73078 | Depths:4 | Danger: Low HP Warning |T2| Reason: 58% HP (125/215)
 73079 | Depths:4 | Danger: Low HP Warning |T2| Reason: 59% HP (127/215)
 73080 | Depths:4 | Danger: Low HP Warning |T2| Reason: 59% HP (128/215)
 73082 | Depths:3 | Danger: Low HP Warning |T2| Reason: 60% HP (131/215)
 73084 | Depths:3 | Danger: Low HP Warning |T2| Reason: 60% HP (131/215)
 73085 | Depths:3 | Danger: Low HP Warning |T2| Reason: 59% HP (128/215)
 73086 | Depths:3 | Danger: Low HP Warning |T2| Reason: 55% HP (119/215)
 73087 | Depths:3 | Danger: Low HP Warning |T2| Reason: 55% HP (120/215)
 73088 | Depths:3 | Danger: Low HP Warning |T2| Reason: 52% HP (113/215)
 73089 | Depths:3 | Danger: Low HP Warning |T2| Reason: 53% HP (114/215)
 73090 | Depths:3 | Danger: Low HP Warning |T2| Reason: 53% HP (114/215)
 73091 | Depths:3 | Danger: Low HP Warning |T2| Reason: 53% HP (115/215)
 73092 | Depths:3 | Danger: Low HP Warning |T2| Reason: 53% HP (116/215)
 73182 | Depths:4 | Danger: shadow dragon |T2| Reason: OOD monster, careful!
 73198 | Depths:4 | Danger: Low HP Warning |T2| Reason: 56% HP (104/184)
 73199 | Depths:4 | Danger: Low HP Warning |T2| Reason: 57% HP (105/184)
 73200 | Depths:4 | Danger: Low HP Warning |T2| Reason: 57% HP (106/184)
 73201 | Depths:4 | Danger: Low HP Warning |T2| Reason: 54% HP (101/184)
 73202 | Depths:4 | Danger: Low HP Warning |T2| Reason: 55% HP (102/184)
 73203 | Depths:4 | Danger: Low HP Warning |T2| Reason: 48% HP (86/178)
 73204 | Depths:4 | Danger: Low HP Warning |T2| Reason: 48% HP (86/178)
 73394 | Depths:4 | Danger: shadow dragon |T2| Reason: OOD monster, careful!
 73398 | Depths:4 | Danger: shadow dragon |T2| Reason: OOD monster, careful!
 73410 | Depths:4 | Danger: Low HP Warning |T2| Reason: 57% HP (99/171)
 73411 | Depths:4 | Danger: Low HP Warning |T2| Reason: 58% HP (100/171)
 73412 | Depths:4 | Danger: Low HP Warning |T2| Reason: 59% HP (101/171)
 73413 | Depths:4 | Danger: Low HP Warning |T2| Reason: 59% HP (102/171)
 73414 | Depths:4 | Danger: Low HP Warning |T2| Reason: 57% HP (98/171)
 73415 | Depths:4 | Danger: Low HP Warning |T2| Reason: 57% HP (99/171)
 73416 | Depths:4 | Danger: Low HP Warning |T2| Reason: 58% HP (100/171)
 73417 | Depths:4 | Danger: Low HP Warning |T2| Reason: 59% HP (101/171)
 73418 | Depths:4 | Danger: Low HP Warning |T2| Reason: 59% HP (101/171)
 73419 | Depths:4 | Danger: Low HP Warning |T2| Reason: 59% HP (102/171)
 73420 | Depths:4 | Danger: Low HP Warning |T2| Reason: 60% HP (103/171)
 73421 | Depths:4 | Danger: Low HP Warning |T2| Reason: 60% HP (104/171)
 73554 | Depths:4 | Found a runed translucent door.
 73559 | Depths:4 | Found a runed translucent door.
 73594 | Depths:4 | Found a runed translucent door.
 73614 | Depths:4 | Danger: storm dragon |T2| Reason: OOD monster, careful!
 73614 | Depths:4 | Danger: storm dragon |T2| Reason: Lightning Bolt and no
                  | rElec
 73668 | Depths:4 | Found a runed translucent door.
 73682 | Depths:4 | Found a runed translucent door.
 73695 | Depths:4 | Danger: tengu reaver |T2| Reason: Lightning Bolt and no
                  | rElec
 73704 | Depths:4 | Danger: Low HP Warning |T2| Reason: 45% HP (87/193)
 73705 | Depths:4 | Danger: tengu reaver |T3| Reason: IMMINENT DEATH: Bolt of
                  | Fire deals 78 damage, you have 69 HP!!
 73705 | Depths:4 | Danger: tengu reaver |T3| Reason: IMMINENT DEATH: Bolt of
                  | Cold deals 78 damage, you have 69 HP!!
 73705 | Depths:4 | Danger: tengu reaver |T3| Reason: IMMINENT DEATH: Corrosive
                  | Bolt deals 72 damage, you have 69 HP!!
 73705 | Depths:4 | Danger: tengu reaver |T3| Reason: IMMINENT DEATH: Bolt of
                  | Draining deals 72 damage, you have 69 HP!!
 73705 | Depths:4 | Danger: Low HP Warning |T2| Reason: 35% HP (69/193)
 73706 | Depths:4 | Danger: tengu reaver |T3| Reason: IMMINENT DEATH: Bolt of
                  | Fire deals 78 damage, you have 71 HP!!
 73706 | Depths:4 | Danger: tengu reaver |T3| Reason: IMMINENT DEATH: Bolt of
                  | Cold deals 78 damage, you have 71 HP!!
 73706 | Depths:4 | Danger: tengu reaver |T3| Reason: IMMINENT DEATH: Corrosive
                  | Bolt deals 72 damage, you have 71 HP!!
 73706 | Depths:4 | Danger: tengu reaver |T3| Reason: IMMINENT DEATH: Bolt of
                  | Draining deals 72 damage, you have 71 HP!!
 73706 | Depths:4 | Danger: Low HP Warning |T2| Reason: 36% HP (71/193)
 73707 | Depths:4 | Danger: tengu reaver |T3| Reason: IMMINENT DEATH: Bolt of
                  | Fire deals 78 damage, you have 72 HP!!
 73707 | Depths:4 | Danger: tengu reaver |T3| Reason: IMMINENT DEATH: Bolt of
                  | Cold deals 78 damage, you have 72 HP!!
 73707 | Depths:4 | Danger: Low HP Warning |T2| Reason: 37% HP (72/193)
 73982 | Depths:4 | Danger: tengu reaver |T2| Reason: Lightning Bolt and no
                  | rElec
 73985 | Depths:4 | Danger: tengu reaver |T2| Reason: Lightning Bolt and no
                  | rElec
 74010 | Depths:4 | Found a runed translucent door.
 74087 | Depths:4 | Danger: Low HP Warning |T2| Reason: 51% HP (101/197)
 74088 | Depths:4 | Danger: Low HP Warning |T2| Reason: 51% HP (102/197)
 74090 | Depths:4 | Danger: Low HP Warning |T2| Reason: 52% HP (103/197)
 74091 | Depths:4 | Danger: Low HP Warning |T2| Reason: 52% HP (104/197)
 74093 | Depths:4 | Danger: Low HP Warning |T2| Reason: 37% HP (74/197)
 74095 | Depths:4 | Danger: Low HP Warning |T2| Reason: 38% HP (76/197)
 74096 | Depths:4 | Danger: Low HP Warning |T2| Reason: 39% HP (77/197)
 74302 | Depths:4 | Found a gate to the Realm of Zot.
 74384 | Depths:4 | HP: 3/201 [something/shard of ice (45)]
 74594 | Depths:4 | Bought a potion of heal wounds for 75 gold pieces
 74594 | Depths:4 | Bought 2 potions of might for 120 gold pieces
 74594 | Depths:4 | Bought a potion of haste for 150 gold pieces
 74594 | Depths:4 | Bought a potion of cancellation for 120 gold pieces
 74594 | Depths:4 | Bought a potion of curing for 45 gold pieces
 75142 | Depths:2 | Danger: stone giant |T2| Reason: Quivering large rocks,
                  | watch out!!
 75298 | Crypt:1  | Entered Level 1 of the Crypt
 75299 | Crypt:1  | Danger: vampire knight |T3| Reason: Paralyse and low Will
 75300 | Crypt:1  | Danger: vampire knight |T3| Reason: Paralyse and low Will
 75301 | Crypt:1  | Danger: vampire knight |T3| Reason: Paralyse and low Will
 75302 | Crypt:1  | Danger: vampire knight |T3| Reason: Paralyse and low Will
 75315 | Vaults:2 | Danger: flayed ghost |T2| Reason: OOD monster, careful!
 75315 | Vaults:2 | Danger: freezing wraith |T2| Reason: OOD monster, careful!
 75321 | Vaults:2 | Danger: flayed ghost |T2| Reason: OOD monster, careful!
 75343 | Crypt:1  | Danger: vampire knight |T3| Reason: Paralyse and low Will
 75345 | Vaults:2 | Danger: freezing wraith |T2| Reason: OOD monster, careful!
 75345 | Vaults:2 | Danger: vampire knight |T3| Reason: Paralyse and low Will
 75346 | Vaults:2 | Danger: vampire knight |T3| Reason: Paralyse and low Will
 75347 | Vaults:2 | Danger: vampire knight |T3| Reason: Paralyse and low Will
 75348 | Vaults:2 | Danger: vampire knight |T3| Reason: Paralyse and low Will
 75349 | Vaults:2 | Danger: vampire knight |T3| Reason: Paralyse and low Will
 75511 | Crypt:1  | Danger: vampire knight |T3| Reason: Paralyse and low Will
 75512 | Crypt:1  | Danger: vampire knight |T3| Reason: Paralyse and low Will
 75513 | Crypt:1  | Danger: vampire knight |T3| Reason: Paralyse and low Will
 75514 | Crypt:1  | Danger: vampire knight |T3| Reason: Paralyse and low Will
 75515 | Crypt:1  | Danger: vampire knight |T3| Reason: Paralyse and low Will
 75516 | Crypt:1  | Danger: vampire knight |T3| Reason: Paralyse and low Will
 75517 | Crypt:1  | Danger: vampire knight |T3| Reason: Paralyse and low Will
 75518 | Crypt:1  | Danger: vampire knight |T3| Reason: Paralyse and low Will
 76151 | Crypt:1  | Identified the +9 morningstar of Osogoan {holy, *Noise
                  | Will+ Int+3}
 76250 | Crypt:1  | Noticed Sojobo
 76251 | Crypt:1  | Danger: tengu reaver |T2| Reason: Lightning Bolt and no
                  | rElec
 76251 | Crypt:1  | Danger: Sojobo |T2| Reason: Electrocution weapon and no
                  | rElec!
 76251 | Crypt:1  | Danger: Sojobo |T2| Reason: Unique monster, careful!
 76251 | Crypt:1  | Danger: Sojobo |T2| Reason: Lightning Bolt and no rElec
 76272 | Crypt:1  | Danger: tengu reaver |T2| Reason: Lightning Bolt and no
                  | rElec
 76272 | Crypt:1  | Danger: tengu reaver |T2| Reason: Lightning Bolt and no
                  | rElec
 76279 | Crypt:1  | Danger: tengu reaver |T2| Reason: Lightning Bolt and no
                  | rElec
 76287 | Crypt:1  | Danger: tengu reaver |T2| Reason: Lightning Bolt and no
                  | rElec
 76289 | Crypt:1  | Danger: tengu reaver |T2| Reason: Lightning Bolt and no
                  | rElec
 76292 | Crypt:1  | Danger: Sojobo |T2| Reason: Electrocution weapon and no
                  | rElec!
 76292 | Crypt:1  | Danger: Sojobo |T2| Reason: Unique monster, careful!
 76292 | Crypt:1  | Danger: Sojobo |T2| Reason: Lightning Bolt and no rElec
 76295 | Crypt:1  | Danger: Sojobo |T2| Reason: Electrocution weapon and no
                  | rElec!
 76295 | Crypt:1  | Danger: Sojobo |T2| Reason: Unique monster, careful!
 76295 | Crypt:1  | Danger: Sojobo |T2| Reason: Lightning Bolt and no rElec
 76299 | Crypt:1  | Danger: Sojobo |T2| Reason: Electrocution weapon and no
                  | rElec!
 76299 | Crypt:1  | Danger: Sojobo |T2| Reason: Unique monster, careful!
 76299 | Crypt:1  | Danger: Sojobo |T2| Reason: Lightning Bolt and no rElec
 76304 | Crypt:1  | Danger: Low HP Warning |T2| Reason: 54% HP (114/209)
 76305 | Crypt:1  | Danger: Low HP Warning |T2| Reason: 55% HP (115/209)
 76306 | Crypt:1  | Danger: Low HP Warning |T2| Reason: 55% HP (116/209)
 76307 | Crypt:1  | Danger: Low HP Warning |T2| Reason: 52% HP (109/209)
 76308 | Crypt:1  | Danger: Low HP Warning |T2| Reason: 50% HP (105/209)
 76309 | Crypt:1  | Danger: Low HP Warning |T2| Reason: 50% HP (106/209)
 76309 | Crypt:1  | Killed Sojobo
 76310 | Crypt:1  | Danger: Low HP Warning |T2| Reason: 50% HP (107/213)
 76311 | Crypt:1  | Danger: Low HP Warning |T2| Reason: 49% HP (105/213)
 76312 | Crypt:1  | Danger: Low HP Warning |T2| Reason: 49% HP (105/213)
 76313 | Crypt:1  | Danger: Low HP Warning |T2| Reason: 49% HP (106/213)
 76314 | Crypt:1  | Danger: Low HP Warning |T2| Reason: 50% HP (107/213)
 76641 | Crypt:2  | Reached skill level 21 in Fighting
 77035 | Crypt:2  | Danger: bog body |T2| Reason: Slow and low Will, careful
 77056 | Crypt:2  | Danger: Low HP Warning |T2| Reason: 57% HP (127/220)
 77059 | Crypt:2  | Danger: Low HP Warning |T2| Reason: 53% HP (118/220)
 77061 | Crypt:2  | Danger: Low HP Warning |T2| Reason: 51% HP (113/220)
 77062 | Crypt:2  | Danger: Low HP Warning |T2| Reason: 49% HP (108/220)
 77063 | Crypt:2  | Danger: Low HP Warning |T2| Reason: 49% HP (110/221)
 77064 | Crypt:2  | Danger: Low HP Warning |T2| Reason: 49% HP (110/221)
 77065 | Crypt:2  | Danger: Low HP Warning |T2| Reason: 43% HP (97/221)
 77066 | Crypt:2  | Danger: Low HP Warning |T2| Reason: 44% HP (98/221)
 77068 | Crypt:2  | Danger: Low HP Warning |T2| Reason: 45% HP (101/221)
 77370 | Crypt:2  | Danger: Low HP Warning |T2| Reason: 56% HP (124/221)
 77371 | Crypt:2  | Danger: Low HP Warning |T2| Reason: 56% HP (125/221)
 77372 | Crypt:2  | Danger: Low HP Warning |T2| Reason: 57% HP (126/221)
 77373 | Crypt:2  | Danger: Low HP Warning |T2| Reason: 47% HP (104/221)
 77374 | Crypt:2  | Danger: Low HP Warning |T2| Reason: 47% HP (105/221)
 77375 | Crypt:2  | Danger: Low HP Warning |T2| Reason: 40% HP (90/221)
 77376 | Crypt:2  | Danger: Low HP Warning |T2| Reason: 40% HP (90/221)
 77377 | Crypt:2  | Danger: Low HP Warning |T2| Reason: 41% HP (92/221)
 77378 | Crypt:2  | Danger: Low HP Warning |T2| Reason: 41% HP (92/221)
 77379 | Crypt:2  | Danger: Low HP Warning |T2| Reason: 27% HP (61/221)
 77380 | Crypt:2  | Danger: Low HP Warning |T3| Reason: 24% HP (54/221)
 77536 | Crypt:2  | Danger: Low HP Warning |T2| Reason: 49% HP (109/221)
 77537 | Crypt:2  | Danger: Low HP Warning |T2| Reason: 39% HP (88/221)
 77538 | Crypt:2  | Danger: Low HP Warning |T2| Reason: 40% HP (90/221)
 77539 | Crypt:2  | Danger: Low HP Warning |T2| Reason: 46% HP (103/221)
 77540 | Crypt:2  | Danger: Low HP Warning |T2| Reason: 47% HP (105/221)
 77541 | Crypt:2  | Danger: Low HP Warning |T2| Reason: 47% HP (106/221)
 77542 | Crypt:2  | Danger: Low HP Warning |T2| Reason: 48% HP (108/221)
 77543 | Crypt:2  | Danger: Low HP Warning |T2| Reason: 47% HP (104/221)
 77544 | Crypt:2  | Danger: Low HP Warning |T2| Reason: 38% HP (86/221)
 77544 | Crypt:2  | HP: 10/221 [juggernaut simulacrum[a necromancer] (20)]
 77545 | Crypt:2  | Danger: Low HP Warning |T3| Reason: 4% HP (10/221)
 77546 | Crypt:2  | Danger: Low HP Warning |T3| Reason: 5% HP (12/221)
 77547 | Crypt:2  | Danger: Low HP Warning |T3| Reason: 5% HP (13/221)
 77548 | Crypt:2  | Danger: Low HP Warning |T3| Reason: 5% HP (12/221)
 77549 | Crypt:2  | Danger: Low HP Warning |T3| Reason: 20% HP (46/221)
 78541 | Crypt:3  | Entered Level 3 of the Crypt
 78565 | Crypt:3  | Danger: Low HP Warning |T2| Reason: 59% HP (131/222)
 78579 | Crypt:3  | Danger: lich |T2| Reason: Slow and low Will, careful
 78579 | Crypt:3  | Danger: lich |T2| Reason: Orb of Destruction deals more
                  | than 50% MHP!
 78599 | Crypt:3  | Reached skill level 22 in Fighting
 78616 | Crypt:3  | Danger: Low HP Warning |T2| Reason: 60% HP (132/217)
 78617 | Crypt:3  | Danger: Low HP Warning |T2| Reason: 51% HP (113/218)
 78618 | Crypt:3  | Danger: Low HP Warning |T2| Reason: 50% HP (111/218)
 78619 | Crypt:3  | Danger: Low HP Warning |T2| Reason: 45% HP (99/218)
 78620 | Crypt:3  | Danger: Low HP Warning |T2| Reason: 38% HP (84/218)
 78920 | Crypt:2  | Found a basalt altar of Yredelemnul.
 79157 | Crypt:3  | Danger: vampire knight |T3| Reason: Paralyse and low Will
 79158 | Crypt:3  | Danger: vampire knight |T3| Reason: Paralyse and low Will
 79159 | Crypt:3  | Danger: vampire knight |T3| Reason: Paralyse and low Will
 79160 | Crypt:3  | Danger: vampire knight |T3| Reason: Paralyse and low Will
 79161 | Crypt:3  | Danger: vampire knight |T3| Reason: Paralyse and low Will
 79162 | Crypt:3  | Danger: vampire knight |T3| Reason: Paralyse and low Will
 79163 | Crypt:3  | Danger: vampire knight |T3| Reason: Paralyse and low Will
 79164 | Crypt:3  | Danger: vampire knight |T3| Reason: Paralyse and low Will
 79165 | Crypt:3  | Danger: vampire knight |T3| Reason: Paralyse and low Will
 79166 | Crypt:3  | Danger: vampire knight |T3| Reason: Paralyse and low Will
 79167 | Crypt:3  | Danger: vampire knight |T3| Reason: Paralyse and low Will
 79168 | Crypt:3  | Danger: vampire knight |T3| Reason: Paralyse and low Will
 79169 | Crypt:3  | Danger: vampire knight |T3| Reason: Paralyse and low Will
 79629 | Crypt:3  | Found an ancient bone altar of Kikubaaqudgha.
 79629 | Crypt:3  | Found a basalt altar of Yredelemnul.
 79630 | Crypt:3  | Danger: mummy priest |T3| Reason: Torment and not torment
                  | immune!
 79631 | Crypt:3  | Danger: mummy priest |T3| Reason: Torment and not torment
                  | immune!
 79632 | Crypt:3  | Danger: mummy priest |T3| Reason: Torment and not torment
                  | immune!
 79633 | Crypt:3  | Danger: mummy priest |T3| Reason: Torment and not torment
                  | immune!
 79634 | Crypt:3  | Danger: mummy priest |T3| Reason: Torment and not torment
                  | immune!
 79634 | Crypt:3  | Danger: Low HP Warning |T2| Reason: 50% HP (95/187)
 79635 | Crypt:3  | Danger: mummy priest |T3| Reason: Torment and not torment
                  | immune!
 79635 | Crypt:3  | Danger: Low HP Warning |T2| Reason: 51% HP (97/187)
 79636 | Crypt:3  | Danger: mummy priest |T3| Reason: Torment and not torment
                  | immune!
 79636 | Crypt:3  | Danger: Low HP Warning |T2| Reason: 52% HP (98/187)
 79637 | Crypt:3  | Danger: mummy priest |T3| Reason: Torment and not torment
                  | immune!
 79637 | Crypt:3  | Danger: Low HP Warning |T2| Reason: 52% HP (99/187)
 79638 | Crypt:3  | Danger: mummy priest |T3| Reason: Torment and not torment
                  | immune!
 79638 | Crypt:3  | Danger: Low HP Warning |T2| Reason: 53% HP (100/187)
 79639 | Crypt:3  | Danger: mummy priest |T3| Reason: Torment and not torment
                  | immune!
 79639 | Crypt:3  | Danger: Low HP Warning |T2| Reason: 54% HP (101/187)
 79640 | Crypt:3  | Danger: Low HP Warning |T2| Reason: 49% HP (93/189)
 79641 | Crypt:3  | Danger: Low HP Warning |T2| Reason: 45% HP (86/189)
 79642 | Crypt:3  | Danger: Low HP Warning |T2| Reason: 46% HP (87/189)
 79643 | Crypt:3  | Danger: Low HP Warning |T2| Reason: 26% HP (51/189)
 79644 | Crypt:3  | Danger: Low HP Warning |T2| Reason: 27% HP (52/189)
 79645 | Crypt:3  | Danger: Low HP Warning |T3| Reason: 21% HP (41/189)
 79646 | Crypt:3  | Danger: Low HP Warning |T2| Reason: 26% HP (51/189)
 79647 | Crypt:3  | Danger: Low HP Warning |T3| Reason: 24% HP (68/283)
 79648 | Crypt:3  | Danger: Low HP Warning |T3| Reason: 24% HP (68/283)
 79649 | Crypt:3  | Danger: Low HP Warning |T3| Reason: 17% HP (49/283)
 79650 | Crypt:3  | Danger: Low HP Warning |T3| Reason: 17% HP (50/283)
 79651 | Crypt:3  | Danger: Low HP Warning |T3| Reason: 17% HP (49/283)
 79652 | Crypt:3  | Danger: ushabti |T3| Reason: IMMINENT DEATH: Dispel Undead
                  | Range deals 42 damage, you have 41 HP!!
 79652 | Crypt:3  | Danger: ushabti |T3| Reason: IMMINENT DEATH: Dispel Undead
                  | Range deals 42 damage, you have 41 HP!!
 79652 | Crypt:3  | Danger: Low HP Warning |T3| Reason: 14% HP (41/283)
 79653 | Crypt:3  | Danger: Low HP Warning |T3| Reason: 14% HP (42/283)
 79654 | Crypt:3  | Danger: Low HP Warning |T3| Reason: 14% HP (42/283)
 79655 | Crypt:3  | Danger: Low HP Warning |T3| Reason: 15% HP (43/283)
 79656 | Crypt:3  | Danger: ushabti |T3| Reason: IMMINENT DEATH: Dispel Undead
                  | Range deals 42 damage, you have 32 HP!!
 79656 | Crypt:3  | Danger: ushabti |T3| Reason: IMMINENT DEATH: Dispel Undead
                  | Range deals 42 damage, you have 32 HP!!
 79656 | Crypt:3  | Danger: Low HP Warning |T3| Reason: 11% HP (32/283)
 79657 | Crypt:3  | Danger: ushabti |T3| Reason: IMMINENT DEATH: Dispel Undead
                  | Range deals 42 damage, you have 33 HP!!
 79657 | Crypt:3  | Danger: ushabti |T3| Reason: IMMINENT DEATH: Dispel Undead
                  | Range deals 42 damage, you have 33 HP!!
 79657 | Crypt:3  | Danger: Low HP Warning |T3| Reason: 11% HP (33/283)
 79658 | Crypt:3  | Danger: ushabti |T3| Reason: IMMINENT DEATH: Dispel Undead
                  | Range deals 42 damage, you have 20 HP!!
 79658 | Crypt:3  | Danger: ushabti |T3| Reason: IMMINENT DEATH: Dispel Undead
                  | Range deals 42 damage, you have 20 HP!!
 79658 | Crypt:3  | Danger: Low HP Warning |T3| Reason: 6% HP (20/289)
 79658 | Crypt:3  | HP: 6/289 [jiangshi (14)]
 79658 | Crypt:3  | Slain by a jiangshi

Illustrated notes

......................
.......
...................^....
.......
........................
........
........................
........
............H...........
........
..............?H........
..#.#...
#.............rr#l....
###P#.
#............rrS#?.#
###. ..............r#@.#
#... .............r#####
##.. .............r.#
#... .....#..........#
##...
..................#
#....
....#..............
##...
....##..............
#...#
....##<.............
#....#
...P##.............
#......#


Turn 15819 on Lair:3: :hmm #))§#......#...... #..§.#....#e.e(...
#§((..#.○#.(.).... ##)(○☼§##...(..... ##§☼.§☼##......... #○☼(..#..#........
#○○☼☼#....#.(..... #§§☼#......#...... #@§#..(.....#..... #§#§..§......#...#
##..○...§.....###. ........ #. ....... ###. #...... ...# #..... .... #... ....
.... Turn 54224 on Elf:2: :feel like i'm bout to get splatter latticed

Levels and vault maps discovered:
D:1:      dpeg_arrival_tiny_a, layout_basic, serial_shops,
          nicolae_shop_behind_doors
D:2:      layout_basic, basic_altar
D:3:      layout_basic, mainiacjoe_overflow_alcove_4,
          mainiacjoe_overflow_boulevard, serial_shops,
          nicolae_shop_real_fake_doors
D:4:      minmay_general_purpose_star, layout_cave_pods, dk_vineyard_1,
          uniq_blork_the_orc
D:5:      layout_loops_ring, ebering_dispersal_statue_hall, uniq_duvessa
D:6:      layout_basic, lemuel_round_altar, kiku_gazebo_garden_becter,
          mainiacjoe_overflow_catwalk, nicolae_qazlal_beasts_of_the_sky
D:7:      layout_loops_corners, mainiacjoe_overflow_six_doors_small,
          temple_doors_e, nicolae_concentric_dashed_squares_wild
D:8:      layout_gridville, mainiacjoe_overflow_concentric_impassable,
          nicolae_wu_jian_wuxing_cycle, erik_lair_orcish_takeover, serial_shops,
          nicolae_inconvenience_store, uniq_psyche, uniq_grum
D:9:      layout_roguey, kennysheep_mini_moat, gammafunk_ghost_arena
D:10:     layout_loops_corners, mainiacjoe_overflow_24_doors, minitemple
D:11:     layout_loops_ring, uniq_sonja, uniq_urug, uniq_harold
D:12:     kennysheep_funnel, layout_grid_maze, orc_0_dummy, serial_shops,
          nicolae_shop_tiny_glass, uniq_rupert, uniq_gastronok, uniq_snorg,
          uniq_maurice
D:13:     layout_irregular_city, gammafunk_ghost_ooze, guppyfry_shop_earth
D:14:     layout_rooms, skrybe_vaults_entry_preservation, nemelex_altar_shiori
D:15:     gammafunk_enter_depths_forms, layout_small_grid,
          minmay_misc_feat_secret_circle, vehumet_crystals
Lair:1:   layout_roguey [special_room_bee], hangedman_tree_tricks,
          amcnicky_mini_pool_medium, lemuel_fruit_fields,
          infiniplex_staircase_pool
Lair:2:   layout_roguey, nicolae_spider_entry_tight_spaces, st_stairs_4,
          chequers_serial_rivers_micro_e, nicolae_lair_grove_arrangements,
          chequers_serial_rivers_room_a, serial_bayou_shore_b
Lair:3:   layout_hall_layers, nicolae_shoals_entry_roost,
          hellmonk_ghost_happy_afterlife
Lair:4:   layout_cave_pods, ebering_ghost_disaster_area, pond
Lair:5:   minmay_lair_end_frog_pond, layout_loops_ring, slime_entry_1,
          serial_bayou_pond_a, st_stairs_7
Shoals:1: layout_shoals, serial_shops, shop, shop
Shoals:2: layout_shoals, serial_shops, shop
Shoals:3: layout_shoals, nicolae_shop_vocational, uniq_jorgrun
Shoals:4: shoals_end_hangedman, layout_shoals, serial_shops,
          nicolae_diamond_shop
Spider:1: layout_spider_delve, nicolae_spider_circle_web
Spider:2: layout_spider_delve, uniq_aizul
Spider:3: nicolae_spider_hilbert_zone_6 [nicolae_spider_hilbert_4_sides_1_open,
          nicolae_spider_hilbert_4_sides_1_open,
          nicolae_spider_hilbert_4_sides_1_open,
          nicolae_spider_hilbert_4_sides_1_open,
          nicolae_spider_hilbert_4_sides_1_open,
          nicolae_spider_hilbert_4_sides_1_open,
          nicolae_spider_hilbert_4_sides_1_open], drop_trap, uniq_arachne,
          uniq_asterion
Spider:4: grunt_spider_rune_circles, uniq_roxanne, uniq_bai_suzhen, uniq_louise
Orc:1:    layout_caves, hellmonk_jugg_or_not
Orc:2:    grunt_orc_cross, layout_caves, serial_shops, shop
Elf:1:    elf_arrival_001, layout_gridlike, serial_shops, shop, enter_trove_6,
          portal_ice_cave_entry_pillars_1, hangedman_elf_represent
Elf:2:    nicolae_elf_blades_splatter_lattice
          [nicolae_vaults_blade_armed_guards], layout_geoelf_grid,
          minmay_shop_star
Elf:3:    nooodl_elf_gasket, layout_loops_ring,
          nicolae_elf_free_trip_to_the_abyss
Vaults:1: nicolae_vaults_tetromino_T_2, nicolae_vaults_hexular_roomagon,
          nicolae_vaults_turnstiles, vaults_dpeg_emergency_exit,
          nicolae_vaults_network_periphery, nicolae_vaults_cornered_office,
          nicolae_vaults_surprise_closet, v_misc_18, hangedman_vaults_stream,
          nicolae_vaults_branching_niches, vaults_dpeg_encased_lava,
          vaults_room_semicircle, ontoclasm_vaults_ligature, layout_vaults_ring,
          serial_shops, shop, nicolae_shop_advertising_works
          [nicolae_subvault_shop_adworks], nicolae_shop_tiny_waterfront,
          nicolae_shop_mannequins
Vaults:2: nicolae_vaults_hexular_roomagon, nicolae_vaults_heart-shaped_vault,
          ontoclasm_vaults_shuriken, nicolae_vaults_network_s,
          nicolae_vaults_closet_pinwheel_1, nicolae_vaults_twisting_passages,
          ontoclasm_vaults_idyll, nicolae_vaults_three_branches,
          layout_vaults_quadrants, dummy_crypt_entry
Vaults:3: v_rooms_3, vaults_room_pools, v_misc_26, vaults_standard_mumra_x,
          st_lattice, vaults_mumra_minichess_inversion,
          nicolae_vaults_sealed_display, grunt_vaults_hallway_short,
          nicolae_vaults_shrinking_rooms_1, nicolae_vaults_tangram_1,
          ontoclasm_vaults_decontamination, layout_vaults_omnicross,
          serial_shops, nicolae_shop_hallway_plus
Vaults:4: infiniplex_enter_wizlab_glasses, nicolae_vaults_ellipses_ellipsis,
          hangedman_vaults_nails, v_misc_3, v_misc_29,
          nicolae_vaults_storing_the_good_stuff, nicolae_vaults_alarming,
          grunt_vaults_hallway_long, nicolae_vaults_little_ls, v_misc_4,
          nicolae_vaults_angled_halls, layout_vaults_big_room
Crypt:1:  layout_gridlike, uniq_grunn, uniq_sojobo
Crypt:2:  layout_gridlike, lemuel_upstairs_altar
Crypt:3:  lightli_unholy_cathedral, layout_chaotic_city,
          nicolae_tomb_entry_unfolded_pyramid_orthogonal, hex_medium,
          fountainhead
Depths:1: layout_basic, hell_entry, rand_demon_pan_entry_5,
          trog_three_pillars_becter, hellmonk_guarded_unrand_salamander
Depths:2: minmay_the_grid_triangle_9x9_recursive_3
          [minmay_the_grid_triangle_9x9_wacky_v,
          minmay_the_grid_triangle_9x9_negative_grid,
          minmay_the_grid_triangle_9x9_pentomino_pain,
          minmay_the_grid_triangle_9x9_prize_schism,
          minmay_the_grid_triangle_9x9_warning,
          minmay_the_grid_triangle_9x9_corruption,
          minmay_the_grid_triangle_9x9_subtriangle,
          minmay_the_grid_triangle_9x9_shrine,
          minmay_the_grid_triangle_9x9_from_above], layout_honeycomb,
          grunt_pan_entry_zigzag, hell_entry, minmay_tree_intersection,
          minivault_14
Depths:3: minmay_imperfect_grid, layout_basic, hangedman_decor_clover_reticule,
          hell_entry, minmay_room_of_horrors, serial_shops,
          nicolae_shop_tiny_real_fake_doors, minmay_shop_grove
Depths:4: evilmike_zot_entry_castle, layout_long_grid, enter_ziggurat_a,
          pf_hell_entry_great_geh, serial_shops, shop,
          grunt_dithmenos_smoke_and_mirrors, rand_demon_pan_entry_1,
          minmay_shoptagon

Skill      XL: |  1  2  3  4  5  6  7  8  9 10 11 12 13 14 15 16 17 18 19 20 21 22 23 |
---------------+----------------------------------------------------------------------+-----
Unarmed Combat | 4 5 6 8 9 10 12 13 14 15 17 20 21 | 21.7
Fighting       | 5 7 8 10 11 15 16 17 18 20 22 | 22.0
Dodging        | 3 5 10 11 12 14 15 17 20 21 | 21.3
Evocations     | 2 10 12 | 12.0
Shields        | 8 9 14 18 19 | 19.4
Stealth        | 8 |  8.0
Throwing       | 4 5 7 10 | 10.0
Spellcasting   | |  1.0
Fire Magic     | |  3.6

Action                     |  1- 3 |  4- 6 |  7- 9 | 10-12 | 13-15 | 16-18 | 19-21 | 22-24 || total
---------------------------+-------+-------+-------+-------+-------+-------+-------+-------++-------
  Melee: Unarmed           |   121 |   127 |   289 |   801 |  1897 |  2065 |  1989 |  1971 ||  9260
         Tailslap          |    11 |    10 |    43 |   123 |   347 |   459 |   535 |   589 ||  2117
         Punch             |     3 |     4 |    11 |    19 |       |       |       |       ||    37
   Fire: Arbalest          |       |       |     5 |       |       |       |       |       ||     5
  Throw: Stone             |     3 |       |       |       |       |       |       |       ||     3
         Dart              |       |    11 |     8 |    32 |    56 |    88 |    19 |     2 ||   216
         Throwing net      |       |       |       |       |     5 |     1 |     1 |       ||     7
         Boomerang         |       |       |       |       |    71 |    61 |    63 |    53 ||   248
         Javelin           |       |       |       |       |       |       |     7 |       ||     7
 Invoke: Fiery Armour      |       |       |     1 |       |       |     1 |     1 |       ||     3
         Rising Flame      |       |       |       |       |       |     1 |       |       ||     1
Ability: Breathe Fire      |       |       |       |       |     1 |       |       |       ||     1
  Evoke: Wand              |       |       |    19 |    20 |    24 |    20 |    48 |    12 ||   143
         Condenser vane    |       |       |       |     1 |     4 |     5 |     5 |     5 ||    20
         Phantom mirror    |       |       |       |       |     4 |     4 |     5 |     4 ||    17
         Phial of floods   |       |       |       |       |     1 |     1 |     3 |     4 ||     9
         Box of beasts     |       |       |       |       |       |       |     4 |     5 ||     9
    Use: Scroll            |       |     8 |     6 |    13 |    23 |    16 |    11 |    21 ||    98
         Potion            |       |       |       |     3 |    18 |    30 |    23 |    14 ||    88
   Stab: Paralysed         |       |       |    11 |       |     2 |       |     8 |       ||    21
         Invisible         |       |       |       |     5 |    10 |     1 |       |       ||    16
         Distracted        |       |       |       |     1 |     1 |     3 |     5 |     8 ||    18
         Petrified         |       |       |       |     5 |     1 |       |       |       ||     6
         Sleeping          |       |       |       |     1 |     6 |    29 |    20 |    13 ||    69
         Held in net/web   |       |       |       |       |     5 |     3 |       |       ||     8
         Fleeing           |       |       |       |       |       |     1 |       |       ||     1
 Armour: Skin              |    49 |    40 |    88 |   205 |   403 |   772 |   497 |   460 ||  2514
  Dodge: Dodged            |    52 |    58 |   116 |   379 |   757 |  1217 |   840 |   986 ||  4405
  Block: Other             |    22 |    24 |    55 |    38 |       |       |       |       ||   139
         Buckler           |       |       |       |   387 |  1133 |  1468 |       |       ||  2988
         Reflection        |       |       |       |     3 |    69 |    64 |     7 |       ||   143
         Kite shield       |       |       |       |       |       |    64 |  1211 |  1568 ||  2843
